 Dungeon Crawl Stone Soup version 0.29.0-4-gdea44cf6ec (webtiles) character file.

Game seed: 8557861608764868552

3681 qw the Grappler (level 9, 0/1 (88) HPs)
             Began as a Troll Cinder Acolyte on Sept 2, 2022.
             Was an Initiate of Ignis.
             Killed from afar by an electric eel (1 damage)
             ... with a bolt of electricity
             ... on level 7 of the Dungeon.
             The game lasted 01:00:02 (34448 turns).

qw the Grappler (Troll Cinder Acolyte)             Turns: 34448, Time: 01:00:02

HP:   0/1 (88)      AC: 13    Str: 28    XL:     9   Next: 90%
MP:   9/9           EV: 24    Int: 10    God:    Ignis [......]
Gold: 395           SH:  0    Dex:  5    Spells: 10/10 levels left

rFire   + . .      SeeInvis .     - Unarmed
rCold   + . .      Faith    .   (no shield)
rNeg    . . .      Spirit   .   c - +5 robe of Hut Qieb {rElec rC+ Will+}
rPois   +          Reflect  .   (helmet restricted)
rElec   +          Harm     .   (no cloak)
rCorr   .          Rampage  .   (gloves unavailable)
Will    +....                   (boots unavailable)
Stlth   +.........              m - amulet of the acrobat
HPRegen 0.80/turn               k - ring of poison resistance
MPRegen 0.11/turn               e - +4 ring of protection

@: acrobatic, extremely drained, bezotted and risking death
A: large, unfitting armour, claws 3, regeneration 1, shaggy fur 1, tough skin 1
a: Renounce Religion, Rising Flame


You were on level 7 of the Dungeon.
You worshipped Ignis.
Ignis was noncommittal.
You visited 1 branch of the dungeon, and saw 7 of its levels.
You also visited: Ossuary.

You collected 395 gold pieces.


Innate Abilities, Weirdness & Mutations

You are too large for most types of armour.
You have claws for hands.
Your natural rate of healing is unusually fast.
You are covered in fur. (AC +1)
You have tough skin. (AC +1)


   Skills:
 - Level 5.1 Fighting
 - Level 1.1 Throwing
 - Level 1.4 Dodging
 + Level 13.1 Unarmed Combat
 - Level 1.0 Spellcasting
 - Level 2.1 Fire Magic


You had 10 spell levels left.
You didn't know any spells.
Your spell library contained the following spells:

 Spells                   Type           Power      Damage    Failure   Level
 Scorch                   Fire           8%         2d5       22%         2

Inventory:

Missiles
 j - 3 boomerangs (quivered)
Armour
 c - the +5 robe of Hut Qieb (worn) {rElec rC+ Will+}
   (You found it on level 6 of the Dungeon)

   rC:        It protects you from cold.
   rElec:     It insulates you from electricity.
   Will:      It increases your willpower.
Jewellery
 e - a +4 ring of protection (right claw)
 h - a ring of protection from cold
 k - a ring of poison resistance (left claw)
 l - a ring of protection from fire
 m - an amulet of the acrobat (around neck)
Scrolls
 a - a scroll of vulnerability {unknown}
 f - 4 scrolls of teleportation
 o - 12 scrolls of identify
Potions
 b - a potion of heal wounds
 d - 6 potions of curing
 g - a potion of mutation
 i - 3 potions of might
 n - a potion of haste
 p - a potion of resistance {unknown}

Dungeon Overview and Level Annotations

Branches:
Dungeon (7/15) Zot: 997! Temple (0/1) D:4 Ossuary (visited) You are so drained that the power of Zot will kill you!

Altars:
Cheibriados
Dithmenos
Elyvilon
Hepliaklqana
Makhleb
Okawaru
Qazlal
Uskayaw
Vehumet
Wu Jian
Yredelemnul

Annotations:
D:3 2 transporters, Luroneu's ghost, amateur TeWr
D:7 1 runed translucent door, Crazy Yiuf


Message History

Really rest while Zot is near?
Really rest while Zot is near?
Really rest while Zot is near?
The electric eel shoots out a bolt of lightning at you!
The bolt of electricity hits you but does no damage.
You resist. The bolt of electricity hits you. You resist.
The electric eel shoots out a bolt of lightning at you!
The bolt of electricity hits you. You resist.
The electric eel shoots out a bolt of lightning at you!
The bolt of electricity hits you. You resist.
34429 ||| Stepping ~*~*~tactically~*~*~ (outnumbered).
Really rest while Zot is near?
Really rest while Zot is near?
Really rest while Zot is near?
Really rest while Zot is near?
Really rest while Zot is near?
Really rest while Zot is near?
Really rest while Zot is near?
Really rest while Zot is near?
Really rest while Zot is near?
Really rest while Zot is near?
Really rest while Zot is near?
The electric eel shoots out a bolt of lightning at you!
The bolt of electricity hits you. You resist.
The bolt of electricity misses you.
The electric eel shoots out a bolt of lightning at you!
The bolt of electricity hits you. You resist.
34442 ||| Stepping ~*~*~tactically~*~*~ (outnumbered).
Really rest while Zot is near?
Really rest while Zot is near?
Really rest while Zot is near?
Zot's power touches on you...
You feel drained.
You have lingered too long.
Zot senses you.
Dive deeper or flee this branch before you perish!
The electric eel shoots out a bolt of lightning at you!
The bolt of electricity misses you.
34447 ||| Stepping ~*~*~tactically~*~*~ (outnumbered).
The electric eel shoots out a bolt of lightning at you!
The bolt of electricity hits you. You resist.
Ouch! That really hurt!
You die...

.....# #..........###.# ####.#
####........##.# #.#
########.##.#### #.# #.##....#
####.####### #.#####.#
#...##~~...### #.# #.#
#.###.####..)##### #.# #.#
..##.##..'##~~...## #<# #.#
#.##.#.....#####@.# #.# #.#
#.##.#.....##..'### #.# #.#
#.##.#P~..~#.... #.# #.#
#..#~#.~~..#.....#######.# #.#
...#~#..%%[#SS.~P#.......# #.#
####%#~~.~~#~~..:#.####### #.#
...#~##~~~##~[.?.#.# #.#
...##~######~~=~~#.# #.#
.#..##....~##~~S##.###########.#


You could see 2 electric eels.

Vanquished Creatures
  A deep elf pyromancer (D:7)
  Sigmund (D:4)
  A steam dragon (D:7)
  Edmund (D:4)
  A water moccasin (D:7)
  An ice beast (D:7)
  2 sky beasts (D:7)
  2 ogres
  A phantom (D:7)
  A kobold brigand (D:7)
  4 necrophages
  3 bullfrogs
  10 scorpions
  3 electric eels (D:7)
  A howler monkey (D:4)
  2 centaur zombies (Ossuary)
  A human zombie (Ossuary)
  4 hounds
  2 gnoll boudas
  3 orc priests
  2 iguanas
  3 orc wizards (D:4)
  Ijyb (D:3)
  2 scorpion zombies (Ossuary)
  4 mummies
  Robin (D:4)
  14 gnolls
  11 adders
  2 white imps
  2 ufetubi
  3 worms
  A dart slug (D:5)
  19 orcs
  5 ball pythons
  3 bats
  3 endoplasms
  A giant cockroach (D:1)
  2 gnoll zombies (Ossuary)
  15 goblins
  14 hobgoblins
  3 jackals (D:1)
  2 quokkas
  A frilled lizard (D:2)
  2 goblin zombies (Ossuary)
  4 hobgoblin zombies (Ossuary)
  9 kobolds
  3 kobold zombies
  2 orc zombies
  5 rats
184 creatures vanquished.

Vanquished Creatures (others)
  7 plants
7 creatures vanquished.

Grand Total: 191 creatures vanquished

Notes
Turn   | Place    | Note
-------+----------+-------------------------------------------
     0 | D:1      | qw the Troll Cinder Acolyte began the quest for the Orb.
     0 | D:1      | Reached XP level 1. HP: 22/22 MP: 1/1
     0 | D:1      | 0 ||| qw: Version: 0.1-a-97-g2dd2ca4
     0 | D:1      | 0 ||| qw: Game counter: 4999
     0 | D:1      | 0 ||| qw: Always use a shield: true
     0 | D:1      | 0 ||| qw: God list: Okawaru
     0 | D:1      | 0 ||| qw: Allow faded altars: false
     0 | D:1      | 0 ||| qw: Do Orc after D:15 true
     0 | D:1      | 0 ||| qw: Do second Lair branch before Depths: true
     0 | D:1      | 0 ||| qw: Lair rune preference: random
     0 | D:1      | 0 ||| qw: Plans: Normal
     0 | D:1      | 0 ||| PLANNING D:1-11
   574 | D:1      | Reached XP level 2. HP: 29/29 MP: 2/2
   842 | D:1      | 842 ||| UPGRADING to +4 ring of protection.
   843 | D:1      | 843 ||| UPGRADING to ring of protection from cold.
   844 | D:1      | 844 ||| READING scroll labelled GURANE FOCUCI.
   945 | D:1      | 945 ||| READING scroll labelled YXKEUNW NEALAOJ.
   949 | D:1      | 949 ||| READING scroll labelled RACAC CUTA.
   950 | D:1      | 950 ||| DRINKING 2 brown potions.
   989 | D:2      | 989 ||| Stepping ~*~*~tactically~*~*~ (stealth).
  1107 | D:2      | Reached skill level 4 in Unarmed Combat
  1182 | D:2      | 1182 ||| Stepping ~*~*~tactically~*~*~ (stealth).
  1240 | D:2      | Reached XP level 3. HP: 36/36 MP: 3/3
  1903 | D:2      | Noticed an ogre
  1906 | D:2      | 1906 ||| Stepping ~*~*~tactically~*~*~ (stealth).
  1909 | D:2      | 1909 ||| Stepping ~*~*~tactically~*~*~ (stealth).
  1910 | D:2      | 1910 ||| FLEEEEING.
  1911 | D:2      | 1911 ||| FLEEEEING.
  1912 | D:2      | 1912 ||| FLEEEEING.
  1913 | D:2      | 1913 ||| FLEEEEING.
  1914 | D:2      | 1914 ||| FLEEEEING.
  1915 | D:2      | 1915 ||| FLEEEEING.
  1916 | D:2      | 1916 ||| FLEEEEING.
  1917 | D:2      | 1917 ||| FLEEEEING.
  1918 | D:2      | 1918 ||| FLEEEEING.
  1919 | D:2      | 1919 ||| FLEEEEING.
  1920 | D:2      | 1920 ||| FLEEEEING.
  1921 | D:2      | 1921 ||| FLEEEEING.
  1922 | D:2      | 1922 ||| FLEEEEING.
  1923 | D:2      | 1923 ||| FLEEEEING.
  1924 | D:2      | 1924 ||| FLEEEEING.
  1925 | D:2      | 1925 ||| FLEEEEING.
  1930 | D:2      | Killed an ogre
  1931 | D:2      | Reached skill level 5 in Unarmed Combat
  1931 | D:2      | Reached XP level 4. HP: 44/44 MP: 4/4
  1931 | D:2      | Reached XP level 5. HP: 50/50 MP: 5/5
  2065 | D:2      | 2065 ||| READING scroll labelled LIOJUTTI OLOV.
  2066 | D:2      | 2066 ||| READING 6 scrolls labelled ZUZUICZUMY.
  2067 | D:2      | 2067 ||| READING scroll labelled ODAGGU EP EGE.
  2068 | D:2      | 2068 ||| READING scroll labelled JYLAKU KANTIA.
  2069 | D:2      | 2069 ||| DRINKING 2 clear potions.
  2070 | D:2      | 2070 ||| DRINKING 2 bubbling clear potions.
  2071 | D:2      | 2071 ||| READING 5 scrolls of identify.
  2071 | D:2      | 2071 ||| IDENTIFYING yellow potion
  2072 | D:2      | 2072 ||| READING 4 scrolls of identify.
  2072 | D:2      | 2072 ||| IDENTIFYING ruby potion
  2073 | D:2      | 2073 ||| READING 3 scrolls of identify.
  2073 | D:2      | 2073 ||| IDENTIFYING sedimented dark potion
  2074 | D:2      | 2074 ||| READING 2 scrolls of identify.
  2074 | D:2      | 2074 ||| IDENTIFYING dark potion
  2075 | D:2      | 2075 ||| DROPPING potion of ambrosia.
  2076 | D:2      | 2076 ||| DROPPING potion of flight.
  2077 | D:2      | 2077 ||| DROPPING potion of brilliance.
  2078 | D:2      | 2078 ||| READING scroll of teleportation.
  2171 | D:3      | Noticed Luroneu's ghost (amateur TeWr)
  2172 | D:3      | Found a transporter.
  2372 | D:3      | Found a shadowy altar of Dithmenos.
  2395 | D:3      | Reached skill level 6 in Unarmed Combat
  2465 | D:3      | Found a transporter.
  2470 | D:3      | Identified the +9 dagger "Parigid" {freeze, Contam rPois
                  | Will+ Str+2}
  2574 | D:3      | Noticed Ijyb
  2580 | D:3      | Killed Ijyb
  2581 | D:3      | Reached XP level 6. HP: 39/59 MP: 6/6
  2702 | D:3      | 2702 ||| READING 3 scrolls of identify.
  2702 | D:3      | 2702 ||| IDENTIFYING glowing sapphire potion
  2703 | D:3      | 2703 ||| READING 2 scrolls of identify.
  2703 | D:3      | 2703 ||| IDENTIFYING puce potion
  2704 | D:3      | 2704 ||| DROPPING potion of degeneration.
  2735 | D:4      | Noticed Robin
  2736 | D:4      | 2736 ||| INVOKING Fiery Armour.
  2737 | D:4      | 2737 ||| Stepping ~*~*~tactically~*~*~ (hiding).
  2741 | D:4      | 2741 ||| Stepping ~*~*~tactically~*~*~ (hiding).
  2743 | D:4      | 2743 ||| Stepping ~*~*~tactically~*~*~ (outnumbered).
  2746 | D:4      | 2746 ||| Stepping ~*~*~tactically~*~*~ (outnumbered).
  2748 | D:4      | 2748 ||| Stepping ~*~*~tactically~*~*~ (outnumbered).
  2753 | D:4      | 2753 ||| Stepping ~*~*~tactically~*~*~ (outnumbered).
  2758 | D:4      | Killed Robin
  2778 | D:4      | 2778 ||| Stepping ~*~*~tactically~*~*~ (outnumbered).
  2779 | D:4      | 2779 ||| Stepping ~*~*~tactically~*~*~ (outnumbered).
  2780 | D:4      | 2780 ||| Stepping ~*~*~tactically~*~*~ (outnumbered).
  2783 | D:4      | Reached skill level 7 in Unarmed Combat
  2785 | D:4      | 2785 ||| Stepping ~*~*~tactically~*~*~ (outnumbered).
  2786 | D:4      | 2786 ||| Stepping ~*~*~tactically~*~*~ (outnumbered).
  2787 | D:4      | 2787 ||| Stepping ~*~*~tactically~*~*~ (outnumbered).
  2788 | D:4      | HP: 13/59 [gnoll/+0 halberd[a gnoll bouda] (4)]
  2789 | D:4      | 2789 ||| DRINKING potion of heal wounds.
  2997 | D:4      | 2997 ||| Stepping ~*~*~tactically~*~*~ (hiding).
  3193 | D:4      | 3193 ||| INVOKING Fiery Armour.
  3196 | D:4      | Reached skill level 8 in Unarmed Combat
  3196 | D:4      | Reached XP level 7. HP: 66/66 MP: 7/7
  3198 | D:4      | 3198 ||| Stepping ~*~*~tactically~*~*~ (outnumbered).
  3219 | D:4      | Found a staircase to the Ecumenical Temple.
  3415 | D:4      | 3415 ||| Stepping ~*~*~tactically~*~*~ (hiding).
  3424 | D:4      | Reached skill level 3 in Fighting
  3428 | D:4      | 3428 ||| Stepping ~*~*~tactically~*~*~ (stealth).
  3555 | D:4      | 3555 ||| Stepping ~*~*~tactically~*~*~ (stealth).
  3599 | D:4      | Noticed Edmund
  3615 | D:4      | Killed Edmund
  3644 | D:4      | Noticed Sigmund
  3662 | D:4      | 3662 ||| INVOKING Fiery Armour.
  3678 | D:4      | Killed Sigmund
  3679 | D:4      | Reached skill level 9 in Unarmed Combat
  3752 | D:4      | 3752 ||| READING scroll labelled OSILUGO DOCHI.
  3753 | D:4      | 3753 ||| READING scroll labelled WEDEAG LECREKK.
  3754 | D:4      | 3754 ||| READING scroll labelled MYOGOR QYLAPPY.
  3755 | D:4      | 3755 ||| READING 2 scrolls of identify.
  3755 | D:4      | 3755 ||| IDENTIFYING bubbling grey potion
  3756 | D:4      | 3756 ||| DROPPING potion of magic.
  3777 | D:5      | Entered Level 5 of the Dungeon
  3785 | D:5      | Reached skill level 1 in Dodging
  3830 | D:5      | Reached XP level 8. HP: 75/75 MP: 8/8
  3832 | D:5      | Found an ornate altar of the Wu Jian Council.
  3846 | D:5      | 3846 ||| Stepping ~*~*~tactically~*~*~ (outnumbered).
  3847 | D:5      | 3847 ||| Stepping ~*~*~tactically~*~*~ (outnumbered).
  3850 | D:5      | 3850 ||| Stepping ~*~*~tactically~*~*~ (outnumbered).
  3851 | D:5      | 3851 ||| Stepping ~*~*~tactically~*~*~ (outnumbered).
  3910 | D:5      | 3910 ||| Stepping ~*~*~tactically~*~*~ (outnumbered).
  3911 | D:5      | 3911 ||| Stepping ~*~*~tactically~*~*~ (outnumbered).
  3915 | D:5      | 3915 ||| Stepping ~*~*~tactically~*~*~ (outnumbered).
  3917 | D:5      | 3917 ||| Stepping ~*~*~tactically~*~*~ (outnumbered).
  3918 | D:5      | 3918 ||| Stepping ~*~*~tactically~*~*~ (outnumbered).
  4141 | D:5      | Identified the +0 chain mail of the Dancing Gods {Int+3
                  | Slay+3}
  4210 | D:5      | Reached skill level 10 in Unarmed Combat
  4296 | D:5      | 4296 ||| READING 2 scrolls of identify.
  4296 | D:5      | 4296 ||| IDENTIFYING sapphire potion
  4297 | D:5      | 4297 ||| DROPPING potion of attraction.
  4326 | D:6      | 4326 ||| PLANNING OSSUARY
  4404 | D:6      | Found a basalt altar of Yredelemnul.
  4405 | D:6      | Found a white marble altar of Elyvilon.
  4415 | D:6      | Found a stormy altar of Qazlal.
  4416 | D:6      | Found a burning altar of Makhleb.
  4417 | D:6      | Found a radiant altar of Vehumet.
  4419 | D:6      | Found a hazy altar of Hepliaklqana.
  4420 | D:6      | Found an iron altar of Okawaru.
  4430 | D:6      | Identified the +2 leather armour of Wisubbu {rElec rC++
                  | Regen+ Stlth-}
  4536 | D:6      | Found a sand-covered staircase.
  4553 | Ossuary  | Entered an ossuary
  4740 | Ossuary  | 4740 ||| Stepping ~*~*~tactically~*~*~ (stealth).
  4744 | Ossuary  | 4744 ||| Stepping ~*~*~tactically~*~*~ (stealth).
  4802 | Ossuary  | Reached skill level 11 in Unarmed Combat
  4824 | Ossuary  | Reached XP level 9. HP: 84/84 MP: 9/9
  4876 | Ossuary  | 4876 ||| UPGRADING to amulet of the acrobat.
  4881 | Ossuary  | 4881 ||| UPGRADING to ring of poison resistance.
  4883 | Ossuary  | 4883 ||| UPGRADING to +4 ring of protection.
  4885 | Ossuary  | 4885 ||| READING scroll labelled VICKUQITEL.
  4925 | Ossuary  | 4925 ||| READING scroll labelled TIREIB SAPPAFY.
  4926 | Ossuary  | 4926 ||| READING 6 scrolls of identify.
  4926 | Ossuary  | 4926 ||| IDENTIFYING sedimented golden potion
  4927 | Ossuary  | 4927 ||| DROPPING potion of lignification.
  4979 | D:6      | 4979 ||| PLANNING D:1-11
  5016 | D:6      | Identified the +5 robe of Hut Qieb {rElec rC+ Will+}
  5152 | D:6      | 5152 ||| Stepping ~*~*~tactically~*~*~ (outnumbered).
  5153 | D:6      | 5153 ||| Stepping ~*~*~tactically~*~*~ (outnumbered).
  5156 | D:6      | 5156 ||| Stepping ~*~*~tactically~*~*~ (outnumbered).
  5406 | D:6      | 5406 ||| UPGRADING to +5 robe of Hut Qieb {rElec rC+
                  | Will+}.
  5416 | D:6      | 5416 ||| DROPPING +0 robe.
  5417 | D:6      | 5417 ||| READING scroll labelled FINKITILUDOO.
  5488 | D:7      | 5488 ||| Stepping ~*~*~tactically~*~*~ (hiding).
  5497 | D:7      | 5497 ||| Stepping ~*~*~tactically~*~*~ (outnumbered).
  5523 | D:7      | Found a hide-covered altar of Uskayaw.
  5533 | D:7      | Reached skill level 12 in Unarmed Combat
  5534 | D:7      | 5534 ||| Stepping ~*~*~tactically~*~*~ (stealth).
  5593 | D:7      | 5593 ||| Stepping ~*~*~tactically~*~*~ (stealth).
  5597 | D:7      | Reached skill level 1 in Throwing
  5788 | D:7      | Found a runed translucent door.
  5789 | D:7      | Noticed Crazy Yiuf
  6022 | D:7      | Found a snail-covered altar of Cheibriados.
  6332 | D:7      | Noticed a deep elf pyromancer
  6334 | D:7      | 6334 ||| FLEEEEING.
  6336 | D:7      | 6336 ||| FLEEEEING.
  6343 | D:7      | Killed a deep elf pyromancer
  6344 | D:7      | Reached skill level 13 in Unarmed Combat
  6356 | D:7      | 6356 ||| INVOKING Fiery Armour.
  6363 | D:7      | 6363 ||| FLEEEEING.
  6364 | D:7      | 6364 ||| FLEEEEING.
  6365 | D:7      | 6365 ||| FLEEEEING.
  6368 | D:7      | 6368 ||| FLEEEEING.
  6370 | D:7      | 6370 ||| FLEEEEING.
  6372 | D:7      | 6372 ||| FLEEEEING.
  6419 | D:7      | 6419 ||| Stepping ~*~*~tactically~*~*~ (stealth).
  6424 | D:7      | 6424 ||| Stepping ~*~*~tactically~*~*~ (outnumbered).
  6426 | D:7      | 6426 ||| Stepping ~*~*~tactically~*~*~ (outnumbered).
  6428 | D:7      | 6428 ||| Stepping ~*~*~tactically~*~*~ (outnumbered).
  6430 | D:7      | 6430 ||| Stepping ~*~*~tactically~*~*~ (outnumbered).
  6436 | D:7      | 6436 ||| Stepping ~*~*~tactically~*~*~ (outnumbered).
  6438 | D:7      | 6438 ||| Stepping ~*~*~tactically~*~*~ (outnumbered).
  6440 | D:7      | 6440 ||| Stepping ~*~*~tactically~*~*~ (outnumbered).
  6445 | D:7      | 6445 ||| Stepping ~*~*~tactically~*~*~ (outnumbered).
  6454 | D:7      | 6454 ||| INVOKING Fiery Armour.
  6455 | D:7      | 6455 ||| Stepping ~*~*~tactically~*~*~ (outnumbered).
  6461 | D:7      | 6461 ||| Stepping ~*~*~tactically~*~*~ (outnumbered).
  6463 | D:7      | 6463 ||| Stepping ~*~*~tactically~*~*~ (outnumbered).
  6465 | D:7      | 6465 ||| Stepping ~*~*~tactically~*~*~ (outnumbered).
  6469 | D:7      | 6469 ||| Stepping ~*~*~tactically~*~*~ (outnumbered).
  6471 | D:7      | 6471 ||| Stepping ~*~*~tactically~*~*~ (outnumbered).
  6474 | D:7      | 6474 ||| Stepping ~*~*~tactically~*~*~ (outnumbered).
  6476 | D:7      | 6476 ||| Stepping ~*~*~tactically~*~*~ (outnumbered).
  6480 | D:7      | 6480 ||| Stepping ~*~*~tactically~*~*~ (outnumbered).
  6484 | D:7      | 6484 ||| Stepping ~*~*~tactically~*~*~ (outnumbered).
  6486 | D:7      | 6486 ||| Stepping ~*~*~tactically~*~*~ (outnumbered).
  6488 | D:7      | 6488 ||| Stepping ~*~*~tactically~*~*~ (outnumbered).
  6493 | D:7      | 6493 ||| Stepping ~*~*~tactically~*~*~ (outnumbered).
  6495 | D:7      | 6495 ||| Stepping ~*~*~tactically~*~*~ (outnumbered).
  6501 | D:7      | 6501 ||| Stepping ~*~*~tactically~*~*~ (outnumbered).
  6503 | D:7      | 6503 ||| Stepping ~*~*~tactically~*~*~ (outnumbered).
  6511 | D:7      | 6511 ||| Stepping ~*~*~tactically~*~*~ (outnumbered).
  6517 | D:7      | 6517 ||| Stepping ~*~*~tactically~*~*~ (outnumbered).
  6519 | D:7      | 6519 ||| Stepping ~*~*~tactically~*~*~ (outnumbered).
  6521 | D:7      | 6521 ||| Stepping ~*~*~tactically~*~*~ (outnumbered).
  6525 | D:7      | 6525 ||| Stepping ~*~*~tactically~*~*~ (outnumbered).
  6532 | D:7      | 6532 ||| Stepping ~*~*~tactically~*~*~ (outnumbered).
  6535 | D:7      | 6535 ||| Stepping ~*~*~tactically~*~*~ (outnumbered).
  6539 | D:7      | 6539 ||| Stepping ~*~*~tactically~*~*~ (outnumbered).
  6548 | D:7      | 6548 ||| Stepping ~*~*~tactically~*~*~ (outnumbered).
  6550 | D:7      | 6550 ||| Stepping ~*~*~tactically~*~*~ (outnumbered).
  6552 | D:7      | 6552 ||| Stepping ~*~*~tactically~*~*~ (outnumbered).
  6557 | D:7      | 6557 ||| Stepping ~*~*~tactically~*~*~ (outnumbered).
  6559 | D:7      | 6559 ||| Stepping ~*~*~tactically~*~*~ (outnumbered).
  6568 | D:7      | 6568 ||| Stepping ~*~*~tactically~*~*~ (outnumbered).
  6572 | D:7      | 6572 ||| Stepping ~*~*~tactically~*~*~ (outnumbered).
  6574 | D:7      | 6574 ||| Stepping ~*~*~tactically~*~*~ (outnumbered).
  6579 | D:7      | 6579 ||| INVOKING Fiery Armour.
  6580 | D:7      | 6580 ||| Stepping ~*~*~tactically~*~*~ (outnumbered).
  6584 | D:7      | 6584 ||| Stepping ~*~*~tactically~*~*~ (outnumbered).
  6586 | D:7      | 6586 ||| Stepping ~*~*~tactically~*~*~ (outnumbered).
  6589 | D:7      | 6589 ||| Stepping ~*~*~tactically~*~*~ (outnumbered).
  6591 | D:7      | 6591 ||| Stepping ~*~*~tactically~*~*~ (outnumbered).
  6599 | D:7      | 6599 ||| Stepping ~*~*~tactically~*~*~ (outnumbered).
  6601 | D:7      | 6601 ||| Stepping ~*~*~tactically~*~*~ (outnumbered).
  6604 | D:7      | 6604 ||| Stepping ~*~*~tactically~*~*~ (outnumbered).
  6606 | D:7      | 6606 ||| Stepping ~*~*~tactically~*~*~ (outnumbered).
  6608 | D:7      | 6608 ||| Stepping ~*~*~tactically~*~*~ (outnumbered).
  6615 | D:7      | 6615 ||| Stepping ~*~*~tactically~*~*~ (outnumbered).
  6617 | D:7      | 6617 ||| Stepping ~*~*~tactically~*~*~ (outnumbered).
  6619 | D:7      | 6619 ||| Stepping ~*~*~tactically~*~*~ (outnumbered).
  6621 | D:7      | 6621 ||| Stepping ~*~*~tactically~*~*~ (outnumbered).
  6623 | D:7      | 6623 ||| Stepping ~*~*~tactically~*~*~ (outnumbered).
  6625 | D:7      | 6625 ||| Stepping ~*~*~tactically~*~*~ (outnumbered).
  6628 | D:7      | 6628 ||| Stepping ~*~*~tactically~*~*~ (outnumbered).
  6631 | D:7      | 6631 ||| Stepping ~*~*~tactically~*~*~ (outnumbered).
  6633 | D:7      | 6633 ||| Stepping ~*~*~tactically~*~*~ (outnumbered).
  6635 | D:7      | 6635 ||| Stepping ~*~*~tactically~*~*~ (outnumbered).
  6639 | D:7      | 6639 ||| Stepping ~*~*~tactically~*~*~ (outnumbered).
  6643 | D:7      | 6643 ||| Stepping ~*~*~tactically~*~*~ (outnumbered).
  6647 | D:7      | 6647 ||| Stepping ~*~*~tactically~*~*~ (outnumbered).
  6650 | D:7      | 6650 ||| Stepping ~*~*~tactically~*~*~ (outnumbered).
  6654 | D:7      | 6654 ||| Stepping ~*~*~tactically~*~*~ (outnumbered).
  6656 | D:7      | 6656 ||| Stepping ~*~*~tactically~*~*~ (outnumbered).
  6658 | D:7      | 6658 ||| Stepping ~*~*~tactically~*~*~ (outnumbered).
  6660 | D:7      | 6660 ||| Stepping ~*~*~tactically~*~*~ (outnumbered).
  6662 | D:7      | 6662 ||| Stepping ~*~*~tactically~*~*~ (outnumbered).
  6666 | D:7      | 6666 ||| Stepping ~*~*~tactically~*~*~ (outnumbered).
  6672 | D:7      | 6672 ||| Stepping ~*~*~tactically~*~*~ (outnumbered).
  6675 | D:7      | 6675 ||| Stepping ~*~*~tactically~*~*~ (outnumbered).
  6677 | D:7      | 6677 ||| Stepping ~*~*~tactically~*~*~ (outnumbered).
  6679 | D:7      | 6679 ||| Stepping ~*~*~tactically~*~*~ (outnumbered).
  6682 | D:7      | 6682 ||| Stepping ~*~*~tactically~*~*~ (outnumbered).
  6686 | D:7      | 6686 ||| Stepping ~*~*~tactically~*~*~ (outnumbered).
  6688 | D:7      | 6688 ||| Stepping ~*~*~tactically~*~*~ (outnumbered).
  6693 | D:7      | 6693 ||| Stepping ~*~*~tactically~*~*~ (outnumbered).
  6699 | D:7      | 6699 ||| Stepping ~*~*~tactically~*~*~ (outnumbered).
  6701 | D:7      | 6701 ||| Stepping ~*~*~tactically~*~*~ (outnumbered).
  6705 | D:7      | 6705 ||| Stepping ~*~*~tactically~*~*~ (outnumbered).
  6709 | D:7      | 6709 ||| INVOKING Fiery Armour.
  6710 | D:7      | 6710 ||| Stepping ~*~*~tactically~*~*~ (outnumbered).
  6715 | D:7      | 6715 ||| Stepping ~*~*~tactically~*~*~ (outnumbered).
  6720 | D:7      | 6720 ||| Stepping ~*~*~tactically~*~*~ (outnumbered).
  6722 | D:7      | 6722 ||| Stepping ~*~*~tactically~*~*~ (outnumbered).
  6724 | D:7      | 6724 ||| Stepping ~*~*~tactically~*~*~ (outnumbered).
  6726 | D:7      | 6726 ||| Stepping ~*~*~tactically~*~*~ (outnumbered).
  6728 | D:7      | 6728 ||| Stepping ~*~*~tactically~*~*~ (outnumbered).
  6733 | D:7      | 6733 ||| Stepping ~*~*~tactically~*~*~ (outnumbered).
  6741 | D:7      | 6741 ||| Stepping ~*~*~tactically~*~*~ (outnumbered).
  6744 | D:7      | 6744 ||| Stepping ~*~*~tactically~*~*~ (outnumbered).
  6753 | D:7      | 6753 ||| Stepping ~*~*~tactically~*~*~ (outnumbered).
  6755 | D:7      | 6755 ||| Stepping ~*~*~tactically~*~*~ (outnumbered).
  6757 | D:7      | 6757 ||| Stepping ~*~*~tactically~*~*~ (outnumbered).
  6759 | D:7      | 6759 ||| Stepping ~*~*~tactically~*~*~ (outnumbered).
  6761 | D:7      | 6761 ||| Stepping ~*~*~tactically~*~*~ (outnumbered).
  6763 | D:7      | 6763 ||| Stepping ~*~*~tactically~*~*~ (outnumbered).
  6767 | D:7      | 6767 ||| Stepping ~*~*~tactically~*~*~ (outnumbered).
  6769 | D:7      | 6769 ||| Stepping ~*~*~tactically~*~*~ (outnumbered).
  6771 | D:7      | 6771 ||| Stepping ~*~*~tactically~*~*~ (outnumbered).
  6773 | D:7      | 6773 ||| Stepping ~*~*~tactically~*~*~ (outnumbered).
  6778 | D:7      | 6778 ||| Stepping ~*~*~tactically~*~*~ (outnumbered).
  6780 | D:7      | 6780 ||| Stepping ~*~*~tactically~*~*~ (outnumbered).
  6786 | D:7      | 6786 ||| Stepping ~*~*~tactically~*~*~ (outnumbered).
  6789 | D:7      | 6789 ||| Stepping ~*~*~tactically~*~*~ (outnumbered).
  6791 | D:7      | 6791 ||| Stepping ~*~*~tactically~*~*~ (outnumbered).
  6793 | D:7      | 6793 ||| Stepping ~*~*~tactically~*~*~ (outnumbered).
  6802 | D:7      | 6802 ||| Stepping ~*~*~tactically~*~*~ (outnumbered).
  6804 | D:7      | 6804 ||| Stepping ~*~*~tactically~*~*~ (outnumbered).
  6809 | D:7      | 6809 ||| Stepping ~*~*~tactically~*~*~ (outnumbered).
  6819 | D:7      | 6819 ||| Stepping ~*~*~tactically~*~*~ (outnumbered).
  6821 | D:7      | 6821 ||| Stepping ~*~*~tactically~*~*~ (outnumbered).
  6823 | D:7      | 6823 ||| Stepping ~*~*~tactically~*~*~ (outnumbered).
  6825 | D:7      | 6825 ||| Stepping ~*~*~tactically~*~*~ (outnumbered).
  6827 | D:7      | 6827 ||| Stepping ~*~*~tactically~*~*~ (outnumbered).
  6829 | D:7      | 6829 ||| Stepping ~*~*~tactically~*~*~ (outnumbered).
  6831 | D:7      | 6831 ||| Stepping ~*~*~tactically~*~*~ (outnumbered).
  6837 | D:7      | 6837 ||| Stepping ~*~*~tactically~*~*~ (outnumbered).
  6841 | D:7      | 6841 ||| Stepping ~*~*~tactically~*~*~ (outnumbered).
  6846 | D:7      | 6846 ||| INVOKING Fiery Armour.
  6847 | D:7      | 6847 ||| Stepping ~*~*~tactically~*~*~ (outnumbered).
  6850 | D:7      | 6850 ||| Stepping ~*~*~tactically~*~*~ (outnumbered).
  6853 | D:7      | 6853 ||| Stepping ~*~*~tactically~*~*~ (outnumbered).
  6856 | D:7      | 6856 ||| Stepping ~*~*~tactically~*~*~ (outnumbered).
  6859 | D:7      | 6859 ||| Stepping ~*~*~tactically~*~*~ (outnumbered).
  6865 | D:7      | 6865 ||| Stepping ~*~*~tactically~*~*~ (outnumbered).
  6867 | D:7      | 6867 ||| Stepping ~*~*~tactically~*~*~ (outnumbered).
  6869 | D:7      | 6869 ||| Stepping ~*~*~tactically~*~*~ (outnumbered).
  6871 | D:7      | 6871 ||| Stepping ~*~*~tactically~*~*~ (outnumbered).
  6875 | D:7      | 6875 ||| Stepping ~*~*~tactically~*~*~ (outnumbered).
  6877 | D:7      | 6877 ||| Stepping ~*~*~tactically~*~*~ (outnumbered).
  6879 | D:7      | 6879 ||| Stepping ~*~*~tactically~*~*~ (outnumbered).
  6883 | D:7      | 6883 ||| Stepping ~*~*~tactically~*~*~ (outnumbered).
  6887 | D:7      | 6887 ||| Stepping ~*~*~tactically~*~*~ (outnumbered).
  6893 | D:7      | 6893 ||| Stepping ~*~*~tactically~*~*~ (outnumbered).
  6896 | D:7      | 6896 ||| Stepping ~*~*~tactically~*~*~ (outnumbered).
  6899 | D:7      | 6899 ||| Stepping ~*~*~tactically~*~*~ (outnumbered).
  6901 | D:7      | 6901 ||| Stepping ~*~*~tactically~*~*~ (outnumbered).
  6903 | D:7      | 6903 ||| Stepping ~*~*~tactically~*~*~ (outnumbered).
  6905 | D:7      | 6905 ||| Stepping ~*~*~tactically~*~*~ (outnumbered).
  6907 | D:7      | 6907 ||| Stepping ~*~*~tactically~*~*~ (outnumbered).
  6909 | D:7      | 6909 ||| Stepping ~*~*~tactically~*~*~ (outnumbered).
  6911 | D:7      | 6911 ||| Stepping ~*~*~tactically~*~*~ (outnumbered).
  6915 | D:7      | 6915 ||| Stepping ~*~*~tactically~*~*~ (outnumbered).
  6917 | D:7      | 6917 ||| Stepping ~*~*~tactically~*~*~ (outnumbered).
  6919 | D:7      | 6919 ||| Stepping ~*~*~tactically~*~*~ (outnumbered).
  6924 | D:7      | 6924 ||| Stepping ~*~*~tactically~*~*~ (outnumbered).
  6928 | D:7      | 6928 ||| Stepping ~*~*~tactically~*~*~ (outnumbered).
  6930 | D:7      | 6930 ||| Stepping ~*~*~tactically~*~*~ (outnumbered).
  6932 | D:7      | 6932 ||| Stepping ~*~*~tactically~*~*~ (outnumbered).
  6943 | D:7      | 6943 ||| Stepping ~*~*~tactically~*~*~ (outnumbered).
  6945 | D:7      | 6945 ||| Stepping ~*~*~tactically~*~*~ (outnumbered).
  6947 | D:7      | 6947 ||| Stepping ~*~*~tactically~*~*~ (outnumbered).
  6949 | D:7      | 6949 ||| Stepping ~*~*~tactically~*~*~ (outnumbered).
  6951 | D:7      | 6951 ||| Stepping ~*~*~tactically~*~*~ (outnumbered).
  6956 | D:7      | 6956 ||| Stepping ~*~*~tactically~*~*~ (outnumbered).
  6958 | D:7      | 6958 ||| Stepping ~*~*~tactically~*~*~ (outnumbered).
  6960 | D:7      | 6960 ||| Stepping ~*~*~tactically~*~*~ (outnumbered).
  6962 | D:7      | 6962 ||| INVOKING Fiery Armour.
  6963 | D:7      | 6963 ||| Stepping ~*~*~tactically~*~*~ (outnumbered).
  6965 | D:7      | 6965 ||| Stepping ~*~*~tactically~*~*~ (outnumbered).
  6971 | D:7      | 6971 ||| Stepping ~*~*~tactically~*~*~ (outnumbered).
  6979 | D:7      | 6979 ||| Stepping ~*~*~tactically~*~*~ (outnumbered).
  6981 | D:7      | 6981 ||| Stepping ~*~*~tactically~*~*~ (outnumbered).
  6983 | D:7      | 6983 ||| Stepping ~*~*~tactically~*~*~ (outnumbered).
  6986 | D:7      | 6986 ||| Stepping ~*~*~tactically~*~*~ (outnumbered).
  6990 | D:7      | 6990 ||| Stepping ~*~*~tactically~*~*~ (outnumbered).
  6993 | D:7      | 6993 ||| Stepping ~*~*~tactically~*~*~ (outnumbered).
  6995 | D:7      | 6995 ||| Stepping ~*~*~tactically~*~*~ (outnumbered).
  6997 | D:7      | 6997 ||| Stepping ~*~*~tactically~*~*~ (outnumbered).
  6999 | D:7      | 6999 ||| Stepping ~*~*~tactically~*~*~ (outnumbered).
  7001 | D:7      | 7001 ||| Stepping ~*~*~tactically~*~*~ (outnumbered).
  7003 | D:7      | 7003 ||| Stepping ~*~*~tactically~*~*~ (outnumbered).
  7009 | D:7      | 7009 ||| Stepping ~*~*~tactically~*~*~ (outnumbered).
  7011 | D:7      | 7011 ||| Stepping ~*~*~tactically~*~*~ (outnumbered).
  7014 | D:7      | 7014 ||| Stepping ~*~*~tactically~*~*~ (outnumbered).
  7017 | D:7      | 7017 ||| Stepping ~*~*~tactically~*~*~ (outnumbered).
  7026 | D:7      | 7026 ||| Stepping ~*~*~tactically~*~*~ (outnumbered).
  7030 | D:7      | 7030 ||| Stepping ~*~*~tactically~*~*~ (outnumbered).
  7039 | D:7      | 7039 ||| Stepping ~*~*~tactically~*~*~ (outnumbered).
  7043 | D:7      | 7043 ||| Stepping ~*~*~tactically~*~*~ (outnumbered).
  7048 | D:7      | 7048 ||| Stepping ~*~*~tactically~*~*~ (outnumbered).
  7052 | D:7      | 7052 ||| Stepping ~*~*~tactically~*~*~ (outnumbered).
  7054 | D:7      | 7054 ||| Stepping ~*~*~tactically~*~*~ (outnumbered).
  7057 | D:7      | 7057 ||| Stepping ~*~*~tactically~*~*~ (outnumbered).
  7061 | D:7      | 7061 ||| Stepping ~*~*~tactically~*~*~ (outnumbered).
  7063 | D:7      | 7063 ||| Stepping ~*~*~tactically~*~*~ (outnumbered).
  7065 | D:7      | 7065 ||| Stepping ~*~*~tactically~*~*~ (outnumbered).
  7067 | D:7      | 7067 ||| Stepping ~*~*~tactically~*~*~ (outnumbered).
  7069 | D:7      | 7069 ||| Stepping ~*~*~tactically~*~*~ (outnumbered).
  7073 | D:7      | 7073 ||| Stepping ~*~*~tactically~*~*~ (outnumbered).
  7079 | D:7      | 7079 ||| INVOKING Fiery Armour.
  7080 | D:7      | 7080 ||| Stepping ~*~*~tactically~*~*~ (outnumbered).
  7082 | D:7      | 7082 ||| Stepping ~*~*~tactically~*~*~ (outnumbered).
  7089 | D:7      | 7089 ||| Stepping ~*~*~tactically~*~*~ (outnumbered).
  7094 | D:7      | 7094 ||| Stepping ~*~*~tactically~*~*~ (outnumbered).
  7096 | D:7      | 7096 ||| Stepping ~*~*~tactically~*~*~ (outnumbered).
  7099 | D:7      | 7099 ||| Stepping ~*~*~tactically~*~*~ (outnumbered).
  7110 | D:7      | 7110 ||| Stepping ~*~*~tactically~*~*~ (outnumbered).
  7112 | D:7      | 7112 ||| Stepping ~*~*~tactically~*~*~ (outnumbered).
  7114 | D:7      | 7114 ||| Stepping ~*~*~tactically~*~*~ (outnumbered).
  7117 | D:7      | 7117 ||| Stepping ~*~*~tactically~*~*~ (outnumbered).
  7121 | D:7      | 7121 ||| Stepping ~*~*~tactically~*~*~ (outnumbered).
  7124 | D:7      | 7124 ||| Stepping ~*~*~tactically~*~*~ (outnumbered).
  7126 | D:7      | 7126 ||| Stepping ~*~*~tactically~*~*~ (outnumbered).
  7129 | D:7      | 7129 ||| Stepping ~*~*~tactically~*~*~ (outnumbered).
  7133 | D:7      | 7133 ||| Stepping ~*~*~tactically~*~*~ (outnumbered).
  7135 | D:7      | 7135 ||| Stepping ~*~*~tactically~*~*~ (outnumbered).
  7137 | D:7      | 7137 ||| Stepping ~*~*~tactically~*~*~ (outnumbered).
  7143 | D:7      | 7143 ||| Stepping ~*~*~tactically~*~*~ (outnumbered).
  7150 | D:7      | 7150 ||| Stepping ~*~*~tactically~*~*~ (outnumbered).
  7156 | D:7      | 7156 ||| Stepping ~*~*~tactically~*~*~ (outnumbered).
  7161 | D:7      | 7161 ||| Stepping ~*~*~tactically~*~*~ (outnumbered).
  7166 | D:7      | 7166 ||| Stepping ~*~*~tactically~*~*~ (outnumbered).
  7172 | D:7      | 7172 ||| Stepping ~*~*~tactically~*~*~ (outnumbered).
  7174 | D:7      | 7174 ||| Stepping ~*~*~tactically~*~*~ (outnumbered).
  7176 | D:7      | 7176 ||| Stepping ~*~*~tactically~*~*~ (outnumbered).
  7178 | D:7      | 7178 ||| Stepping ~*~*~tactically~*~*~ (outnumbered).
  7180 | D:7      | 7180 ||| Stepping ~*~*~tactically~*~*~ (outnumbered).
  7183 | D:7      | 7183 ||| Stepping ~*~*~tactically~*~*~ (outnumbered).
  7187 | D:7      | 7187 ||| Stepping ~*~*~tactically~*~*~ (outnumbered).
  7189 | D:7      | 7189 ||| Stepping ~*~*~tactically~*~*~ (outnumbered).
  7191 | D:7      | 7191 ||| Stepping ~*~*~tactically~*~*~ (outnumbered).
  7194 | D:7      | 7194 ||| Stepping ~*~*~tactically~*~*~ (outnumbered).
  7197 | D:7      | 7197 ||| INVOKING Fiery Armour.
  7198 | D:7      | 7198 ||| Stepping ~*~*~tactically~*~*~ (outnumbered).
  7206 | D:7      | 7206 ||| Stepping ~*~*~tactically~*~*~ (outnumbered).
  7208 | D:7      | 7208 ||| Stepping ~*~*~tactically~*~*~ (outnumbered).
  7210 | D:7      | 7210 ||| Stepping ~*~*~tactically~*~*~ (outnumbered).
  7212 | D:7      | 7212 ||| Stepping ~*~*~tactically~*~*~ (outnumbered).
  7214 | D:7      | 7214 ||| Stepping ~*~*~tactically~*~*~ (outnumbered).
  7216 | D:7      | 7216 ||| Stepping ~*~*~tactically~*~*~ (outnumbered).
  7218 | D:7      | 7218 ||| Stepping ~*~*~tactically~*~*~ (outnumbered).
  7226 | D:7      | 7226 ||| Stepping ~*~*~tactically~*~*~ (outnumbered).
  7229 | D:7      | 7229 ||| Stepping ~*~*~tactically~*~*~ (outnumbered).
  7231 | D:7      | 7231 ||| Stepping ~*~*~tactically~*~*~ (outnumbered).
  7233 | D:7      | 7233 ||| Stepping ~*~*~tactically~*~*~ (outnumbered).
  7236 | D:7      | 7236 ||| Stepping ~*~*~tactically~*~*~ (outnumbered).
  7238 | D:7      | 7238 ||| Stepping ~*~*~tactically~*~*~ (outnumbered).
  7240 | D:7      | 7240 ||| Stepping ~*~*~tactically~*~*~ (outnumbered).
  7242 | D:7      | 7242 ||| Stepping ~*~*~tactically~*~*~ (outnumbered).
  7246 | D:7      | 7246 ||| Stepping ~*~*~tactically~*~*~ (outnumbered).
  7249 | D:7      | 7249 ||| Stepping ~*~*~tactically~*~*~ (outnumbered).
  7251 | D:7      | 7251 ||| Stepping ~*~*~tactically~*~*~ (outnumbered).
  7258 | D:7      | 7258 ||| Stepping ~*~*~tactically~*~*~ (outnumbered).
  7265 | D:7      | 7265 ||| Stepping ~*~*~tactically~*~*~ (outnumbered).
  7268 | D:7      | 7268 ||| Stepping ~*~*~tactically~*~*~ (outnumbered).
  7271 | D:7      | 7271 ||| Stepping ~*~*~tactically~*~*~ (outnumbered).
  7273 | D:7      | 7273 ||| Stepping ~*~*~tactically~*~*~ (outnumbered).
  7275 | D:7      | 7275 ||| Stepping ~*~*~tactically~*~*~ (outnumbered).
  7277 | D:7      | 7277 ||| Stepping ~*~*~tactically~*~*~ (outnumbered).
  7282 | D:7      | 7282 ||| Stepping ~*~*~tactically~*~*~ (outnumbered).
  7284 | D:7      | 7284 ||| Stepping ~*~*~tactically~*~*~ (outnumbered).
  7286 | D:7      | 7286 ||| Stepping ~*~*~tactically~*~*~ (outnumbered).
  7291 | D:7      | 7291 ||| Stepping ~*~*~tactically~*~*~ (outnumbered).
  7293 | D:7      | 7293 ||| Stepping ~*~*~tactically~*~*~ (outnumbered).
  7295 | D:7      | 7295 ||| Stepping ~*~*~tactically~*~*~ (outnumbered).
  7299 | D:7      | 7299 ||| Stepping ~*~*~tactically~*~*~ (outnumbered).
  7301 | D:7      | 7301 ||| Stepping ~*~*~tactically~*~*~ (outnumbered).
  7304 | D:7      | 7304 ||| Stepping ~*~*~tactically~*~*~ (outnumbered).
  7306 | D:7      | 7306 ||| Stepping ~*~*~tactically~*~*~ (outnumbered).
  7309 | D:7      | 7309 ||| Stepping ~*~*~tactically~*~*~ (outnumbered).
  7311 | D:7      | 7311 ||| Stepping ~*~*~tactically~*~*~ (outnumbered).
  7313 | D:7      | 7313 ||| Stepping ~*~*~tactically~*~*~ (outnumbered).
  7318 | D:7      | 7318 ||| INVOKING Fiery Armour.
  7319 | D:7      | 7319 ||| Stepping ~*~*~tactically~*~*~ (outnumbered).
  7326 | D:7      | 7326 ||| Stepping ~*~*~tactically~*~*~ (outnumbered).
  7328 | D:7      | 7328 ||| Stepping ~*~*~tactically~*~*~ (outnumbered).
  7333 | D:7      | 7333 ||| Stepping ~*~*~tactically~*~*~ (outnumbered).
  7336 | D:7      | 7336 ||| Stepping ~*~*~tactically~*~*~ (outnumbered).
  7340 | D:7      | 7340 ||| Stepping ~*~*~tactically~*~*~ (outnumbered).
  7345 | D:7      | 7345 ||| Stepping ~*~*~tactically~*~*~ (outnumbered).
  7347 | D:7      | 7347 ||| Stepping ~*~*~tactically~*~*~ (outnumbered).
  7350 | D:7      | 7350 ||| Stepping ~*~*~tactically~*~*~ (outnumbered).
  7352 | D:7      | 7352 ||| Stepping ~*~*~tactically~*~*~ (outnumbered).
  7359 | D:7      | 7359 ||| Stepping ~*~*~tactically~*~*~ (outnumbered).
  7361 | D:7      | 7361 ||| Stepping ~*~*~tactically~*~*~ (outnumbered).
  7366 | D:7      | 7366 ||| Stepping ~*~*~tactically~*~*~ (outnumbered).
  7368 | D:7      | 7368 ||| Stepping ~*~*~tactically~*~*~ (outnumbered).
  7372 | D:7      | 7372 ||| Stepping ~*~*~tactically~*~*~ (outnumbered).
  7376 | D:7      | 7376 ||| Stepping ~*~*~tactically~*~*~ (outnumbered).
  7378 | D:7      | 7378 ||| Stepping ~*~*~tactically~*~*~ (outnumbered).
  7380 | D:7      | 7380 ||| Stepping ~*~*~tactically~*~*~ (outnumbered).
  7385 | D:7      | 7385 ||| Stepping ~*~*~tactically~*~*~ (outnumbered).
  7388 | D:7      | 7388 ||| Stepping ~*~*~tactically~*~*~ (outnumbered).
  7390 | D:7      | 7390 ||| Stepping ~*~*~tactically~*~*~ (outnumbered).
  7395 | D:7      | 7395 ||| Stepping ~*~*~tactically~*~*~ (outnumbered).
  7397 | D:7      | 7397 ||| Stepping ~*~*~tactically~*~*~ (outnumbered).
  7401 | D:7      | 7401 ||| Stepping ~*~*~tactically~*~*~ (outnumbered).
  7403 | D:7      | 7403 ||| Stepping ~*~*~tactically~*~*~ (outnumbered).
  7405 | D:7      | 7405 ||| Stepping ~*~*~tactically~*~*~ (outnumbered).
  7407 | D:7      | 7407 ||| Stepping ~*~*~tactically~*~*~ (outnumbered).
  7409 | D:7      | 7409 ||| Stepping ~*~*~tactically~*~*~ (outnumbered).
  7414 | D:7      | 7414 ||| Stepping ~*~*~tactically~*~*~ (outnumbered).
  7417 | D:7      | 7417 ||| Stepping ~*~*~tactically~*~*~ (outnumbered).
  7420 | D:7      | 7420 ||| Stepping ~*~*~tactically~*~*~ (outnumbered).
  7423 | D:7      | 7423 ||| Stepping ~*~*~tactically~*~*~ (outnumbered).
  7425 | D:7      | 7425 ||| Stepping ~*~*~tactically~*~*~ (outnumbered).
  7430 | D:7      | 7430 ||| Stepping ~*~*~tactically~*~*~ (outnumbered).
  7432 | D:7      | 7432 ||| Stepping ~*~*~tactically~*~*~ (outnumbered).
  7437 | D:7      | 7437 ||| INVOKING Fiery Armour.
  7438 | D:7      | 7438 ||| Stepping ~*~*~tactically~*~*~ (outnumbered).
  7446 | D:7      | 7446 ||| Stepping ~*~*~tactically~*~*~ (outnumbered).
  7448 | D:7      | 7448 ||| Stepping ~*~*~tactically~*~*~ (outnumbered).
  7450 | D:7      | 7450 ||| Stepping ~*~*~tactically~*~*~ (outnumbered).
  7452 | D:7      | 7452 ||| Stepping ~*~*~tactically~*~*~ (outnumbered).
  7455 | D:7      | 7455 ||| Stepping ~*~*~tactically~*~*~ (outnumbered).
  7459 | D:7      | 7459 ||| Stepping ~*~*~tactically~*~*~ (outnumbered).
  7467 | D:7      | 7467 ||| Stepping ~*~*~tactically~*~*~ (outnumbered).
  7471 | D:7      | 7471 ||| Stepping ~*~*~tactically~*~*~ (outnumbered).
  7475 | D:7      | 7475 ||| Stepping ~*~*~tactically~*~*~ (outnumbered).
  7478 | D:7      | 7478 ||| Stepping ~*~*~tactically~*~*~ (outnumbered).
  7481 | D:7      | 7481 ||| Stepping ~*~*~tactically~*~*~ (outnumbered).
  7484 | D:7      | 7484 ||| Stepping ~*~*~tactically~*~*~ (outnumbered).
  7486 | D:7      | 7486 ||| Stepping ~*~*~tactically~*~*~ (outnumbered).
  7491 | D:7      | 7491 ||| Stepping ~*~*~tactically~*~*~ (outnumbered).
  7496 | D:7      | 7496 ||| Stepping ~*~*~tactically~*~*~ (outnumbered).
  7500 | D:7      | 7500 ||| Stepping ~*~*~tactically~*~*~ (outnumbered).
  7502 | D:7      | 7502 ||| Stepping ~*~*~tactically~*~*~ (outnumbered).
  7504 | D:7      | 7504 ||| Stepping ~*~*~tactically~*~*~ (outnumbered).
  7508 | D:7      | 7508 ||| Stepping ~*~*~tactically~*~*~ (outnumbered).
  7510 | D:7      | 7510 ||| Stepping ~*~*~tactically~*~*~ (outnumbered).
  7515 | D:7      | 7515 ||| Stepping ~*~*~tactically~*~*~ (outnumbered).
  7518 | D:7      | 7518 ||| Stepping ~*~*~tactically~*~*~ (outnumbered).
  7520 | D:7      | 7520 ||| Stepping ~*~*~tactically~*~*~ (outnumbered).
  7522 | D:7      | 7522 ||| Stepping ~*~*~tactically~*~*~ (outnumbered).
  7525 | D:7      | 7525 ||| Stepping ~*~*~tactically~*~*~ (outnumbered).
  7528 | D:7      | 7528 ||| Stepping ~*~*~tactically~*~*~ (outnumbered).
  7531 | D:7      | 7531 ||| Stepping ~*~*~tactically~*~*~ (outnumbered).
  7538 | D:7      | 7538 ||| Stepping ~*~*~tactically~*~*~ (outnumbered).
  7540 | D:7      | 7540 ||| Stepping ~*~*~tactically~*~*~ (outnumbered).
  7542 | D:7      | 7542 ||| Stepping ~*~*~tactically~*~*~ (outnumbered).
  7544 | D:7      | 7544 ||| Stepping ~*~*~tactically~*~*~ (outnumbered).
  7546 | D:7      | 7546 ||| Stepping ~*~*~tactically~*~*~ (outnumbered).
  7549 | D:7      | 7549 ||| Stepping ~*~*~tactically~*~*~ (outnumbered).
  7551 | D:7      | 7551 ||| Stepping ~*~*~tactically~*~*~ (outnumbered).
  7553 | D:7      | 7553 ||| Stepping ~*~*~tactically~*~*~ (outnumbered).
  7557 | D:7      | 7557 ||| Stepping ~*~*~tactically~*~*~ (outnumbered).
  7559 | D:7      | 7559 ||| Stepping ~*~*~tactically~*~*~ (outnumbered).
  7561 | D:7      | 7561 ||| Stepping ~*~*~tactically~*~*~ (outnumbered).
  7566 | D:7      | 7566 ||| Stepping ~*~*~tactically~*~*~ (outnumbered).
  7573 | D:7      | 7573 ||| Stepping ~*~*~tactically~*~*~ (outnumbered).
  7577 | D:7      | 7577 ||| Stepping ~*~*~tactically~*~*~ (outnumbered).
  7582 | D:7      | 7582 ||| Stepping ~*~*~tactically~*~*~ (outnumbered).
  7585 | D:7      | 7585 ||| Stepping ~*~*~tactically~*~*~ (outnumbered).
  7590 | D:7      | 7590 ||| Stepping ~*~*~tactically~*~*~ (outnumbered).
  7592 | D:7      | 7592 ||| Stepping ~*~*~tactically~*~*~ (outnumbered).
  7594 | D:7      | 7594 ||| Stepping ~*~*~tactically~*~*~ (outnumbered).
  7598 | D:7      | 7598 ||| Stepping ~*~*~tactically~*~*~ (outnumbered).
  7603 | D:7      | 7603 ||| Stepping ~*~*~tactically~*~*~ (outnumbered).
  7605 | D:7      | 7605 ||| Stepping ~*~*~tactically~*~*~ (outnumbered).
  7608 | D:7      | 7608 ||| Stepping ~*~*~tactically~*~*~ (outnumbered).
  7611 | D:7      | 7611 ||| Stepping ~*~*~tactically~*~*~ (outnumbered).
  7613 | D:7      | 7613 ||| Stepping ~*~*~tactically~*~*~ (outnumbered).
  7618 | D:7      | 7618 ||| Stepping ~*~*~tactically~*~*~ (outnumbered).
  7620 | D:7      | 7620 ||| Stepping ~*~*~tactically~*~*~ (outnumbered).
  7622 | D:7      | 7622 ||| Stepping ~*~*~tactically~*~*~ (outnumbered).
  7625 | D:7      | 7625 ||| Stepping ~*~*~tactically~*~*~ (outnumbered).
  7627 | D:7      | 7627 ||| Stepping ~*~*~tactically~*~*~ (outnumbered).
  7637 | D:7      | 7637 ||| Stepping ~*~*~tactically~*~*~ (outnumbered).
  7639 | D:7      | 7639 ||| Stepping ~*~*~tactically~*~*~ (outnumbered).
  7643 | D:7      | 7643 ||| Stepping ~*~*~tactically~*~*~ (outnumbered).
  7650 | D:7      | 7650 ||| Stepping ~*~*~tactically~*~*~ (outnumbered).
  7652 | D:7      | 7652 ||| Stepping ~*~*~tactically~*~*~ (outnumbered).
  7661 | D:7      | 7661 ||| Stepping ~*~*~tactically~*~*~ (outnumbered).
  7664 | D:7      | 7664 ||| Stepping ~*~*~tactically~*~*~ (outnumbered).
  7670 | D:7      | 7670 ||| Stepping ~*~*~tactically~*~*~ (outnumbered).
  7672 | D:7      | 7672 ||| Stepping ~*~*~tactically~*~*~ (outnumbered).
  7677 | D:7      | 7677 ||| Stepping ~*~*~tactically~*~*~ (outnumbered).
  7679 | D:7      | 7679 ||| Stepping ~*~*~tactically~*~*~ (outnumbered).
  7682 | D:7      | 7682 ||| Stepping ~*~*~tactically~*~*~ (outnumbered).
  7684 | D:7      | 7684 ||| Stepping ~*~*~tactically~*~*~ (outnumbered).
  7689 | D:7      | 7689 ||| Stepping ~*~*~tactically~*~*~ (outnumbered).
  7691 | D:7      | 7691 ||| Stepping ~*~*~tactically~*~*~ (outnumbered).
  7693 | D:7      | 7693 ||| Stepping ~*~*~tactically~*~*~ (outnumbered).
  7696 | D:7      | 7696 ||| Stepping ~*~*~tactically~*~*~ (outnumbered).
  7698 | D:7      | 7698 ||| Stepping ~*~*~tactically~*~*~ (outnumbered).
  7701 | D:7      | 7701 ||| Stepping ~*~*~tactically~*~*~ (outnumbered).
  7703 | D:7      | 7703 ||| Stepping ~*~*~tactically~*~*~ (outnumbered).
  7705 | D:7      | 7705 ||| Stepping ~*~*~tactically~*~*~ (outnumbered).
  7707 | D:7      | 7707 ||| Stepping ~*~*~tactically~*~*~ (outnumbered).
  7713 | D:7      | 7713 ||| Stepping ~*~*~tactically~*~*~ (outnumbered).
  7717 | D:7      | 7717 ||| Stepping ~*~*~tactically~*~*~ (outnumbered).
  7721 | D:7      | 7721 ||| Stepping ~*~*~tactically~*~*~ (outnumbered).
  7724 | D:7      | 7724 ||| Stepping ~*~*~tactically~*~*~ (outnumbered).
  7726 | D:7      | 7726 ||| Stepping ~*~*~tactically~*~*~ (outnumbered).
  7731 | D:7      | 7731 ||| Stepping ~*~*~tactically~*~*~ (outnumbered).
  7737 | D:7      | 7737 ||| Stepping ~*~*~tactically~*~*~ (outnumbered).
  7741 | D:7      | 7741 ||| Stepping ~*~*~tactically~*~*~ (outnumbered).
  7743 | D:7      | 7743 ||| Stepping ~*~*~tactically~*~*~ (outnumbered).
  7746 | D:7      | 7746 ||| Stepping ~*~*~tactically~*~*~ (outnumbered).
  7751 | D:7      | 7751 ||| Stepping ~*~*~tactically~*~*~ (outnumbered).
  7753 | D:7      | 7753 ||| Stepping ~*~*~tactically~*~*~ (outnumbered).
  7755 | D:7      | 7755 ||| Stepping ~*~*~tactically~*~*~ (outnumbered).
  7757 | D:7      | 7757 ||| Stepping ~*~*~tactically~*~*~ (outnumbered).
  7759 | D:7      | 7759 ||| Stepping ~*~*~tactically~*~*~ (outnumbered).
  7761 | D:7      | 7761 ||| Stepping ~*~*~tactically~*~*~ (outnumbered).
  7763 | D:7      | 7763 ||| Stepping ~*~*~tactically~*~*~ (outnumbered).
  7765 | D:7      | 7765 ||| Stepping ~*~*~tactically~*~*~ (outnumbered).
  7771 | D:7      | 7771 ||| Stepping ~*~*~tactically~*~*~ (outnumbered).
  7773 | D:7      | 7773 ||| Stepping ~*~*~tactically~*~*~ (outnumbered).
  7775 | D:7      | 7775 ||| Stepping ~*~*~tactically~*~*~ (outnumbered).
  7780 | D:7      | 7780 ||| Stepping ~*~*~tactically~*~*~ (outnumbered).
  7782 | D:7      | 7782 ||| Stepping ~*~*~tactically~*~*~ (outnumbered).
  7785 | D:7      | 7785 ||| Stepping ~*~*~tactically~*~*~ (outnumbered).
  7787 | D:7      | 7787 ||| Stepping ~*~*~tactically~*~*~ (outnumbered).
  7789 | D:7      | 7789 ||| Stepping ~*~*~tactically~*~*~ (outnumbered).
  7793 | D:7      | 7793 ||| Stepping ~*~*~tactically~*~*~ (outnumbered).
  7795 | D:7      | 7795 ||| Stepping ~*~*~tactically~*~*~ (outnumbered).
  7798 | D:7      | 7798 ||| Stepping ~*~*~tactically~*~*~ (outnumbered).
  7805 | D:7      | 7805 ||| Stepping ~*~*~tactically~*~*~ (outnumbered).
  7808 | D:7      | 7808 ||| Stepping ~*~*~tactically~*~*~ (outnumbered).
  7811 | D:7      | 7811 ||| Stepping ~*~*~tactically~*~*~ (outnumbered).
  7813 | D:7      | 7813 ||| Stepping ~*~*~tactically~*~*~ (outnumbered).
  7815 | D:7      | 7815 ||| Stepping ~*~*~tactically~*~*~ (outnumbered).
  7823 | D:7      | 7823 ||| Stepping ~*~*~tactically~*~*~ (outnumbered).
  7826 | D:7      | 7826 ||| Stepping ~*~*~tactically~*~*~ (outnumbered).
  7828 | D:7      | 7828 ||| Stepping ~*~*~tactically~*~*~ (outnumbered).
  7833 | D:7      | 7833 ||| Stepping ~*~*~tactically~*~*~ (outnumbered).
  7835 | D:7      | 7835 ||| Stepping ~*~*~tactically~*~*~ (outnumbered).
  7837 | D:7      | 7837 ||| Stepping ~*~*~tactically~*~*~ (outnumbered).
  7840 | D:7      | 7840 ||| Stepping ~*~*~tactically~*~*~ (outnumbered).
  7842 | D:7      | 7842 ||| Stepping ~*~*~tactically~*~*~ (outnumbered).
  7845 | D:7      | 7845 ||| Stepping ~*~*~tactically~*~*~ (outnumbered).
  7849 | D:7      | 7849 ||| Stepping ~*~*~tactically~*~*~ (outnumbered).
  7853 | D:7      | 7853 ||| Stepping ~*~*~tactically~*~*~ (outnumbered).
  7856 | D:7      | 7856 ||| Stepping ~*~*~tactically~*~*~ (outnumbered).
  7861 | D:7      | 7861 ||| Stepping ~*~*~tactically~*~*~ (outnumbered).
  7863 | D:7      | 7863 ||| Stepping ~*~*~tactically~*~*~ (outnumbered).
  7865 | D:7      | 7865 ||| Stepping ~*~*~tactically~*~*~ (outnumbered).
  7867 | D:7      | 7867 ||| Stepping ~*~*~tactically~*~*~ (outnumbered).
  7871 | D:7      | 7871 ||| Stepping ~*~*~tactically~*~*~ (outnumbered).
  7874 | D:7      | 7874 ||| Stepping ~*~*~tactically~*~*~ (outnumbered).
  7881 | D:7      | 7881 ||| Stepping ~*~*~tactically~*~*~ (outnumbered).
  7885 | D:7      | 7885 ||| Stepping ~*~*~tactically~*~*~ (outnumbered).
  7889 | D:7      | 7889 ||| Stepping ~*~*~tactically~*~*~ (outnumbered).
  7893 | D:7      | 7893 ||| Stepping ~*~*~tactically~*~*~ (outnumbered).
  7895 | D:7      | 7895 ||| Stepping ~*~*~tactically~*~*~ (outnumbered).
  7901 | D:7      | 7901 ||| Stepping ~*~*~tactically~*~*~ (outnumbered).
  7904 | D:7      | 7904 ||| Stepping ~*~*~tactically~*~*~ (outnumbered).
  7909 | D:7      | 7909 ||| Stepping ~*~*~tactically~*~*~ (outnumbered).
  7911 | D:7      | 7911 ||| Stepping ~*~*~tactically~*~*~ (outnumbered).
  7913 | D:7      | 7913 ||| Stepping ~*~*~tactically~*~*~ (outnumbered).
  7921 | D:7      | 7921 ||| Stepping ~*~*~tactically~*~*~ (outnumbered).
  7924 | D:7      | 7924 ||| Stepping ~*~*~tactically~*~*~ (outnumbered).
  7928 | D:7      | 7928 ||| Stepping ~*~*~tactically~*~*~ (outnumbered).
  7930 | D:7      | 7930 ||| Stepping ~*~*~tactically~*~*~ (outnumbered).
  7932 | D:7      | 7932 ||| Stepping ~*~*~tactically~*~*~ (outnumbered).
  7934 | D:7      | 7934 ||| Stepping ~*~*~tactically~*~*~ (outnumbered).
  7939 | D:7      | 7939 ||| Stepping ~*~*~tactically~*~*~ (outnumbered).
  7947 | D:7      | 7947 ||| Stepping ~*~*~tactically~*~*~ (outnumbered).
  7949 | D:7      | 7949 ||| Stepping ~*~*~tactically~*~*~ (outnumbered).
  7953 | D:7      | 7953 ||| Stepping ~*~*~tactically~*~*~ (outnumbered).
  7957 | D:7      | 7957 ||| Stepping ~*~*~tactically~*~*~ (outnumbered).
  7961 | D:7      | 7961 ||| Stepping ~*~*~tactically~*~*~ (outnumbered).
  7964 | D:7      | 7964 ||| Stepping ~*~*~tactically~*~*~ (outnumbered).
  7966 | D:7      | 7966 ||| Stepping ~*~*~tactically~*~*~ (outnumbered).
  7968 | D:7      | 7968 ||| Stepping ~*~*~tactically~*~*~ (outnumbered).
  7970 | D:7      | 7970 ||| Stepping ~*~*~tactically~*~*~ (outnumbered).
  7972 | D:7      | 7972 ||| Stepping ~*~*~tactically~*~*~ (outnumbered).
  7974 | D:7      | 7974 ||| Stepping ~*~*~tactically~*~*~ (outnumbered).
  7977 | D:7      | 7977 ||| Stepping ~*~*~tactically~*~*~ (outnumbered).
  7982 | D:7      | 7982 ||| Stepping ~*~*~tactically~*~*~ (outnumbered).
  7986 | D:7      | 7986 ||| Stepping ~*~*~tactically~*~*~ (outnumbered).
  7988 | D:7      | 7988 ||| Stepping ~*~*~tactically~*~*~ (outnumbered).
  7993 | D:7      | 7993 ||| Stepping ~*~*~tactically~*~*~ (outnumbered).
  7998 | D:7      | 7998 ||| Stepping ~*~*~tactically~*~*~ (outnumbered).
  8000 | D:7      | 8000 ||| Stepping ~*~*~tactically~*~*~ (outnumbered).
  8002 | D:7      | 8002 ||| Stepping ~*~*~tactically~*~*~ (outnumbered).
  8008 | D:7      | 8008 ||| Stepping ~*~*~tactically~*~*~ (outnumbered).
  8010 | D:7      | 8010 ||| Stepping ~*~*~tactically~*~*~ (outnumbered).
  8013 | D:7      | 8013 ||| Stepping ~*~*~tactically~*~*~ (outnumbered).
  8019 | D:7      | 8019 ||| Stepping ~*~*~tactically~*~*~ (outnumbered).
  8021 | D:7      | 8021 ||| Stepping ~*~*~tactically~*~*~ (outnumbered).
  8026 | D:7      | 8026 ||| Stepping ~*~*~tactically~*~*~ (outnumbered).
  8034 | D:7      | 8034 ||| Stepping ~*~*~tactically~*~*~ (outnumbered).
  8036 | D:7      | 8036 ||| Stepping ~*~*~tactically~*~*~ (outnumbered).
  8038 | D:7      | 8038 ||| Stepping ~*~*~tactically~*~*~ (outnumbered).
  8042 | D:7      | 8042 ||| Stepping ~*~*~tactically~*~*~ (outnumbered).
  8050 | D:7      | 8050 ||| Stepping ~*~*~tactically~*~*~ (outnumbered).
  8052 | D:7      | 8052 ||| Stepping ~*~*~tactically~*~*~ (outnumbered).
  8057 | D:7      | 8057 ||| Stepping ~*~*~tactically~*~*~ (outnumbered).
  8059 | D:7      | 8059 ||| Stepping ~*~*~tactically~*~*~ (outnumbered).
  8061 | D:7      | 8061 ||| Stepping ~*~*~tactically~*~*~ (outnumbered).
  8065 | D:7      | 8065 ||| Stepping ~*~*~tactically~*~*~ (outnumbered).
  8067 | D:7      | 8067 ||| Stepping ~*~*~tactically~*~*~ (outnumbered).
  8072 | D:7      | 8072 ||| Stepping ~*~*~tactically~*~*~ (outnumbered).
  8079 | D:7      | 8079 ||| Stepping ~*~*~tactically~*~*~ (outnumbered).
  8081 | D:7      | 8081 ||| Stepping ~*~*~tactically~*~*~ (outnumbered).
  8083 | D:7      | 8083 ||| Stepping ~*~*~tactically~*~*~ (outnumbered).
  8088 | D:7      | 8088 ||| Stepping ~*~*~tactically~*~*~ (outnumbered).
  8095 | D:7      | 8095 ||| Stepping ~*~*~tactically~*~*~ (outnumbered).
  8097 | D:7      | 8097 ||| Stepping ~*~*~tactically~*~*~ (outnumbered).
  8099 | D:7      | 8099 ||| Stepping ~*~*~tactically~*~*~ (outnumbered).
  8101 | D:7      | 8101 ||| Stepping ~*~*~tactically~*~*~ (outnumbered).
  8103 | D:7      | 8103 ||| Stepping ~*~*~tactically~*~*~ (outnumbered).
  8105 | D:7      | 8105 ||| Stepping ~*~*~tactically~*~*~ (outnumbered).
  8107 | D:7      | 8107 ||| Stepping ~*~*~tactically~*~*~ (outnumbered).
  8109 | D:7      | 8109 ||| Stepping ~*~*~tactically~*~*~ (outnumbered).
  8113 | D:7      | 8113 ||| Stepping ~*~*~tactically~*~*~ (outnumbered).
  8115 | D:7      | 8115 ||| Stepping ~*~*~tactically~*~*~ (outnumbered).
  8117 | D:7      | 8117 ||| Stepping ~*~*~tactically~*~*~ (outnumbered).
  8120 | D:7      | 8120 ||| Stepping ~*~*~tactically~*~*~ (outnumbered).
  8124 | D:7      | 8124 ||| Stepping ~*~*~tactically~*~*~ (outnumbered).
  8131 | D:7      | 8131 ||| Stepping ~*~*~tactically~*~*~ (outnumbered).
  8139 | D:7      | 8139 ||| Stepping ~*~*~tactically~*~*~ (outnumbered).
  8141 | D:7      | 8141 ||| Stepping ~*~*~tactically~*~*~ (outnumbered).
  8143 | D:7      | 8143 ||| Stepping ~*~*~tactically~*~*~ (outnumbered).
  8145 | D:7      | 8145 ||| Stepping ~*~*~tactically~*~*~ (outnumbered).
  8147 | D:7      | 8147 ||| Stepping ~*~*~tactically~*~*~ (outnumbered).
  8151 | D:7      | 8151 ||| Stepping ~*~*~tactically~*~*~ (outnumbered).
  8154 | D:7      | 8154 ||| Stepping ~*~*~tactically~*~*~ (outnumbered).
  8158 | D:7      | 8158 ||| Stepping ~*~*~tactically~*~*~ (outnumbered).
  8166 | D:7      | 8166 ||| Stepping ~*~*~tactically~*~*~ (outnumbered).
  8169 | D:7      | 8169 ||| Stepping ~*~*~tactically~*~*~ (outnumbered).
  8171 | D:7      | 8171 ||| Stepping ~*~*~tactically~*~*~ (outnumbered).
  8173 | D:7      | 8173 ||| Stepping ~*~*~tactically~*~*~ (outnumbered).
  8176 | D:7      | 8176 ||| Stepping ~*~*~tactically~*~*~ (outnumbered).
  8178 | D:7      | 8178 ||| Stepping ~*~*~tactically~*~*~ (outnumbered).
  8182 | D:7      | 8182 ||| Stepping ~*~*~tactically~*~*~ (outnumbered).
  8184 | D:7      | 8184 ||| Stepping ~*~*~tactically~*~*~ (outnumbered).
  8186 | D:7      | 8186 ||| Stepping ~*~*~tactically~*~*~ (outnumbered).
  8190 | D:7      | 8190 ||| Stepping ~*~*~tactically~*~*~ (outnumbered).
  8192 | D:7      | 8192 ||| Stepping ~*~*~tactically~*~*~ (outnumbered).
  8194 | D:7      | 8194 ||| Stepping ~*~*~tactically~*~*~ (outnumbered).
  8200 | D:7      | 8200 ||| Stepping ~*~*~tactically~*~*~ (outnumbered).
  8202 | D:7      | 8202 ||| Stepping ~*~*~tactically~*~*~ (outnumbered).
  8204 | D:7      | 8204 ||| Stepping ~*~*~tactically~*~*~ (outnumbered).
  8206 | D:7      | 8206 ||| Stepping ~*~*~tactically~*~*~ (outnumbered).
  8210 | D:7      | 8210 ||| Stepping ~*~*~tactically~*~*~ (outnumbered).
  8215 | D:7      | 8215 ||| Stepping ~*~*~tactically~*~*~ (outnumbered).
  8222 | D:7      | 8222 ||| Stepping ~*~*~tactically~*~*~ (outnumbered).
  8225 | D:7      | 8225 ||| Stepping ~*~*~tactically~*~*~ (outnumbered).
  8228 | D:7      | 8228 ||| Stepping ~*~*~tactically~*~*~ (outnumbered).
  8232 | D:7      | 8232 ||| Stepping ~*~*~tactically~*~*~ (outnumbered).
  8234 | D:7      | 8234 ||| Stepping ~*~*~tactically~*~*~ (outnumbered).
  8240 | D:7      | 8240 ||| Stepping ~*~*~tactically~*~*~ (outnumbered).
  8243 | D:7      | 8243 ||| Stepping ~*~*~tactically~*~*~ (outnumbered).
  8251 | D:7      | 8251 ||| Stepping ~*~*~tactically~*~*~ (outnumbered).
  8255 | D:7      | 8255 ||| Stepping ~*~*~tactically~*~*~ (outnumbered).
  8258 | D:7      | 8258 ||| Stepping ~*~*~tactically~*~*~ (outnumbered).
  8260 | D:7      | 8260 ||| Stepping ~*~*~tactically~*~*~ (outnumbered).
  8267 | D:7      | 8267 ||| Stepping ~*~*~tactically~*~*~ (outnumbered).
  8273 | D:7      | 8273 ||| Stepping ~*~*~tactically~*~*~ (outnumbered).
  8276 | D:7      | 8276 ||| Stepping ~*~*~tactically~*~*~ (outnumbered).
  8280 | D:7      | 8280 ||| Stepping ~*~*~tactically~*~*~ (outnumbered).
  8283 | D:7      | 8283 ||| Stepping ~*~*~tactically~*~*~ (outnumbered).
  8288 | D:7      | 8288 ||| Stepping ~*~*~tactically~*~*~ (outnumbered).
  8292 | D:7      | 8292 ||| Stepping ~*~*~tactically~*~*~ (outnumbered).
  8296 | D:7      | 8296 ||| Stepping ~*~*~tactically~*~*~ (outnumbered).
  8300 | D:7      | 8300 ||| Stepping ~*~*~tactically~*~*~ (outnumbered).
  8303 | D:7      | 8303 ||| Stepping ~*~*~tactically~*~*~ (outnumbered).
  8305 | D:7      | 8305 ||| Stepping ~*~*~tactically~*~*~ (outnumbered).
  8307 | D:7      | 8307 ||| Stepping ~*~*~tactically~*~*~ (outnumbered).
  8312 | D:7      | 8312 ||| Stepping ~*~*~tactically~*~*~ (outnumbered).
  8314 | D:7      | 8314 ||| Stepping ~*~*~tactically~*~*~ (outnumbered).
  8318 | D:7      | 8318 ||| Stepping ~*~*~tactically~*~*~ (outnumbered).
  8320 | D:7      | 8320 ||| Stepping ~*~*~tactically~*~*~ (outnumbered).
  8322 | D:7      | 8322 ||| Stepping ~*~*~tactically~*~*~ (outnumbered).
  8324 | D:7      | 8324 ||| Stepping ~*~*~tactically~*~*~ (outnumbered).
  8326 | D:7      | 8326 ||| Stepping ~*~*~tactically~*~*~ (outnumbered).
  8333 | D:7      | 8333 ||| Stepping ~*~*~tactically~*~*~ (outnumbered).
  8336 | D:7      | 8336 ||| Stepping ~*~*~tactically~*~*~ (outnumbered).
  8344 | D:7      | 8344 ||| Stepping ~*~*~tactically~*~*~ (outnumbered).
  8347 | D:7      | 8347 ||| Stepping ~*~*~tactically~*~*~ (outnumbered).
  8351 | D:7      | 8351 ||| Stepping ~*~*~tactically~*~*~ (outnumbered).
  8354 | D:7      | 8354 ||| Stepping ~*~*~tactically~*~*~ (outnumbered).
  8356 | D:7      | 8356 ||| Stepping ~*~*~tactically~*~*~ (outnumbered).
  8368 | D:7      | 8368 ||| Stepping ~*~*~tactically~*~*~ (outnumbered).
  8370 | D:7      | 8370 ||| Stepping ~*~*~tactically~*~*~ (outnumbered).
  8372 | D:7      | 8372 ||| Stepping ~*~*~tactically~*~*~ (outnumbered).
  8374 | D:7      | 8374 ||| Stepping ~*~*~tactically~*~*~ (outnumbered).
  8376 | D:7      | 8376 ||| Stepping ~*~*~tactically~*~*~ (outnumbered).
  8378 | D:7      | 8378 ||| Stepping ~*~*~tactically~*~*~ (outnumbered).
  8380 | D:7      | 8380 ||| Stepping ~*~*~tactically~*~*~ (outnumbered).
  8385 | D:7      | 8385 ||| Stepping ~*~*~tactically~*~*~ (outnumbered).
  8391 | D:7      | 8391 ||| Stepping ~*~*~tactically~*~*~ (outnumbered).
  8393 | D:7      | 8393 ||| Stepping ~*~*~tactically~*~*~ (outnumbered).
  8397 | D:7      | 8397 ||| Stepping ~*~*~tactically~*~*~ (outnumbered).
  8401 | D:7      | 8401 ||| Stepping ~*~*~tactically~*~*~ (outnumbered).
  8404 | D:7      | 8404 ||| Stepping ~*~*~tactically~*~*~ (outnumbered).
  8406 | D:7      | 8406 ||| Stepping ~*~*~tactically~*~*~ (outnumbered).
  8408 | D:7      | 8408 ||| Stepping ~*~*~tactically~*~*~ (outnumbered).
  8410 | D:7      | 8410 ||| Stepping ~*~*~tactically~*~*~ (outnumbered).
  8413 | D:7      | 8413 ||| Stepping ~*~*~tactically~*~*~ (outnumbered).
  8419 | D:7      | 8419 ||| Stepping ~*~*~tactically~*~*~ (outnumbered).
  8421 | D:7      | 8421 ||| Stepping ~*~*~tactically~*~*~ (outnumbered).
  8426 | D:7      | 8426 ||| Stepping ~*~*~tactically~*~*~ (outnumbered).
  8428 | D:7      | 8428 ||| Stepping ~*~*~tactically~*~*~ (outnumbered).
  8430 | D:7      | 8430 ||| Stepping ~*~*~tactically~*~*~ (outnumbered).
  8435 | D:7      | 8435 ||| Stepping ~*~*~tactically~*~*~ (outnumbered).
  8437 | D:7      | 8437 ||| Stepping ~*~*~tactically~*~*~ (outnumbered).
  8446 | D:7      | 8446 ||| Stepping ~*~*~tactically~*~*~ (outnumbered).
  8451 | D:7      | 8451 ||| Stepping ~*~*~tactically~*~*~ (outnumbered).
  8454 | D:7      | 8454 ||| Stepping ~*~*~tactically~*~*~ (outnumbered).
  8460 | D:7      | 8460 ||| Stepping ~*~*~tactically~*~*~ (outnumbered).
  8463 | D:7      | 8463 ||| Stepping ~*~*~tactically~*~*~ (outnumbered).
  8465 | D:7      | 8465 ||| Stepping ~*~*~tactically~*~*~ (outnumbered).
  8467 | D:7      | 8467 ||| Stepping ~*~*~tactically~*~*~ (outnumbered).
  8469 | D:7      | 8469 ||| Stepping ~*~*~tactically~*~*~ (outnumbered).
  8471 | D:7      | 8471 ||| Stepping ~*~*~tactically~*~*~ (outnumbered).
  8475 | D:7      | 8475 ||| Stepping ~*~*~tactically~*~*~ (outnumbered).
  8479 | D:7      | 8479 ||| Stepping ~*~*~tactically~*~*~ (outnumbered).
  8485 | D:7      | 8485 ||| Stepping ~*~*~tactically~*~*~ (outnumbered).
  8487 | D:7      | 8487 ||| Stepping ~*~*~tactically~*~*~ (outnumbered).
  8489 | D:7      | 8489 ||| Stepping ~*~*~tactically~*~*~ (outnumbered).
  8492 | D:7      | 8492 ||| Stepping ~*~*~tactically~*~*~ (outnumbered).
  8498 | D:7      | 8498 ||| Stepping ~*~*~tactically~*~*~ (outnumbered).
  8500 | D:7      | 8500 ||| Stepping ~*~*~tactically~*~*~ (outnumbered).
  8508 | D:7      | 8508 ||| Stepping ~*~*~tactically~*~*~ (outnumbered).
  8510 | D:7      | 8510 ||| Stepping ~*~*~tactically~*~*~ (outnumbered).
  8512 | D:7      | 8512 ||| Stepping ~*~*~tactically~*~*~ (outnumbered).
  8517 | D:7      | 8517 ||| Stepping ~*~*~tactically~*~*~ (outnumbered).
  8519 | D:7      | 8519 ||| Stepping ~*~*~tactically~*~*~ (outnumbered).
  8527 | D:7      | 8527 ||| Stepping ~*~*~tactically~*~*~ (outnumbered).
  8529 | D:7      | 8529 ||| Stepping ~*~*~tactically~*~*~ (outnumbered).
  8533 | D:7      | 8533 ||| Stepping ~*~*~tactically~*~*~ (outnumbered).
  8537 | D:7      | 8537 ||| Stepping ~*~*~tactically~*~*~ (outnumbered).
  8544 | D:7      | 8544 ||| Stepping ~*~*~tactically~*~*~ (outnumbered).
  8551 | D:7      | 8551 ||| Stepping ~*~*~tactically~*~*~ (outnumbered).
  8555 | D:7      | 8555 ||| Stepping ~*~*~tactically~*~*~ (outnumbered).
  8557 | D:7      | 8557 ||| Stepping ~*~*~tactically~*~*~ (outnumbered).
  8559 | D:7      | 8559 ||| Stepping ~*~*~tactically~*~*~ (outnumbered).
  8564 | D:7      | 8564 ||| Stepping ~*~*~tactically~*~*~ (outnumbered).
  8569 | D:7      | 8569 ||| Stepping ~*~*~tactically~*~*~ (outnumbered).
  8571 | D:7      | 8571 ||| Stepping ~*~*~tactically~*~*~ (outnumbered).
  8573 | D:7      | 8573 ||| Stepping ~*~*~tactically~*~*~ (outnumbered).
  8575 | D:7      | 8575 ||| Stepping ~*~*~tactically~*~*~ (outnumbered).
  8578 | D:7      | 8578 ||| Stepping ~*~*~tactically~*~*~ (outnumbered).
  8590 | D:7      | 8590 ||| Stepping ~*~*~tactically~*~*~ (outnumbered).
  8592 | D:7      | 8592 ||| Stepping ~*~*~tactically~*~*~ (outnumbered).
  8594 | D:7      | 8594 ||| Stepping ~*~*~tactically~*~*~ (outnumbered).
  8596 | D:7      | 8596 ||| Stepping ~*~*~tactically~*~*~ (outnumbered).
  8605 | D:7      | 8605 ||| Stepping ~*~*~tactically~*~*~ (outnumbered).
  8613 | D:7      | 8613 ||| Stepping ~*~*~tactically~*~*~ (outnumbered).
  8617 | D:7      | 8617 ||| Stepping ~*~*~tactically~*~*~ (outnumbered).
  8619 | D:7      | 8619 ||| Stepping ~*~*~tactically~*~*~ (outnumbered).
  8627 | D:7      | 8627 ||| Stepping ~*~*~tactically~*~*~ (outnumbered).
  8629 | D:7      | 8629 ||| Stepping ~*~*~tactically~*~*~ (outnumbered).
  8633 | D:7      | 8633 ||| Stepping ~*~*~tactically~*~*~ (outnumbered).
  8637 | D:7      | 8637 ||| Stepping ~*~*~tactically~*~*~ (outnumbered).
  8639 | D:7      | 8639 ||| Stepping ~*~*~tactically~*~*~ (outnumbered).
  8642 | D:7      | 8642 ||| Stepping ~*~*~tactically~*~*~ (outnumbered).
  8644 | D:7      | 8644 ||| Stepping ~*~*~tactically~*~*~ (outnumbered).
  8651 | D:7      | 8651 ||| Stepping ~*~*~tactically~*~*~ (outnumbered).
  8654 | D:7      | 8654 ||| Stepping ~*~*~tactically~*~*~ (outnumbered).
  8659 | D:7      | 8659 ||| Stepping ~*~*~tactically~*~*~ (outnumbered).
  8665 | D:7      | 8665 ||| Stepping ~*~*~tactically~*~*~ (outnumbered).
  8668 | D:7      | 8668 ||| Stepping ~*~*~tactically~*~*~ (outnumbered).
  8670 | D:7      | 8670 ||| Stepping ~*~*~tactically~*~*~ (outnumbered).
  8676 | D:7      | 8676 ||| Stepping ~*~*~tactically~*~*~ (outnumbered).
  8682 | D:7      | 8682 ||| Stepping ~*~*~tactically~*~*~ (outnumbered).
  8687 | D:7      | 8687 ||| Stepping ~*~*~tactically~*~*~ (outnumbered).
  8691 | D:7      | 8691 ||| Stepping ~*~*~tactically~*~*~ (outnumbered).
  8698 | D:7      | 8698 ||| Stepping ~*~*~tactically~*~*~ (outnumbered).
  8700 | D:7      | 8700 ||| Stepping ~*~*~tactically~*~*~ (outnumbered).
  8711 | D:7      | 8711 ||| Stepping ~*~*~tactically~*~*~ (outnumbered).
  8717 | D:7      | 8717 ||| Stepping ~*~*~tactically~*~*~ (outnumbered).
  8725 | D:7      | 8725 ||| Stepping ~*~*~tactically~*~*~ (outnumbered).
  8727 | D:7      | 8727 ||| Stepping ~*~*~tactically~*~*~ (outnumbered).
  8736 | D:7      | 8736 ||| Stepping ~*~*~tactically~*~*~ (outnumbered).
  8740 | D:7      | 8740 ||| Stepping ~*~*~tactically~*~*~ (outnumbered).
  8742 | D:7      | 8742 ||| Stepping ~*~*~tactically~*~*~ (outnumbered).
  8747 | D:7      | 8747 ||| Stepping ~*~*~tactically~*~*~ (outnumbered).
  8754 | D:7      | 8754 ||| Stepping ~*~*~tactically~*~*~ (outnumbered).
  8758 | D:7      | 8758 ||| Stepping ~*~*~tactically~*~*~ (outnumbered).
  8769 | D:7      | 8769 ||| Stepping ~*~*~tactically~*~*~ (outnumbered).
  8776 | D:7      | 8776 ||| Stepping ~*~*~tactically~*~*~ (outnumbered).
  8778 | D:7      | 8778 ||| Stepping ~*~*~tactically~*~*~ (outnumbered).
  8783 | D:7      | 8783 ||| Stepping ~*~*~tactically~*~*~ (outnumbered).
  8788 | D:7      | 8788 ||| Stepping ~*~*~tactically~*~*~ (outnumbered).
  8790 | D:7      | 8790 ||| Stepping ~*~*~tactically~*~*~ (outnumbered).
  8793 | D:7      | 8793 ||| Stepping ~*~*~tactically~*~*~ (outnumbered).
  8795 | D:7      | 8795 ||| Stepping ~*~*~tactically~*~*~ (outnumbered).
  8797 | D:7      | 8797 ||| Stepping ~*~*~tactically~*~*~ (outnumbered).
  8805 | D:7      | 8805 ||| Stepping ~*~*~tactically~*~*~ (outnumbered).
  8811 | D:7      | 8811 ||| Stepping ~*~*~tactically~*~*~ (outnumbered).
  8815 | D:7      | 8815 ||| Stepping ~*~*~tactically~*~*~ (outnumbered).
  8821 | D:7      | 8821 ||| Stepping ~*~*~tactically~*~*~ (outnumbered).
  8826 | D:7      | 8826 ||| Stepping ~*~*~tactically~*~*~ (outnumbered).
  8830 | D:7      | 8830 ||| Stepping ~*~*~tactically~*~*~ (outnumbered).
  8832 | D:7      | 8832 ||| Stepping ~*~*~tactically~*~*~ (outnumbered).
  8834 | D:7      | 8834 ||| Stepping ~*~*~tactically~*~*~ (outnumbered).
  8837 | D:7      | 8837 ||| Stepping ~*~*~tactically~*~*~ (outnumbered).
  8839 | D:7      | 8839 ||| Stepping ~*~*~tactically~*~*~ (outnumbered).
  8844 | D:7      | 8844 ||| Stepping ~*~*~tactically~*~*~ (outnumbered).
  8846 | D:7      | 8846 ||| Stepping ~*~*~tactically~*~*~ (outnumbered).
  8855 | D:7      | 8855 ||| Stepping ~*~*~tactically~*~*~ (outnumbered).
  8857 | D:7      | 8857 ||| Stepping ~*~*~tactically~*~*~ (outnumbered).
  8863 | D:7      | 8863 ||| Stepping ~*~*~tactically~*~*~ (outnumbered).
  8865 | D:7      | 8865 ||| Stepping ~*~*~tactically~*~*~ (outnumbered).
  8867 | D:7      | 8867 ||| Stepping ~*~*~tactically~*~*~ (outnumbered).
  8869 | D:7      | 8869 ||| Stepping ~*~*~tactically~*~*~ (outnumbered).
  8871 | D:7      | 8871 ||| Stepping ~*~*~tactically~*~*~ (outnumbered).
  8874 | D:7      | 8874 ||| Stepping ~*~*~tactically~*~*~ (outnumbered).
  8876 | D:7      | 8876 ||| Stepping ~*~*~tactically~*~*~ (outnumbered).
  8878 | D:7      | 8878 ||| Stepping ~*~*~tactically~*~*~ (outnumbered).
  8880 | D:7      | 8880 ||| Stepping ~*~*~tactically~*~*~ (outnumbered).
  8885 | D:7      | 8885 ||| Stepping ~*~*~tactically~*~*~ (outnumbered).
  8891 | D:7      | 8891 ||| Stepping ~*~*~tactically~*~*~ (outnumbered).
  8897 | D:7      | 8897 ||| Stepping ~*~*~tactically~*~*~ (outnumbered).
  8899 | D:7      | 8899 ||| Stepping ~*~*~tactically~*~*~ (outnumbered).
  8901 | D:7      | 8901 ||| Stepping ~*~*~tactically~*~*~ (outnumbered).
  8903 | D:7      | 8903 ||| Stepping ~*~*~tactically~*~*~ (outnumbered).
  8905 | D:7      | 8905 ||| Stepping ~*~*~tactically~*~*~ (outnumbered).
  8907 | D:7      | 8907 ||| Stepping ~*~*~tactically~*~*~ (outnumbered).
  8909 | D:7      | 8909 ||| Stepping ~*~*~tactically~*~*~ (outnumbered).
  8911 | D:7      | 8911 ||| Stepping ~*~*~tactically~*~*~ (outnumbered).
  8913 | D:7      | 8913 ||| Stepping ~*~*~tactically~*~*~ (outnumbered).
  8917 | D:7      | 8917 ||| Stepping ~*~*~tactically~*~*~ (outnumbered).
  8921 | D:7      | 8921 ||| Stepping ~*~*~tactically~*~*~ (outnumbered).
  8923 | D:7      | 8923 ||| Stepping ~*~*~tactically~*~*~ (outnumbered).
  8926 | D:7      | 8926 ||| Stepping ~*~*~tactically~*~*~ (outnumbered).
  8928 | D:7      | 8928 ||| Stepping ~*~*~tactically~*~*~ (outnumbered).
  8937 | D:7      | 8937 ||| Stepping ~*~*~tactically~*~*~ (outnumbered).
  8939 | D:7      | 8939 ||| Stepping ~*~*~tactically~*~*~ (outnumbered).
  8941 | D:7      | 8941 ||| Stepping ~*~*~tactically~*~*~ (outnumbered).
  8943 | D:7      | 8943 ||| Stepping ~*~*~tactically~*~*~ (outnumbered).
  8945 | D:7      | 8945 ||| Stepping ~*~*~tactically~*~*~ (outnumbered).
  8950 | D:7      | 8950 ||| Stepping ~*~*~tactically~*~*~ (outnumbered).
  8952 | D:7      | 8952 ||| Stepping ~*~*~tactically~*~*~ (outnumbered).
  8954 | D:7      | 8954 ||| Stepping ~*~*~tactically~*~*~ (outnumbered).
  8956 | D:7      | 8956 ||| Stepping ~*~*~tactically~*~*~ (outnumbered).
  8958 | D:7      | 8958 ||| Stepping ~*~*~tactically~*~*~ (outnumbered).
  8960 | D:7      | 8960 ||| Stepping ~*~*~tactically~*~*~ (outnumbered).
  8962 | D:7      | 8962 ||| Stepping ~*~*~tactically~*~*~ (outnumbered).
  8965 | D:7      | 8965 ||| Stepping ~*~*~tactically~*~*~ (outnumbered).
  8974 | D:7      | 8974 ||| Stepping ~*~*~tactically~*~*~ (outnumbered).
  8980 | D:7      | 8980 ||| Stepping ~*~*~tactically~*~*~ (outnumbered).
  8983 | D:7      | 8983 ||| Stepping ~*~*~tactically~*~*~ (outnumbered).
  8985 | D:7      | 8985 ||| Stepping ~*~*~tactically~*~*~ (outnumbered).
  8988 | D:7      | 8988 ||| Stepping ~*~*~tactically~*~*~ (outnumbered).
  8990 | D:7      | 8990 ||| Stepping ~*~*~tactically~*~*~ (outnumbered).
  8998 | D:7      | 8998 ||| Stepping ~*~*~tactically~*~*~ (outnumbered).
  9000 | D:7      | 9000 ||| Stepping ~*~*~tactically~*~*~ (outnumbered).
  9005 | D:7      | 9005 ||| Stepping ~*~*~tactically~*~*~ (outnumbered).
  9007 | D:7      | 9007 ||| Stepping ~*~*~tactically~*~*~ (outnumbered).
  9009 | D:7      | 9009 ||| Stepping ~*~*~tactically~*~*~ (outnumbered).
  9017 | D:7      | 9017 ||| Stepping ~*~*~tactically~*~*~ (outnumbered).
  9019 | D:7      | 9019 ||| Stepping ~*~*~tactically~*~*~ (outnumbered).
  9024 | D:7      | 9024 ||| Stepping ~*~*~tactically~*~*~ (outnumbered).
  9026 | D:7      | 9026 ||| Stepping ~*~*~tactically~*~*~ (outnumbered).
  9030 | D:7      | 9030 ||| Stepping ~*~*~tactically~*~*~ (outnumbered).
  9033 | D:7      | 9033 ||| Stepping ~*~*~tactically~*~*~ (outnumbered).
  9035 | D:7      | 9035 ||| Stepping ~*~*~tactically~*~*~ (outnumbered).
  9037 | D:7      | 9037 ||| Stepping ~*~*~tactically~*~*~ (outnumbered).
  9041 | D:7      | 9041 ||| Stepping ~*~*~tactically~*~*~ (outnumbered).
  9050 | D:7      | 9050 ||| Stepping ~*~*~tactically~*~*~ (outnumbered).
  9057 | D:7      | 9057 ||| Stepping ~*~*~tactically~*~*~ (outnumbered).
  9059 | D:7      | 9059 ||| Stepping ~*~*~tactically~*~*~ (outnumbered).
  9066 | D:7      | 9066 ||| Stepping ~*~*~tactically~*~*~ (outnumbered).
  9073 | D:7      | 9073 ||| Stepping ~*~*~tactically~*~*~ (outnumbered).
  9078 | D:7      | 9078 ||| Stepping ~*~*~tactically~*~*~ (outnumbered).
  9080 | D:7      | 9080 ||| Stepping ~*~*~tactically~*~*~ (outnumbered).
  9082 | D:7      | 9082 ||| Stepping ~*~*~tactically~*~*~ (outnumbered).
  9084 | D:7      | 9084 ||| Stepping ~*~*~tactically~*~*~ (outnumbered).
  9086 | D:7      | 9086 ||| Stepping ~*~*~tactically~*~*~ (outnumbered).
  9093 | D:7      | 9093 ||| Stepping ~*~*~tactically~*~*~ (outnumbered).
  9095 | D:7      | 9095 ||| Stepping ~*~*~tactically~*~*~ (outnumbered).
  9101 | D:7      | 9101 ||| Stepping ~*~*~tactically~*~*~ (outnumbered).
  9105 | D:7      | 9105 ||| Stepping ~*~*~tactically~*~*~ (outnumbered).
  9108 | D:7      | 9108 ||| Stepping ~*~*~tactically~*~*~ (outnumbered).
  9112 | D:7      | 9112 ||| Stepping ~*~*~tactically~*~*~ (outnumbered).
  9114 | D:7      | 9114 ||| Stepping ~*~*~tactically~*~*~ (outnumbered).
  9116 | D:7      | 9116 ||| Stepping ~*~*~tactically~*~*~ (outnumbered).
  9118 | D:7      | 9118 ||| Stepping ~*~*~tactically~*~*~ (outnumbered).
  9124 | D:7      | 9124 ||| Stepping ~*~*~tactically~*~*~ (outnumbered).
  9127 | D:7      | 9127 ||| Stepping ~*~*~tactically~*~*~ (outnumbered).
  9129 | D:7      | 9129 ||| Stepping ~*~*~tactically~*~*~ (outnumbered).
  9135 | D:7      | 9135 ||| Stepping ~*~*~tactically~*~*~ (outnumbered).
  9138 | D:7      | 9138 ||| Stepping ~*~*~tactically~*~*~ (outnumbered).
  9144 | D:7      | 9144 ||| Stepping ~*~*~tactically~*~*~ (outnumbered).
  9148 | D:7      | 9148 ||| Stepping ~*~*~tactically~*~*~ (outnumbered).
  9150 | D:7      | 9150 ||| Stepping ~*~*~tactically~*~*~ (outnumbered).
  9154 | D:7      | 9154 ||| Stepping ~*~*~tactically~*~*~ (outnumbered).
  9161 | D:7      | 9161 ||| Stepping ~*~*~tactically~*~*~ (outnumbered).
  9164 | D:7      | 9164 ||| Stepping ~*~*~tactically~*~*~ (outnumbered).
  9166 | D:7      | 9166 ||| Stepping ~*~*~tactically~*~*~ (outnumbered).
  9168 | D:7      | 9168 ||| Stepping ~*~*~tactically~*~*~ (outnumbered).
  9175 | D:7      | 9175 ||| Stepping ~*~*~tactically~*~*~ (outnumbered).
  9181 | D:7      | 9181 ||| Stepping ~*~*~tactically~*~*~ (outnumbered).
  9188 | D:7      | 9188 ||| Stepping ~*~*~tactically~*~*~ (outnumbered).
  9193 | D:7      | 9193 ||| Stepping ~*~*~tactically~*~*~ (outnumbered).
  9197 | D:7      | 9197 ||| Stepping ~*~*~tactically~*~*~ (outnumbered).
  9201 | D:7      | 9201 ||| Stepping ~*~*~tactically~*~*~ (outnumbered).
  9211 | D:7      | 9211 ||| Stepping ~*~*~tactically~*~*~ (outnumbered).
  9213 | D:7      | 9213 ||| Stepping ~*~*~tactically~*~*~ (outnumbered).
  9219 | D:7      | 9219 ||| Stepping ~*~*~tactically~*~*~ (outnumbered).
  9221 | D:7      | 9221 ||| Stepping ~*~*~tactically~*~*~ (outnumbered).
  9223 | D:7      | 9223 ||| Stepping ~*~*~tactically~*~*~ (outnumbered).
  9225 | D:7      | 9225 ||| Stepping ~*~*~tactically~*~*~ (outnumbered).
  9227 | D:7      | 9227 ||| Stepping ~*~*~tactically~*~*~ (outnumbered).
  9234 | D:7      | 9234 ||| Stepping ~*~*~tactically~*~*~ (outnumbered).
  9241 | D:7      | 9241 ||| Stepping ~*~*~tactically~*~*~ (outnumbered).
  9246 | D:7      | 9246 ||| Stepping ~*~*~tactically~*~*~ (outnumbered).
  9249 | D:7      | 9249 ||| Stepping ~*~*~tactically~*~*~ (outnumbered).
  9251 | D:7      | 9251 ||| Stepping ~*~*~tactically~*~*~ (outnumbered).
  9259 | D:7      | 9259 ||| Stepping ~*~*~tactically~*~*~ (outnumbered).
  9261 | D:7      | 9261 ||| Stepping ~*~*~tactically~*~*~ (outnumbered).
  9265 | D:7      | 9265 ||| Stepping ~*~*~tactically~*~*~ (outnumbered).
  9268 | D:7      | 9268 ||| Stepping ~*~*~tactically~*~*~ (outnumbered).
  9270 | D:7      | 9270 ||| Stepping ~*~*~tactically~*~*~ (outnumbered).
  9276 | D:7      | 9276 ||| Stepping ~*~*~tactically~*~*~ (outnumbered).
  9278 | D:7      | 9278 ||| Stepping ~*~*~tactically~*~*~ (outnumbered).
  9280 | D:7      | 9280 ||| Stepping ~*~*~tactically~*~*~ (outnumbered).
  9286 | D:7      | 9286 ||| Stepping ~*~*~tactically~*~*~ (outnumbered).
  9288 | D:7      | 9288 ||| Stepping ~*~*~tactically~*~*~ (outnumbered).
  9292 | D:7      | 9292 ||| Stepping ~*~*~tactically~*~*~ (outnumbered).
  9294 | D:7      | 9294 ||| Stepping ~*~*~tactically~*~*~ (outnumbered).
  9300 | D:7      | 9300 ||| Stepping ~*~*~tactically~*~*~ (outnumbered).
  9302 | D:7      | 9302 ||| Stepping ~*~*~tactically~*~*~ (outnumbered).
  9310 | D:7      | 9310 ||| Stepping ~*~*~tactically~*~*~ (outnumbered).
  9313 | D:7      | 9313 ||| Stepping ~*~*~tactically~*~*~ (outnumbered).
  9321 | D:7      | 9321 ||| Stepping ~*~*~tactically~*~*~ (outnumbered).
  9326 | D:7      | 9326 ||| Stepping ~*~*~tactically~*~*~ (outnumbered).
  9330 | D:7      | 9330 ||| Stepping ~*~*~tactically~*~*~ (outnumbered).
  9332 | D:7      | 9332 ||| Stepping ~*~*~tactically~*~*~ (outnumbered).
  9338 | D:7      | 9338 ||| Stepping ~*~*~tactically~*~*~ (outnumbered).
  9343 | D:7      | 9343 ||| Stepping ~*~*~tactically~*~*~ (outnumbered).
  9345 | D:7      | 9345 ||| Stepping ~*~*~tactically~*~*~ (outnumbered).
  9348 | D:7      | 9348 ||| Stepping ~*~*~tactically~*~*~ (outnumbered).
  9353 | D:7      | 9353 ||| Stepping ~*~*~tactically~*~*~ (outnumbered).
  9359 | D:7      | 9359 ||| Stepping ~*~*~tactically~*~*~ (outnumbered).
  9365 | D:7      | 9365 ||| Stepping ~*~*~tactically~*~*~ (outnumbered).
  9369 | D:7      | 9369 ||| Stepping ~*~*~tactically~*~*~ (outnumbered).
  9371 | D:7      | 9371 ||| Stepping ~*~*~tactically~*~*~ (outnumbered).
  9376 | D:7      | 9376 ||| Stepping ~*~*~tactically~*~*~ (outnumbered).
  9378 | D:7      | 9378 ||| Stepping ~*~*~tactically~*~*~ (outnumbered).
  9382 | D:7      | 9382 ||| Stepping ~*~*~tactically~*~*~ (outnumbered).
  9386 | D:7      | 9386 ||| Stepping ~*~*~tactically~*~*~ (outnumbered).
  9388 | D:7      | 9388 ||| Stepping ~*~*~tactically~*~*~ (outnumbered).
  9392 | D:7      | 9392 ||| Stepping ~*~*~tactically~*~*~ (outnumbered).
  9397 | D:7      | 9397 ||| Stepping ~*~*~tactically~*~*~ (outnumbered).
  9399 | D:7      | 9399 ||| Stepping ~*~*~tactically~*~*~ (outnumbered).
  9401 | D:7      | 9401 ||| Stepping ~*~*~tactically~*~*~ (outnumbered).
  9403 | D:7      | 9403 ||| Stepping ~*~*~tactically~*~*~ (outnumbered).
  9405 | D:7      | 9405 ||| Stepping ~*~*~tactically~*~*~ (outnumbered).
  9407 | D:7      | 9407 ||| Stepping ~*~*~tactically~*~*~ (outnumbered).
  9409 | D:7      | 9409 ||| Stepping ~*~*~tactically~*~*~ (outnumbered).
  9411 | D:7      | 9411 ||| Stepping ~*~*~tactically~*~*~ (outnumbered).
  9414 | D:7      | 9414 ||| Stepping ~*~*~tactically~*~*~ (outnumbered).
  9420 | D:7      | 9420 ||| Stepping ~*~*~tactically~*~*~ (outnumbered).
  9422 | D:7      | 9422 ||| Stepping ~*~*~tactically~*~*~ (outnumbered).
  9426 | D:7      | 9426 ||| Stepping ~*~*~tactically~*~*~ (outnumbered).
  9428 | D:7      | 9428 ||| Stepping ~*~*~tactically~*~*~ (outnumbered).
  9430 | D:7      | 9430 ||| Stepping ~*~*~tactically~*~*~ (outnumbered).
  9432 | D:7      | 9432 ||| Stepping ~*~*~tactically~*~*~ (outnumbered).
  9436 | D:7      | 9436 ||| Stepping ~*~*~tactically~*~*~ (outnumbered).
  9438 | D:7      | 9438 ||| Stepping ~*~*~tactically~*~*~ (outnumbered).
  9441 | D:7      | 9441 ||| Stepping ~*~*~tactically~*~*~ (outnumbered).
  9443 | D:7      | 9443 ||| Stepping ~*~*~tactically~*~*~ (outnumbered).
  9445 | D:7      | 9445 ||| Stepping ~*~*~tactically~*~*~ (outnumbered).
  9447 | D:7      | 9447 ||| Stepping ~*~*~tactically~*~*~ (outnumbered).
  9452 | D:7      | 9452 ||| Stepping ~*~*~tactically~*~*~ (outnumbered).
  9456 | D:7      | 9456 ||| Stepping ~*~*~tactically~*~*~ (outnumbered).
  9458 | D:7      | 9458 ||| Stepping ~*~*~tactically~*~*~ (outnumbered).
  9464 | D:7      | 9464 ||| Stepping ~*~*~tactically~*~*~ (outnumbered).
  9470 | D:7      | 9470 ||| Stepping ~*~*~tactically~*~*~ (outnumbered).
  9472 | D:7      | 9472 ||| Stepping ~*~*~tactically~*~*~ (outnumbered).
  9474 | D:7      | 9474 ||| Stepping ~*~*~tactically~*~*~ (outnumbered).
  9476 | D:7      | 9476 ||| Stepping ~*~*~tactically~*~*~ (outnumbered).
  9479 | D:7      | 9479 ||| Stepping ~*~*~tactically~*~*~ (outnumbered).
  9482 | D:7      | 9482 ||| Stepping ~*~*~tactically~*~*~ (outnumbered).
  9486 | D:7      | 9486 ||| Stepping ~*~*~tactically~*~*~ (outnumbered).
  9493 | D:7      | 9493 ||| Stepping ~*~*~tactically~*~*~ (outnumbered).
  9495 | D:7      | 9495 ||| Stepping ~*~*~tactically~*~*~ (outnumbered).
  9497 | D:7      | 9497 ||| Stepping ~*~*~tactically~*~*~ (outnumbered).
  9501 | D:7      | 9501 ||| Stepping ~*~*~tactically~*~*~ (outnumbered).
  9504 | D:7      | 9504 ||| Stepping ~*~*~tactically~*~*~ (outnumbered).
  9506 | D:7      | 9506 ||| Stepping ~*~*~tactically~*~*~ (outnumbered).
  9508 | D:7      | 9508 ||| Stepping ~*~*~tactically~*~*~ (outnumbered).
  9511 | D:7      | 9511 ||| Stepping ~*~*~tactically~*~*~ (outnumbered).
  9514 | D:7      | 9514 ||| Stepping ~*~*~tactically~*~*~ (outnumbered).
  9516 | D:7      | 9516 ||| Stepping ~*~*~tactically~*~*~ (outnumbered).
  9522 | D:7      | 9522 ||| Stepping ~*~*~tactically~*~*~ (outnumbered).
  9526 | D:7      | 9526 ||| Stepping ~*~*~tactically~*~*~ (outnumbered).
  9530 | D:7      | 9530 ||| Stepping ~*~*~tactically~*~*~ (outnumbered).
  9533 | D:7      | 9533 ||| Stepping ~*~*~tactically~*~*~ (outnumbered).
  9541 | D:7      | 9541 ||| Stepping ~*~*~tactically~*~*~ (outnumbered).
  9545 | D:7      | 9545 ||| Stepping ~*~*~tactically~*~*~ (outnumbered).
  9548 | D:7      | 9548 ||| Stepping ~*~*~tactically~*~*~ (outnumbered).
  9551 | D:7      | 9551 ||| Stepping ~*~*~tactically~*~*~ (outnumbered).
  9558 | D:7      | 9558 ||| Stepping ~*~*~tactically~*~*~ (outnumbered).
  9560 | D:7      | 9560 ||| Stepping ~*~*~tactically~*~*~ (outnumbered).
  9566 | D:7      | 9566 ||| Stepping ~*~*~tactically~*~*~ (outnumbered).
  9576 | D:7      | 9576 ||| Stepping ~*~*~tactically~*~*~ (outnumbered).
  9580 | D:7      | 9580 ||| Stepping ~*~*~tactically~*~*~ (outnumbered).
  9584 | D:7      | 9584 ||| Stepping ~*~*~tactically~*~*~ (outnumbered).
  9588 | D:7      | 9588 ||| Stepping ~*~*~tactically~*~*~ (outnumbered).
  9601 | D:7      | 9601 ||| Stepping ~*~*~tactically~*~*~ (outnumbered).
  9605 | D:7      | 9605 ||| Stepping ~*~*~tactically~*~*~ (outnumbered).
  9608 | D:7      | 9608 ||| Stepping ~*~*~tactically~*~*~ (outnumbered).
  9611 | D:7      | 9611 ||| Stepping ~*~*~tactically~*~*~ (outnumbered).
  9623 | D:7      | 9623 ||| Stepping ~*~*~tactically~*~*~ (outnumbered).
  9625 | D:7      | 9625 ||| Stepping ~*~*~tactically~*~*~ (outnumbered).
  9628 | D:7      | 9628 ||| Stepping ~*~*~tactically~*~*~ (outnumbered).
  9634 | D:7      | 9634 ||| Stepping ~*~*~tactically~*~*~ (outnumbered).
  9637 | D:7      | 9637 ||| Stepping ~*~*~tactically~*~*~ (outnumbered).
  9642 | D:7      | 9642 ||| Stepping ~*~*~tactically~*~*~ (outnumbered).
  9649 | D:7      | 9649 ||| Stepping ~*~*~tactically~*~*~ (outnumbered).
  9651 | D:7      | 9651 ||| Stepping ~*~*~tactically~*~*~ (outnumbered).
  9658 | D:7      | 9658 ||| Stepping ~*~*~tactically~*~*~ (outnumbered).
  9660 | D:7      | 9660 ||| Stepping ~*~*~tactically~*~*~ (outnumbered).
  9668 | D:7      | 9668 ||| Stepping ~*~*~tactically~*~*~ (outnumbered).
  9672 | D:7      | 9672 ||| Stepping ~*~*~tactically~*~*~ (outnumbered).
  9676 | D:7      | 9676 ||| Stepping ~*~*~tactically~*~*~ (outnumbered).
  9678 | D:7      | 9678 ||| Stepping ~*~*~tactically~*~*~ (outnumbered).
  9683 | D:7      | 9683 ||| Stepping ~*~*~tactically~*~*~ (outnumbered).
  9685 | D:7      | 9685 ||| Stepping ~*~*~tactically~*~*~ (outnumbered).
  9688 | D:7      | 9688 ||| Stepping ~*~*~tactically~*~*~ (outnumbered).
  9690 | D:7      | 9690 ||| Stepping ~*~*~tactically~*~*~ (outnumbered).
  9694 | D:7      | 9694 ||| Stepping ~*~*~tactically~*~*~ (outnumbered).
  9696 | D:7      | 9696 ||| Stepping ~*~*~tactically~*~*~ (outnumbered).
  9703 | D:7      | 9703 ||| Stepping ~*~*~tactically~*~*~ (outnumbered).
  9709 | D:7      | 9709 ||| Stepping ~*~*~tactically~*~*~ (outnumbered).
  9712 | D:7      | 9712 ||| Stepping ~*~*~tactically~*~*~ (outnumbered).
  9716 | D:7      | 9716 ||| Stepping ~*~*~tactically~*~*~ (outnumbered).
  9719 | D:7      | 9719 ||| Stepping ~*~*~tactically~*~*~ (outnumbered).
  9721 | D:7      | 9721 ||| Stepping ~*~*~tactically~*~*~ (outnumbered).
  9727 | D:7      | 9727 ||| Stepping ~*~*~tactically~*~*~ (outnumbered).
  9729 | D:7      | 9729 ||| Stepping ~*~*~tactically~*~*~ (outnumbered).
  9732 | D:7      | 9732 ||| Stepping ~*~*~tactically~*~*~ (outnumbered).
  9742 | D:7      | 9742 ||| Stepping ~*~*~tactically~*~*~ (outnumbered).
  9745 | D:7      | 9745 ||| Stepping ~*~*~tactically~*~*~ (outnumbered).
  9747 | D:7      | 9747 ||| Stepping ~*~*~tactically~*~*~ (outnumbered).
  9749 | D:7      | 9749 ||| Stepping ~*~*~tactically~*~*~ (outnumbered).
  9751 | D:7      | 9751 ||| Stepping ~*~*~tactically~*~*~ (outnumbered).
  9753 | D:7      | 9753 ||| Stepping ~*~*~tactically~*~*~ (outnumbered).
  9758 | D:7      | 9758 ||| Stepping ~*~*~tactically~*~*~ (outnumbered).
  9760 | D:7      | 9760 ||| Stepping ~*~*~tactically~*~*~ (outnumbered).
  9762 | D:7      | 9762 ||| Stepping ~*~*~tactically~*~*~ (outnumbered).
  9767 | D:7      | 9767 ||| Stepping ~*~*~tactically~*~*~ (outnumbered).
  9769 | D:7      | 9769 ||| Stepping ~*~*~tactically~*~*~ (outnumbered).
  9771 | D:7      | 9771 ||| Stepping ~*~*~tactically~*~*~ (outnumbered).
  9775 | D:7      | 9775 ||| Stepping ~*~*~tactically~*~*~ (outnumbered).
  9781 | D:7      | 9781 ||| Stepping ~*~*~tactically~*~*~ (outnumbered).
  9787 | D:7      | 9787 ||| Stepping ~*~*~tactically~*~*~ (outnumbered).
  9789 | D:7      | 9789 ||| Stepping ~*~*~tactically~*~*~ (outnumbered).
  9791 | D:7      | 9791 ||| Stepping ~*~*~tactically~*~*~ (outnumbered).
  9793 | D:7      | 9793 ||| Stepping ~*~*~tactically~*~*~ (outnumbered).
  9795 | D:7      | 9795 ||| Stepping ~*~*~tactically~*~*~ (outnumbered).
  9798 | D:7      | 9798 ||| Stepping ~*~*~tactically~*~*~ (outnumbered).
  9800 | D:7      | 9800 ||| Stepping ~*~*~tactically~*~*~ (outnumbered).
  9802 | D:7      | 9802 ||| Stepping ~*~*~tactically~*~*~ (outnumbered).
  9804 | D:7      | 9804 ||| Stepping ~*~*~tactically~*~*~ (outnumbered).
  9806 | D:7      | 9806 ||| Stepping ~*~*~tactically~*~*~ (outnumbered).
  9814 | D:7      | 9814 ||| Stepping ~*~*~tactically~*~*~ (outnumbered).
  9819 | D:7      | 9819 ||| Stepping ~*~*~tactically~*~*~ (outnumbered).
  9821 | D:7      | 9821 ||| Stepping ~*~*~tactically~*~*~ (outnumbered).
  9823 | D:7      | 9823 ||| Stepping ~*~*~tactically~*~*~ (outnumbered).
  9833 | D:7      | 9833 ||| Stepping ~*~*~tactically~*~*~ (outnumbered).
  9842 | D:7      | 9842 ||| Stepping ~*~*~tactically~*~*~ (outnumbered).
  9844 | D:7      | 9844 ||| Stepping ~*~*~tactically~*~*~ (outnumbered).
  9848 | D:7      | 9848 ||| Stepping ~*~*~tactically~*~*~ (outnumbered).
  9851 | D:7      | 9851 ||| Stepping ~*~*~tactically~*~*~ (outnumbered).
  9853 | D:7      | 9853 ||| Stepping ~*~*~tactically~*~*~ (outnumbered).
  9855 | D:7      | 9855 ||| Stepping ~*~*~tactically~*~*~ (outnumbered).
  9861 | D:7      | 9861 ||| Stepping ~*~*~tactically~*~*~ (outnumbered).
  9863 | D:7      | 9863 ||| Stepping ~*~*~tactically~*~*~ (outnumbered).
  9873 | D:7      | 9873 ||| Stepping ~*~*~tactically~*~*~ (outnumbered).
  9877 | D:7      | 9877 ||| Stepping ~*~*~tactically~*~*~ (outnumbered).
  9885 | D:7      | 9885 ||| Stepping ~*~*~tactically~*~*~ (outnumbered).
  9892 | D:7      | 9892 ||| Stepping ~*~*~tactically~*~*~ (outnumbered).
  9901 | D:7      | 9901 ||| Stepping ~*~*~tactically~*~*~ (outnumbered).
  9903 | D:7      | 9903 ||| Stepping ~*~*~tactically~*~*~ (outnumbered).
  9906 | D:7      | 9906 ||| Stepping ~*~*~tactically~*~*~ (outnumbered).
  9912 | D:7      | 9912 ||| Stepping ~*~*~tactically~*~*~ (outnumbered).
  9914 | D:7      | 9914 ||| Stepping ~*~*~tactically~*~*~ (outnumbered).
  9920 | D:7      | 9920 ||| Stepping ~*~*~tactically~*~*~ (outnumbered).
  9927 | D:7      | 9927 ||| Stepping ~*~*~tactically~*~*~ (outnumbered).
  9932 | D:7      | 9932 ||| Stepping ~*~*~tactically~*~*~ (outnumbered).
  9934 | D:7      | 9934 ||| Stepping ~*~*~tactically~*~*~ (outnumbered).
  9937 | D:7      | 9937 ||| Stepping ~*~*~tactically~*~*~ (outnumbered).
  9939 | D:7      | 9939 ||| Stepping ~*~*~tactically~*~*~ (outnumbered).
  9941 | D:7      | 9941 ||| Stepping ~*~*~tactically~*~*~ (outnumbered).
  9943 | D:7      | 9943 ||| Stepping ~*~*~tactically~*~*~ (outnumbered).
  9948 | D:7      | 9948 ||| Stepping ~*~*~tactically~*~*~ (outnumbered).
  9952 | D:7      | 9952 ||| Stepping ~*~*~tactically~*~*~ (outnumbered).
  9955 | D:7      | 9955 ||| Stepping ~*~*~tactically~*~*~ (outnumbered).
  9959 | D:7      | 9959 ||| Stepping ~*~*~tactically~*~*~ (outnumbered).
  9971 | D:7      | 9971 ||| Stepping ~*~*~tactically~*~*~ (outnumbered).
  9975 | D:7      | 9975 ||| Stepping ~*~*~tactically~*~*~ (outnumbered).
  9978 | D:7      | 9978 ||| Stepping ~*~*~tactically~*~*~ (outnumbered).
  9981 | D:7      | 9981 ||| Stepping ~*~*~tactically~*~*~ (outnumbered).
  9983 | D:7      | 9983 ||| Stepping ~*~*~tactically~*~*~ (outnumbered).
  9986 | D:7      | 9986 ||| Stepping ~*~*~tactically~*~*~ (outnumbered).
  9988 | D:7      | 9988 ||| Stepping ~*~*~tactically~*~*~ (outnumbered).
  9995 | D:7      | 9995 ||| Stepping ~*~*~tactically~*~*~ (outnumbered).
 10002 | D:7      | 10002 ||| Stepping ~*~*~tactically~*~*~ (outnumbered).
 10004 | D:7      | 10004 ||| Stepping ~*~*~tactically~*~*~ (outnumbered).
 10009 | D:7      | 10009 ||| Stepping ~*~*~tactically~*~*~ (outnumbered).
 10011 | D:7      | 10011 ||| Stepping ~*~*~tactically~*~*~ (outnumbered).
 10013 | D:7      | 10013 ||| Stepping ~*~*~tactically~*~*~ (outnumbered).
 10022 | D:7      | 10022 ||| Stepping ~*~*~tactically~*~*~ (outnumbered).
 10024 | D:7      | 10024 ||| Stepping ~*~*~tactically~*~*~ (outnumbered).
 10026 | D:7      | 10026 ||| Stepping ~*~*~tactically~*~*~ (outnumbered).
 10028 | D:7      | 10028 ||| Stepping ~*~*~tactically~*~*~ (outnumbered).
 10032 | D:7      | 10032 ||| Stepping ~*~*~tactically~*~*~ (outnumbered).
 10035 | D:7      | 10035 ||| Stepping ~*~*~tactically~*~*~ (outnumbered).
 10041 | D:7      | 10041 ||| Stepping ~*~*~tactically~*~*~ (outnumbered).
 10047 | D:7      | 10047 ||| Stepping ~*~*~tactically~*~*~ (outnumbered).
 10052 | D:7      | 10052 ||| Stepping ~*~*~tactically~*~*~ (outnumbered).
 10054 | D:7      | 10054 ||| Stepping ~*~*~tactically~*~*~ (outnumbered).
 10059 | D:7      | 10059 ||| Stepping ~*~*~tactically~*~*~ (outnumbered).
 10061 | D:7      | 10061 ||| Stepping ~*~*~tactically~*~*~ (outnumbered).
 10063 | D:7      | 10063 ||| Stepping ~*~*~tactically~*~*~ (outnumbered).
 10065 | D:7      | 10065 ||| Stepping ~*~*~tactically~*~*~ (outnumbered).
 10073 | D:7      | 10073 ||| Stepping ~*~*~tactically~*~*~ (outnumbered).
 10079 | D:7      | 10079 ||| Stepping ~*~*~tactically~*~*~ (outnumbered).
 10083 | D:7      | 10083 ||| Stepping ~*~*~tactically~*~*~ (outnumbered).
 10085 | D:7      | 10085 ||| Stepping ~*~*~tactically~*~*~ (outnumbered).
 10089 | D:7      | 10089 ||| Stepping ~*~*~tactically~*~*~ (outnumbered).
 10091 | D:7      | 10091 ||| Stepping ~*~*~tactically~*~*~ (outnumbered).
 10093 | D:7      | 10093 ||| Stepping ~*~*~tactically~*~*~ (outnumbered).
 10095 | D:7      | 10095 ||| Stepping ~*~*~tactically~*~*~ (outnumbered).
 10097 | D:7      | 10097 ||| Stepping ~*~*~tactically~*~*~ (outnumbered).
 10105 | D:7      | 10105 ||| Stepping ~*~*~tactically~*~*~ (outnumbered).
 10108 | D:7      | 10108 ||| Stepping ~*~*~tactically~*~*~ (outnumbered).
 10114 | D:7      | 10114 ||| Stepping ~*~*~tactically~*~*~ (outnumbered).
 10116 | D:7      | 10116 ||| Stepping ~*~*~tactically~*~*~ (outnumbered).
 10121 | D:7      | 10121 ||| Stepping ~*~*~tactically~*~*~ (outnumbered).
 10123 | D:7      | 10123 ||| Stepping ~*~*~tactically~*~*~ (outnumbered).
 10126 | D:7      | 10126 ||| Stepping ~*~*~tactically~*~*~ (outnumbered).
 10134 | D:7      | 10134 ||| Stepping ~*~*~tactically~*~*~ (outnumbered).
 10142 | D:7      | 10142 ||| Stepping ~*~*~tactically~*~*~ (outnumbered).
 10146 | D:7      | 10146 ||| Stepping ~*~*~tactically~*~*~ (outnumbered).
 10154 | D:7      | 10154 ||| Stepping ~*~*~tactically~*~*~ (outnumbered).
 10157 | D:7      | 10157 ||| Stepping ~*~*~tactically~*~*~ (outnumbered).
 10161 | D:7      | 10161 ||| Stepping ~*~*~tactically~*~*~ (outnumbered).
 10165 | D:7      | 10165 ||| Stepping ~*~*~tactically~*~*~ (outnumbered).
 10172 | D:7      | 10172 ||| Stepping ~*~*~tactically~*~*~ (outnumbered).
 10178 | D:7      | 10178 ||| Stepping ~*~*~tactically~*~*~ (outnumbered).
 10183 | D:7      | 10183 ||| Stepping ~*~*~tactically~*~*~ (outnumbered).
 10194 | D:7      | 10194 ||| Stepping ~*~*~tactically~*~*~ (outnumbered).
 10201 | D:7      | 10201 ||| Stepping ~*~*~tactically~*~*~ (outnumbered).
 10204 | D:7      | 10204 ||| Stepping ~*~*~tactically~*~*~ (outnumbered).
 10210 | D:7      | 10210 ||| Stepping ~*~*~tactically~*~*~ (outnumbered).
 10215 | D:7      | 10215 ||| Stepping ~*~*~tactically~*~*~ (outnumbered).
 10222 | D:7      | 10222 ||| Stepping ~*~*~tactically~*~*~ (outnumbered).
 10226 | D:7      | 10226 ||| Stepping ~*~*~tactically~*~*~ (outnumbered).
 10229 | D:7      | 10229 ||| Stepping ~*~*~tactically~*~*~ (outnumbered).
 10231 | D:7      | 10231 ||| Stepping ~*~*~tactically~*~*~ (outnumbered).
 10233 | D:7      | 10233 ||| Stepping ~*~*~tactically~*~*~ (outnumbered).
 10236 | D:7      | 10236 ||| Stepping ~*~*~tactically~*~*~ (outnumbered).
 10243 | D:7      | 10243 ||| Stepping ~*~*~tactically~*~*~ (outnumbered).
 10251 | D:7      | 10251 ||| Stepping ~*~*~tactically~*~*~ (outnumbered).
 10254 | D:7      | 10254 ||| Stepping ~*~*~tactically~*~*~ (outnumbered).
 10256 | D:7      | 10256 ||| Stepping ~*~*~tactically~*~*~ (outnumbered).
 10258 | D:7      | 10258 ||| Stepping ~*~*~tactically~*~*~ (outnumbered).
 10262 | D:7      | 10262 ||| Stepping ~*~*~tactically~*~*~ (outnumbered).
 10264 | D:7      | 10264 ||| Stepping ~*~*~tactically~*~*~ (outnumbered).
 10267 | D:7      | 10267 ||| Stepping ~*~*~tactically~*~*~ (outnumbered).
 10270 | D:7      | 10270 ||| Stepping ~*~*~tactically~*~*~ (outnumbered).
 10275 | D:7      | 10275 ||| Stepping ~*~*~tactically~*~*~ (outnumbered).
 10278 | D:7      | 10278 ||| Stepping ~*~*~tactically~*~*~ (outnumbered).
 10283 | D:7      | 10283 ||| Stepping ~*~*~tactically~*~*~ (outnumbered).
 10285 | D:7      | 10285 ||| Stepping ~*~*~tactically~*~*~ (outnumbered).
 10291 | D:7      | 10291 ||| Stepping ~*~*~tactically~*~*~ (outnumbered).
 10296 | D:7      | 10296 ||| Stepping ~*~*~tactically~*~*~ (outnumbered).
 10300 | D:7      | 10300 ||| Stepping ~*~*~tactically~*~*~ (outnumbered).
 10302 | D:7      | 10302 ||| Stepping ~*~*~tactically~*~*~ (outnumbered).
 10304 | D:7      | 10304 ||| Stepping ~*~*~tactically~*~*~ (outnumbered).
 10306 | D:7      | 10306 ||| Stepping ~*~*~tactically~*~*~ (outnumbered).
 10313 | D:7      | 10313 ||| Stepping ~*~*~tactically~*~*~ (outnumbered).
 10317 | D:7      | 10317 ||| Stepping ~*~*~tactically~*~*~ (outnumbered).
 10322 | D:7      | 10322 ||| Stepping ~*~*~tactically~*~*~ (outnumbered).
 10324 | D:7      | 10324 ||| Stepping ~*~*~tactically~*~*~ (outnumbered).
 10326 | D:7      | 10326 ||| Stepping ~*~*~tactically~*~*~ (outnumbered).
 10328 | D:7      | 10328 ||| Stepping ~*~*~tactically~*~*~ (outnumbered).
 10332 | D:7      | 10332 ||| Stepping ~*~*~tactically~*~*~ (outnumbered).
 10334 | D:7      | 10334 ||| Stepping ~*~*~tactically~*~*~ (outnumbered).
 10336 | D:7      | 10336 ||| Stepping ~*~*~tactically~*~*~ (outnumbered).
 10340 | D:7      | 10340 ||| Stepping ~*~*~tactically~*~*~ (outnumbered).
 10343 | D:7      | 10343 ||| Stepping ~*~*~tactically~*~*~ (outnumbered).
 10345 | D:7      | 10345 ||| Stepping ~*~*~tactically~*~*~ (outnumbered).
 10349 | D:7      | 10349 ||| Stepping ~*~*~tactically~*~*~ (outnumbered).
 10351 | D:7      | 10351 ||| Stepping ~*~*~tactically~*~*~ (outnumbered).
 10354 | D:7      | 10354 ||| Stepping ~*~*~tactically~*~*~ (outnumbered).
 10356 | D:7      | 10356 ||| Stepping ~*~*~tactically~*~*~ (outnumbered).
 10358 | D:7      | 10358 ||| Stepping ~*~*~tactically~*~*~ (outnumbered).
 10361 | D:7      | 10361 ||| Stepping ~*~*~tactically~*~*~ (outnumbered).
 10364 | D:7      | 10364 ||| Stepping ~*~*~tactically~*~*~ (outnumbered).
 10366 | D:7      | 10366 ||| Stepping ~*~*~tactically~*~*~ (outnumbered).
 10370 | D:7      | 10370 ||| Stepping ~*~*~tactically~*~*~ (outnumbered).
 10375 | D:7      | 10375 ||| Stepping ~*~*~tactically~*~*~ (outnumbered).
 10377 | D:7      | 10377 ||| Stepping ~*~*~tactically~*~*~ (outnumbered).
 10379 | D:7      | 10379 ||| Stepping ~*~*~tactically~*~*~ (outnumbered).
 10381 | D:7      | 10381 ||| Stepping ~*~*~tactically~*~*~ (outnumbered).
 10386 | D:7      | 10386 ||| Stepping ~*~*~tactically~*~*~ (outnumbered).
 10388 | D:7      | 10388 ||| Stepping ~*~*~tactically~*~*~ (outnumbered).
 10392 | D:7      | 10392 ||| Stepping ~*~*~tactically~*~*~ (outnumbered).
 10394 | D:7      | 10394 ||| Stepping ~*~*~tactically~*~*~ (outnumbered).
 10403 | D:7      | 10403 ||| Stepping ~*~*~tactically~*~*~ (outnumbered).
 10412 | D:7      | 10412 ||| Stepping ~*~*~tactically~*~*~ (outnumbered).
 10415 | D:7      | 10415 ||| Stepping ~*~*~tactically~*~*~ (outnumbered).
 10417 | D:7      | 10417 ||| Stepping ~*~*~tactically~*~*~ (outnumbered).
 10419 | D:7      | 10419 ||| Stepping ~*~*~tactically~*~*~ (outnumbered).
 10425 | D:7      | 10425 ||| Stepping ~*~*~tactically~*~*~ (outnumbered).
 10430 | D:7      | 10430 ||| Stepping ~*~*~tactically~*~*~ (outnumbered).
 10433 | D:7      | 10433 ||| Stepping ~*~*~tactically~*~*~ (outnumbered).
 10440 | D:7      | 10440 ||| Stepping ~*~*~tactically~*~*~ (outnumbered).
 10442 | D:7      | 10442 ||| Stepping ~*~*~tactically~*~*~ (outnumbered).
 10444 | D:7      | 10444 ||| Stepping ~*~*~tactically~*~*~ (outnumbered).
 10446 | D:7      | 10446 ||| Stepping ~*~*~tactically~*~*~ (outnumbered).
 10448 | D:7      | 10448 ||| Stepping ~*~*~tactically~*~*~ (outnumbered).
 10452 | D:7      | 10452 ||| Stepping ~*~*~tactically~*~*~ (outnumbered).
 10457 | D:7      | 10457 ||| Stepping ~*~*~tactically~*~*~ (outnumbered).
 10462 | D:7      | 10462 ||| Stepping ~*~*~tactically~*~*~ (outnumbered).
 10466 | D:7      | 10466 ||| Stepping ~*~*~tactically~*~*~ (outnumbered).
 10472 | D:7      | 10472 ||| Stepping ~*~*~tactically~*~*~ (outnumbered).
 10475 | D:7      | 10475 ||| Stepping ~*~*~tactically~*~*~ (outnumbered).
 10477 | D:7      | 10477 ||| Stepping ~*~*~tactically~*~*~ (outnumbered).
 10485 | D:7      | 10485 ||| Stepping ~*~*~tactically~*~*~ (outnumbered).
 10490 | D:7      | 10490 ||| Stepping ~*~*~tactically~*~*~ (outnumbered).
 10492 | D:7      | 10492 ||| Stepping ~*~*~tactically~*~*~ (outnumbered).
 10495 | D:7      | 10495 ||| Stepping ~*~*~tactically~*~*~ (outnumbered).
 10499 | D:7      | 10499 ||| Stepping ~*~*~tactically~*~*~ (outnumbered).
 10504 | D:7      | 10504 ||| Stepping ~*~*~tactically~*~*~ (outnumbered).
 10514 | D:7      | 10514 ||| Stepping ~*~*~tactically~*~*~ (outnumbered).
 10516 | D:7      | 10516 ||| Stepping ~*~*~tactically~*~*~ (outnumbered).
 10522 | D:7      | 10522 ||| Stepping ~*~*~tactically~*~*~ (outnumbered).
 10524 | D:7      | 10524 ||| Stepping ~*~*~tactically~*~*~ (outnumbered).
 10526 | D:7      | 10526 ||| Stepping ~*~*~tactically~*~*~ (outnumbered).
 10528 | D:7      | 10528 ||| Stepping ~*~*~tactically~*~*~ (outnumbered).
 10530 | D:7      | 10530 ||| Stepping ~*~*~tactically~*~*~ (outnumbered).
 10532 | D:7      | 10532 ||| Stepping ~*~*~tactically~*~*~ (outnumbered).
 10539 | D:7      | 10539 ||| Stepping ~*~*~tactically~*~*~ (outnumbered).
 10543 | D:7      | 10543 ||| Stepping ~*~*~tactically~*~*~ (outnumbered).
 10549 | D:7      | 10549 ||| Stepping ~*~*~tactically~*~*~ (outnumbered).
 10558 | D:7      | 10558 ||| Stepping ~*~*~tactically~*~*~ (outnumbered).
 10560 | D:7      | 10560 ||| Stepping ~*~*~tactically~*~*~ (outnumbered).
 10565 | D:7      | 10565 ||| Stepping ~*~*~tactically~*~*~ (outnumbered).
 10568 | D:7      | 10568 ||| Stepping ~*~*~tactically~*~*~ (outnumbered).
 10572 | D:7      | 10572 ||| Stepping ~*~*~tactically~*~*~ (outnumbered).
 10574 | D:7      | 10574 ||| Stepping ~*~*~tactically~*~*~ (outnumbered).
 10577 | D:7      | 10577 ||| Stepping ~*~*~tactically~*~*~ (outnumbered).
 10585 | D:7      | 10585 ||| Stepping ~*~*~tactically~*~*~ (outnumbered).
 10587 | D:7      | 10587 ||| Stepping ~*~*~tactically~*~*~ (outnumbered).
 10589 | D:7      | 10589 ||| Stepping ~*~*~tactically~*~*~ (outnumbered).
 10592 | D:7      | 10592 ||| Stepping ~*~*~tactically~*~*~ (outnumbered).
 10594 | D:7      | 10594 ||| Stepping ~*~*~tactically~*~*~ (outnumbered).
 10599 | D:7      | 10599 ||| Stepping ~*~*~tactically~*~*~ (outnumbered).
 10601 | D:7      | 10601 ||| Stepping ~*~*~tactically~*~*~ (outnumbered).
 10603 | D:7      | 10603 ||| Stepping ~*~*~tactically~*~*~ (outnumbered).
 10606 | D:7      | 10606 ||| Stepping ~*~*~tactically~*~*~ (outnumbered).
 10614 | D:7      | 10614 ||| Stepping ~*~*~tactically~*~*~ (outnumbered).
 10616 | D:7      | 10616 ||| Stepping ~*~*~tactically~*~*~ (outnumbered).
 10618 | D:7      | 10618 ||| Stepping ~*~*~tactically~*~*~ (outnumbered).
 10627 | D:7      | 10627 ||| Stepping ~*~*~tactically~*~*~ (outnumbered).
 10630 | D:7      | 10630 ||| Stepping ~*~*~tactically~*~*~ (outnumbered).
 10635 | D:7      | 10635 ||| Stepping ~*~*~tactically~*~*~ (outnumbered).
 10637 | D:7      | 10637 ||| Stepping ~*~*~tactically~*~*~ (outnumbered).
 10643 | D:7      | 10643 ||| Stepping ~*~*~tactically~*~*~ (outnumbered).
 10652 | D:7      | 10652 ||| Stepping ~*~*~tactically~*~*~ (outnumbered).
 10657 | D:7      | 10657 ||| Stepping ~*~*~tactically~*~*~ (outnumbered).
 10659 | D:7      | 10659 ||| Stepping ~*~*~tactically~*~*~ (outnumbered).
 10662 | D:7      | 10662 ||| Stepping ~*~*~tactically~*~*~ (outnumbered).
 10667 | D:7      | 10667 ||| Stepping ~*~*~tactically~*~*~ (outnumbered).
 10678 | D:7      | 10678 ||| Stepping ~*~*~tactically~*~*~ (outnumbered).
 10680 | D:7      | 10680 ||| Stepping ~*~*~tactically~*~*~ (outnumbered).
 10684 | D:7      | 10684 ||| Stepping ~*~*~tactically~*~*~ (outnumbered).
 10688 | D:7      | 10688 ||| Stepping ~*~*~tactically~*~*~ (outnumbered).
 10690 | D:7      | 10690 ||| Stepping ~*~*~tactically~*~*~ (outnumbered).
 10695 | D:7      | 10695 ||| Stepping ~*~*~tactically~*~*~ (outnumbered).
 10698 | D:7      | 10698 ||| Stepping ~*~*~tactically~*~*~ (outnumbered).
 10700 | D:7      | 10700 ||| Stepping ~*~*~tactically~*~*~ (outnumbered).
 10706 | D:7      | 10706 ||| Stepping ~*~*~tactically~*~*~ (outnumbered).
 10713 | D:7      | 10713 ||| Stepping ~*~*~tactically~*~*~ (outnumbered).
 10715 | D:7      | 10715 ||| Stepping ~*~*~tactically~*~*~ (outnumbered).
 10718 | D:7      | 10718 ||| Stepping ~*~*~tactically~*~*~ (outnumbered).
 10724 | D:7      | 10724 ||| Stepping ~*~*~tactically~*~*~ (outnumbered).
 10727 | D:7      | 10727 ||| Stepping ~*~*~tactically~*~*~ (outnumbered).
 10729 | D:7      | 10729 ||| Stepping ~*~*~tactically~*~*~ (outnumbered).
 10731 | D:7      | 10731 ||| Stepping ~*~*~tactically~*~*~ (outnumbered).
 10737 | D:7      | 10737 ||| Stepping ~*~*~tactically~*~*~ (outnumbered).
 10741 | D:7      | 10741 ||| Stepping ~*~*~tactically~*~*~ (outnumbered).
 10744 | D:7      | 10744 ||| Stepping ~*~*~tactically~*~*~ (outnumbered).
 10747 | D:7      | 10747 ||| Stepping ~*~*~tactically~*~*~ (outnumbered).
 10749 | D:7      | 10749 ||| Stepping ~*~*~tactically~*~*~ (outnumbered).
 10754 | D:7      | 10754 ||| Stepping ~*~*~tactically~*~*~ (outnumbered).
 10764 | D:7      | 10764 ||| Stepping ~*~*~tactically~*~*~ (outnumbered).
 10766 | D:7      | 10766 ||| Stepping ~*~*~tactically~*~*~ (outnumbered).
 10774 | D:7      | 10774 ||| Stepping ~*~*~tactically~*~*~ (outnumbered).
 10776 | D:7      | 10776 ||| Stepping ~*~*~tactically~*~*~ (outnumbered).
 10779 | D:7      | 10779 ||| Stepping ~*~*~tactically~*~*~ (outnumbered).
 10781 | D:7      | 10781 ||| Stepping ~*~*~tactically~*~*~ (outnumbered).
 10789 | D:7      | 10789 ||| Stepping ~*~*~tactically~*~*~ (outnumbered).
 10794 | D:7      | 10794 ||| Stepping ~*~*~tactically~*~*~ (outnumbered).
 10796 | D:7      | 10796 ||| Stepping ~*~*~tactically~*~*~ (outnumbered).
 10798 | D:7      | 10798 ||| Stepping ~*~*~tactically~*~*~ (outnumbered).
 10801 | D:7      | 10801 ||| Stepping ~*~*~tactically~*~*~ (outnumbered).
 10806 | D:7      | 10806 ||| Stepping ~*~*~tactically~*~*~ (outnumbered).
 10809 | D:7      | 10809 ||| Stepping ~*~*~tactically~*~*~ (outnumbered).
 10811 | D:7      | 10811 ||| Stepping ~*~*~tactically~*~*~ (outnumbered).
 10813 | D:7      | 10813 ||| Stepping ~*~*~tactically~*~*~ (outnumbered).
 10815 | D:7      | 10815 ||| Stepping ~*~*~tactically~*~*~ (outnumbered).
 10823 | D:7      | 10823 ||| Stepping ~*~*~tactically~*~*~ (outnumbered).
 10826 | D:7      | 10826 ||| Stepping ~*~*~tactically~*~*~ (outnumbered).
 10833 | D:7      | 10833 ||| Stepping ~*~*~tactically~*~*~ (outnumbered).
 10836 | D:7      | 10836 ||| Stepping ~*~*~tactically~*~*~ (outnumbered).
 10838 | D:7      | 10838 ||| Stepping ~*~*~tactically~*~*~ (outnumbered).
 10841 | D:7      | 10841 ||| Stepping ~*~*~tactically~*~*~ (outnumbered).
 10843 | D:7      | 10843 ||| Stepping ~*~*~tactically~*~*~ (outnumbered).
 10846 | D:7      | 10846 ||| Stepping ~*~*~tactically~*~*~ (outnumbered).
 10848 | D:7      | 10848 ||| Stepping ~*~*~tactically~*~*~ (outnumbered).
 10852 | D:7      | 10852 ||| Stepping ~*~*~tactically~*~*~ (outnumbered).
 10854 | D:7      | 10854 ||| Stepping ~*~*~tactically~*~*~ (outnumbered).
 10856 | D:7      | 10856 ||| Stepping ~*~*~tactically~*~*~ (outnumbered).
 10858 | D:7      | 10858 ||| Stepping ~*~*~tactically~*~*~ (outnumbered).
 10860 | D:7      | 10860 ||| Stepping ~*~*~tactically~*~*~ (outnumbered).
 10862 | D:7      | 10862 ||| Stepping ~*~*~tactically~*~*~ (outnumbered).
 10868 | D:7      | 10868 ||| Stepping ~*~*~tactically~*~*~ (outnumbered).
 10871 | D:7      | 10871 ||| Stepping ~*~*~tactically~*~*~ (outnumbered).
 10874 | D:7      | 10874 ||| Stepping ~*~*~tactically~*~*~ (outnumbered).
 10876 | D:7      | 10876 ||| Stepping ~*~*~tactically~*~*~ (outnumbered).
 10878 | D:7      | 10878 ||| Stepping ~*~*~tactically~*~*~ (outnumbered).
 10884 | D:7      | 10884 ||| Stepping ~*~*~tactically~*~*~ (outnumbered).
 10889 | D:7      | 10889 ||| Stepping ~*~*~tactically~*~*~ (outnumbered).
 10892 | D:7      | 10892 ||| Stepping ~*~*~tactically~*~*~ (outnumbered).
 10899 | D:7      | 10899 ||| Stepping ~*~*~tactically~*~*~ (outnumbered).
 10901 | D:7      | 10901 ||| Stepping ~*~*~tactically~*~*~ (outnumbered).
 10905 | D:7      | 10905 ||| Stepping ~*~*~tactically~*~*~ (outnumbered).
 10910 | D:7      | 10910 ||| Stepping ~*~*~tactically~*~*~ (outnumbered).
 10912 | D:7      | 10912 ||| Stepping ~*~*~tactically~*~*~ (outnumbered).
 10915 | D:7      | 10915 ||| Stepping ~*~*~tactically~*~*~ (outnumbered).
 10919 | D:7      | 10919 ||| Stepping ~*~*~tactically~*~*~ (outnumbered).
 10921 | D:7      | 10921 ||| Stepping ~*~*~tactically~*~*~ (outnumbered).
 10923 | D:7      | 10923 ||| Stepping ~*~*~tactically~*~*~ (outnumbered).
 10926 | D:7      | 10926 ||| Stepping ~*~*~tactically~*~*~ (outnumbered).
 10931 | D:7      | 10931 ||| Stepping ~*~*~tactically~*~*~ (outnumbered).
 10933 | D:7      | 10933 ||| Stepping ~*~*~tactically~*~*~ (outnumbered).
 10939 | D:7      | 10939 ||| Stepping ~*~*~tactically~*~*~ (outnumbered).
 10943 | D:7      | 10943 ||| Stepping ~*~*~tactically~*~*~ (outnumbered).
 10950 | D:7      | 10950 ||| Stepping ~*~*~tactically~*~*~ (outnumbered).
 10952 | D:7      | 10952 ||| Stepping ~*~*~tactically~*~*~ (outnumbered).
 10954 | D:7      | 10954 ||| Stepping ~*~*~tactically~*~*~ (outnumbered).
 10961 | D:7      | 10961 ||| Stepping ~*~*~tactically~*~*~ (outnumbered).
 10965 | D:7      | 10965 ||| Stepping ~*~*~tactically~*~*~ (outnumbered).
 10968 | D:7      | 10968 ||| Stepping ~*~*~tactically~*~*~ (outnumbered).
 10975 | D:7      | 10975 ||| Stepping ~*~*~tactically~*~*~ (outnumbered).
 10977 | D:7      | 10977 ||| Stepping ~*~*~tactically~*~*~ (outnumbered).
 10980 | D:7      | 10980 ||| Stepping ~*~*~tactically~*~*~ (outnumbered).
 10982 | D:7      | 10982 ||| Stepping ~*~*~tactically~*~*~ (outnumbered).
 10984 | D:7      | 10984 ||| Stepping ~*~*~tactically~*~*~ (outnumbered).
 10986 | D:7      | 10986 ||| Stepping ~*~*~tactically~*~*~ (outnumbered).
 10988 | D:7      | 10988 ||| Stepping ~*~*~tactically~*~*~ (outnumbered).
 10990 | D:7      | 10990 ||| Stepping ~*~*~tactically~*~*~ (outnumbered).
 10995 | D:7      | 10995 ||| Stepping ~*~*~tactically~*~*~ (outnumbered).
 11002 | D:7      | 11002 ||| Stepping ~*~*~tactically~*~*~ (outnumbered).
 11004 | D:7      | 11004 ||| Stepping ~*~*~tactically~*~*~ (outnumbered).
 11006 | D:7      | 11006 ||| Stepping ~*~*~tactically~*~*~ (outnumbered).
 11014 | D:7      | 11014 ||| Stepping ~*~*~tactically~*~*~ (outnumbered).
 11016 | D:7      | 11016 ||| Stepping ~*~*~tactically~*~*~ (outnumbered).
 11020 | D:7      | 11020 ||| Stepping ~*~*~tactically~*~*~ (outnumbered).
 11022 | D:7      | 11022 ||| Stepping ~*~*~tactically~*~*~ (outnumbered).
 11024 | D:7      | 11024 ||| Stepping ~*~*~tactically~*~*~ (outnumbered).
 11026 | D:7      | 11026 ||| Stepping ~*~*~tactically~*~*~ (outnumbered).
 11028 | D:7      | 11028 ||| Stepping ~*~*~tactically~*~*~ (outnumbered).
 11030 | D:7      | 11030 ||| Stepping ~*~*~tactically~*~*~ (outnumbered).
 11032 | D:7      | 11032 ||| Stepping ~*~*~tactically~*~*~ (outnumbered).
 11034 | D:7      | 11034 ||| Stepping ~*~*~tactically~*~*~ (outnumbered).
 11036 | D:7      | 11036 ||| Stepping ~*~*~tactically~*~*~ (outnumbered).
 11042 | D:7      | 11042 ||| Stepping ~*~*~tactically~*~*~ (outnumbered).
 11044 | D:7      | 11044 ||| Stepping ~*~*~tactically~*~*~ (outnumbered).
 11046 | D:7      | 11046 ||| Stepping ~*~*~tactically~*~*~ (outnumbered).
 11051 | D:7      | 11051 ||| Stepping ~*~*~tactically~*~*~ (outnumbered).
 11060 | D:7      | 11060 ||| Stepping ~*~*~tactically~*~*~ (outnumbered).
 11062 | D:7      | 11062 ||| Stepping ~*~*~tactically~*~*~ (outnumbered).
 11064 | D:7      | 11064 ||| Stepping ~*~*~tactically~*~*~ (outnumbered).
 11066 | D:7      | 11066 ||| Stepping ~*~*~tactically~*~*~ (outnumbered).
 11071 | D:7      | 11071 ||| Stepping ~*~*~tactically~*~*~ (outnumbered).
 11075 | D:7      | 11075 ||| Stepping ~*~*~tactically~*~*~ (outnumbered).
 11079 | D:7      | 11079 ||| Stepping ~*~*~tactically~*~*~ (outnumbered).
 11083 | D:7      | 11083 ||| Stepping ~*~*~tactically~*~*~ (outnumbered).
 11086 | D:7      | 11086 ||| Stepping ~*~*~tactically~*~*~ (outnumbered).
 11093 | D:7      | 11093 ||| Stepping ~*~*~tactically~*~*~ (outnumbered).
 11101 | D:7      | 11101 ||| Stepping ~*~*~tactically~*~*~ (outnumbered).
 11103 | D:7      | 11103 ||| Stepping ~*~*~tactically~*~*~ (outnumbered).
 11106 | D:7      | 11106 ||| Stepping ~*~*~tactically~*~*~ (outnumbered).
 11114 | D:7      | 11114 ||| Stepping ~*~*~tactically~*~*~ (outnumbered).
 11123 | D:7      | 11123 ||| Stepping ~*~*~tactically~*~*~ (outnumbered).
 11132 | D:7      | 11132 ||| Stepping ~*~*~tactically~*~*~ (outnumbered).
 11136 | D:7      | 11136 ||| Stepping ~*~*~tactically~*~*~ (outnumbered).
 11141 | D:7      | 11141 ||| Stepping ~*~*~tactically~*~*~ (outnumbered).
 11146 | D:7      | 11146 ||| Stepping ~*~*~tactically~*~*~ (outnumbered).
 11149 | D:7      | 11149 ||| Stepping ~*~*~tactically~*~*~ (outnumbered).
 11151 | D:7      | 11151 ||| Stepping ~*~*~tactically~*~*~ (outnumbered).
 11156 | D:7      | 11156 ||| Stepping ~*~*~tactically~*~*~ (outnumbered).
 11158 | D:7      | 11158 ||| Stepping ~*~*~tactically~*~*~ (outnumbered).
 11160 | D:7      | 11160 ||| Stepping ~*~*~tactically~*~*~ (outnumbered).
 11170 | D:7      | 11170 ||| Stepping ~*~*~tactically~*~*~ (outnumbered).
 11172 | D:7      | 11172 ||| Stepping ~*~*~tactically~*~*~ (outnumbered).
 11179 | D:7      | 11179 ||| Stepping ~*~*~tactically~*~*~ (outnumbered).
 11181 | D:7      | 11181 ||| Stepping ~*~*~tactically~*~*~ (outnumbered).
 11191 | D:7      | 11191 ||| Stepping ~*~*~tactically~*~*~ (outnumbered).
 11197 | D:7      | 11197 ||| Stepping ~*~*~tactically~*~*~ (outnumbered).
 11199 | D:7      | 11199 ||| Stepping ~*~*~tactically~*~*~ (outnumbered).
 11201 | D:7      | 11201 ||| Stepping ~*~*~tactically~*~*~ (outnumbered).
 11203 | D:7      | 11203 ||| Stepping ~*~*~tactically~*~*~ (outnumbered).
 11209 | D:7      | 11209 ||| Stepping ~*~*~tactically~*~*~ (outnumbered).
 11211 | D:7      | 11211 ||| Stepping ~*~*~tactically~*~*~ (outnumbered).
 11214 | D:7      | 11214 ||| Stepping ~*~*~tactically~*~*~ (outnumbered).
 11217 | D:7      | 11217 ||| Stepping ~*~*~tactically~*~*~ (outnumbered).
 11220 | D:7      | 11220 ||| Stepping ~*~*~tactically~*~*~ (outnumbered).
 11226 | D:7      | 11226 ||| Stepping ~*~*~tactically~*~*~ (outnumbered).
 11228 | D:7      | 11228 ||| Stepping ~*~*~tactically~*~*~ (outnumbered).
 11230 | D:7      | 11230 ||| Stepping ~*~*~tactically~*~*~ (outnumbered).
 11234 | D:7      | 11234 ||| Stepping ~*~*~tactically~*~*~ (outnumbered).
 11236 | D:7      | 11236 ||| Stepping ~*~*~tactically~*~*~ (outnumbered).
 11240 | D:7      | 11240 ||| Stepping ~*~*~tactically~*~*~ (outnumbered).
 11251 | D:7      | 11251 ||| Stepping ~*~*~tactically~*~*~ (outnumbered).
 11254 | D:7      | 11254 ||| Stepping ~*~*~tactically~*~*~ (outnumbered).
 11258 | D:7      | 11258 ||| Stepping ~*~*~tactically~*~*~ (outnumbered).
 11260 | D:7      | 11260 ||| Stepping ~*~*~tactically~*~*~ (outnumbered).
 11262 | D:7      | 11262 ||| Stepping ~*~*~tactically~*~*~ (outnumbered).
 11265 | D:7      | 11265 ||| Stepping ~*~*~tactically~*~*~ (outnumbered).
 11273 | D:7      | 11273 ||| Stepping ~*~*~tactically~*~*~ (outnumbered).
 11276 | D:7      | 11276 ||| Stepping ~*~*~tactically~*~*~ (outnumbered).
 11280 | D:7      | 11280 ||| Stepping ~*~*~tactically~*~*~ (outnumbered).
 11285 | D:7      | 11285 ||| Stepping ~*~*~tactically~*~*~ (outnumbered).
 11289 | D:7      | 11289 ||| Stepping ~*~*~tactically~*~*~ (outnumbered).
 11291 | D:7      | 11291 ||| Stepping ~*~*~tactically~*~*~ (outnumbered).
 11297 | D:7      | 11297 ||| Stepping ~*~*~tactically~*~*~ (outnumbered).
 11299 | D:7      | 11299 ||| Stepping ~*~*~tactically~*~*~ (outnumbered).
 11305 | D:7      | 11305 ||| Stepping ~*~*~tactically~*~*~ (outnumbered).
 11308 | D:7      | 11308 ||| Stepping ~*~*~tactically~*~*~ (outnumbered).
 11310 | D:7      | 11310 ||| Stepping ~*~*~tactically~*~*~ (outnumbered).
 11312 | D:7      | 11312 ||| Stepping ~*~*~tactically~*~*~ (outnumbered).
 11314 | D:7      | 11314 ||| Stepping ~*~*~tactically~*~*~ (outnumbered).
 11316 | D:7      | 11316 ||| Stepping ~*~*~tactically~*~*~ (outnumbered).
 11322 | D:7      | 11322 ||| Stepping ~*~*~tactically~*~*~ (outnumbered).
 11326 | D:7      | 11326 ||| Stepping ~*~*~tactically~*~*~ (outnumbered).
 11331 | D:7      | 11331 ||| Stepping ~*~*~tactically~*~*~ (outnumbered).
 11337 | D:7      | 11337 ||| Stepping ~*~*~tactically~*~*~ (outnumbered).
 11344 | D:7      | 11344 ||| Stepping ~*~*~tactically~*~*~ (outnumbered).
 11348 | D:7      | 11348 ||| Stepping ~*~*~tactically~*~*~ (outnumbered).
 11350 | D:7      | 11350 ||| Stepping ~*~*~tactically~*~*~ (outnumbered).
 11352 | D:7      | 11352 ||| Stepping ~*~*~tactically~*~*~ (outnumbered).
 11358 | D:7      | 11358 ||| Stepping ~*~*~tactically~*~*~ (outnumbered).
 11360 | D:7      | 11360 ||| Stepping ~*~*~tactically~*~*~ (outnumbered).
 11363 | D:7      | 11363 ||| Stepping ~*~*~tactically~*~*~ (outnumbered).
 11365 | D:7      | 11365 ||| Stepping ~*~*~tactically~*~*~ (outnumbered).
 11373 | D:7      | 11373 ||| Stepping ~*~*~tactically~*~*~ (outnumbered).
 11376 | D:7      | 11376 ||| Stepping ~*~*~tactically~*~*~ (outnumbered).
 11378 | D:7      | 11378 ||| Stepping ~*~*~tactically~*~*~ (outnumbered).
 11380 | D:7      | 11380 ||| Stepping ~*~*~tactically~*~*~ (outnumbered).
 11382 | D:7      | 11382 ||| Stepping ~*~*~tactically~*~*~ (outnumbered).
 11396 | D:7      | 11396 ||| Stepping ~*~*~tactically~*~*~ (outnumbered).
 11399 | D:7      | 11399 ||| Stepping ~*~*~tactically~*~*~ (outnumbered).
 11403 | D:7      | 11403 ||| Stepping ~*~*~tactically~*~*~ (outnumbered).
 11407 | D:7      | 11407 ||| Stepping ~*~*~tactically~*~*~ (outnumbered).
 11411 | D:7      | 11411 ||| Stepping ~*~*~tactically~*~*~ (outnumbered).
 11415 | D:7      | 11415 ||| Stepping ~*~*~tactically~*~*~ (outnumbered).
 11419 | D:7      | 11419 ||| Stepping ~*~*~tactically~*~*~ (outnumbered).
 11426 | D:7      | 11426 ||| Stepping ~*~*~tactically~*~*~ (outnumbered).
 11430 | D:7      | 11430 ||| Stepping ~*~*~tactically~*~*~ (outnumbered).
 11432 | D:7      | 11432 ||| Stepping ~*~*~tactically~*~*~ (outnumbered).
 11437 | D:7      | 11437 ||| Stepping ~*~*~tactically~*~*~ (outnumbered).
 11442 | D:7      | 11442 ||| Stepping ~*~*~tactically~*~*~ (outnumbered).
 11447 | D:7      | 11447 ||| Stepping ~*~*~tactically~*~*~ (outnumbered).
 11452 | D:7      | 11452 ||| Stepping ~*~*~tactically~*~*~ (outnumbered).
 11460 | D:7      | 11460 ||| Stepping ~*~*~tactically~*~*~ (outnumbered).
 11462 | D:7      | 11462 ||| Stepping ~*~*~tactically~*~*~ (outnumbered).
 11464 | D:7      | 11464 ||| Stepping ~*~*~tactically~*~*~ (outnumbered).
 11466 | D:7      | 11466 ||| Stepping ~*~*~tactically~*~*~ (outnumbered).
 11468 | D:7      | 11468 ||| Stepping ~*~*~tactically~*~*~ (outnumbered).
 11472 | D:7      | 11472 ||| Stepping ~*~*~tactically~*~*~ (outnumbered).
 11474 | D:7      | 11474 ||| Stepping ~*~*~tactically~*~*~ (outnumbered).
 11476 | D:7      | 11476 ||| Stepping ~*~*~tactically~*~*~ (outnumbered).
 11483 | D:7      | 11483 ||| Stepping ~*~*~tactically~*~*~ (outnumbered).
 11485 | D:7      | 11485 ||| Stepping ~*~*~tactically~*~*~ (outnumbered).
 11490 | D:7      | 11490 ||| Stepping ~*~*~tactically~*~*~ (outnumbered).
 11492 | D:7      | 11492 ||| Stepping ~*~*~tactically~*~*~ (outnumbered).
 11495 | D:7      | 11495 ||| Stepping ~*~*~tactically~*~*~ (outnumbered).
 11497 | D:7      | 11497 ||| Stepping ~*~*~tactically~*~*~ (outnumbered).
 11502 | D:7      | 11502 ||| Stepping ~*~*~tactically~*~*~ (outnumbered).
 11508 | D:7      | 11508 ||| Stepping ~*~*~tactically~*~*~ (outnumbered).
 11510 | D:7      | 11510 ||| Stepping ~*~*~tactically~*~*~ (outnumbered).
 11515 | D:7      | 11515 ||| Stepping ~*~*~tactically~*~*~ (outnumbered).
 11517 | D:7      | 11517 ||| Stepping ~*~*~tactically~*~*~ (outnumbered).
 11520 | D:7      | 11520 ||| Stepping ~*~*~tactically~*~*~ (outnumbered).
 11523 | D:7      | 11523 ||| Stepping ~*~*~tactically~*~*~ (outnumbered).
 11526 | D:7      | 11526 ||| Stepping ~*~*~tactically~*~*~ (outnumbered).
 11528 | D:7      | 11528 ||| Stepping ~*~*~tactically~*~*~ (outnumbered).
 11531 | D:7      | 11531 ||| Stepping ~*~*~tactically~*~*~ (outnumbered).
 11535 | D:7      | 11535 ||| Stepping ~*~*~tactically~*~*~ (outnumbered).
 11537 | D:7      | 11537 ||| Stepping ~*~*~tactically~*~*~ (outnumbered).
 11541 | D:7      | 11541 ||| Stepping ~*~*~tactically~*~*~ (outnumbered).
 11544 | D:7      | 11544 ||| Stepping ~*~*~tactically~*~*~ (outnumbered).
 11550 | D:7      | 11550 ||| Stepping ~*~*~tactically~*~*~ (outnumbered).
 11555 | D:7      | 11555 ||| Stepping ~*~*~tactically~*~*~ (outnumbered).
 11557 | D:7      | 11557 ||| Stepping ~*~*~tactically~*~*~ (outnumbered).
 11566 | D:7      | 11566 ||| Stepping ~*~*~tactically~*~*~ (outnumbered).
 11568 | D:7      | 11568 ||| Stepping ~*~*~tactically~*~*~ (outnumbered).
 11570 | D:7      | 11570 ||| Stepping ~*~*~tactically~*~*~ (outnumbered).
 11573 | D:7      | 11573 ||| Stepping ~*~*~tactically~*~*~ (outnumbered).
 11584 | D:7      | 11584 ||| Stepping ~*~*~tactically~*~*~ (outnumbered).
 11587 | D:7      | 11587 ||| Stepping ~*~*~tactically~*~*~ (outnumbered).
 11589 | D:7      | 11589 ||| Stepping ~*~*~tactically~*~*~ (outnumbered).
 11596 | D:7      | 11596 ||| Stepping ~*~*~tactically~*~*~ (outnumbered).
 11598 | D:7      | 11598 ||| Stepping ~*~*~tactically~*~*~ (outnumbered).
 11601 | D:7      | 11601 ||| Stepping ~*~*~tactically~*~*~ (outnumbered).
 11603 | D:7      | 11603 ||| Stepping ~*~*~tactically~*~*~ (outnumbered).
 11605 | D:7      | 11605 ||| Stepping ~*~*~tactically~*~*~ (outnumbered).
 11607 | D:7      | 11607 ||| Stepping ~*~*~tactically~*~*~ (outnumbered).
 11610 | D:7      | 11610 ||| Stepping ~*~*~tactically~*~*~ (outnumbered).
 11613 | D:7      | 11613 ||| Stepping ~*~*~tactically~*~*~ (outnumbered).
 11619 | D:7      | 11619 ||| Stepping ~*~*~tactically~*~*~ (outnumbered).
 11623 | D:7      | 11623 ||| Stepping ~*~*~tactically~*~*~ (outnumbered).
 11625 | D:7      | 11625 ||| Stepping ~*~*~tactically~*~*~ (outnumbered).
 11632 | D:7      | 11632 ||| Stepping ~*~*~tactically~*~*~ (outnumbered).
 11640 | D:7      | 11640 ||| Stepping ~*~*~tactically~*~*~ (outnumbered).
 11647 | D:7      | 11647 ||| Stepping ~*~*~tactically~*~*~ (outnumbered).
 11650 | D:7      | 11650 ||| Stepping ~*~*~tactically~*~*~ (outnumbered).
 11652 | D:7      | 11652 ||| Stepping ~*~*~tactically~*~*~ (outnumbered).
 11654 | D:7      | 11654 ||| Stepping ~*~*~tactically~*~*~ (outnumbered).
 11656 | D:7      | 11656 ||| Stepping ~*~*~tactically~*~*~ (outnumbered).
 11660 | D:7      | 11660 ||| Stepping ~*~*~tactically~*~*~ (outnumbered).
 11662 | D:7      | 11662 ||| Stepping ~*~*~tactically~*~*~ (outnumbered).
 11665 | D:7      | 11665 ||| Stepping ~*~*~tactically~*~*~ (outnumbered).
 11667 | D:7      | 11667 ||| Stepping ~*~*~tactically~*~*~ (outnumbered).
 11669 | D:7      | 11669 ||| Stepping ~*~*~tactically~*~*~ (outnumbered).
 11672 | D:7      | 11672 ||| Stepping ~*~*~tactically~*~*~ (outnumbered).
 11675 | D:7      | 11675 ||| Stepping ~*~*~tactically~*~*~ (outnumbered).
 11678 | D:7      | 11678 ||| Stepping ~*~*~tactically~*~*~ (outnumbered).
 11684 | D:7      | 11684 ||| Stepping ~*~*~tactically~*~*~ (outnumbered).
 11687 | D:7      | 11687 ||| Stepping ~*~*~tactically~*~*~ (outnumbered).
 11689 | D:7      | 11689 ||| Stepping ~*~*~tactically~*~*~ (outnumbered).
 11691 | D:7      | 11691 ||| Stepping ~*~*~tactically~*~*~ (outnumbered).
 11698 | D:7      | 11698 ||| Stepping ~*~*~tactically~*~*~ (outnumbered).
 11700 | D:7      | 11700 ||| Stepping ~*~*~tactically~*~*~ (outnumbered).
 11702 | D:7      | 11702 ||| Stepping ~*~*~tactically~*~*~ (outnumbered).
 11704 | D:7      | 11704 ||| Stepping ~*~*~tactically~*~*~ (outnumbered).
 11708 | D:7      | 11708 ||| Stepping ~*~*~tactically~*~*~ (outnumbered).
 11716 | D:7      | 11716 ||| Stepping ~*~*~tactically~*~*~ (outnumbered).
 11718 | D:7      | 11718 ||| Stepping ~*~*~tactically~*~*~ (outnumbered).
 11720 | D:7      | 11720 ||| Stepping ~*~*~tactically~*~*~ (outnumbered).
 11722 | D:7      | 11722 ||| Stepping ~*~*~tactically~*~*~ (outnumbered).
 11726 | D:7      | 11726 ||| Stepping ~*~*~tactically~*~*~ (outnumbered).
 11732 | D:7      | 11732 ||| Stepping ~*~*~tactically~*~*~ (outnumbered).
 11742 | D:7      | 11742 ||| Stepping ~*~*~tactically~*~*~ (outnumbered).
 11745 | D:7      | 11745 ||| Stepping ~*~*~tactically~*~*~ (outnumbered).
 11749 | D:7      | 11749 ||| Stepping ~*~*~tactically~*~*~ (outnumbered).
 11752 | D:7      | 11752 ||| Stepping ~*~*~tactically~*~*~ (outnumbered).
 11757 | D:7      | 11757 ||| Stepping ~*~*~tactically~*~*~ (outnumbered).
 11761 | D:7      | 11761 ||| Stepping ~*~*~tactically~*~*~ (outnumbered).
 11764 | D:7      | 11764 ||| Stepping ~*~*~tactically~*~*~ (outnumbered).
 11766 | D:7      | 11766 ||| Stepping ~*~*~tactically~*~*~ (outnumbered).
 11775 | D:7      | 11775 ||| Stepping ~*~*~tactically~*~*~ (outnumbered).
 11777 | D:7      | 11777 ||| Stepping ~*~*~tactically~*~*~ (outnumbered).
 11779 | D:7      | 11779 ||| Stepping ~*~*~tactically~*~*~ (outnumbered).
 11785 | D:7      | 11785 ||| Stepping ~*~*~tactically~*~*~ (outnumbered).
 11789 | D:7      | 11789 ||| Stepping ~*~*~tactically~*~*~ (outnumbered).
 11791 | D:7      | 11791 ||| Stepping ~*~*~tactically~*~*~ (outnumbered).
 11796 | D:7      | 11796 ||| Stepping ~*~*~tactically~*~*~ (outnumbered).
 11800 | D:7      | 11800 ||| Stepping ~*~*~tactically~*~*~ (outnumbered).
 11806 | D:7      | 11806 ||| Stepping ~*~*~tactically~*~*~ (outnumbered).
 11812 | D:7      | 11812 ||| Stepping ~*~*~tactically~*~*~ (outnumbered).
 11816 | D:7      | 11816 ||| Stepping ~*~*~tactically~*~*~ (outnumbered).
 11818 | D:7      | 11818 ||| Stepping ~*~*~tactically~*~*~ (outnumbered).
 11821 | D:7      | 11821 ||| Stepping ~*~*~tactically~*~*~ (outnumbered).
 11825 | D:7      | 11825 ||| Stepping ~*~*~tactically~*~*~ (outnumbered).
 11827 | D:7      | 11827 ||| Stepping ~*~*~tactically~*~*~ (outnumbered).
 11829 | D:7      | 11829 ||| Stepping ~*~*~tactically~*~*~ (outnumbered).
 11831 | D:7      | 11831 ||| Stepping ~*~*~tactically~*~*~ (outnumbered).
 11833 | D:7      | 11833 ||| Stepping ~*~*~tactically~*~*~ (outnumbered).
 11842 | D:7      | 11842 ||| Stepping ~*~*~tactically~*~*~ (outnumbered).
 11844 | D:7      | 11844 ||| Stepping ~*~*~tactically~*~*~ (outnumbered).
 11846 | D:7      | 11846 ||| Stepping ~*~*~tactically~*~*~ (outnumbered).
 11853 | D:7      | 11853 ||| Stepping ~*~*~tactically~*~*~ (outnumbered).
 11855 | D:7      | 11855 ||| Stepping ~*~*~tactically~*~*~ (outnumbered).
 11860 | D:7      | 11860 ||| Stepping ~*~*~tactically~*~*~ (outnumbered).
 11865 | D:7      | 11865 ||| Stepping ~*~*~tactically~*~*~ (outnumbered).
 11867 | D:7      | 11867 ||| Stepping ~*~*~tactically~*~*~ (outnumbered).
 11870 | D:7      | 11870 ||| Stepping ~*~*~tactically~*~*~ (outnumbered).
 11875 | D:7      | 11875 ||| Stepping ~*~*~tactically~*~*~ (outnumbered).
 11877 | D:7      | 11877 ||| Stepping ~*~*~tactically~*~*~ (outnumbered).
 11881 | D:7      | 11881 ||| Stepping ~*~*~tactically~*~*~ (outnumbered).
 11883 | D:7      | 11883 ||| Stepping ~*~*~tactically~*~*~ (outnumbered).
 11885 | D:7      | 11885 ||| Stepping ~*~*~tactically~*~*~ (outnumbered).
 11890 | D:7      | 11890 ||| Stepping ~*~*~tactically~*~*~ (outnumbered).
 11892 | D:7      | 11892 ||| Stepping ~*~*~tactically~*~*~ (outnumbered).
 11894 | D:7      | 11894 ||| Stepping ~*~*~tactically~*~*~ (outnumbered).
 11900 | D:7      | 11900 ||| Stepping ~*~*~tactically~*~*~ (outnumbered).
 11909 | D:7      | 11909 ||| Stepping ~*~*~tactically~*~*~ (outnumbered).
 11913 | D:7      | 11913 ||| Stepping ~*~*~tactically~*~*~ (outnumbered).
 11918 | D:7      | 11918 ||| Stepping ~*~*~tactically~*~*~ (outnumbered).
 11922 | D:7      | 11922 ||| Stepping ~*~*~tactically~*~*~ (outnumbered).
 11924 | D:7      | 11924 ||| Stepping ~*~*~tactically~*~*~ (outnumbered).
 11933 | D:7      | 11933 ||| Stepping ~*~*~tactically~*~*~ (outnumbered).
 11935 | D:7      | 11935 ||| Stepping ~*~*~tactically~*~*~ (outnumbered).
 11941 | D:7      | 11941 ||| Stepping ~*~*~tactically~*~*~ (outnumbered).
 11943 | D:7      | 11943 ||| Stepping ~*~*~tactically~*~*~ (outnumbered).
 11948 | D:7      | 11948 ||| Stepping ~*~*~tactically~*~*~ (outnumbered).
 11951 | D:7      | 11951 ||| Stepping ~*~*~tactically~*~*~ (outnumbered).
 11956 | D:7      | 11956 ||| Stepping ~*~*~tactically~*~*~ (outnumbered).
 11958 | D:7      | 11958 ||| Stepping ~*~*~tactically~*~*~ (outnumbered).
 11961 | D:7      | 11961 ||| Stepping ~*~*~tactically~*~*~ (outnumbered).
 11968 | D:7      | 11968 ||| Stepping ~*~*~tactically~*~*~ (outnumbered).
 11970 | D:7      | 11970 ||| Stepping ~*~*~tactically~*~*~ (outnumbered).
 11979 | D:7      | 11979 ||| Stepping ~*~*~tactically~*~*~ (outnumbered).
 11981 | D:7      | 11981 ||| Stepping ~*~*~tactically~*~*~ (outnumbered).
 11989 | D:7      | 11989 ||| Stepping ~*~*~tactically~*~*~ (outnumbered).
 11992 | D:7      | 11992 ||| Stepping ~*~*~tactically~*~*~ (outnumbered).
 11997 | D:7      | 11997 ||| Stepping ~*~*~tactically~*~*~ (outnumbered).
 12000 | D:7      | 12000 ||| Stepping ~*~*~tactically~*~*~ (outnumbered).
 12002 | D:7      | 12002 ||| Stepping ~*~*~tactically~*~*~ (outnumbered).
 12007 | D:7      | 12007 ||| Stepping ~*~*~tactically~*~*~ (outnumbered).
 12012 | D:7      | 12012 ||| Stepping ~*~*~tactically~*~*~ (outnumbered).
 12014 | D:7      | 12014 ||| Stepping ~*~*~tactically~*~*~ (outnumbered).
 12017 | D:7      | 12017 ||| Stepping ~*~*~tactically~*~*~ (outnumbered).
 12021 | D:7      | 12021 ||| Stepping ~*~*~tactically~*~*~ (outnumbered).
 12023 | D:7      | 12023 ||| Stepping ~*~*~tactically~*~*~ (outnumbered).
 12025 | D:7      | 12025 ||| Stepping ~*~*~tactically~*~*~ (outnumbered).
 12029 | D:7      | 12029 ||| Stepping ~*~*~tactically~*~*~ (outnumbered).
 12034 | D:7      | 12034 ||| Stepping ~*~*~tactically~*~*~ (outnumbered).
 12037 | D:7      | 12037 ||| Stepping ~*~*~tactically~*~*~ (outnumbered).
 12039 | D:7      | 12039 ||| Stepping ~*~*~tactically~*~*~ (outnumbered).
 12041 | D:7      | 12041 ||| Stepping ~*~*~tactically~*~*~ (outnumbered).
 12045 | D:7      | 12045 ||| Stepping ~*~*~tactically~*~*~ (outnumbered).
 12050 | D:7      | 12050 ||| Stepping ~*~*~tactically~*~*~ (outnumbered).
 12056 | D:7      | 12056 ||| Stepping ~*~*~tactically~*~*~ (outnumbered).
 12058 | D:7      | 12058 ||| Stepping ~*~*~tactically~*~*~ (outnumbered).
 12062 | D:7      | 12062 ||| Stepping ~*~*~tactically~*~*~ (outnumbered).
 12064 | D:7      | 12064 ||| Stepping ~*~*~tactically~*~*~ (outnumbered).
 12066 | D:7      | 12066 ||| Stepping ~*~*~tactically~*~*~ (outnumbered).
 12073 | D:7      | 12073 ||| Stepping ~*~*~tactically~*~*~ (outnumbered).
 12077 | D:7      | 12077 ||| Stepping ~*~*~tactically~*~*~ (outnumbered).
 12081 | D:7      | 12081 ||| Stepping ~*~*~tactically~*~*~ (outnumbered).
 12084 | D:7      | 12084 ||| Stepping ~*~*~tactically~*~*~ (outnumbered).
 12088 | D:7      | 12088 ||| Stepping ~*~*~tactically~*~*~ (outnumbered).
 12091 | D:7      | 12091 ||| Stepping ~*~*~tactically~*~*~ (outnumbered).
 12098 | D:7      | 12098 ||| Stepping ~*~*~tactically~*~*~ (outnumbered).
 12101 | D:7      | 12101 ||| Stepping ~*~*~tactically~*~*~ (outnumbered).
 12103 | D:7      | 12103 ||| Stepping ~*~*~tactically~*~*~ (outnumbered).
 12105 | D:7      | 12105 ||| Stepping ~*~*~tactically~*~*~ (outnumbered).
 12111 | D:7      | 12111 ||| Stepping ~*~*~tactically~*~*~ (outnumbered).
 12113 | D:7      | 12113 ||| Stepping ~*~*~tactically~*~*~ (outnumbered).
 12119 | D:7      | 12119 ||| Stepping ~*~*~tactically~*~*~ (outnumbered).
 12121 | D:7      | 12121 ||| Stepping ~*~*~tactically~*~*~ (outnumbered).
 12129 | D:7      | 12129 ||| Stepping ~*~*~tactically~*~*~ (outnumbered).
 12136 | D:7      | 12136 ||| Stepping ~*~*~tactically~*~*~ (outnumbered).
 12138 | D:7      | 12138 ||| Stepping ~*~*~tactically~*~*~ (outnumbered).
 12144 | D:7      | 12144 ||| Stepping ~*~*~tactically~*~*~ (outnumbered).
 12148 | D:7      | 12148 ||| Stepping ~*~*~tactically~*~*~ (outnumbered).
 12154 | D:7      | 12154 ||| Stepping ~*~*~tactically~*~*~ (outnumbered).
 12156 | D:7      | 12156 ||| Stepping ~*~*~tactically~*~*~ (outnumbered).
 12163 | D:7      | 12163 ||| Stepping ~*~*~tactically~*~*~ (outnumbered).
 12167 | D:7      | 12167 ||| Stepping ~*~*~tactically~*~*~ (outnumbered).
 12171 | D:7      | 12171 ||| Stepping ~*~*~tactically~*~*~ (outnumbered).
 12173 | D:7      | 12173 ||| Stepping ~*~*~tactically~*~*~ (outnumbered).
 12175 | D:7      | 12175 ||| Stepping ~*~*~tactically~*~*~ (outnumbered).
 12178 | D:7      | 12178 ||| Stepping ~*~*~tactically~*~*~ (outnumbered).
 12180 | D:7      | 12180 ||| Stepping ~*~*~tactically~*~*~ (outnumbered).
 12182 | D:7      | 12182 ||| Stepping ~*~*~tactically~*~*~ (outnumbered).
 12184 | D:7      | 12184 ||| Stepping ~*~*~tactically~*~*~ (outnumbered).
 12189 | D:7      | 12189 ||| Stepping ~*~*~tactically~*~*~ (outnumbered).
 12200 | D:7      | 12200 ||| Stepping ~*~*~tactically~*~*~ (outnumbered).
 12202 | D:7      | 12202 ||| Stepping ~*~*~tactically~*~*~ (outnumbered).
 12204 | D:7      | 12204 ||| Stepping ~*~*~tactically~*~*~ (outnumbered).
 12206 | D:7      | 12206 ||| Stepping ~*~*~tactically~*~*~ (outnumbered).
 12208 | D:7      | 12208 ||| Stepping ~*~*~tactically~*~*~ (outnumbered).
 12210 | D:7      | 12210 ||| Stepping ~*~*~tactically~*~*~ (outnumbered).
 12213 | D:7      | 12213 ||| Stepping ~*~*~tactically~*~*~ (outnumbered).
 12224 | D:7      | 12224 ||| Stepping ~*~*~tactically~*~*~ (outnumbered).
 12229 | D:7      | 12229 ||| Stepping ~*~*~tactically~*~*~ (outnumbered).
 12231 | D:7      | 12231 ||| Stepping ~*~*~tactically~*~*~ (outnumbered).
 12236 | D:7      | 12236 ||| Stepping ~*~*~tactically~*~*~ (outnumbered).
 12239 | D:7      | 12239 ||| Stepping ~*~*~tactically~*~*~ (outnumbered).
 12249 | D:7      | 12249 ||| Stepping ~*~*~tactically~*~*~ (outnumbered).
 12260 | D:7      | 12260 ||| Stepping ~*~*~tactically~*~*~ (outnumbered).
 12264 | D:7      | 12264 ||| Stepping ~*~*~tactically~*~*~ (outnumbered).
 12270 | D:7      | 12270 ||| Stepping ~*~*~tactically~*~*~ (outnumbered).
 12277 | D:7      | 12277 ||| Stepping ~*~*~tactically~*~*~ (outnumbered).
 12283 | D:7      | 12283 ||| Stepping ~*~*~tactically~*~*~ (outnumbered).
 12290 | D:7      | 12290 ||| Stepping ~*~*~tactically~*~*~ (outnumbered).
 12292 | D:7      | 12292 ||| Stepping ~*~*~tactically~*~*~ (outnumbered).
 12300 | D:7      | 12300 ||| Stepping ~*~*~tactically~*~*~ (outnumbered).
 12302 | D:7      | 12302 ||| Stepping ~*~*~tactically~*~*~ (outnumbered).
 12307 | D:7      | 12307 ||| Stepping ~*~*~tactically~*~*~ (outnumbered).
 12310 | D:7      | 12310 ||| Stepping ~*~*~tactically~*~*~ (outnumbered).
 12314 | D:7      | 12314 ||| Stepping ~*~*~tactically~*~*~ (outnumbered).
 12321 | D:7      | 12321 ||| Stepping ~*~*~tactically~*~*~ (outnumbered).
 12324 | D:7      | 12324 ||| Stepping ~*~*~tactically~*~*~ (outnumbered).
 12328 | D:7      | 12328 ||| Stepping ~*~*~tactically~*~*~ (outnumbered).
 12330 | D:7      | 12330 ||| Stepping ~*~*~tactically~*~*~ (outnumbered).
 12332 | D:7      | 12332 ||| Stepping ~*~*~tactically~*~*~ (outnumbered).
 12335 | D:7      | 12335 ||| Stepping ~*~*~tactically~*~*~ (outnumbered).
 12342 | D:7      | 12342 ||| Stepping ~*~*~tactically~*~*~ (outnumbered).
 12348 | D:7      | 12348 ||| Stepping ~*~*~tactically~*~*~ (outnumbered).
 12350 | D:7      | 12350 ||| Stepping ~*~*~tactically~*~*~ (outnumbered).
 12356 | D:7      | 12356 ||| Stepping ~*~*~tactically~*~*~ (outnumbered).
 12360 | D:7      | 12360 ||| Stepping ~*~*~tactically~*~*~ (outnumbered).
 12364 | D:7      | 12364 ||| Stepping ~*~*~tactically~*~*~ (outnumbered).
 12367 | D:7      | 12367 ||| Stepping ~*~*~tactically~*~*~ (outnumbered).
 12369 | D:7      | 12369 ||| Stepping ~*~*~tactically~*~*~ (outnumbered).
 12375 | D:7      | 12375 ||| Stepping ~*~*~tactically~*~*~ (outnumbered).
 12378 | D:7      | 12378 ||| Stepping ~*~*~tactically~*~*~ (outnumbered).
 12382 | D:7      | 12382 ||| Stepping ~*~*~tactically~*~*~ (outnumbered).
 12387 | D:7      | 12387 ||| Stepping ~*~*~tactically~*~*~ (outnumbered).
 12395 | D:7      | 12395 ||| Stepping ~*~*~tactically~*~*~ (outnumbered).
 12397 | D:7      | 12397 ||| Stepping ~*~*~tactically~*~*~ (outnumbered).
 12400 | D:7      | 12400 ||| Stepping ~*~*~tactically~*~*~ (outnumbered).
 12402 | D:7      | 12402 ||| Stepping ~*~*~tactically~*~*~ (outnumbered).
 12406 | D:7      | 12406 ||| Stepping ~*~*~tactically~*~*~ (outnumbered).
 12415 | D:7      | 12415 ||| Stepping ~*~*~tactically~*~*~ (outnumbered).
 12417 | D:7      | 12417 ||| Stepping ~*~*~tactically~*~*~ (outnumbered).
 12427 | D:7      | 12427 ||| Stepping ~*~*~tactically~*~*~ (outnumbered).
 12431 | D:7      | 12431 ||| Stepping ~*~*~tactically~*~*~ (outnumbered).
 12439 | D:7      | 12439 ||| Stepping ~*~*~tactically~*~*~ (outnumbered).
 12441 | D:7      | 12441 ||| Stepping ~*~*~tactically~*~*~ (outnumbered).
 12444 | D:7      | 12444 ||| Stepping ~*~*~tactically~*~*~ (outnumbered).
 12447 | D:7      | 12447 ||| Stepping ~*~*~tactically~*~*~ (outnumbered).
 12449 | D:7      | 12449 ||| Stepping ~*~*~tactically~*~*~ (outnumbered).
 12451 | D:7      | 12451 ||| Stepping ~*~*~tactically~*~*~ (outnumbered).
 12456 | D:7      | 12456 ||| Stepping ~*~*~tactically~*~*~ (outnumbered).
 12458 | D:7      | 12458 ||| Stepping ~*~*~tactically~*~*~ (outnumbered).
 12461 | D:7      | 12461 ||| Stepping ~*~*~tactically~*~*~ (outnumbered).
 12463 | D:7      | 12463 ||| Stepping ~*~*~tactically~*~*~ (outnumbered).
 12466 | D:7      | 12466 ||| Stepping ~*~*~tactically~*~*~ (outnumbered).
 12470 | D:7      | 12470 ||| Stepping ~*~*~tactically~*~*~ (outnumbered).
 12473 | D:7      | 12473 ||| Stepping ~*~*~tactically~*~*~ (outnumbered).
 12475 | D:7      | 12475 ||| Stepping ~*~*~tactically~*~*~ (outnumbered).
 12480 | D:7      | 12480 ||| Stepping ~*~*~tactically~*~*~ (outnumbered).
 12482 | D:7      | 12482 ||| Stepping ~*~*~tactically~*~*~ (outnumbered).
 12484 | D:7      | 12484 ||| Stepping ~*~*~tactically~*~*~ (outnumbered).
 12488 | D:7      | 12488 ||| Stepping ~*~*~tactically~*~*~ (outnumbered).
 12490 | D:7      | 12490 ||| Stepping ~*~*~tactically~*~*~ (outnumbered).
 12494 | D:7      | 12494 ||| Stepping ~*~*~tactically~*~*~ (outnumbered).
 12497 | D:7      | 12497 ||| Stepping ~*~*~tactically~*~*~ (outnumbered).
 12499 | D:7      | 12499 ||| Stepping ~*~*~tactically~*~*~ (outnumbered).
 12503 | D:7      | 12503 ||| Stepping ~*~*~tactically~*~*~ (outnumbered).
 12510 | D:7      | 12510 ||| Stepping ~*~*~tactically~*~*~ (outnumbered).
 12514 | D:7      | 12514 ||| Stepping ~*~*~tactically~*~*~ (outnumbered).
 12520 | D:7      | 12520 ||| Stepping ~*~*~tactically~*~*~ (outnumbered).
 12527 | D:7      | 12527 ||| Stepping ~*~*~tactically~*~*~ (outnumbered).
 12529 | D:7      | 12529 ||| Stepping ~*~*~tactically~*~*~ (outnumbered).
 12533 | D:7      | 12533 ||| Stepping ~*~*~tactically~*~*~ (outnumbered).
 12535 | D:7      | 12535 ||| Stepping ~*~*~tactically~*~*~ (outnumbered).
 12538 | D:7      | 12538 ||| Stepping ~*~*~tactically~*~*~ (outnumbered).
 12543 | D:7      | 12543 ||| Stepping ~*~*~tactically~*~*~ (outnumbered).
 12550 | D:7      | 12550 ||| Stepping ~*~*~tactically~*~*~ (outnumbered).
 12552 | D:7      | 12552 ||| Stepping ~*~*~tactically~*~*~ (outnumbered).
 12554 | D:7      | 12554 ||| Stepping ~*~*~tactically~*~*~ (outnumbered).
 12556 | D:7      | 12556 ||| Stepping ~*~*~tactically~*~*~ (outnumbered).
 12563 | D:7      | 12563 ||| Stepping ~*~*~tactically~*~*~ (outnumbered).
 12565 | D:7      | 12565 ||| Stepping ~*~*~tactically~*~*~ (outnumbered).
 12568 | D:7      | 12568 ||| Stepping ~*~*~tactically~*~*~ (outnumbered).
 12570 | D:7      | 12570 ||| Stepping ~*~*~tactically~*~*~ (outnumbered).
 12572 | D:7      | 12572 ||| Stepping ~*~*~tactically~*~*~ (outnumbered).
 12575 | D:7      | 12575 ||| Stepping ~*~*~tactically~*~*~ (outnumbered).
 12578 | D:7      | 12578 ||| Stepping ~*~*~tactically~*~*~ (outnumbered).
 12580 | D:7      | 12580 ||| Stepping ~*~*~tactically~*~*~ (outnumbered).
 12582 | D:7      | 12582 ||| Stepping ~*~*~tactically~*~*~ (outnumbered).
 12584 | D:7      | 12584 ||| Stepping ~*~*~tactically~*~*~ (outnumbered).
 12588 | D:7      | 12588 ||| Stepping ~*~*~tactically~*~*~ (outnumbered).
 12593 | D:7      | 12593 ||| Stepping ~*~*~tactically~*~*~ (outnumbered).
 12597 | D:7      | 12597 ||| Stepping ~*~*~tactically~*~*~ (outnumbered).
 12601 | D:7      | 12601 ||| Stepping ~*~*~tactically~*~*~ (outnumbered).
 12607 | D:7      | 12607 ||| Stepping ~*~*~tactically~*~*~ (outnumbered).
 12609 | D:7      | 12609 ||| Stepping ~*~*~tactically~*~*~ (outnumbered).
 12611 | D:7      | 12611 ||| Stepping ~*~*~tactically~*~*~ (outnumbered).
 12614 | D:7      | 12614 ||| Stepping ~*~*~tactically~*~*~ (outnumbered).
 12620 | D:7      | 12620 ||| Stepping ~*~*~tactically~*~*~ (outnumbered).
 12622 | D:7      | 12622 ||| Stepping ~*~*~tactically~*~*~ (outnumbered).
 12624 | D:7      | 12624 ||| Stepping ~*~*~tactically~*~*~ (outnumbered).
 12628 | D:7      | 12628 ||| Stepping ~*~*~tactically~*~*~ (outnumbered).
 12630 | D:7      | 12630 ||| Stepping ~*~*~tactically~*~*~ (outnumbered).
 12632 | D:7      | 12632 ||| Stepping ~*~*~tactically~*~*~ (outnumbered).
 12636 | D:7      | 12636 ||| Stepping ~*~*~tactically~*~*~ (outnumbered).
 12638 | D:7      | 12638 ||| Stepping ~*~*~tactically~*~*~ (outnumbered).
 12640 | D:7      | 12640 ||| Stepping ~*~*~tactically~*~*~ (outnumbered).
 12643 | D:7      | 12643 ||| Stepping ~*~*~tactically~*~*~ (outnumbered).
 12646 | D:7      | 12646 ||| Stepping ~*~*~tactically~*~*~ (outnumbered).
 12648 | D:7      | 12648 ||| Stepping ~*~*~tactically~*~*~ (outnumbered).
 12650 | D:7      | 12650 ||| Stepping ~*~*~tactically~*~*~ (outnumbered).
 12652 | D:7      | 12652 ||| Stepping ~*~*~tactically~*~*~ (outnumbered).
 12655 | D:7      | 12655 ||| Stepping ~*~*~tactically~*~*~ (outnumbered).
 12658 | D:7      | 12658 ||| Stepping ~*~*~tactically~*~*~ (outnumbered).
 12660 | D:7      | 12660 ||| Stepping ~*~*~tactically~*~*~ (outnumbered).
 12667 | D:7      | 12667 ||| Stepping ~*~*~tactically~*~*~ (outnumbered).
 12670 | D:7      | 12670 ||| Stepping ~*~*~tactically~*~*~ (outnumbered).
 12676 | D:7      | 12676 ||| Stepping ~*~*~tactically~*~*~ (outnumbered).
 12683 | D:7      | 12683 ||| Stepping ~*~*~tactically~*~*~ (outnumbered).
 12687 | D:7      | 12687 ||| Stepping ~*~*~tactically~*~*~ (outnumbered).
 12689 | D:7      | 12689 ||| Stepping ~*~*~tactically~*~*~ (outnumbered).
 12691 | D:7      | 12691 ||| Stepping ~*~*~tactically~*~*~ (outnumbered).
 12693 | D:7      | 12693 ||| Stepping ~*~*~tactically~*~*~ (outnumbered).
 12695 | D:7      | 12695 ||| Stepping ~*~*~tactically~*~*~ (outnumbered).
 12701 | D:7      | 12701 ||| Stepping ~*~*~tactically~*~*~ (outnumbered).
 12706 | D:7      | 12706 ||| Stepping ~*~*~tactically~*~*~ (outnumbered).
 12711 | D:7      | 12711 ||| Stepping ~*~*~tactically~*~*~ (outnumbered).
 12714 | D:7      | 12714 ||| Stepping ~*~*~tactically~*~*~ (outnumbered).
 12721 | D:7      | 12721 ||| Stepping ~*~*~tactically~*~*~ (outnumbered).
 12726 | D:7      | 12726 ||| Stepping ~*~*~tactically~*~*~ (outnumbered).
 12729 | D:7      | 12729 ||| Stepping ~*~*~tactically~*~*~ (outnumbered).
 12731 | D:7      | 12731 ||| Stepping ~*~*~tactically~*~*~ (outnumbered).
 12734 | D:7      | 12734 ||| Stepping ~*~*~tactically~*~*~ (outnumbered).
 12741 | D:7      | 12741 ||| Stepping ~*~*~tactically~*~*~ (outnumbered).
 12748 | D:7      | 12748 ||| Stepping ~*~*~tactically~*~*~ (outnumbered).
 12751 | D:7      | 12751 ||| Stepping ~*~*~tactically~*~*~ (outnumbered).
 12757 | D:7      | 12757 ||| Stepping ~*~*~tactically~*~*~ (outnumbered).
 12759 | D:7      | 12759 ||| Stepping ~*~*~tactically~*~*~ (outnumbered).
 12766 | D:7      | 12766 ||| Stepping ~*~*~tactically~*~*~ (outnumbered).
 12773 | D:7      | 12773 ||| Stepping ~*~*~tactically~*~*~ (outnumbered).
 12777 | D:7      | 12777 ||| Stepping ~*~*~tactically~*~*~ (outnumbered).
 12783 | D:7      | 12783 ||| Stepping ~*~*~tactically~*~*~ (outnumbered).
 12785 | D:7      | 12785 ||| Stepping ~*~*~tactically~*~*~ (outnumbered).
 12791 | D:7      | 12791 ||| Stepping ~*~*~tactically~*~*~ (outnumbered).
 12793 | D:7      | 12793 ||| Stepping ~*~*~tactically~*~*~ (outnumbered).
 12800 | D:7      | 12800 ||| Stepping ~*~*~tactically~*~*~ (outnumbered).
 12808 | D:7      | 12808 ||| Stepping ~*~*~tactically~*~*~ (outnumbered).
 12814 | D:7      | 12814 ||| Stepping ~*~*~tactically~*~*~ (outnumbered).
 12816 | D:7      | 12816 ||| Stepping ~*~*~tactically~*~*~ (outnumbered).
 12819 | D:7      | 12819 ||| Stepping ~*~*~tactically~*~*~ (outnumbered).
 12821 | D:7      | 12821 ||| Stepping ~*~*~tactically~*~*~ (outnumbered).
 12825 | D:7      | 12825 ||| Stepping ~*~*~tactically~*~*~ (outnumbered).
 12830 | D:7      | 12830 ||| Stepping ~*~*~tactically~*~*~ (outnumbered).
 12832 | D:7      | 12832 ||| Stepping ~*~*~tactically~*~*~ (outnumbered).
 12837 | D:7      | 12837 ||| Stepping ~*~*~tactically~*~*~ (outnumbered).
 12844 | D:7      | 12844 ||| Stepping ~*~*~tactically~*~*~ (outnumbered).
 12846 | D:7      | 12846 ||| Stepping ~*~*~tactically~*~*~ (outnumbered).
 12848 | D:7      | 12848 ||| Stepping ~*~*~tactically~*~*~ (outnumbered).
 12850 | D:7      | 12850 ||| Stepping ~*~*~tactically~*~*~ (outnumbered).
 12857 | D:7      | 12857 ||| Stepping ~*~*~tactically~*~*~ (outnumbered).
 12861 | D:7      | 12861 ||| Stepping ~*~*~tactically~*~*~ (outnumbered).
 12863 | D:7      | 12863 ||| Stepping ~*~*~tactically~*~*~ (outnumbered).
 12865 | D:7      | 12865 ||| Stepping ~*~*~tactically~*~*~ (outnumbered).
 12867 | D:7      | 12867 ||| Stepping ~*~*~tactically~*~*~ (outnumbered).
 12869 | D:7      | 12869 ||| Stepping ~*~*~tactically~*~*~ (outnumbered).
 12871 | D:7      | 12871 ||| Stepping ~*~*~tactically~*~*~ (outnumbered).
 12874 | D:7      | 12874 ||| Stepping ~*~*~tactically~*~*~ (outnumbered).
 12876 | D:7      | 12876 ||| Stepping ~*~*~tactically~*~*~ (outnumbered).
 12879 | D:7      | 12879 ||| Stepping ~*~*~tactically~*~*~ (outnumbered).
 12881 | D:7      | 12881 ||| Stepping ~*~*~tactically~*~*~ (outnumbered).
 12889 | D:7      | 12889 ||| Stepping ~*~*~tactically~*~*~ (outnumbered).
 12896 | D:7      | 12896 ||| Stepping ~*~*~tactically~*~*~ (outnumbered).
 12898 | D:7      | 12898 ||| Stepping ~*~*~tactically~*~*~ (outnumbered).
 12901 | D:7      | 12901 ||| Stepping ~*~*~tactically~*~*~ (outnumbered).
 12904 | D:7      | 12904 ||| Stepping ~*~*~tactically~*~*~ (outnumbered).
 12908 | D:7      | 12908 ||| Stepping ~*~*~tactically~*~*~ (outnumbered).
 12910 | D:7      | 12910 ||| Stepping ~*~*~tactically~*~*~ (outnumbered).
 12918 | D:7      | 12918 ||| Stepping ~*~*~tactically~*~*~ (outnumbered).
 12920 | D:7      | 12920 ||| Stepping ~*~*~tactically~*~*~ (outnumbered).
 12925 | D:7      | 12925 ||| Stepping ~*~*~tactically~*~*~ (outnumbered).
 12931 | D:7      | 12931 ||| Stepping ~*~*~tactically~*~*~ (outnumbered).
 12937 | D:7      | 12937 ||| Stepping ~*~*~tactically~*~*~ (outnumbered).
 12939 | D:7      | 12939 ||| Stepping ~*~*~tactically~*~*~ (outnumbered).
 12941 | D:7      | 12941 ||| Stepping ~*~*~tactically~*~*~ (outnumbered).
 12943 | D:7      | 12943 ||| Stepping ~*~*~tactically~*~*~ (outnumbered).
 12945 | D:7      | 12945 ||| Stepping ~*~*~tactically~*~*~ (outnumbered).
 12951 | D:7      | 12951 ||| Stepping ~*~*~tactically~*~*~ (outnumbered).
 12953 | D:7      | 12953 ||| Stepping ~*~*~tactically~*~*~ (outnumbered).
 12956 | D:7      | 12956 ||| Stepping ~*~*~tactically~*~*~ (outnumbered).
 12958 | D:7      | 12958 ||| Stepping ~*~*~tactically~*~*~ (outnumbered).
 12960 | D:7      | 12960 ||| Stepping ~*~*~tactically~*~*~ (outnumbered).
 12962 | D:7      | 12962 ||| Stepping ~*~*~tactically~*~*~ (outnumbered).
 12965 | D:7      | 12965 ||| Stepping ~*~*~tactically~*~*~ (outnumbered).
 12967 | D:7      | 12967 ||| Stepping ~*~*~tactically~*~*~ (outnumbered).
 12969 | D:7      | 12969 ||| Stepping ~*~*~tactically~*~*~ (outnumbered).
 12974 | D:7      | 12974 ||| Stepping ~*~*~tactically~*~*~ (outnumbered).
 12976 | D:7      | 12976 ||| Stepping ~*~*~tactically~*~*~ (outnumbered).
 12981 | D:7      | 12981 ||| Stepping ~*~*~tactically~*~*~ (outnumbered).
 12983 | D:7      | 12983 ||| Stepping ~*~*~tactically~*~*~ (outnumbered).
 12985 | D:7      | 12985 ||| Stepping ~*~*~tactically~*~*~ (outnumbered).
 12989 | D:7      | 12989 ||| Stepping ~*~*~tactically~*~*~ (outnumbered).
 12991 | D:7      | 12991 ||| Stepping ~*~*~tactically~*~*~ (outnumbered).
 12998 | D:7      | 12998 ||| Stepping ~*~*~tactically~*~*~ (outnumbered).
 13006 | D:7      | 13006 ||| Stepping ~*~*~tactically~*~*~ (outnumbered).
 13009 | D:7      | 13009 ||| Stepping ~*~*~tactically~*~*~ (outnumbered).
 13014 | D:7      | 13014 ||| Stepping ~*~*~tactically~*~*~ (outnumbered).
 13017 | D:7      | 13017 ||| Stepping ~*~*~tactically~*~*~ (outnumbered).
 13020 | D:7      | 13020 ||| Stepping ~*~*~tactically~*~*~ (outnumbered).
 13026 | D:7      | 13026 ||| Stepping ~*~*~tactically~*~*~ (outnumbered).
 13029 | D:7      | 13029 ||| Stepping ~*~*~tactically~*~*~ (outnumbered).
 13033 | D:7      | 13033 ||| Stepping ~*~*~tactically~*~*~ (outnumbered).
 13040 | D:7      | 13040 ||| Stepping ~*~*~tactically~*~*~ (outnumbered).
 13044 | D:7      | 13044 ||| Stepping ~*~*~tactically~*~*~ (outnumbered).
 13048 | D:7      | 13048 ||| Stepping ~*~*~tactically~*~*~ (outnumbered).
 13051 | D:7      | 13051 ||| Stepping ~*~*~tactically~*~*~ (outnumbered).
 13053 | D:7      | 13053 ||| Stepping ~*~*~tactically~*~*~ (outnumbered).
 13055 | D:7      | 13055 ||| Stepping ~*~*~tactically~*~*~ (outnumbered).
 13058 | D:7      | 13058 ||| Stepping ~*~*~tactically~*~*~ (outnumbered).
 13068 | D:7      | 13068 ||| Stepping ~*~*~tactically~*~*~ (outnumbered).
 13072 | D:7      | 13072 ||| Stepping ~*~*~tactically~*~*~ (outnumbered).
 13074 | D:7      | 13074 ||| Stepping ~*~*~tactically~*~*~ (outnumbered).
 13079 | D:7      | 13079 ||| Stepping ~*~*~tactically~*~*~ (outnumbered).
 13086 | D:7      | 13086 ||| Stepping ~*~*~tactically~*~*~ (outnumbered).
 13088 | D:7      | 13088 ||| Stepping ~*~*~tactically~*~*~ (outnumbered).
 13090 | D:7      | 13090 ||| Stepping ~*~*~tactically~*~*~ (outnumbered).
 13096 | D:7      | 13096 ||| Stepping ~*~*~tactically~*~*~ (outnumbered).
 13101 | D:7      | 13101 ||| Stepping ~*~*~tactically~*~*~ (outnumbered).
 13107 | D:7      | 13107 ||| Stepping ~*~*~tactically~*~*~ (outnumbered).
 13109 | D:7      | 13109 ||| Stepping ~*~*~tactically~*~*~ (outnumbered).
 13112 | D:7      | 13112 ||| Stepping ~*~*~tactically~*~*~ (outnumbered).
 13114 | D:7      | 13114 ||| Stepping ~*~*~tactically~*~*~ (outnumbered).
 13117 | D:7      | 13117 ||| Stepping ~*~*~tactically~*~*~ (outnumbered).
 13122 | D:7      | 13122 ||| Stepping ~*~*~tactically~*~*~ (outnumbered).
 13126 | D:7      | 13126 ||| Stepping ~*~*~tactically~*~*~ (outnumbered).
 13128 | D:7      | 13128 ||| Stepping ~*~*~tactically~*~*~ (outnumbered).
 13130 | D:7      | 13130 ||| Stepping ~*~*~tactically~*~*~ (outnumbered).
 13133 | D:7      | 13133 ||| Stepping ~*~*~tactically~*~*~ (outnumbered).
 13135 | D:7      | 13135 ||| Stepping ~*~*~tactically~*~*~ (outnumbered).
 13142 | D:7      | 13142 ||| Stepping ~*~*~tactically~*~*~ (outnumbered).
 13147 | D:7      | 13147 ||| Stepping ~*~*~tactically~*~*~ (outnumbered).
 13151 | D:7      | 13151 ||| Stepping ~*~*~tactically~*~*~ (outnumbered).
 13156 | D:7      | 13156 ||| Stepping ~*~*~tactically~*~*~ (outnumbered).
 13162 | D:7      | 13162 ||| Stepping ~*~*~tactically~*~*~ (outnumbered).
 13165 | D:7      | 13165 ||| Stepping ~*~*~tactically~*~*~ (outnumbered).
 13171 | D:7      | 13171 ||| Stepping ~*~*~tactically~*~*~ (outnumbered).
 13175 | D:7      | 13175 ||| Stepping ~*~*~tactically~*~*~ (outnumbered).
 13177 | D:7      | 13177 ||| Stepping ~*~*~tactically~*~*~ (outnumbered).
 13181 | D:7      | 13181 ||| Stepping ~*~*~tactically~*~*~ (outnumbered).
 13185 | D:7      | 13185 ||| Stepping ~*~*~tactically~*~*~ (outnumbered).
 13191 | D:7      | 13191 ||| Stepping ~*~*~tactically~*~*~ (outnumbered).
 13193 | D:7      | 13193 ||| Stepping ~*~*~tactically~*~*~ (outnumbered).
 13195 | D:7      | 13195 ||| Stepping ~*~*~tactically~*~*~ (outnumbered).
 13197 | D:7      | 13197 ||| Stepping ~*~*~tactically~*~*~ (outnumbered).
 13205 | D:7      | 13205 ||| Stepping ~*~*~tactically~*~*~ (outnumbered).
 13207 | D:7      | 13207 ||| Stepping ~*~*~tactically~*~*~ (outnumbered).
 13215 | D:7      | 13215 ||| Stepping ~*~*~tactically~*~*~ (outnumbered).
 13226 | D:7      | 13226 ||| Stepping ~*~*~tactically~*~*~ (outnumbered).
 13231 | D:7      | 13231 ||| Stepping ~*~*~tactically~*~*~ (outnumbered).
 13235 | D:7      | 13235 ||| Stepping ~*~*~tactically~*~*~ (outnumbered).
 13238 | D:7      | 13238 ||| Stepping ~*~*~tactically~*~*~ (outnumbered).
 13241 | D:7      | 13241 ||| Stepping ~*~*~tactically~*~*~ (outnumbered).
 13243 | D:7      | 13243 ||| Stepping ~*~*~tactically~*~*~ (outnumbered).
 13245 | D:7      | 13245 ||| Stepping ~*~*~tactically~*~*~ (outnumbered).
 13248 | D:7      | 13248 ||| Stepping ~*~*~tactically~*~*~ (outnumbered).
 13252 | D:7      | 13252 ||| Stepping ~*~*~tactically~*~*~ (outnumbered).
 13260 | D:7      | 13260 ||| Stepping ~*~*~tactically~*~*~ (outnumbered).
 13264 | D:7      | 13264 ||| Stepping ~*~*~tactically~*~*~ (outnumbered).
 13266 | D:7      | 13266 ||| Stepping ~*~*~tactically~*~*~ (outnumbered).
 13268 | D:7      | 13268 ||| Stepping ~*~*~tactically~*~*~ (outnumbered).
 13270 | D:7      | 13270 ||| Stepping ~*~*~tactically~*~*~ (outnumbered).
 13277 | D:7      | 13277 ||| Stepping ~*~*~tactically~*~*~ (outnumbered).
 13283 | D:7      | 13283 ||| Stepping ~*~*~tactically~*~*~ (outnumbered).
 13285 | D:7      | 13285 ||| Stepping ~*~*~tactically~*~*~ (outnumbered).
 13290 | D:7      | 13290 ||| Stepping ~*~*~tactically~*~*~ (outnumbered).
 13292 | D:7      | 13292 ||| Stepping ~*~*~tactically~*~*~ (outnumbered).
 13296 | D:7      | 13296 ||| Stepping ~*~*~tactically~*~*~ (outnumbered).
 13298 | D:7      | 13298 ||| Stepping ~*~*~tactically~*~*~ (outnumbered).
 13304 | D:7      | 13304 ||| Stepping ~*~*~tactically~*~*~ (outnumbered).
 13307 | D:7      | 13307 ||| Stepping ~*~*~tactically~*~*~ (outnumbered).
 13309 | D:7      | 13309 ||| Stepping ~*~*~tactically~*~*~ (outnumbered).
 13313 | D:7      | 13313 ||| Stepping ~*~*~tactically~*~*~ (outnumbered).
 13320 | D:7      | 13320 ||| Stepping ~*~*~tactically~*~*~ (outnumbered).
 13326 | D:7      | 13326 ||| Stepping ~*~*~tactically~*~*~ (outnumbered).
 13331 | D:7      | 13331 ||| Stepping ~*~*~tactically~*~*~ (outnumbered).
 13336 | D:7      | 13336 ||| Stepping ~*~*~tactically~*~*~ (outnumbered).
 13338 | D:7      | 13338 ||| Stepping ~*~*~tactically~*~*~ (outnumbered).
 13340 | D:7      | 13340 ||| Stepping ~*~*~tactically~*~*~ (outnumbered).
 13342 | D:7      | 13342 ||| Stepping ~*~*~tactically~*~*~ (outnumbered).
 13347 | D:7      | 13347 ||| Stepping ~*~*~tactically~*~*~ (outnumbered).
 13352 | D:7      | 13352 ||| Stepping ~*~*~tactically~*~*~ (outnumbered).
 13356 | D:7      | 13356 ||| Stepping ~*~*~tactically~*~*~ (outnumbered).
 13359 | D:7      | 13359 ||| Stepping ~*~*~tactically~*~*~ (outnumbered).
 13362 | D:7      | 13362 ||| Stepping ~*~*~tactically~*~*~ (outnumbered).
 13364 | D:7      | 13364 ||| Stepping ~*~*~tactically~*~*~ (outnumbered).
 13366 | D:7      | 13366 ||| Stepping ~*~*~tactically~*~*~ (outnumbered).
 13369 | D:7      | 13369 ||| Stepping ~*~*~tactically~*~*~ (outnumbered).
 13374 | D:7      | 13374 ||| Stepping ~*~*~tactically~*~*~ (outnumbered).
 13378 | D:7      | 13378 ||| Stepping ~*~*~tactically~*~*~ (outnumbered).
 13380 | D:7      | 13380 ||| Stepping ~*~*~tactically~*~*~ (outnumbered).
 13382 | D:7      | 13382 ||| Stepping ~*~*~tactically~*~*~ (outnumbered).
 13386 | D:7      | 13386 ||| Stepping ~*~*~tactically~*~*~ (outnumbered).
 13394 | D:7      | 13394 ||| Stepping ~*~*~tactically~*~*~ (outnumbered).
 13401 | D:7      | 13401 ||| Stepping ~*~*~tactically~*~*~ (outnumbered).
 13403 | D:7      | 13403 ||| Stepping ~*~*~tactically~*~*~ (outnumbered).
 13405 | D:7      | 13405 ||| Stepping ~*~*~tactically~*~*~ (outnumbered).
 13411 | D:7      | 13411 ||| Stepping ~*~*~tactically~*~*~ (outnumbered).
 13413 | D:7      | 13413 ||| Stepping ~*~*~tactically~*~*~ (outnumbered).
 13415 | D:7      | 13415 ||| Stepping ~*~*~tactically~*~*~ (outnumbered).
 13419 | D:7      | 13419 ||| Stepping ~*~*~tactically~*~*~ (outnumbered).
 13424 | D:7      | 13424 ||| Stepping ~*~*~tactically~*~*~ (outnumbered).
 13431 | D:7      | 13431 ||| Stepping ~*~*~tactically~*~*~ (outnumbered).
 13433 | D:7      | 13433 ||| Stepping ~*~*~tactically~*~*~ (outnumbered).
 13437 | D:7      | 13437 ||| Stepping ~*~*~tactically~*~*~ (outnumbered).
 13447 | D:7      | 13447 ||| Stepping ~*~*~tactically~*~*~ (outnumbered).
 13449 | D:7      | 13449 ||| Stepping ~*~*~tactically~*~*~ (outnumbered).
 13452 | D:7      | 13452 ||| Stepping ~*~*~tactically~*~*~ (outnumbered).
 13454 | D:7      | 13454 ||| Stepping ~*~*~tactically~*~*~ (outnumbered).
 13460 | D:7      | 13460 ||| Stepping ~*~*~tactically~*~*~ (outnumbered).
 13466 | D:7      | 13466 ||| Stepping ~*~*~tactically~*~*~ (outnumbered).
 13470 | D:7      | 13470 ||| Stepping ~*~*~tactically~*~*~ (outnumbered).
 13474 | D:7      | 13474 ||| Stepping ~*~*~tactically~*~*~ (outnumbered).
 13477 | D:7      | 13477 ||| Stepping ~*~*~tactically~*~*~ (outnumbered).
 13481 | D:7      | 13481 ||| Stepping ~*~*~tactically~*~*~ (outnumbered).
 13485 | D:7      | 13485 ||| Stepping ~*~*~tactically~*~*~ (outnumbered).
 13490 | D:7      | 13490 ||| Stepping ~*~*~tactically~*~*~ (outnumbered).
 13492 | D:7      | 13492 ||| Stepping ~*~*~tactically~*~*~ (outnumbered).
 13494 | D:7      | 13494 ||| Stepping ~*~*~tactically~*~*~ (outnumbered).
 13496 | D:7      | 13496 ||| Stepping ~*~*~tactically~*~*~ (outnumbered).
 13498 | D:7      | 13498 ||| Stepping ~*~*~tactically~*~*~ (outnumbered).
 13501 | D:7      | 13501 ||| Stepping ~*~*~tactically~*~*~ (outnumbered).
 13505 | D:7      | 13505 ||| Stepping ~*~*~tactically~*~*~ (outnumbered).
 13508 | D:7      | 13508 ||| Stepping ~*~*~tactically~*~*~ (outnumbered).
 13510 | D:7      | 13510 ||| Stepping ~*~*~tactically~*~*~ (outnumbered).
 13519 | D:7      | 13519 ||| Stepping ~*~*~tactically~*~*~ (outnumbered).
 13521 | D:7      | 13521 ||| Stepping ~*~*~tactically~*~*~ (outnumbered).
 13523 | D:7      | 13523 ||| Stepping ~*~*~tactically~*~*~ (outnumbered).
 13525 | D:7      | 13525 ||| Stepping ~*~*~tactically~*~*~ (outnumbered).
 13527 | D:7      | 13527 ||| Stepping ~*~*~tactically~*~*~ (outnumbered).
 13531 | D:7      | 13531 ||| Stepping ~*~*~tactically~*~*~ (outnumbered).
 13535 | D:7      | 13535 ||| Stepping ~*~*~tactically~*~*~ (outnumbered).
 13537 | D:7      | 13537 ||| Stepping ~*~*~tactically~*~*~ (outnumbered).
 13539 | D:7      | 13539 ||| Stepping ~*~*~tactically~*~*~ (outnumbered).
 13542 | D:7      | 13542 ||| Stepping ~*~*~tactically~*~*~ (outnumbered).
 13550 | D:7      | 13550 ||| Stepping ~*~*~tactically~*~*~ (outnumbered).
 13554 | D:7      | 13554 ||| Stepping ~*~*~tactically~*~*~ (outnumbered).
 13556 | D:7      | 13556 ||| Stepping ~*~*~tactically~*~*~ (outnumbered).
 13559 | D:7      | 13559 ||| Stepping ~*~*~tactically~*~*~ (outnumbered).
 13562 | D:7      | 13562 ||| Stepping ~*~*~tactically~*~*~ (outnumbered).
 13566 | D:7      | 13566 ||| Stepping ~*~*~tactically~*~*~ (outnumbered).
 13568 | D:7      | 13568 ||| Stepping ~*~*~tactically~*~*~ (outnumbered).
 13571 | D:7      | 13571 ||| Stepping ~*~*~tactically~*~*~ (outnumbered).
 13576 | D:7      | 13576 ||| Stepping ~*~*~tactically~*~*~ (outnumbered).
 13578 | D:7      | 13578 ||| Stepping ~*~*~tactically~*~*~ (outnumbered).
 13582 | D:7      | 13582 ||| Stepping ~*~*~tactically~*~*~ (outnumbered).
 13584 | D:7      | 13584 ||| Stepping ~*~*~tactically~*~*~ (outnumbered).
 13593 | D:7      | 13593 ||| Stepping ~*~*~tactically~*~*~ (outnumbered).
 13600 | D:7      | 13600 ||| Stepping ~*~*~tactically~*~*~ (outnumbered).
 13604 | D:7      | 13604 ||| Stepping ~*~*~tactically~*~*~ (outnumbered).
 13609 | D:7      | 13609 ||| Stepping ~*~*~tactically~*~*~ (outnumbered).
 13613 | D:7      | 13613 ||| Stepping ~*~*~tactically~*~*~ (outnumbered).
 13619 | D:7      | 13619 ||| Stepping ~*~*~tactically~*~*~ (outnumbered).
 13622 | D:7      | 13622 ||| Stepping ~*~*~tactically~*~*~ (outnumbered).
 13628 | D:7      | 13628 ||| Stepping ~*~*~tactically~*~*~ (outnumbered).
 13633 | D:7      | 13633 ||| Stepping ~*~*~tactically~*~*~ (outnumbered).
 13643 | D:7      | 13643 ||| Stepping ~*~*~tactically~*~*~ (outnumbered).
 13645 | D:7      | 13645 ||| Stepping ~*~*~tactically~*~*~ (outnumbered).
 13647 | D:7      | 13647 ||| Stepping ~*~*~tactically~*~*~ (outnumbered).
 13655 | D:7      | 13655 ||| Stepping ~*~*~tactically~*~*~ (outnumbered).
 13657 | D:7      | 13657 ||| Stepping ~*~*~tactically~*~*~ (outnumbered).
 13663 | D:7      | 13663 ||| Stepping ~*~*~tactically~*~*~ (outnumbered).
 13666 | D:7      | 13666 ||| Stepping ~*~*~tactically~*~*~ (outnumbered).
 13674 | D:7      | 13674 ||| Stepping ~*~*~tactically~*~*~ (outnumbered).
 13677 | D:7      | 13677 ||| Stepping ~*~*~tactically~*~*~ (outnumbered).
 13682 | D:7      | 13682 ||| Stepping ~*~*~tactically~*~*~ (outnumbered).
 13689 | D:7      | 13689 ||| Stepping ~*~*~tactically~*~*~ (outnumbered).
 13691 | D:7      | 13691 ||| Stepping ~*~*~tactically~*~*~ (outnumbered).
 13699 | D:7      | 13699 ||| Stepping ~*~*~tactically~*~*~ (outnumbered).
 13701 | D:7      | 13701 ||| Stepping ~*~*~tactically~*~*~ (outnumbered).
 13707 | D:7      | 13707 ||| Stepping ~*~*~tactically~*~*~ (outnumbered).
 13712 | D:7      | 13712 ||| Stepping ~*~*~tactically~*~*~ (outnumbered).
 13714 | D:7      | 13714 ||| Stepping ~*~*~tactically~*~*~ (outnumbered).
 13716 | D:7      | 13716 ||| Stepping ~*~*~tactically~*~*~ (outnumbered).
 13718 | D:7      | 13718 ||| Stepping ~*~*~tactically~*~*~ (outnumbered).
 13723 | D:7      | 13723 ||| Stepping ~*~*~tactically~*~*~ (outnumbered).
 13728 | D:7      | 13728 ||| Stepping ~*~*~tactically~*~*~ (outnumbered).
 13730 | D:7      | 13730 ||| Stepping ~*~*~tactically~*~*~ (outnumbered).
 13735 | D:7      | 13735 ||| Stepping ~*~*~tactically~*~*~ (outnumbered).
 13745 | D:7      | 13745 ||| Stepping ~*~*~tactically~*~*~ (outnumbered).
 13747 | D:7      | 13747 ||| Stepping ~*~*~tactically~*~*~ (outnumbered).
 13754 | D:7      | 13754 ||| Stepping ~*~*~tactically~*~*~ (outnumbered).
 13758 | D:7      | 13758 ||| Stepping ~*~*~tactically~*~*~ (outnumbered).
 13766 | D:7      | 13766 ||| Stepping ~*~*~tactically~*~*~ (outnumbered).
 13768 | D:7      | 13768 ||| Stepping ~*~*~tactically~*~*~ (outnumbered).
 13770 | D:7      | 13770 ||| Stepping ~*~*~tactically~*~*~ (outnumbered).
 13772 | D:7      | 13772 ||| Stepping ~*~*~tactically~*~*~ (outnumbered).
 13776 | D:7      | 13776 ||| Stepping ~*~*~tactically~*~*~ (outnumbered).
 13781 | D:7      | 13781 ||| Stepping ~*~*~tactically~*~*~ (outnumbered).
 13787 | D:7      | 13787 ||| Stepping ~*~*~tactically~*~*~ (outnumbered).
 13790 | D:7      | 13790 ||| Stepping ~*~*~tactically~*~*~ (outnumbered).
 13792 | D:7      | 13792 ||| Stepping ~*~*~tactically~*~*~ (outnumbered).
 13796 | D:7      | 13796 ||| Stepping ~*~*~tactically~*~*~ (outnumbered).
 13801 | D:7      | 13801 ||| Stepping ~*~*~tactically~*~*~ (outnumbered).
 13805 | D:7      | 13805 ||| Stepping ~*~*~tactically~*~*~ (outnumbered).
 13807 | D:7      | 13807 ||| Stepping ~*~*~tactically~*~*~ (outnumbered).
 13813 | D:7      | 13813 ||| Stepping ~*~*~tactically~*~*~ (outnumbered).
 13816 | D:7      | 13816 ||| Stepping ~*~*~tactically~*~*~ (outnumbered).
 13821 | D:7      | 13821 ||| Stepping ~*~*~tactically~*~*~ (outnumbered).
 13826 | D:7      | 13826 ||| Stepping ~*~*~tactically~*~*~ (outnumbered).
 13828 | D:7      | 13828 ||| Stepping ~*~*~tactically~*~*~ (outnumbered).
 13830 | D:7      | 13830 ||| Stepping ~*~*~tactically~*~*~ (outnumbered).
 13838 | D:7      | 13838 ||| Stepping ~*~*~tactically~*~*~ (outnumbered).
 13840 | D:7      | 13840 ||| Stepping ~*~*~tactically~*~*~ (outnumbered).
 13842 | D:7      | 13842 ||| Stepping ~*~*~tactically~*~*~ (outnumbered).
 13845 | D:7      | 13845 ||| Stepping ~*~*~tactically~*~*~ (outnumbered).
 13851 | D:7      | 13851 ||| Stepping ~*~*~tactically~*~*~ (outnumbered).
 13857 | D:7      | 13857 ||| Stepping ~*~*~tactically~*~*~ (outnumbered).
 13866 | D:7      | 13866 ||| Stepping ~*~*~tactically~*~*~ (outnumbered).
 13873 | D:7      | 13873 ||| Stepping ~*~*~tactically~*~*~ (outnumbered).
 13875 | D:7      | 13875 ||| Stepping ~*~*~tactically~*~*~ (outnumbered).
 13877 | D:7      | 13877 ||| Stepping ~*~*~tactically~*~*~ (outnumbered).
 13886 | D:7      | 13886 ||| Stepping ~*~*~tactically~*~*~ (outnumbered).
 13891 | D:7      | 13891 ||| Stepping ~*~*~tactically~*~*~ (outnumbered).
 13894 | D:7      | 13894 ||| Stepping ~*~*~tactically~*~*~ (outnumbered).
 13897 | D:7      | 13897 ||| Stepping ~*~*~tactically~*~*~ (outnumbered).
 13901 | D:7      | 13901 ||| Stepping ~*~*~tactically~*~*~ (outnumbered).
 13910 | D:7      | 13910 ||| Stepping ~*~*~tactically~*~*~ (outnumbered).
 13912 | D:7      | 13912 ||| Stepping ~*~*~tactically~*~*~ (outnumbered).
 13920 | D:7      | 13920 ||| Stepping ~*~*~tactically~*~*~ (outnumbered).
 13923 | D:7      | 13923 ||| Stepping ~*~*~tactically~*~*~ (outnumbered).
 13926 | D:7      | 13926 ||| Stepping ~*~*~tactically~*~*~ (outnumbered).
 13928 | D:7      | 13928 ||| Stepping ~*~*~tactically~*~*~ (outnumbered).
 13930 | D:7      | 13930 ||| Stepping ~*~*~tactically~*~*~ (outnumbered).
 13932 | D:7      | 13932 ||| Stepping ~*~*~tactically~*~*~ (outnumbered).
 13938 | D:7      | 13938 ||| Stepping ~*~*~tactically~*~*~ (outnumbered).
 13940 | D:7      | 13940 ||| Stepping ~*~*~tactically~*~*~ (outnumbered).
 13944 | D:7      | 13944 ||| Stepping ~*~*~tactically~*~*~ (outnumbered).
 13946 | D:7      | 13946 ||| Stepping ~*~*~tactically~*~*~ (outnumbered).
 13951 | D:7      | 13951 ||| Stepping ~*~*~tactically~*~*~ (outnumbered).
 13956 | D:7      | 13956 ||| Stepping ~*~*~tactically~*~*~ (outnumbered).
 13962 | D:7      | 13962 ||| Stepping ~*~*~tactically~*~*~ (outnumbered).
 13964 | D:7      | 13964 ||| Stepping ~*~*~tactically~*~*~ (outnumbered).
 13969 | D:7      | 13969 ||| Stepping ~*~*~tactically~*~*~ (outnumbered).
 13974 | D:7      | 13974 ||| Stepping ~*~*~tactically~*~*~ (outnumbered).
 13976 | D:7      | 13976 ||| Stepping ~*~*~tactically~*~*~ (outnumbered).
 13978 | D:7      | 13978 ||| Stepping ~*~*~tactically~*~*~ (outnumbered).
 13983 | D:7      | 13983 ||| Stepping ~*~*~tactically~*~*~ (outnumbered).
 13985 | D:7      | 13985 ||| Stepping ~*~*~tactically~*~*~ (outnumbered).
 13993 | D:7      | 13993 ||| Stepping ~*~*~tactically~*~*~ (outnumbered).
 13997 | D:7      | 13997 ||| Stepping ~*~*~tactically~*~*~ (outnumbered).
 13999 | D:7      | 13999 ||| Stepping ~*~*~tactically~*~*~ (outnumbered).
 14001 | D:7      | 14001 ||| Stepping ~*~*~tactically~*~*~ (outnumbered).
 14003 | D:7      | 14003 ||| Stepping ~*~*~tactically~*~*~ (outnumbered).
 14008 | D:7      | 14008 ||| Stepping ~*~*~tactically~*~*~ (outnumbered).
 14015 | D:7      | 14015 ||| Stepping ~*~*~tactically~*~*~ (outnumbered).
 14017 | D:7      | 14017 ||| Stepping ~*~*~tactically~*~*~ (outnumbered).
 14019 | D:7      | 14019 ||| Stepping ~*~*~tactically~*~*~ (outnumbered).
 14024 | D:7      | 14024 ||| Stepping ~*~*~tactically~*~*~ (outnumbered).
 14026 | D:7      | 14026 ||| Stepping ~*~*~tactically~*~*~ (outnumbered).
 14029 | D:7      | 14029 ||| Stepping ~*~*~tactically~*~*~ (outnumbered).
 14032 | D:7      | 14032 ||| Stepping ~*~*~tactically~*~*~ (outnumbered).
 14034 | D:7      | 14034 ||| Stepping ~*~*~tactically~*~*~ (outnumbered).
 14038 | D:7      | 14038 ||| Stepping ~*~*~tactically~*~*~ (outnumbered).
 14041 | D:7      | 14041 ||| Stepping ~*~*~tactically~*~*~ (outnumbered).
 14047 | D:7      | 14047 ||| Stepping ~*~*~tactically~*~*~ (outnumbered).
 14049 | D:7      | 14049 ||| Stepping ~*~*~tactically~*~*~ (outnumbered).
 14054 | D:7      | 14054 ||| Stepping ~*~*~tactically~*~*~ (outnumbered).
 14056 | D:7      | 14056 ||| Stepping ~*~*~tactically~*~*~ (outnumbered).
 14058 | D:7      | 14058 ||| Stepping ~*~*~tactically~*~*~ (outnumbered).
 14062 | D:7      | 14062 ||| Stepping ~*~*~tactically~*~*~ (outnumbered).
 14065 | D:7      | 14065 ||| Stepping ~*~*~tactically~*~*~ (outnumbered).
 14071 | D:7      | 14071 ||| Stepping ~*~*~tactically~*~*~ (outnumbered).
 14079 | D:7      | 14079 ||| Stepping ~*~*~tactically~*~*~ (outnumbered).
 14086 | D:7      | 14086 ||| Stepping ~*~*~tactically~*~*~ (outnumbered).
 14089 | D:7      | 14089 ||| Stepping ~*~*~tactically~*~*~ (outnumbered).
 14093 | D:7      | 14093 ||| Stepping ~*~*~tactically~*~*~ (outnumbered).
 14100 | D:7      | 14100 ||| Stepping ~*~*~tactically~*~*~ (outnumbered).
 14102 | D:7      | 14102 ||| Stepping ~*~*~tactically~*~*~ (outnumbered).
 14106 | D:7      | 14106 ||| Stepping ~*~*~tactically~*~*~ (outnumbered).
 14108 | D:7      | 14108 ||| Stepping ~*~*~tactically~*~*~ (outnumbered).
 14115 | D:7      | 14115 ||| Stepping ~*~*~tactically~*~*~ (outnumbered).
 14120 | D:7      | 14120 ||| Stepping ~*~*~tactically~*~*~ (outnumbered).
 14124 | D:7      | 14124 ||| Stepping ~*~*~tactically~*~*~ (outnumbered).
 14126 | D:7      | 14126 ||| Stepping ~*~*~tactically~*~*~ (outnumbered).
 14128 | D:7      | 14128 ||| Stepping ~*~*~tactically~*~*~ (outnumbered).
 14134 | D:7      | 14134 ||| Stepping ~*~*~tactically~*~*~ (outnumbered).
 14142 | D:7      | 14142 ||| Stepping ~*~*~tactically~*~*~ (outnumbered).
 14144 | D:7      | 14144 ||| Stepping ~*~*~tactically~*~*~ (outnumbered).
 14151 | D:7      | 14151 ||| Stepping ~*~*~tactically~*~*~ (outnumbered).
 14154 | D:7      | 14154 ||| Stepping ~*~*~tactically~*~*~ (outnumbered).
 14168 | D:7      | 14168 ||| Stepping ~*~*~tactically~*~*~ (outnumbered).
 14172 | D:7      | 14172 ||| Stepping ~*~*~tactically~*~*~ (outnumbered).
 14175 | D:7      | 14175 ||| Stepping ~*~*~tactically~*~*~ (outnumbered).
 14181 | D:7      | 14181 ||| Stepping ~*~*~tactically~*~*~ (outnumbered).
 14188 | D:7      | 14188 ||| Stepping ~*~*~tactically~*~*~ (outnumbered).
 14190 | D:7      | 14190 ||| Stepping ~*~*~tactically~*~*~ (outnumbered).
 14195 | D:7      | 14195 ||| Stepping ~*~*~tactically~*~*~ (outnumbered).
 14200 | D:7      | 14200 ||| Stepping ~*~*~tactically~*~*~ (outnumbered).
 14204 | D:7      | 14204 ||| Stepping ~*~*~tactically~*~*~ (outnumbered).
 14206 | D:7      | 14206 ||| Stepping ~*~*~tactically~*~*~ (outnumbered).
 14209 | D:7      | 14209 ||| Stepping ~*~*~tactically~*~*~ (outnumbered).
 14213 | D:7      | 14213 ||| Stepping ~*~*~tactically~*~*~ (outnumbered).
 14215 | D:7      | 14215 ||| Stepping ~*~*~tactically~*~*~ (outnumbered).
 14217 | D:7      | 14217 ||| Stepping ~*~*~tactically~*~*~ (outnumbered).
 14219 | D:7      | 14219 ||| Stepping ~*~*~tactically~*~*~ (outnumbered).
 14223 | D:7      | 14223 ||| Stepping ~*~*~tactically~*~*~ (outnumbered).
 14225 | D:7      | 14225 ||| Stepping ~*~*~tactically~*~*~ (outnumbered).
 14228 | D:7      | 14228 ||| Stepping ~*~*~tactically~*~*~ (outnumbered).
 14231 | D:7      | 14231 ||| Stepping ~*~*~tactically~*~*~ (outnumbered).
 14235 | D:7      | 14235 ||| Stepping ~*~*~tactically~*~*~ (outnumbered).
 14239 | D:7      | 14239 ||| Stepping ~*~*~tactically~*~*~ (outnumbered).
 14241 | D:7      | 14241 ||| Stepping ~*~*~tactically~*~*~ (outnumbered).
 14243 | D:7      | 14243 ||| Stepping ~*~*~tactically~*~*~ (outnumbered).
 14246 | D:7      | 14246 ||| Stepping ~*~*~tactically~*~*~ (outnumbered).
 14249 | D:7      | 14249 ||| Stepping ~*~*~tactically~*~*~ (outnumbered).
 14255 | D:7      | 14255 ||| Stepping ~*~*~tactically~*~*~ (outnumbered).
 14259 | D:7      | 14259 ||| Stepping ~*~*~tactically~*~*~ (outnumbered).
 14261 | D:7      | 14261 ||| Stepping ~*~*~tactically~*~*~ (outnumbered).
 14263 | D:7      | 14263 ||| Stepping ~*~*~tactically~*~*~ (outnumbered).
 14265 | D:7      | 14265 ||| Stepping ~*~*~tactically~*~*~ (outnumbered).
 14267 | D:7      | 14267 ||| Stepping ~*~*~tactically~*~*~ (outnumbered).
 14269 | D:7      | 14269 ||| Stepping ~*~*~tactically~*~*~ (outnumbered).
 14271 | D:7      | 14271 ||| Stepping ~*~*~tactically~*~*~ (outnumbered).
 14275 | D:7      | 14275 ||| Stepping ~*~*~tactically~*~*~ (outnumbered).
 14277 | D:7      | 14277 ||| Stepping ~*~*~tactically~*~*~ (outnumbered).
 14286 | D:7      | 14286 ||| Stepping ~*~*~tactically~*~*~ (outnumbered).
 14292 | D:7      | 14292 ||| Stepping ~*~*~tactically~*~*~ (outnumbered).
 14295 | D:7      | 14295 ||| Stepping ~*~*~tactically~*~*~ (outnumbered).
 14301 | D:7      | 14301 ||| Stepping ~*~*~tactically~*~*~ (outnumbered).
 14307 | D:7      | 14307 ||| Stepping ~*~*~tactically~*~*~ (outnumbered).
 14309 | D:7      | 14309 ||| Stepping ~*~*~tactically~*~*~ (outnumbered).
 14316 | D:7      | 14316 ||| Stepping ~*~*~tactically~*~*~ (outnumbered).
 14318 | D:7      | 14318 ||| Stepping ~*~*~tactically~*~*~ (outnumbered).
 14320 | D:7      | 14320 ||| Stepping ~*~*~tactically~*~*~ (outnumbered).
 14322 | D:7      | 14322 ||| Stepping ~*~*~tactically~*~*~ (outnumbered).
 14329 | D:7      | 14329 ||| Stepping ~*~*~tactically~*~*~ (outnumbered).
 14331 | D:7      | 14331 ||| Stepping ~*~*~tactically~*~*~ (outnumbered).
 14338 | D:7      | 14338 ||| Stepping ~*~*~tactically~*~*~ (outnumbered).
 14342 | D:7      | 14342 ||| Stepping ~*~*~tactically~*~*~ (outnumbered).
 14345 | D:7      | 14345 ||| Stepping ~*~*~tactically~*~*~ (outnumbered).
 14347 | D:7      | 14347 ||| Stepping ~*~*~tactically~*~*~ (outnumbered).
 14349 | D:7      | 14349 ||| Stepping ~*~*~tactically~*~*~ (outnumbered).
 14351 | D:7      | 14351 ||| Stepping ~*~*~tactically~*~*~ (outnumbered).
 14353 | D:7      | 14353 ||| Stepping ~*~*~tactically~*~*~ (outnumbered).
 14355 | D:7      | 14355 ||| Stepping ~*~*~tactically~*~*~ (outnumbered).
 14362 | D:7      | 14362 ||| Stepping ~*~*~tactically~*~*~ (outnumbered).
 14366 | D:7      | 14366 ||| Stepping ~*~*~tactically~*~*~ (outnumbered).
 14368 | D:7      | 14368 ||| Stepping ~*~*~tactically~*~*~ (outnumbered).
 14373 | D:7      | 14373 ||| Stepping ~*~*~tactically~*~*~ (outnumbered).
 14375 | D:7      | 14375 ||| Stepping ~*~*~tactically~*~*~ (outnumbered).
 14377 | D:7      | 14377 ||| Stepping ~*~*~tactically~*~*~ (outnumbered).
 14379 | D:7      | 14379 ||| Stepping ~*~*~tactically~*~*~ (outnumbered).
 14382 | D:7      | 14382 ||| Stepping ~*~*~tactically~*~*~ (outnumbered).
 14384 | D:7      | 14384 ||| Stepping ~*~*~tactically~*~*~ (outnumbered).
 14386 | D:7      | 14386 ||| Stepping ~*~*~tactically~*~*~ (outnumbered).
 14388 | D:7      | 14388 ||| Stepping ~*~*~tactically~*~*~ (outnumbered).
 14393 | D:7      | 14393 ||| Stepping ~*~*~tactically~*~*~ (outnumbered).
 14395 | D:7      | 14395 ||| Stepping ~*~*~tactically~*~*~ (outnumbered).
 14397 | D:7      | 14397 ||| Stepping ~*~*~tactically~*~*~ (outnumbered).
 14399 | D:7      | 14399 ||| Stepping ~*~*~tactically~*~*~ (outnumbered).
 14408 | D:7      | 14408 ||| Stepping ~*~*~tactically~*~*~ (outnumbered).
 14410 | D:7      | 14410 ||| Stepping ~*~*~tactically~*~*~ (outnumbered).
 14418 | D:7      | 14418 ||| Stepping ~*~*~tactically~*~*~ (outnumbered).
 14421 | D:7      | 14421 ||| Stepping ~*~*~tactically~*~*~ (outnumbered).
 14426 | D:7      | 14426 ||| Stepping ~*~*~tactically~*~*~ (outnumbered).
 14428 | D:7      | 14428 ||| Stepping ~*~*~tactically~*~*~ (outnumbered).
 14431 | D:7      | 14431 ||| Stepping ~*~*~tactically~*~*~ (outnumbered).
 14435 | D:7      | 14435 ||| Stepping ~*~*~tactically~*~*~ (outnumbered).
 14441 | D:7      | 14441 ||| Stepping ~*~*~tactically~*~*~ (outnumbered).
 14443 | D:7      | 14443 ||| Stepping ~*~*~tactically~*~*~ (outnumbered).
 14451 | D:7      | 14451 ||| Stepping ~*~*~tactically~*~*~ (outnumbered).
 14455 | D:7      | 14455 ||| Stepping ~*~*~tactically~*~*~ (outnumbered).
 14457 | D:7      | 14457 ||| Stepping ~*~*~tactically~*~*~ (outnumbered).
 14459 | D:7      | 14459 ||| Stepping ~*~*~tactically~*~*~ (outnumbered).
 14467 | D:7      | 14467 ||| Stepping ~*~*~tactically~*~*~ (outnumbered).
 14476 | D:7      | 14476 ||| Stepping ~*~*~tactically~*~*~ (outnumbered).
 14480 | D:7      | 14480 ||| Stepping ~*~*~tactically~*~*~ (outnumbered).
 14484 | D:7      | 14484 ||| Stepping ~*~*~tactically~*~*~ (outnumbered).
 14486 | D:7      | 14486 ||| Stepping ~*~*~tactically~*~*~ (outnumbered).
 14490 | D:7      | 14490 ||| Stepping ~*~*~tactically~*~*~ (outnumbered).
 14497 | D:7      | 14497 ||| Stepping ~*~*~tactically~*~*~ (outnumbered).
 14499 | D:7      | 14499 ||| Stepping ~*~*~tactically~*~*~ (outnumbered).
 14501 | D:7      | 14501 ||| Stepping ~*~*~tactically~*~*~ (outnumbered).
 14503 | D:7      | 14503 ||| Stepping ~*~*~tactically~*~*~ (outnumbered).
 14506 | D:7      | 14506 ||| Stepping ~*~*~tactically~*~*~ (outnumbered).
 14509 | D:7      | 14509 ||| Stepping ~*~*~tactically~*~*~ (outnumbered).
 14511 | D:7      | 14511 ||| Stepping ~*~*~tactically~*~*~ (outnumbered).
 14513 | D:7      | 14513 ||| Stepping ~*~*~tactically~*~*~ (outnumbered).
 14520 | D:7      | 14520 ||| Stepping ~*~*~tactically~*~*~ (outnumbered).
 14523 | D:7      | 14523 ||| Stepping ~*~*~tactically~*~*~ (outnumbered).
 14525 | D:7      | 14525 ||| Stepping ~*~*~tactically~*~*~ (outnumbered).
 14527 | D:7      | 14527 ||| Stepping ~*~*~tactically~*~*~ (outnumbered).
 14535 | D:7      | 14535 ||| Stepping ~*~*~tactically~*~*~ (outnumbered).
 14537 | D:7      | 14537 ||| Stepping ~*~*~tactically~*~*~ (outnumbered).
 14539 | D:7      | 14539 ||| Stepping ~*~*~tactically~*~*~ (outnumbered).
 14547 | D:7      | 14547 ||| Stepping ~*~*~tactically~*~*~ (outnumbered).
 14551 | D:7      | 14551 ||| Stepping ~*~*~tactically~*~*~ (outnumbered).
 14554 | D:7      | 14554 ||| Stepping ~*~*~tactically~*~*~ (outnumbered).
 14559 | D:7      | 14559 ||| Stepping ~*~*~tactically~*~*~ (outnumbered).
 14562 | D:7      | 14562 ||| Stepping ~*~*~tactically~*~*~ (outnumbered).
 14565 | D:7      | 14565 ||| Stepping ~*~*~tactically~*~*~ (outnumbered).
 14567 | D:7      | 14567 ||| Stepping ~*~*~tactically~*~*~ (outnumbered).
 14569 | D:7      | 14569 ||| Stepping ~*~*~tactically~*~*~ (outnumbered).
 14576 | D:7      | 14576 ||| Stepping ~*~*~tactically~*~*~ (outnumbered).
 14578 | D:7      | 14578 ||| Stepping ~*~*~tactically~*~*~ (outnumbered).
 14584 | D:7      | 14584 ||| Stepping ~*~*~tactically~*~*~ (outnumbered).
 14588 | D:7      | 14588 ||| Stepping ~*~*~tactically~*~*~ (outnumbered).
 14592 | D:7      | 14592 ||| Stepping ~*~*~tactically~*~*~ (outnumbered).
 14598 | D:7      | 14598 ||| Stepping ~*~*~tactically~*~*~ (outnumbered).
 14601 | D:7      | 14601 ||| Stepping ~*~*~tactically~*~*~ (outnumbered).
 14607 | D:7      | 14607 ||| Stepping ~*~*~tactically~*~*~ (outnumbered).
 14609 | D:7      | 14609 ||| Stepping ~*~*~tactically~*~*~ (outnumbered).
 14611 | D:7      | 14611 ||| Stepping ~*~*~tactically~*~*~ (outnumbered).
 14620 | D:7      | 14620 ||| Stepping ~*~*~tactically~*~*~ (outnumbered).
 14622 | D:7      | 14622 ||| Stepping ~*~*~tactically~*~*~ (outnumbered).
 14624 | D:7      | 14624 ||| Stepping ~*~*~tactically~*~*~ (outnumbered).
 14631 | D:7      | 14631 ||| Stepping ~*~*~tactically~*~*~ (outnumbered).
 14634 | D:7      | 14634 ||| Stepping ~*~*~tactically~*~*~ (outnumbered).
 14636 | D:7      | 14636 ||| Stepping ~*~*~tactically~*~*~ (outnumbered).
 14640 | D:7      | 14640 ||| Stepping ~*~*~tactically~*~*~ (outnumbered).
 14646 | D:7      | 14646 ||| Stepping ~*~*~tactically~*~*~ (outnumbered).
 14648 | D:7      | 14648 ||| Stepping ~*~*~tactically~*~*~ (outnumbered).
 14650 | D:7      | 14650 ||| Stepping ~*~*~tactically~*~*~ (outnumbered).
 14654 | D:7      | 14654 ||| Stepping ~*~*~tactically~*~*~ (outnumbered).
 14656 | D:7      | 14656 ||| Stepping ~*~*~tactically~*~*~ (outnumbered).
 14659 | D:7      | 14659 ||| Stepping ~*~*~tactically~*~*~ (outnumbered).
 14661 | D:7      | 14661 ||| Stepping ~*~*~tactically~*~*~ (outnumbered).
 14666 | D:7      | 14666 ||| Stepping ~*~*~tactically~*~*~ (outnumbered).
 14669 | D:7      | 14669 ||| Stepping ~*~*~tactically~*~*~ (outnumbered).
 14676 | D:7      | 14676 ||| Stepping ~*~*~tactically~*~*~ (outnumbered).
 14683 | D:7      | 14683 ||| Stepping ~*~*~tactically~*~*~ (outnumbered).
 14685 | D:7      | 14685 ||| Stepping ~*~*~tactically~*~*~ (outnumbered).
 14687 | D:7      | 14687 ||| Stepping ~*~*~tactically~*~*~ (outnumbered).
 14691 | D:7      | 14691 ||| Stepping ~*~*~tactically~*~*~ (outnumbered).
 14699 | D:7      | 14699 ||| Stepping ~*~*~tactically~*~*~ (outnumbered).
 14703 | D:7      | 14703 ||| Stepping ~*~*~tactically~*~*~ (outnumbered).
 14705 | D:7      | 14705 ||| Stepping ~*~*~tactically~*~*~ (outnumbered).
 14710 | D:7      | 14710 ||| Stepping ~*~*~tactically~*~*~ (outnumbered).
 14718 | D:7      | 14718 ||| Stepping ~*~*~tactically~*~*~ (outnumbered).
 14720 | D:7      | 14720 ||| Stepping ~*~*~tactically~*~*~ (outnumbered).
 14726 | D:7      | 14726 ||| Stepping ~*~*~tactically~*~*~ (outnumbered).
 14729 | D:7      | 14729 ||| Stepping ~*~*~tactically~*~*~ (outnumbered).
 14731 | D:7      | 14731 ||| Stepping ~*~*~tactically~*~*~ (outnumbered).
 14733 | D:7      | 14733 ||| Stepping ~*~*~tactically~*~*~ (outnumbered).
 14735 | D:7      | 14735 ||| Stepping ~*~*~tactically~*~*~ (outnumbered).
 14741 | D:7      | 14741 ||| Stepping ~*~*~tactically~*~*~ (outnumbered).
 14748 | D:7      | 14748 ||| Stepping ~*~*~tactically~*~*~ (outnumbered).
 14751 | D:7      | 14751 ||| Stepping ~*~*~tactically~*~*~ (outnumbered).
 14758 | D:7      | 14758 ||| Stepping ~*~*~tactically~*~*~ (outnumbered).
 14761 | D:7      | 14761 ||| Stepping ~*~*~tactically~*~*~ (outnumbered).
 14767 | D:7      | 14767 ||| Stepping ~*~*~tactically~*~*~ (outnumbered).
 14772 | D:7      | 14772 ||| Stepping ~*~*~tactically~*~*~ (outnumbered).
 14774 | D:7      | 14774 ||| Stepping ~*~*~tactically~*~*~ (outnumbered).
 14776 | D:7      | 14776 ||| Stepping ~*~*~tactically~*~*~ (outnumbered).
 14778 | D:7      | 14778 ||| Stepping ~*~*~tactically~*~*~ (outnumbered).
 14780 | D:7      | 14780 ||| Stepping ~*~*~tactically~*~*~ (outnumbered).
 14783 | D:7      | 14783 ||| Stepping ~*~*~tactically~*~*~ (outnumbered).
 14785 | D:7      | 14785 ||| Stepping ~*~*~tactically~*~*~ (outnumbered).
 14788 | D:7      | 14788 ||| Stepping ~*~*~tactically~*~*~ (outnumbered).
 14790 | D:7      | 14790 ||| Stepping ~*~*~tactically~*~*~ (outnumbered).
 14792 | D:7      | 14792 ||| Stepping ~*~*~tactically~*~*~ (outnumbered).
 14795 | D:7      | 14795 ||| Stepping ~*~*~tactically~*~*~ (outnumbered).
 14797 | D:7      | 14797 ||| Stepping ~*~*~tactically~*~*~ (outnumbered).
 14799 | D:7      | 14799 ||| Stepping ~*~*~tactically~*~*~ (outnumbered).
 14803 | D:7      | 14803 ||| Stepping ~*~*~tactically~*~*~ (outnumbered).
 14806 | D:7      | 14806 ||| Stepping ~*~*~tactically~*~*~ (outnumbered).
 14808 | D:7      | 14808 ||| Stepping ~*~*~tactically~*~*~ (outnumbered).
 14810 | D:7      | 14810 ||| Stepping ~*~*~tactically~*~*~ (outnumbered).
 14813 | D:7      | 14813 ||| Stepping ~*~*~tactically~*~*~ (outnumbered).
 14815 | D:7      | 14815 ||| Stepping ~*~*~tactically~*~*~ (outnumbered).
 14819 | D:7      | 14819 ||| Stepping ~*~*~tactically~*~*~ (outnumbered).
 14821 | D:7      | 14821 ||| Stepping ~*~*~tactically~*~*~ (outnumbered).
 14823 | D:7      | 14823 ||| Stepping ~*~*~tactically~*~*~ (outnumbered).
 14828 | D:7      | 14828 ||| Stepping ~*~*~tactically~*~*~ (outnumbered).
 14833 | D:7      | 14833 ||| Stepping ~*~*~tactically~*~*~ (outnumbered).
 14841 | D:7      | 14841 ||| Stepping ~*~*~tactically~*~*~ (outnumbered).
 14843 | D:7      | 14843 ||| Stepping ~*~*~tactically~*~*~ (outnumbered).
 14845 | D:7      | 14845 ||| Stepping ~*~*~tactically~*~*~ (outnumbered).
 14850 | D:7      | 14850 ||| Stepping ~*~*~tactically~*~*~ (outnumbered).
 14852 | D:7      | 14852 ||| Stepping ~*~*~tactically~*~*~ (outnumbered).
 14856 | D:7      | 14856 ||| Stepping ~*~*~tactically~*~*~ (outnumbered).
 14862 | D:7      | 14862 ||| Stepping ~*~*~tactically~*~*~ (outnumbered).
 14865 | D:7      | 14865 ||| Stepping ~*~*~tactically~*~*~ (outnumbered).
 14876 | D:7      | 14876 ||| Stepping ~*~*~tactically~*~*~ (outnumbered).
 14879 | D:7      | 14879 ||| Stepping ~*~*~tactically~*~*~ (outnumbered).
 14884 | D:7      | 14884 ||| Stepping ~*~*~tactically~*~*~ (outnumbered).
 14886 | D:7      | 14886 ||| Stepping ~*~*~tactically~*~*~ (outnumbered).
 14888 | D:7      | 14888 ||| Stepping ~*~*~tactically~*~*~ (outnumbered).
 14890 | D:7      | 14890 ||| Stepping ~*~*~tactically~*~*~ (outnumbered).
 14892 | D:7      | 14892 ||| Stepping ~*~*~tactically~*~*~ (outnumbered).
 14894 | D:7      | 14894 ||| Stepping ~*~*~tactically~*~*~ (outnumbered).
 14897 | D:7      | 14897 ||| Stepping ~*~*~tactically~*~*~ (outnumbered).
 14901 | D:7      | 14901 ||| Stepping ~*~*~tactically~*~*~ (outnumbered).
 14908 | D:7      | 14908 ||| Stepping ~*~*~tactically~*~*~ (outnumbered).
 14910 | D:7      | 14910 ||| Stepping ~*~*~tactically~*~*~ (outnumbered).
 14915 | D:7      | 14915 ||| Stepping ~*~*~tactically~*~*~ (outnumbered).
 14917 | D:7      | 14917 ||| Stepping ~*~*~tactically~*~*~ (outnumbered).
 14925 | D:7      | 14925 ||| Stepping ~*~*~tactically~*~*~ (outnumbered).
 14930 | D:7      | 14930 ||| Stepping ~*~*~tactically~*~*~ (outnumbered).
 14933 | D:7      | 14933 ||| Stepping ~*~*~tactically~*~*~ (outnumbered).
 14935 | D:7      | 14935 ||| Stepping ~*~*~tactically~*~*~ (outnumbered).
 14938 | D:7      | 14938 ||| Stepping ~*~*~tactically~*~*~ (outnumbered).
 14940 | D:7      | 14940 ||| Stepping ~*~*~tactically~*~*~ (outnumbered).
 14942 | D:7      | 14942 ||| Stepping ~*~*~tactically~*~*~ (outnumbered).
 14944 | D:7      | 14944 ||| Stepping ~*~*~tactically~*~*~ (outnumbered).
 14947 | D:7      | 14947 ||| Stepping ~*~*~tactically~*~*~ (outnumbered).
 14951 | D:7      | 14951 ||| Stepping ~*~*~tactically~*~*~ (outnumbered).
 14956 | D:7      | 14956 ||| Stepping ~*~*~tactically~*~*~ (outnumbered).
 14958 | D:7      | 14958 ||| Stepping ~*~*~tactically~*~*~ (outnumbered).
 14961 | D:7      | 14961 ||| Stepping ~*~*~tactically~*~*~ (outnumbered).
 14963 | D:7      | 14963 ||| Stepping ~*~*~tactically~*~*~ (outnumbered).
 14969 | D:7      | 14969 ||| Stepping ~*~*~tactically~*~*~ (outnumbered).
 14971 | D:7      | 14971 ||| Stepping ~*~*~tactically~*~*~ (outnumbered).
 14977 | D:7      | 14977 ||| Stepping ~*~*~tactically~*~*~ (outnumbered).
 14979 | D:7      | 14979 ||| Stepping ~*~*~tactically~*~*~ (outnumbered).
 14987 | D:7      | 14987 ||| Stepping ~*~*~tactically~*~*~ (outnumbered).
 14994 | D:7      | 14994 ||| Stepping ~*~*~tactically~*~*~ (outnumbered).
 14996 | D:7      | 14996 ||| Stepping ~*~*~tactically~*~*~ (outnumbered).
 14998 | D:7      | 14998 ||| Stepping ~*~*~tactically~*~*~ (outnumbered).
 15004 | D:7      | 15004 ||| Stepping ~*~*~tactically~*~*~ (outnumbered).
 15006 | D:7      | 15006 ||| Stepping ~*~*~tactically~*~*~ (outnumbered).
 15008 | D:7      | 15008 ||| Stepping ~*~*~tactically~*~*~ (outnumbered).
 15013 | D:7      | 15013 ||| Stepping ~*~*~tactically~*~*~ (outnumbered).
 15016 | D:7      | 15016 ||| Stepping ~*~*~tactically~*~*~ (outnumbered).
 15018 | D:7      | 15018 ||| Stepping ~*~*~tactically~*~*~ (outnumbered).
 15020 | D:7      | 15020 ||| Stepping ~*~*~tactically~*~*~ (outnumbered).
 15022 | D:7      | 15022 ||| Stepping ~*~*~tactically~*~*~ (outnumbered).
 15026 | D:7      | 15026 ||| Stepping ~*~*~tactically~*~*~ (outnumbered).
 15028 | D:7      | 15028 ||| Stepping ~*~*~tactically~*~*~ (outnumbered).
 15035 | D:7      | 15035 ||| Stepping ~*~*~tactically~*~*~ (outnumbered).
 15037 | D:7      | 15037 ||| Stepping ~*~*~tactically~*~*~ (outnumbered).
 15039 | D:7      | 15039 ||| Stepping ~*~*~tactically~*~*~ (outnumbered).
 15052 | D:7      | 15052 ||| Stepping ~*~*~tactically~*~*~ (outnumbered).
 15054 | D:7      | 15054 ||| Stepping ~*~*~tactically~*~*~ (outnumbered).
 15056 | D:7      | 15056 ||| Stepping ~*~*~tactically~*~*~ (outnumbered).
 15058 | D:7      | 15058 ||| Stepping ~*~*~tactically~*~*~ (outnumbered).
 15062 | D:7      | 15062 ||| Stepping ~*~*~tactically~*~*~ (outnumbered).
 15071 | D:7      | 15071 ||| Stepping ~*~*~tactically~*~*~ (outnumbered).
 15079 | D:7      | 15079 ||| Stepping ~*~*~tactically~*~*~ (outnumbered).
 15081 | D:7      | 15081 ||| Stepping ~*~*~tactically~*~*~ (outnumbered).
 15086 | D:7      | 15086 ||| Stepping ~*~*~tactically~*~*~ (outnumbered).
 15088 | D:7      | 15088 ||| Stepping ~*~*~tactically~*~*~ (outnumbered).
 15090 | D:7      | 15090 ||| Stepping ~*~*~tactically~*~*~ (outnumbered).
 15092 | D:7      | 15092 ||| Stepping ~*~*~tactically~*~*~ (outnumbered).
 15094 | D:7      | 15094 ||| Stepping ~*~*~tactically~*~*~ (outnumbered).
 15096 | D:7      | 15096 ||| Stepping ~*~*~tactically~*~*~ (outnumbered).
 15101 | D:7      | 15101 ||| Stepping ~*~*~tactically~*~*~ (outnumbered).
 15103 | D:7      | 15103 ||| Stepping ~*~*~tactically~*~*~ (outnumbered).
 15113 | D:7      | 15113 ||| Stepping ~*~*~tactically~*~*~ (outnumbered).
 15120 | D:7      | 15120 ||| Stepping ~*~*~tactically~*~*~ (outnumbered).
 15122 | D:7      | 15122 ||| Stepping ~*~*~tactically~*~*~ (outnumbered).
 15124 | D:7      | 15124 ||| Stepping ~*~*~tactically~*~*~ (outnumbered).
 15129 | D:7      | 15129 ||| Stepping ~*~*~tactically~*~*~ (outnumbered).
 15134 | D:7      | 15134 ||| Stepping ~*~*~tactically~*~*~ (outnumbered).
 15137 | D:7      | 15137 ||| Stepping ~*~*~tactically~*~*~ (outnumbered).
 15139 | D:7      | 15139 ||| Stepping ~*~*~tactically~*~*~ (outnumbered).
 15142 | D:7      | 15142 ||| Stepping ~*~*~tactically~*~*~ (outnumbered).
 15145 | D:7      | 15145 ||| Stepping ~*~*~tactically~*~*~ (outnumbered).
 15147 | D:7      | 15147 ||| Stepping ~*~*~tactically~*~*~ (outnumbered).
 15151 | D:7      | 15151 ||| Stepping ~*~*~tactically~*~*~ (outnumbered).
 15155 | D:7      | 15155 ||| Stepping ~*~*~tactically~*~*~ (outnumbered).
 15159 | D:7      | 15159 ||| Stepping ~*~*~tactically~*~*~ (outnumbered).
 15162 | D:7      | 15162 ||| Stepping ~*~*~tactically~*~*~ (outnumbered).
 15164 | D:7      | 15164 ||| Stepping ~*~*~tactically~*~*~ (outnumbered).
 15167 | D:7      | 15167 ||| Stepping ~*~*~tactically~*~*~ (outnumbered).
 15172 | D:7      | 15172 ||| Stepping ~*~*~tactically~*~*~ (outnumbered).
 15179 | D:7      | 15179 ||| Stepping ~*~*~tactically~*~*~ (outnumbered).
 15181 | D:7      | 15181 ||| Stepping ~*~*~tactically~*~*~ (outnumbered).
 15183 | D:7      | 15183 ||| Stepping ~*~*~tactically~*~*~ (outnumbered).
 15186 | D:7      | 15186 ||| Stepping ~*~*~tactically~*~*~ (outnumbered).
 15189 | D:7      | 15189 ||| Stepping ~*~*~tactically~*~*~ (outnumbered).
 15194 | D:7      | 15194 ||| Stepping ~*~*~tactically~*~*~ (outnumbered).
 15201 | D:7      | 15201 ||| Stepping ~*~*~tactically~*~*~ (outnumbered).
 15203 | D:7      | 15203 ||| Stepping ~*~*~tactically~*~*~ (outnumbered).
 15205 | D:7      | 15205 ||| Stepping ~*~*~tactically~*~*~ (outnumbered).
 15207 | D:7      | 15207 ||| Stepping ~*~*~tactically~*~*~ (outnumbered).
 15212 | D:7      | 15212 ||| Stepping ~*~*~tactically~*~*~ (outnumbered).
 15215 | D:7      | 15215 ||| Stepping ~*~*~tactically~*~*~ (outnumbered).
 15222 | D:7      | 15222 ||| Stepping ~*~*~tactically~*~*~ (outnumbered).
 15224 | D:7      | 15224 ||| Stepping ~*~*~tactically~*~*~ (outnumbered).
 15226 | D:7      | 15226 ||| Stepping ~*~*~tactically~*~*~ (outnumbered).
 15232 | D:7      | 15232 ||| Stepping ~*~*~tactically~*~*~ (outnumbered).
 15234 | D:7      | 15234 ||| Stepping ~*~*~tactically~*~*~ (outnumbered).
 15236 | D:7      | 15236 ||| Stepping ~*~*~tactically~*~*~ (outnumbered).
 15241 | D:7      | 15241 ||| Stepping ~*~*~tactically~*~*~ (outnumbered).
 15244 | D:7      | 15244 ||| Stepping ~*~*~tactically~*~*~ (outnumbered).
 15247 | D:7      | 15247 ||| Stepping ~*~*~tactically~*~*~ (outnumbered).
 15250 | D:7      | 15250 ||| Stepping ~*~*~tactically~*~*~ (outnumbered).
 15253 | D:7      | 15253 ||| Stepping ~*~*~tactically~*~*~ (outnumbered).
 15255 | D:7      | 15255 ||| Stepping ~*~*~tactically~*~*~ (outnumbered).
 15258 | D:7      | 15258 ||| Stepping ~*~*~tactically~*~*~ (outnumbered).
 15260 | D:7      | 15260 ||| Stepping ~*~*~tactically~*~*~ (outnumbered).
 15264 | D:7      | 15264 ||| Stepping ~*~*~tactically~*~*~ (outnumbered).
 15266 | D:7      | 15266 ||| Stepping ~*~*~tactically~*~*~ (outnumbered).
 15268 | D:7      | 15268 ||| Stepping ~*~*~tactically~*~*~ (outnumbered).
 15270 | D:7      | 15270 ||| Stepping ~*~*~tactically~*~*~ (outnumbered).
 15273 | D:7      | 15273 ||| Stepping ~*~*~tactically~*~*~ (outnumbered).
 15281 | D:7      | 15281 ||| Stepping ~*~*~tactically~*~*~ (outnumbered).
 15285 | D:7      | 15285 ||| Stepping ~*~*~tactically~*~*~ (outnumbered).
 15287 | D:7      | 15287 ||| Stepping ~*~*~tactically~*~*~ (outnumbered).
 15289 | D:7      | 15289 ||| Stepping ~*~*~tactically~*~*~ (outnumbered).
 15291 | D:7      | 15291 ||| Stepping ~*~*~tactically~*~*~ (outnumbered).
 15293 | D:7      | 15293 ||| Stepping ~*~*~tactically~*~*~ (outnumbered).
 15298 | D:7      | 15298 ||| Stepping ~*~*~tactically~*~*~ (outnumbered).
 15305 | D:7      | 15305 ||| Stepping ~*~*~tactically~*~*~ (outnumbered).
 15307 | D:7      | 15307 ||| Stepping ~*~*~tactically~*~*~ (outnumbered).
 15309 | D:7      | 15309 ||| Stepping ~*~*~tactically~*~*~ (outnumbered).
 15311 | D:7      | 15311 ||| Stepping ~*~*~tactically~*~*~ (outnumbered).
 15313 | D:7      | 15313 ||| Stepping ~*~*~tactically~*~*~ (outnumbered).
 15315 | D:7      | 15315 ||| Stepping ~*~*~tactically~*~*~ (outnumbered).
 15321 | D:7      | 15321 ||| Stepping ~*~*~tactically~*~*~ (outnumbered).
 15323 | D:7      | 15323 ||| Stepping ~*~*~tactically~*~*~ (outnumbered).
 15327 | D:7      | 15327 ||| Stepping ~*~*~tactically~*~*~ (outnumbered).
 15329 | D:7      | 15329 ||| Stepping ~*~*~tactically~*~*~ (outnumbered).
 15334 | D:7      | 15334 ||| Stepping ~*~*~tactically~*~*~ (outnumbered).
 15340 | D:7      | 15340 ||| Stepping ~*~*~tactically~*~*~ (outnumbered).
 15342 | D:7      | 15342 ||| Stepping ~*~*~tactically~*~*~ (outnumbered).
 15347 | D:7      | 15347 ||| Stepping ~*~*~tactically~*~*~ (outnumbered).
 15352 | D:7      | 15352 ||| Stepping ~*~*~tactically~*~*~ (outnumbered).
 15357 | D:7      | 15357 ||| Stepping ~*~*~tactically~*~*~ (outnumbered).
 15361 | D:7      | 15361 ||| Stepping ~*~*~tactically~*~*~ (outnumbered).
 15363 | D:7      | 15363 ||| Stepping ~*~*~tactically~*~*~ (outnumbered).
 15365 | D:7      | 15365 ||| Stepping ~*~*~tactically~*~*~ (outnumbered).
 15367 | D:7      | 15367 ||| Stepping ~*~*~tactically~*~*~ (outnumbered).
 15371 | D:7      | 15371 ||| Stepping ~*~*~tactically~*~*~ (outnumbered).
 15377 | D:7      | 15377 ||| Stepping ~*~*~tactically~*~*~ (outnumbered).
 15379 | D:7      | 15379 ||| Stepping ~*~*~tactically~*~*~ (outnumbered).
 15387 | D:7      | 15387 ||| Stepping ~*~*~tactically~*~*~ (outnumbered).
 15395 | D:7      | 15395 ||| Stepping ~*~*~tactically~*~*~ (outnumbered).
 15400 | D:7      | 15400 ||| Stepping ~*~*~tactically~*~*~ (outnumbered).
 15406 | D:7      | 15406 ||| Stepping ~*~*~tactically~*~*~ (outnumbered).
 15411 | D:7      | 15411 ||| Stepping ~*~*~tactically~*~*~ (outnumbered).
 15413 | D:7      | 15413 ||| Stepping ~*~*~tactically~*~*~ (outnumbered).
 15416 | D:7      | 15416 ||| Stepping ~*~*~tactically~*~*~ (outnumbered).
 15419 | D:7      | 15419 ||| Stepping ~*~*~tactically~*~*~ (outnumbered).
 15426 | D:7      | 15426 ||| Stepping ~*~*~tactically~*~*~ (outnumbered).
 15431 | D:7      | 15431 ||| Stepping ~*~*~tactically~*~*~ (outnumbered).
 15433 | D:7      | 15433 ||| Stepping ~*~*~tactically~*~*~ (outnumbered).
 15441 | D:7      | 15441 ||| Stepping ~*~*~tactically~*~*~ (outnumbered).
 15447 | D:7      | 15447 ||| Stepping ~*~*~tactically~*~*~ (outnumbered).
 15458 | D:7      | 15458 ||| Stepping ~*~*~tactically~*~*~ (outnumbered).
 15462 | D:7      | 15462 ||| Stepping ~*~*~tactically~*~*~ (outnumbered).
 15475 | D:7      | 15475 ||| Stepping ~*~*~tactically~*~*~ (outnumbered).
 15480 | D:7      | 15480 ||| Stepping ~*~*~tactically~*~*~ (outnumbered).
 15482 | D:7      | 15482 ||| Stepping ~*~*~tactically~*~*~ (outnumbered).
 15485 | D:7      | 15485 ||| Stepping ~*~*~tactically~*~*~ (outnumbered).
 15487 | D:7      | 15487 ||| Stepping ~*~*~tactically~*~*~ (outnumbered).
 15489 | D:7      | 15489 ||| Stepping ~*~*~tactically~*~*~ (outnumbered).
 15491 | D:7      | 15491 ||| Stepping ~*~*~tactically~*~*~ (outnumbered).
 15499 | D:7      | 15499 ||| Stepping ~*~*~tactically~*~*~ (outnumbered).
 15501 | D:7      | 15501 ||| Stepping ~*~*~tactically~*~*~ (outnumbered).
 15507 | D:7      | 15507 ||| Stepping ~*~*~tactically~*~*~ (outnumbered).
 15510 | D:7      | 15510 ||| Stepping ~*~*~tactically~*~*~ (outnumbered).
 15512 | D:7      | 15512 ||| Stepping ~*~*~tactically~*~*~ (outnumbered).
 15516 | D:7      | 15516 ||| Stepping ~*~*~tactically~*~*~ (outnumbered).
 15518 | D:7      | 15518 ||| Stepping ~*~*~tactically~*~*~ (outnumbered).
 15520 | D:7      | 15520 ||| Stepping ~*~*~tactically~*~*~ (outnumbered).
 15525 | D:7      | 15525 ||| Stepping ~*~*~tactically~*~*~ (outnumbered).
 15527 | D:7      | 15527 ||| Stepping ~*~*~tactically~*~*~ (outnumbered).
 15533 | D:7      | 15533 ||| Stepping ~*~*~tactically~*~*~ (outnumbered).
 15537 | D:7      | 15537 ||| Stepping ~*~*~tactically~*~*~ (outnumbered).
 15539 | D:7      | 15539 ||| Stepping ~*~*~tactically~*~*~ (outnumbered).
 15546 | D:7      | 15546 ||| Stepping ~*~*~tactically~*~*~ (outnumbered).
 15550 | D:7      | 15550 ||| Stepping ~*~*~tactically~*~*~ (outnumbered).
 15554 | D:7      | 15554 ||| Stepping ~*~*~tactically~*~*~ (outnumbered).
 15558 | D:7      | 15558 ||| Stepping ~*~*~tactically~*~*~ (outnumbered).
 15564 | D:7      | 15564 ||| Stepping ~*~*~tactically~*~*~ (outnumbered).
 15566 | D:7      | 15566 ||| Stepping ~*~*~tactically~*~*~ (outnumbered).
 15570 | D:7      | 15570 ||| Stepping ~*~*~tactically~*~*~ (outnumbered).
 15575 | D:7      | 15575 ||| Stepping ~*~*~tactically~*~*~ (outnumbered).
 15579 | D:7      | 15579 ||| Stepping ~*~*~tactically~*~*~ (outnumbered).
 15583 | D:7      | 15583 ||| Stepping ~*~*~tactically~*~*~ (outnumbered).
 15590 | D:7      | 15590 ||| Stepping ~*~*~tactically~*~*~ (outnumbered).
 15592 | D:7      | 15592 ||| Stepping ~*~*~tactically~*~*~ (outnumbered).
 15597 | D:7      | 15597 ||| Stepping ~*~*~tactically~*~*~ (outnumbered).
 15606 | D:7      | 15606 ||| Stepping ~*~*~tactically~*~*~ (outnumbered).
 15608 | D:7      | 15608 ||| Stepping ~*~*~tactically~*~*~ (outnumbered).
 15610 | D:7      | 15610 ||| Stepping ~*~*~tactically~*~*~ (outnumbered).
 15614 | D:7      | 15614 ||| Stepping ~*~*~tactically~*~*~ (outnumbered).
 15618 | D:7      | 15618 ||| Stepping ~*~*~tactically~*~*~ (outnumbered).
 15622 | D:7      | 15622 ||| Stepping ~*~*~tactically~*~*~ (outnumbered).
 15629 | D:7      | 15629 ||| Stepping ~*~*~tactically~*~*~ (outnumbered).
 15631 | D:7      | 15631 ||| Stepping ~*~*~tactically~*~*~ (outnumbered).
 15633 | D:7      | 15633 ||| Stepping ~*~*~tactically~*~*~ (outnumbered).
 15638 | D:7      | 15638 ||| Stepping ~*~*~tactically~*~*~ (outnumbered).
 15641 | D:7      | 15641 ||| Stepping ~*~*~tactically~*~*~ (outnumbered).
 15643 | D:7      | 15643 ||| Stepping ~*~*~tactically~*~*~ (outnumbered).
 15647 | D:7      | 15647 ||| Stepping ~*~*~tactically~*~*~ (outnumbered).
 15651 | D:7      | 15651 ||| Stepping ~*~*~tactically~*~*~ (outnumbered).
 15658 | D:7      | 15658 ||| Stepping ~*~*~tactically~*~*~ (outnumbered).
 15662 | D:7      | 15662 ||| Stepping ~*~*~tactically~*~*~ (outnumbered).
 15664 | D:7      | 15664 ||| Stepping ~*~*~tactically~*~*~ (outnumbered).
 15667 | D:7      | 15667 ||| Stepping ~*~*~tactically~*~*~ (outnumbered).
 15671 | D:7      | 15671 ||| Stepping ~*~*~tactically~*~*~ (outnumbered).
 15675 | D:7      | 15675 ||| Stepping ~*~*~tactically~*~*~ (outnumbered).
 15679 | D:7      | 15679 ||| Stepping ~*~*~tactically~*~*~ (outnumbered).
 15684 | D:7      | 15684 ||| Stepping ~*~*~tactically~*~*~ (outnumbered).
 15686 | D:7      | 15686 ||| Stepping ~*~*~tactically~*~*~ (outnumbered).
 15688 | D:7      | 15688 ||| Stepping ~*~*~tactically~*~*~ (outnumbered).
 15691 | D:7      | 15691 ||| Stepping ~*~*~tactically~*~*~ (outnumbered).
 15693 | D:7      | 15693 ||| Stepping ~*~*~tactically~*~*~ (outnumbered).
 15695 | D:7      | 15695 ||| Stepping ~*~*~tactically~*~*~ (outnumbered).
 15697 | D:7      | 15697 ||| Stepping ~*~*~tactically~*~*~ (outnumbered).
 15701 | D:7      | 15701 ||| Stepping ~*~*~tactically~*~*~ (outnumbered).
 15706 | D:7      | 15706 ||| Stepping ~*~*~tactically~*~*~ (outnumbered).
 15708 | D:7      | 15708 ||| Stepping ~*~*~tactically~*~*~ (outnumbered).
 15715 | D:7      | 15715 ||| Stepping ~*~*~tactically~*~*~ (outnumbered).
 15717 | D:7      | 15717 ||| Stepping ~*~*~tactically~*~*~ (outnumbered).
 15719 | D:7      | 15719 ||| Stepping ~*~*~tactically~*~*~ (outnumbered).
 15723 | D:7      | 15723 ||| Stepping ~*~*~tactically~*~*~ (outnumbered).
 15726 | D:7      | 15726 ||| Stepping ~*~*~tactically~*~*~ (outnumbered).
 15728 | D:7      | 15728 ||| Stepping ~*~*~tactically~*~*~ (outnumbered).
 15730 | D:7      | 15730 ||| Stepping ~*~*~tactically~*~*~ (outnumbered).
 15735 | D:7      | 15735 ||| Stepping ~*~*~tactically~*~*~ (outnumbered).
 15743 | D:7      | 15743 ||| Stepping ~*~*~tactically~*~*~ (outnumbered).
 15749 | D:7      | 15749 ||| Stepping ~*~*~tactically~*~*~ (outnumbered).
 15751 | D:7      | 15751 ||| Stepping ~*~*~tactically~*~*~ (outnumbered).
 15759 | D:7      | 15759 ||| Stepping ~*~*~tactically~*~*~ (outnumbered).
 15762 | D:7      | 15762 ||| Stepping ~*~*~tactically~*~*~ (outnumbered).
 15765 | D:7      | 15765 ||| Stepping ~*~*~tactically~*~*~ (outnumbered).
 15767 | D:7      | 15767 ||| Stepping ~*~*~tactically~*~*~ (outnumbered).
 15770 | D:7      | 15770 ||| Stepping ~*~*~tactically~*~*~ (outnumbered).
 15773 | D:7      | 15773 ||| Stepping ~*~*~tactically~*~*~ (outnumbered).
 15776 | D:7      | 15776 ||| Stepping ~*~*~tactically~*~*~ (outnumbered).
 15783 | D:7      | 15783 ||| Stepping ~*~*~tactically~*~*~ (outnumbered).
 15787 | D:7      | 15787 ||| Stepping ~*~*~tactically~*~*~ (outnumbered).
 15789 | D:7      | 15789 ||| Stepping ~*~*~tactically~*~*~ (outnumbered).
 15801 | D:7      | 15801 ||| Stepping ~*~*~tactically~*~*~ (outnumbered).
 15805 | D:7      | 15805 ||| Stepping ~*~*~tactically~*~*~ (outnumbered).
 15807 | D:7      | 15807 ||| Stepping ~*~*~tactically~*~*~ (outnumbered).
 15809 | D:7      | 15809 ||| Stepping ~*~*~tactically~*~*~ (outnumbered).
 15818 | D:7      | 15818 ||| Stepping ~*~*~tactically~*~*~ (outnumbered).
 15822 | D:7      | 15822 ||| Stepping ~*~*~tactically~*~*~ (outnumbered).
 15824 | D:7      | 15824 ||| Stepping ~*~*~tactically~*~*~ (outnumbered).
 15827 | D:7      | 15827 ||| Stepping ~*~*~tactically~*~*~ (outnumbered).
 15832 | D:7      | 15832 ||| Stepping ~*~*~tactically~*~*~ (outnumbered).
 15835 | D:7      | 15835 ||| Stepping ~*~*~tactically~*~*~ (outnumbered).
 15839 | D:7      | 15839 ||| Stepping ~*~*~tactically~*~*~ (outnumbered).
 15845 | D:7      | 15845 ||| Stepping ~*~*~tactically~*~*~ (outnumbered).
 15849 | D:7      | 15849 ||| Stepping ~*~*~tactically~*~*~ (outnumbered).
 15851 | D:7      | 15851 ||| Stepping ~*~*~tactically~*~*~ (outnumbered).
 15853 | D:7      | 15853 ||| Stepping ~*~*~tactically~*~*~ (outnumbered).
 15862 | D:7      | 15862 ||| Stepping ~*~*~tactically~*~*~ (outnumbered).
 15865 | D:7      | 15865 ||| Stepping ~*~*~tactically~*~*~ (outnumbered).
 15867 | D:7      | 15867 ||| Stepping ~*~*~tactically~*~*~ (outnumbered).
 15869 | D:7      | 15869 ||| Stepping ~*~*~tactically~*~*~ (outnumbered).
 15875 | D:7      | 15875 ||| Stepping ~*~*~tactically~*~*~ (outnumbered).
 15877 | D:7      | 15877 ||| Stepping ~*~*~tactically~*~*~ (outnumbered).
 15879 | D:7      | 15879 ||| Stepping ~*~*~tactically~*~*~ (outnumbered).
 15881 | D:7      | 15881 ||| Stepping ~*~*~tactically~*~*~ (outnumbered).
 15883 | D:7      | 15883 ||| Stepping ~*~*~tactically~*~*~ (outnumbered).
 15890 | D:7      | 15890 ||| Stepping ~*~*~tactically~*~*~ (outnumbered).
 15893 | D:7      | 15893 ||| Stepping ~*~*~tactically~*~*~ (outnumbered).
 15897 | D:7      | 15897 ||| Stepping ~*~*~tactically~*~*~ (outnumbered).
 15903 | D:7      | 15903 ||| Stepping ~*~*~tactically~*~*~ (outnumbered).
 15908 | D:7      | 15908 ||| Stepping ~*~*~tactically~*~*~ (outnumbered).
 15914 | D:7      | 15914 ||| Stepping ~*~*~tactically~*~*~ (outnumbered).
 15917 | D:7      | 15917 ||| Stepping ~*~*~tactically~*~*~ (outnumbered).
 15926 | D:7      | 15926 ||| Stepping ~*~*~tactically~*~*~ (outnumbered).
 15928 | D:7      | 15928 ||| Stepping ~*~*~tactically~*~*~ (outnumbered).
 15935 | D:7      | 15935 ||| Stepping ~*~*~tactically~*~*~ (outnumbered).
 15945 | D:7      | 15945 ||| Stepping ~*~*~tactically~*~*~ (outnumbered).
 15947 | D:7      | 15947 ||| Stepping ~*~*~tactically~*~*~ (outnumbered).
 15952 | D:7      | 15952 ||| Stepping ~*~*~tactically~*~*~ (outnumbered).
 15954 | D:7      | 15954 ||| Stepping ~*~*~tactically~*~*~ (outnumbered).
 15957 | D:7      | 15957 ||| Stepping ~*~*~tactically~*~*~ (outnumbered).
 15959 | D:7      | 15959 ||| Stepping ~*~*~tactically~*~*~ (outnumbered).
 15962 | D:7      | 15962 ||| Stepping ~*~*~tactically~*~*~ (outnumbered).
 15966 | D:7      | 15966 ||| Stepping ~*~*~tactically~*~*~ (outnumbered).
 15969 | D:7      | 15969 ||| Stepping ~*~*~tactically~*~*~ (outnumbered).
 15972 | D:7      | 15972 ||| Stepping ~*~*~tactically~*~*~ (outnumbered).
 15976 | D:7      | 15976 ||| Stepping ~*~*~tactically~*~*~ (outnumbered).
 15979 | D:7      | 15979 ||| Stepping ~*~*~tactically~*~*~ (outnumbered).
 15983 | D:7      | 15983 ||| Stepping ~*~*~tactically~*~*~ (outnumbered).
 15992 | D:7      | 15992 ||| Stepping ~*~*~tactically~*~*~ (outnumbered).
 15994 | D:7      | 15994 ||| Stepping ~*~*~tactically~*~*~ (outnumbered).
 15999 | D:7      | 15999 ||| Stepping ~*~*~tactically~*~*~ (outnumbered).
 16002 | D:7      | 16002 ||| Stepping ~*~*~tactically~*~*~ (outnumbered).
 16004 | D:7      | 16004 ||| Stepping ~*~*~tactically~*~*~ (outnumbered).
 16008 | D:7      | 16008 ||| Stepping ~*~*~tactically~*~*~ (outnumbered).
 16015 | D:7      | 16015 ||| Stepping ~*~*~tactically~*~*~ (outnumbered).
 16017 | D:7      | 16017 ||| Stepping ~*~*~tactically~*~*~ (outnumbered).
 16022 | D:7      | 16022 ||| Stepping ~*~*~tactically~*~*~ (outnumbered).
 16025 | D:7      | 16025 ||| Stepping ~*~*~tactically~*~*~ (outnumbered).
 16035 | D:7      | 16035 ||| Stepping ~*~*~tactically~*~*~ (outnumbered).
 16042 | D:7      | 16042 ||| Stepping ~*~*~tactically~*~*~ (outnumbered).
 16045 | D:7      | 16045 ||| Stepping ~*~*~tactically~*~*~ (outnumbered).
 16047 | D:7      | 16047 ||| Stepping ~*~*~tactically~*~*~ (outnumbered).
 16049 | D:7      | 16049 ||| Stepping ~*~*~tactically~*~*~ (outnumbered).
 16051 | D:7      | 16051 ||| Stepping ~*~*~tactically~*~*~ (outnumbered).
 16055 | D:7      | 16055 ||| Stepping ~*~*~tactically~*~*~ (outnumbered).
 16057 | D:7      | 16057 ||| Stepping ~*~*~tactically~*~*~ (outnumbered).
 16059 | D:7      | 16059 ||| Stepping ~*~*~tactically~*~*~ (outnumbered).
 16062 | D:7      | 16062 ||| Stepping ~*~*~tactically~*~*~ (outnumbered).
 16070 | D:7      | 16070 ||| Stepping ~*~*~tactically~*~*~ (outnumbered).
 16072 | D:7      | 16072 ||| Stepping ~*~*~tactically~*~*~ (outnumbered).
 16076 | D:7      | 16076 ||| Stepping ~*~*~tactically~*~*~ (outnumbered).
 16078 | D:7      | 16078 ||| Stepping ~*~*~tactically~*~*~ (outnumbered).
 16082 | D:7      | 16082 ||| Stepping ~*~*~tactically~*~*~ (outnumbered).
 16084 | D:7      | 16084 ||| Stepping ~*~*~tactically~*~*~ (outnumbered).
 16086 | D:7      | 16086 ||| Stepping ~*~*~tactically~*~*~ (outnumbered).
 16089 | D:7      | 16089 ||| Stepping ~*~*~tactically~*~*~ (outnumbered).
 16092 | D:7      | 16092 ||| Stepping ~*~*~tactically~*~*~ (outnumbered).
 16095 | D:7      | 16095 ||| Stepping ~*~*~tactically~*~*~ (outnumbered).
 16097 | D:7      | 16097 ||| Stepping ~*~*~tactically~*~*~ (outnumbered).
 16104 | D:7      | 16104 ||| Stepping ~*~*~tactically~*~*~ (outnumbered).
 16114 | D:7      | 16114 ||| Stepping ~*~*~tactically~*~*~ (outnumbered).
 16121 | D:7      | 16121 ||| Stepping ~*~*~tactically~*~*~ (outnumbered).
 16126 | D:7      | 16126 ||| Stepping ~*~*~tactically~*~*~ (outnumbered).
 16135 | D:7      | 16135 ||| Stepping ~*~*~tactically~*~*~ (outnumbered).
 16140 | D:7      | 16140 ||| Stepping ~*~*~tactically~*~*~ (outnumbered).
 16145 | D:7      | 16145 ||| Stepping ~*~*~tactically~*~*~ (outnumbered).
 16147 | D:7      | 16147 ||| Stepping ~*~*~tactically~*~*~ (outnumbered).
 16149 | D:7      | 16149 ||| Stepping ~*~*~tactically~*~*~ (outnumbered).
 16151 | D:7      | 16151 ||| Stepping ~*~*~tactically~*~*~ (outnumbered).
 16153 | D:7      | 16153 ||| Stepping ~*~*~tactically~*~*~ (outnumbered).
 16155 | D:7      | 16155 ||| Stepping ~*~*~tactically~*~*~ (outnumbered).
 16157 | D:7      | 16157 ||| Stepping ~*~*~tactically~*~*~ (outnumbered).
 16159 | D:7      | 16159 ||| Stepping ~*~*~tactically~*~*~ (outnumbered).
 16161 | D:7      | 16161 ||| Stepping ~*~*~tactically~*~*~ (outnumbered).
 16164 | D:7      | 16164 ||| Stepping ~*~*~tactically~*~*~ (outnumbered).
 16169 | D:7      | 16169 ||| Stepping ~*~*~tactically~*~*~ (outnumbered).
 16173 | D:7      | 16173 ||| Stepping ~*~*~tactically~*~*~ (outnumbered).
 16175 | D:7      | 16175 ||| Stepping ~*~*~tactically~*~*~ (outnumbered).
 16177 | D:7      | 16177 ||| Stepping ~*~*~tactically~*~*~ (outnumbered).
 16180 | D:7      | 16180 ||| Stepping ~*~*~tactically~*~*~ (outnumbered).
 16185 | D:7      | 16185 ||| Stepping ~*~*~tactically~*~*~ (outnumbered).
 16188 | D:7      | 16188 ||| Stepping ~*~*~tactically~*~*~ (outnumbered).
 16190 | D:7      | 16190 ||| Stepping ~*~*~tactically~*~*~ (outnumbered).
 16200 | D:7      | 16200 ||| Stepping ~*~*~tactically~*~*~ (outnumbered).
 16203 | D:7      | 16203 ||| Stepping ~*~*~tactically~*~*~ (outnumbered).
 16208 | D:7      | 16208 ||| Stepping ~*~*~tactically~*~*~ (outnumbered).
 16210 | D:7      | 16210 ||| Stepping ~*~*~tactically~*~*~ (outnumbered).
 16212 | D:7      | 16212 ||| Stepping ~*~*~tactically~*~*~ (outnumbered).
 16214 | D:7      | 16214 ||| Stepping ~*~*~tactically~*~*~ (outnumbered).
 16225 | D:7      | 16225 ||| Stepping ~*~*~tactically~*~*~ (outnumbered).
 16227 | D:7      | 16227 ||| Stepping ~*~*~tactically~*~*~ (outnumbered).
 16230 | D:7      | 16230 ||| Stepping ~*~*~tactically~*~*~ (outnumbered).
 16235 | D:7      | 16235 ||| Stepping ~*~*~tactically~*~*~ (outnumbered).
 16239 | D:7      | 16239 ||| Stepping ~*~*~tactically~*~*~ (outnumbered).
 16241 | D:7      | 16241 ||| Stepping ~*~*~tactically~*~*~ (outnumbered).
 16246 | D:7      | 16246 ||| Stepping ~*~*~tactically~*~*~ (outnumbered).
 16250 | D:7      | 16250 ||| Stepping ~*~*~tactically~*~*~ (outnumbered).
 16258 | D:7      | 16258 ||| Stepping ~*~*~tactically~*~*~ (outnumbered).
 16265 | D:7      | 16265 ||| Stepping ~*~*~tactically~*~*~ (outnumbered).
 16272 | D:7      | 16272 ||| Stepping ~*~*~tactically~*~*~ (outnumbered).
 16277 | D:7      | 16277 ||| Stepping ~*~*~tactically~*~*~ (outnumbered).
 16282 | D:7      | 16282 ||| Stepping ~*~*~tactically~*~*~ (outnumbered).
 16284 | D:7      | 16284 ||| Stepping ~*~*~tactically~*~*~ (outnumbered).
 16286 | D:7      | 16286 ||| Stepping ~*~*~tactically~*~*~ (outnumbered).
 16290 | D:7      | 16290 ||| Stepping ~*~*~tactically~*~*~ (outnumbered).
 16296 | D:7      | 16296 ||| Stepping ~*~*~tactically~*~*~ (outnumbered).
 16299 | D:7      | 16299 ||| Stepping ~*~*~tactically~*~*~ (outnumbered).
 16303 | D:7      | 16303 ||| Stepping ~*~*~tactically~*~*~ (outnumbered).
 16305 | D:7      | 16305 ||| Stepping ~*~*~tactically~*~*~ (outnumbered).
 16309 | D:7      | 16309 ||| Stepping ~*~*~tactically~*~*~ (outnumbered).
 16311 | D:7      | 16311 ||| Stepping ~*~*~tactically~*~*~ (outnumbered).
 16316 | D:7      | 16316 ||| Stepping ~*~*~tactically~*~*~ (outnumbered).
 16321 | D:7      | 16321 ||| Stepping ~*~*~tactically~*~*~ (outnumbered).
 16325 | D:7      | 16325 ||| Stepping ~*~*~tactically~*~*~ (outnumbered).
 16329 | D:7      | 16329 ||| Stepping ~*~*~tactically~*~*~ (outnumbered).
 16331 | D:7      | 16331 ||| Stepping ~*~*~tactically~*~*~ (outnumbered).
 16333 | D:7      | 16333 ||| Stepping ~*~*~tactically~*~*~ (outnumbered).
 16339 | D:7      | 16339 ||| Stepping ~*~*~tactically~*~*~ (outnumbered).
 16346 | D:7      | 16346 ||| Stepping ~*~*~tactically~*~*~ (outnumbered).
 16349 | D:7      | 16349 ||| Stepping ~*~*~tactically~*~*~ (outnumbered).
 16351 | D:7      | 16351 ||| Stepping ~*~*~tactically~*~*~ (outnumbered).
 16354 | D:7      | 16354 ||| Stepping ~*~*~tactically~*~*~ (outnumbered).
 16359 | D:7      | 16359 ||| Stepping ~*~*~tactically~*~*~ (outnumbered).
 16364 | D:7      | 16364 ||| Stepping ~*~*~tactically~*~*~ (outnumbered).
 16370 | D:7      | 16370 ||| Stepping ~*~*~tactically~*~*~ (outnumbered).
 16374 | D:7      | 16374 ||| Stepping ~*~*~tactically~*~*~ (outnumbered).
 16376 | D:7      | 16376 ||| Stepping ~*~*~tactically~*~*~ (outnumbered).
 16378 | D:7      | 16378 ||| Stepping ~*~*~tactically~*~*~ (outnumbered).
 16380 | D:7      | 16380 ||| Stepping ~*~*~tactically~*~*~ (outnumbered).
 16382 | D:7      | 16382 ||| Stepping ~*~*~tactically~*~*~ (outnumbered).
 16386 | D:7      | 16386 ||| Stepping ~*~*~tactically~*~*~ (outnumbered).
 16388 | D:7      | 16388 ||| Stepping ~*~*~tactically~*~*~ (outnumbered).
 16392 | D:7      | 16392 ||| Stepping ~*~*~tactically~*~*~ (outnumbered).
 16394 | D:7      | 16394 ||| Stepping ~*~*~tactically~*~*~ (outnumbered).
 16404 | D:7      | 16404 ||| Stepping ~*~*~tactically~*~*~ (outnumbered).
 16407 | D:7      | 16407 ||| Stepping ~*~*~tactically~*~*~ (outnumbered).
 16411 | D:7      | 16411 ||| Stepping ~*~*~tactically~*~*~ (outnumbered).
 16415 | D:7      | 16415 ||| Stepping ~*~*~tactically~*~*~ (outnumbered).
 16422 | D:7      | 16422 ||| Stepping ~*~*~tactically~*~*~ (outnumbered).
 16429 | D:7      | 16429 ||| Stepping ~*~*~tactically~*~*~ (outnumbered).
 16431 | D:7      | 16431 ||| Stepping ~*~*~tactically~*~*~ (outnumbered).
 16433 | D:7      | 16433 ||| Stepping ~*~*~tactically~*~*~ (outnumbered).
 16435 | D:7      | 16435 ||| Stepping ~*~*~tactically~*~*~ (outnumbered).
 16437 | D:7      | 16437 ||| Stepping ~*~*~tactically~*~*~ (outnumbered).
 16441 | D:7      | 16441 ||| Stepping ~*~*~tactically~*~*~ (outnumbered).
 16447 | D:7      | 16447 ||| Stepping ~*~*~tactically~*~*~ (outnumbered).
 16455 | D:7      | 16455 ||| Stepping ~*~*~tactically~*~*~ (outnumbered).
 16457 | D:7      | 16457 ||| Stepping ~*~*~tactically~*~*~ (outnumbered).
 16459 | D:7      | 16459 ||| Stepping ~*~*~tactically~*~*~ (outnumbered).
 16461 | D:7      | 16461 ||| Stepping ~*~*~tactically~*~*~ (outnumbered).
 16463 | D:7      | 16463 ||| Stepping ~*~*~tactically~*~*~ (outnumbered).
 16465 | D:7      | 16465 ||| Stepping ~*~*~tactically~*~*~ (outnumbered).
 16470 | D:7      | 16470 ||| Stepping ~*~*~tactically~*~*~ (outnumbered).
 16474 | D:7      | 16474 ||| Stepping ~*~*~tactically~*~*~ (outnumbered).
 16478 | D:7      | 16478 ||| Stepping ~*~*~tactically~*~*~ (outnumbered).
 16488 | D:7      | 16488 ||| Stepping ~*~*~tactically~*~*~ (outnumbered).
 16490 | D:7      | 16490 ||| Stepping ~*~*~tactically~*~*~ (outnumbered).
 16492 | D:7      | 16492 ||| Stepping ~*~*~tactically~*~*~ (outnumbered).
 16495 | D:7      | 16495 ||| Stepping ~*~*~tactically~*~*~ (outnumbered).
 16499 | D:7      | 16499 ||| Stepping ~*~*~tactically~*~*~ (outnumbered).
 16504 | D:7      | 16504 ||| Stepping ~*~*~tactically~*~*~ (outnumbered).
 16506 | D:7      | 16506 ||| Stepping ~*~*~tactically~*~*~ (outnumbered).
 16513 | D:7      | 16513 ||| Stepping ~*~*~tactically~*~*~ (outnumbered).
 16518 | D:7      | 16518 ||| Stepping ~*~*~tactically~*~*~ (outnumbered).
 16520 | D:7      | 16520 ||| Stepping ~*~*~tactically~*~*~ (outnumbered).
 16526 | D:7      | 16526 ||| Stepping ~*~*~tactically~*~*~ (outnumbered).
 16533 | D:7      | 16533 ||| Stepping ~*~*~tactically~*~*~ (outnumbered).
 16535 | D:7      | 16535 ||| Stepping ~*~*~tactically~*~*~ (outnumbered).
 16542 | D:7      | 16542 ||| Stepping ~*~*~tactically~*~*~ (outnumbered).
 16548 | D:7      | 16548 ||| Stepping ~*~*~tactically~*~*~ (outnumbered).
 16551 | D:7      | 16551 ||| Stepping ~*~*~tactically~*~*~ (outnumbered).
 16555 | D:7      | 16555 ||| Stepping ~*~*~tactically~*~*~ (outnumbered).
 16558 | D:7      | 16558 ||| Stepping ~*~*~tactically~*~*~ (outnumbered).
 16560 | D:7      | 16560 ||| Stepping ~*~*~tactically~*~*~ (outnumbered).
 16562 | D:7      | 16562 ||| Stepping ~*~*~tactically~*~*~ (outnumbered).
 16564 | D:7      | 16564 ||| Stepping ~*~*~tactically~*~*~ (outnumbered).
 16573 | D:7      | 16573 ||| Stepping ~*~*~tactically~*~*~ (outnumbered).
 16575 | D:7      | 16575 ||| Stepping ~*~*~tactically~*~*~ (outnumbered).
 16577 | D:7      | 16577 ||| Stepping ~*~*~tactically~*~*~ (outnumbered).
 16582 | D:7      | 16582 ||| Stepping ~*~*~tactically~*~*~ (outnumbered).
 16584 | D:7      | 16584 ||| Stepping ~*~*~tactically~*~*~ (outnumbered).
 16589 | D:7      | 16589 ||| Stepping ~*~*~tactically~*~*~ (outnumbered).
 16591 | D:7      | 16591 ||| Stepping ~*~*~tactically~*~*~ (outnumbered).
 16596 | D:7      | 16596 ||| Stepping ~*~*~tactically~*~*~ (outnumbered).
 16601 | D:7      | 16601 ||| Stepping ~*~*~tactically~*~*~ (outnumbered).
 16604 | D:7      | 16604 ||| Stepping ~*~*~tactically~*~*~ (outnumbered).
 16611 | D:7      | 16611 ||| Stepping ~*~*~tactically~*~*~ (outnumbered).
 16613 | D:7      | 16613 ||| Stepping ~*~*~tactically~*~*~ (outnumbered).
 16615 | D:7      | 16615 ||| Stepping ~*~*~tactically~*~*~ (outnumbered).
 16621 | D:7      | 16621 ||| Stepping ~*~*~tactically~*~*~ (outnumbered).
 16633 | D:7      | 16633 ||| Stepping ~*~*~tactically~*~*~ (outnumbered).
 16643 | D:7      | 16643 ||| Stepping ~*~*~tactically~*~*~ (outnumbered).
 16647 | D:7      | 16647 ||| Stepping ~*~*~tactically~*~*~ (outnumbered).
 16649 | D:7      | 16649 ||| Stepping ~*~*~tactically~*~*~ (outnumbered).
 16651 | D:7      | 16651 ||| Stepping ~*~*~tactically~*~*~ (outnumbered).
 16655 | D:7      | 16655 ||| Stepping ~*~*~tactically~*~*~ (outnumbered).
 16657 | D:7      | 16657 ||| Stepping ~*~*~tactically~*~*~ (outnumbered).
 16669 | D:7      | 16669 ||| Stepping ~*~*~tactically~*~*~ (outnumbered).
 16672 | D:7      | 16672 ||| Stepping ~*~*~tactically~*~*~ (outnumbered).
 16676 | D:7      | 16676 ||| Stepping ~*~*~tactically~*~*~ (outnumbered).
 16679 | D:7      | 16679 ||| Stepping ~*~*~tactically~*~*~ (outnumbered).
 16681 | D:7      | 16681 ||| Stepping ~*~*~tactically~*~*~ (outnumbered).
 16683 | D:7      | 16683 ||| Stepping ~*~*~tactically~*~*~ (outnumbered).
 16685 | D:7      | 16685 ||| Stepping ~*~*~tactically~*~*~ (outnumbered).
 16696 | D:7      | 16696 ||| Stepping ~*~*~tactically~*~*~ (outnumbered).
 16698 | D:7      | 16698 ||| Stepping ~*~*~tactically~*~*~ (outnumbered).
 16702 | D:7      | 16702 ||| Stepping ~*~*~tactically~*~*~ (outnumbered).
 16705 | D:7      | 16705 ||| Stepping ~*~*~tactically~*~*~ (outnumbered).
 16709 | D:7      | 16709 ||| Stepping ~*~*~tactically~*~*~ (outnumbered).
 16711 | D:7      | 16711 ||| Stepping ~*~*~tactically~*~*~ (outnumbered).
 16716 | D:7      | 16716 ||| Stepping ~*~*~tactically~*~*~ (outnumbered).
 16718 | D:7      | 16718 ||| Stepping ~*~*~tactically~*~*~ (outnumbered).
 16725 | D:7      | 16725 ||| Stepping ~*~*~tactically~*~*~ (outnumbered).
 16727 | D:7      | 16727 ||| Stepping ~*~*~tactically~*~*~ (outnumbered).
 16729 | D:7      | 16729 ||| Stepping ~*~*~tactically~*~*~ (outnumbered).
 16731 | D:7      | 16731 ||| Stepping ~*~*~tactically~*~*~ (outnumbered).
 16734 | D:7      | 16734 ||| Stepping ~*~*~tactically~*~*~ (outnumbered).
 16740 | D:7      | 16740 ||| Stepping ~*~*~tactically~*~*~ (outnumbered).
 16744 | D:7      | 16744 ||| Stepping ~*~*~tactically~*~*~ (outnumbered).
 16746 | D:7      | 16746 ||| Stepping ~*~*~tactically~*~*~ (outnumbered).
 16748 | D:7      | 16748 ||| Stepping ~*~*~tactically~*~*~ (outnumbered).
 16752 | D:7      | 16752 ||| Stepping ~*~*~tactically~*~*~ (outnumbered).
 16759 | D:7      | 16759 ||| Stepping ~*~*~tactically~*~*~ (outnumbered).
 16761 | D:7      | 16761 ||| Stepping ~*~*~tactically~*~*~ (outnumbered).
 16763 | D:7      | 16763 ||| Stepping ~*~*~tactically~*~*~ (outnumbered).
 16765 | D:7      | 16765 ||| Stepping ~*~*~tactically~*~*~ (outnumbered).
 16767 | D:7      | 16767 ||| Stepping ~*~*~tactically~*~*~ (outnumbered).
 16773 | D:7      | 16773 ||| Stepping ~*~*~tactically~*~*~ (outnumbered).
 16777 | D:7      | 16777 ||| Stepping ~*~*~tactically~*~*~ (outnumbered).
 16781 | D:7      | 16781 ||| Stepping ~*~*~tactically~*~*~ (outnumbered).
 16792 | D:7      | 16792 ||| Stepping ~*~*~tactically~*~*~ (outnumbered).
 16795 | D:7      | 16795 ||| Stepping ~*~*~tactically~*~*~ (outnumbered).
 16799 | D:7      | 16799 ||| Stepping ~*~*~tactically~*~*~ (outnumbered).
 16802 | D:7      | 16802 ||| Stepping ~*~*~tactically~*~*~ (outnumbered).
 16808 | D:7      | 16808 ||| Stepping ~*~*~tactically~*~*~ (outnumbered).
 16816 | D:7      | 16816 ||| Stepping ~*~*~tactically~*~*~ (outnumbered).
 16823 | D:7      | 16823 ||| Stepping ~*~*~tactically~*~*~ (outnumbered).
 16825 | D:7      | 16825 ||| Stepping ~*~*~tactically~*~*~ (outnumbered).
 16834 | D:7      | 16834 ||| Stepping ~*~*~tactically~*~*~ (outnumbered).
 16836 | D:7      | 16836 ||| Stepping ~*~*~tactically~*~*~ (outnumbered).
 16839 | D:7      | 16839 ||| Stepping ~*~*~tactically~*~*~ (outnumbered).
 16841 | D:7      | 16841 ||| Stepping ~*~*~tactically~*~*~ (outnumbered).
 16843 | D:7      | 16843 ||| Stepping ~*~*~tactically~*~*~ (outnumbered).
 16851 | D:7      | 16851 ||| Stepping ~*~*~tactically~*~*~ (outnumbered).
 16857 | D:7      | 16857 ||| Stepping ~*~*~tactically~*~*~ (outnumbered).
 16863 | D:7      | 16863 ||| Stepping ~*~*~tactically~*~*~ (outnumbered).
 16869 | D:7      | 16869 ||| Stepping ~*~*~tactically~*~*~ (outnumbered).
 16871 | D:7      | 16871 ||| Stepping ~*~*~tactically~*~*~ (outnumbered).
 16875 | D:7      | 16875 ||| Stepping ~*~*~tactically~*~*~ (outnumbered).
 16877 | D:7      | 16877 ||| Stepping ~*~*~tactically~*~*~ (outnumbered).
 16879 | D:7      | 16879 ||| Stepping ~*~*~tactically~*~*~ (outnumbered).
 16881 | D:7      | 16881 ||| Stepping ~*~*~tactically~*~*~ (outnumbered).
 16883 | D:7      | 16883 ||| Stepping ~*~*~tactically~*~*~ (outnumbered).
 16888 | D:7      | 16888 ||| Stepping ~*~*~tactically~*~*~ (outnumbered).
 16890 | D:7      | 16890 ||| Stepping ~*~*~tactically~*~*~ (outnumbered).
 16892 | D:7      | 16892 ||| Stepping ~*~*~tactically~*~*~ (outnumbered).
 16898 | D:7      | 16898 ||| Stepping ~*~*~tactically~*~*~ (outnumbered).
 16900 | D:7      | 16900 ||| Stepping ~*~*~tactically~*~*~ (outnumbered).
 16904 | D:7      | 16904 ||| Stepping ~*~*~tactically~*~*~ (outnumbered).
 16911 | D:7      | 16911 ||| Stepping ~*~*~tactically~*~*~ (outnumbered).
 16914 | D:7      | 16914 ||| Stepping ~*~*~tactically~*~*~ (outnumbered).
 16916 | D:7      | 16916 ||| Stepping ~*~*~tactically~*~*~ (outnumbered).
 16922 | D:7      | 16922 ||| Stepping ~*~*~tactically~*~*~ (outnumbered).
 16924 | D:7      | 16924 ||| Stepping ~*~*~tactically~*~*~ (outnumbered).
 16927 | D:7      | 16927 ||| Stepping ~*~*~tactically~*~*~ (outnumbered).
 16929 | D:7      | 16929 ||| Stepping ~*~*~tactically~*~*~ (outnumbered).
 16931 | D:7      | 16931 ||| Stepping ~*~*~tactically~*~*~ (outnumbered).
 16933 | D:7      | 16933 ||| Stepping ~*~*~tactically~*~*~ (outnumbered).
 16935 | D:7      | 16935 ||| Stepping ~*~*~tactically~*~*~ (outnumbered).
 16940 | D:7      | 16940 ||| Stepping ~*~*~tactically~*~*~ (outnumbered).
 16944 | D:7      | 16944 ||| Stepping ~*~*~tactically~*~*~ (outnumbered).
 16947 | D:7      | 16947 ||| Stepping ~*~*~tactically~*~*~ (outnumbered).
 16954 | D:7      | 16954 ||| Stepping ~*~*~tactically~*~*~ (outnumbered).
 16956 | D:7      | 16956 ||| Stepping ~*~*~tactically~*~*~ (outnumbered).
 16961 | D:7      | 16961 ||| Stepping ~*~*~tactically~*~*~ (outnumbered).
 16963 | D:7      | 16963 ||| Stepping ~*~*~tactically~*~*~ (outnumbered).
 16969 | D:7      | 16969 ||| Stepping ~*~*~tactically~*~*~ (outnumbered).
 16976 | D:7      | 16976 ||| Stepping ~*~*~tactically~*~*~ (outnumbered).
 16978 | D:7      | 16978 ||| Stepping ~*~*~tactically~*~*~ (outnumbered).
 16983 | D:7      | 16983 ||| Stepping ~*~*~tactically~*~*~ (outnumbered).
 16985 | D:7      | 16985 ||| Stepping ~*~*~tactically~*~*~ (outnumbered).
 16990 | D:7      | 16990 ||| Stepping ~*~*~tactically~*~*~ (outnumbered).
 16992 | D:7      | 16992 ||| Stepping ~*~*~tactically~*~*~ (outnumbered).
 16994 | D:7      | 16994 ||| Stepping ~*~*~tactically~*~*~ (outnumbered).
 16996 | D:7      | 16996 ||| Stepping ~*~*~tactically~*~*~ (outnumbered).
 16999 | D:7      | 16999 ||| Stepping ~*~*~tactically~*~*~ (outnumbered).
 17002 | D:7      | 17002 ||| Stepping ~*~*~tactically~*~*~ (outnumbered).
 17007 | D:7      | 17007 ||| Stepping ~*~*~tactically~*~*~ (outnumbered).
 17014 | D:7      | 17014 ||| Stepping ~*~*~tactically~*~*~ (outnumbered).
 17019 | D:7      | 17019 ||| Stepping ~*~*~tactically~*~*~ (outnumbered).
 17024 | D:7      | 17024 ||| Stepping ~*~*~tactically~*~*~ (outnumbered).
 17027 | D:7      | 17027 ||| Stepping ~*~*~tactically~*~*~ (outnumbered).
 17032 | D:7      | 17032 ||| Stepping ~*~*~tactically~*~*~ (outnumbered).
 17034 | D:7      | 17034 ||| Stepping ~*~*~tactically~*~*~ (outnumbered).
 17037 | D:7      | 17037 ||| Stepping ~*~*~tactically~*~*~ (outnumbered).
 17049 | D:7      | 17049 ||| Stepping ~*~*~tactically~*~*~ (outnumbered).
 17051 | D:7      | 17051 ||| Stepping ~*~*~tactically~*~*~ (outnumbered).
 17056 | D:7      | 17056 ||| Stepping ~*~*~tactically~*~*~ (outnumbered).
 17058 | D:7      | 17058 ||| Stepping ~*~*~tactically~*~*~ (outnumbered).
 17060 | D:7      | 17060 ||| Stepping ~*~*~tactically~*~*~ (outnumbered).
 17062 | D:7      | 17062 ||| Stepping ~*~*~tactically~*~*~ (outnumbered).
 17064 | D:7      | 17064 ||| Stepping ~*~*~tactically~*~*~ (outnumbered).
 17067 | D:7      | 17067 ||| Stepping ~*~*~tactically~*~*~ (outnumbered).
 17070 | D:7      | 17070 ||| Stepping ~*~*~tactically~*~*~ (outnumbered).
 17073 | D:7      | 17073 ||| Stepping ~*~*~tactically~*~*~ (outnumbered).
 17075 | D:7      | 17075 ||| Stepping ~*~*~tactically~*~*~ (outnumbered).
 17080 | D:7      | 17080 ||| Stepping ~*~*~tactically~*~*~ (outnumbered).
 17082 | D:7      | 17082 ||| Stepping ~*~*~tactically~*~*~ (outnumbered).
 17084 | D:7      | 17084 ||| Stepping ~*~*~tactically~*~*~ (outnumbered).
 17090 | D:7      | 17090 ||| Stepping ~*~*~tactically~*~*~ (outnumbered).
 17092 | D:7      | 17092 ||| Stepping ~*~*~tactically~*~*~ (outnumbered).
 17096 | D:7      | 17096 ||| Stepping ~*~*~tactically~*~*~ (outnumbered).
 17100 | D:7      | 17100 ||| Stepping ~*~*~tactically~*~*~ (outnumbered).
 17102 | D:7      | 17102 ||| Stepping ~*~*~tactically~*~*~ (outnumbered).
 17106 | D:7      | 17106 ||| Stepping ~*~*~tactically~*~*~ (outnumbered).
 17110 | D:7      | 17110 ||| Stepping ~*~*~tactically~*~*~ (outnumbered).
 17114 | D:7      | 17114 ||| Stepping ~*~*~tactically~*~*~ (outnumbered).
 17116 | D:7      | 17116 ||| Stepping ~*~*~tactically~*~*~ (outnumbered).
 17118 | D:7      | 17118 ||| Stepping ~*~*~tactically~*~*~ (outnumbered).
 17127 | D:7      | 17127 ||| Stepping ~*~*~tactically~*~*~ (outnumbered).
 17134 | D:7      | 17134 ||| Stepping ~*~*~tactically~*~*~ (outnumbered).
 17136 | D:7      | 17136 ||| Stepping ~*~*~tactically~*~*~ (outnumbered).
 17139 | D:7      | 17139 ||| Stepping ~*~*~tactically~*~*~ (outnumbered).
 17142 | D:7      | 17142 ||| Stepping ~*~*~tactically~*~*~ (outnumbered).
 17148 | D:7      | 17148 ||| Stepping ~*~*~tactically~*~*~ (outnumbered).
 17152 | D:7      | 17152 ||| Stepping ~*~*~tactically~*~*~ (outnumbered).
 17154 | D:7      | 17154 ||| Stepping ~*~*~tactically~*~*~ (outnumbered).
 17160 | D:7      | 17160 ||| Stepping ~*~*~tactically~*~*~ (outnumbered).
 17170 | D:7      | 17170 ||| Stepping ~*~*~tactically~*~*~ (outnumbered).
 17173 | D:7      | 17173 ||| Stepping ~*~*~tactically~*~*~ (outnumbered).
 17178 | D:7      | 17178 ||| Stepping ~*~*~tactically~*~*~ (outnumbered).
 17186 | D:7      | 17186 ||| Stepping ~*~*~tactically~*~*~ (outnumbered).
 17188 | D:7      | 17188 ||| Stepping ~*~*~tactically~*~*~ (outnumbered).
 17190 | D:7      | 17190 ||| Stepping ~*~*~tactically~*~*~ (outnumbered).
 17192 | D:7      | 17192 ||| Stepping ~*~*~tactically~*~*~ (outnumbered).
 17196 | D:7      | 17196 ||| Stepping ~*~*~tactically~*~*~ (outnumbered).
 17200 | D:7      | 17200 ||| Stepping ~*~*~tactically~*~*~ (outnumbered).
 17202 | D:7      | 17202 ||| Stepping ~*~*~tactically~*~*~ (outnumbered).
 17204 | D:7      | 17204 ||| Stepping ~*~*~tactically~*~*~ (outnumbered).
 17207 | D:7      | 17207 ||| Stepping ~*~*~tactically~*~*~ (outnumbered).
 17211 | D:7      | 17211 ||| Stepping ~*~*~tactically~*~*~ (outnumbered).
 17213 | D:7      | 17213 ||| Stepping ~*~*~tactically~*~*~ (outnumbered).
 17219 | D:7      | 17219 ||| Stepping ~*~*~tactically~*~*~ (outnumbered).
 17221 | D:7      | 17221 ||| Stepping ~*~*~tactically~*~*~ (outnumbered).
 17224 | D:7      | 17224 ||| Stepping ~*~*~tactically~*~*~ (outnumbered).
 17226 | D:7      | 17226 ||| Stepping ~*~*~tactically~*~*~ (outnumbered).
 17231 | D:7      | 17231 ||| Stepping ~*~*~tactically~*~*~ (outnumbered).
 17236 | D:7      | 17236 ||| Stepping ~*~*~tactically~*~*~ (outnumbered).
 17238 | D:7      | 17238 ||| Stepping ~*~*~tactically~*~*~ (outnumbered).
 17240 | D:7      | 17240 ||| Stepping ~*~*~tactically~*~*~ (outnumbered).
 17244 | D:7      | 17244 ||| Stepping ~*~*~tactically~*~*~ (outnumbered).
 17246 | D:7      | 17246 ||| Stepping ~*~*~tactically~*~*~ (outnumbered).
 17248 | D:7      | 17248 ||| Stepping ~*~*~tactically~*~*~ (outnumbered).
 17250 | D:7      | 17250 ||| Stepping ~*~*~tactically~*~*~ (outnumbered).
 17252 | D:7      | 17252 ||| Stepping ~*~*~tactically~*~*~ (outnumbered).
 17255 | D:7      | 17255 ||| Stepping ~*~*~tactically~*~*~ (outnumbered).
 17257 | D:7      | 17257 ||| Stepping ~*~*~tactically~*~*~ (outnumbered).
 17259 | D:7      | 17259 ||| Stepping ~*~*~tactically~*~*~ (outnumbered).
 17264 | D:7      | 17264 ||| Stepping ~*~*~tactically~*~*~ (outnumbered).
 17269 | D:7      | 17269 ||| Stepping ~*~*~tactically~*~*~ (outnumbered).
 17272 | D:7      | 17272 ||| Stepping ~*~*~tactically~*~*~ (outnumbered).
 17275 | D:7      | 17275 ||| Stepping ~*~*~tactically~*~*~ (outnumbered).
 17278 | D:7      | 17278 ||| Stepping ~*~*~tactically~*~*~ (outnumbered).
 17280 | D:7      | 17280 ||| Stepping ~*~*~tactically~*~*~ (outnumbered).
 17282 | D:7      | 17282 ||| Stepping ~*~*~tactically~*~*~ (outnumbered).
 17293 | D:7      | 17293 ||| Stepping ~*~*~tactically~*~*~ (outnumbered).
 17299 | D:7      | 17299 ||| Stepping ~*~*~tactically~*~*~ (outnumbered).
 17301 | D:7      | 17301 ||| Stepping ~*~*~tactically~*~*~ (outnumbered).
 17308 | D:7      | 17308 ||| Stepping ~*~*~tactically~*~*~ (outnumbered).
 17310 | D:7      | 17310 ||| Stepping ~*~*~tactically~*~*~ (outnumbered).
 17316 | D:7      | 17316 ||| Stepping ~*~*~tactically~*~*~ (outnumbered).
 17322 | D:7      | 17322 ||| Stepping ~*~*~tactically~*~*~ (outnumbered).
 17327 | D:7      | 17327 ||| Stepping ~*~*~tactically~*~*~ (outnumbered).
 17329 | D:7      | 17329 ||| Stepping ~*~*~tactically~*~*~ (outnumbered).
 17331 | D:7      | 17331 ||| Stepping ~*~*~tactically~*~*~ (outnumbered).
 17340 | D:7      | 17340 ||| Stepping ~*~*~tactically~*~*~ (outnumbered).
 17346 | D:7      | 17346 ||| Stepping ~*~*~tactically~*~*~ (outnumbered).
 17352 | D:7      | 17352 ||| Stepping ~*~*~tactically~*~*~ (outnumbered).
 17354 | D:7      | 17354 ||| Stepping ~*~*~tactically~*~*~ (outnumbered).
 17356 | D:7      | 17356 ||| Stepping ~*~*~tactically~*~*~ (outnumbered).
 17358 | D:7      | 17358 ||| Stepping ~*~*~tactically~*~*~ (outnumbered).
 17360 | D:7      | 17360 ||| Stepping ~*~*~tactically~*~*~ (outnumbered).
 17362 | D:7      | 17362 ||| Stepping ~*~*~tactically~*~*~ (outnumbered).
 17364 | D:7      | 17364 ||| Stepping ~*~*~tactically~*~*~ (outnumbered).
 17369 | D:7      | 17369 ||| Stepping ~*~*~tactically~*~*~ (outnumbered).
 17374 | D:7      | 17374 ||| Stepping ~*~*~tactically~*~*~ (outnumbered).
 17379 | D:7      | 17379 ||| Stepping ~*~*~tactically~*~*~ (outnumbered).
 17383 | D:7      | 17383 ||| Stepping ~*~*~tactically~*~*~ (outnumbered).
 17387 | D:7      | 17387 ||| Stepping ~*~*~tactically~*~*~ (outnumbered).
 17392 | D:7      | 17392 ||| Stepping ~*~*~tactically~*~*~ (outnumbered).
 17399 | D:7      | 17399 ||| Stepping ~*~*~tactically~*~*~ (outnumbered).
 17402 | D:7      | 17402 ||| Stepping ~*~*~tactically~*~*~ (outnumbered).
 17407 | D:7      | 17407 ||| Stepping ~*~*~tactically~*~*~ (outnumbered).
 17412 | D:7      | 17412 ||| Stepping ~*~*~tactically~*~*~ (outnumbered).
 17414 | D:7      | 17414 ||| Stepping ~*~*~tactically~*~*~ (outnumbered).
 17420 | D:7      | 17420 ||| Stepping ~*~*~tactically~*~*~ (outnumbered).
 17422 | D:7      | 17422 ||| Stepping ~*~*~tactically~*~*~ (outnumbered).
 17425 | D:7      | 17425 ||| Stepping ~*~*~tactically~*~*~ (outnumbered).
 17430 | D:7      | 17430 ||| Stepping ~*~*~tactically~*~*~ (outnumbered).
 17432 | D:7      | 17432 ||| Stepping ~*~*~tactically~*~*~ (outnumbered).
 17435 | D:7      | 17435 ||| Stepping ~*~*~tactically~*~*~ (outnumbered).
 17438 | D:7      | 17438 ||| Stepping ~*~*~tactically~*~*~ (outnumbered).
 17442 | D:7      | 17442 ||| Stepping ~*~*~tactically~*~*~ (outnumbered).
 17444 | D:7      | 17444 ||| Stepping ~*~*~tactically~*~*~ (outnumbered).
 17446 | D:7      | 17446 ||| Stepping ~*~*~tactically~*~*~ (outnumbered).
 17451 | D:7      | 17451 ||| Stepping ~*~*~tactically~*~*~ (outnumbered).
 17453 | D:7      | 17453 ||| Stepping ~*~*~tactically~*~*~ (outnumbered).
 17455 | D:7      | 17455 ||| Stepping ~*~*~tactically~*~*~ (outnumbered).
 17459 | D:7      | 17459 ||| Stepping ~*~*~tactically~*~*~ (outnumbered).
 17463 | D:7      | 17463 ||| Stepping ~*~*~tactically~*~*~ (outnumbered).
 17466 | D:7      | 17466 ||| Stepping ~*~*~tactically~*~*~ (outnumbered).
 17474 | D:7      | 17474 ||| Stepping ~*~*~tactically~*~*~ (outnumbered).
 17481 | D:7      | 17481 ||| Stepping ~*~*~tactically~*~*~ (outnumbered).
 17492 | D:7      | 17492 ||| Stepping ~*~*~tactically~*~*~ (outnumbered).
 17494 | D:7      | 17494 ||| Stepping ~*~*~tactically~*~*~ (outnumbered).
 17496 | D:7      | 17496 ||| Stepping ~*~*~tactically~*~*~ (outnumbered).
 17501 | D:7      | 17501 ||| Stepping ~*~*~tactically~*~*~ (outnumbered).
 17505 | D:7      | 17505 ||| Stepping ~*~*~tactically~*~*~ (outnumbered).
 17508 | D:7      | 17508 ||| Stepping ~*~*~tactically~*~*~ (outnumbered).
 17514 | D:7      | 17514 ||| Stepping ~*~*~tactically~*~*~ (outnumbered).
 17517 | D:7      | 17517 ||| Stepping ~*~*~tactically~*~*~ (outnumbered).
 17524 | D:7      | 17524 ||| Stepping ~*~*~tactically~*~*~ (outnumbered).
 17533 | D:7      | 17533 ||| Stepping ~*~*~tactically~*~*~ (outnumbered).
 17535 | D:7      | 17535 ||| Stepping ~*~*~tactically~*~*~ (outnumbered).
 17539 | D:7      | 17539 ||| Stepping ~*~*~tactically~*~*~ (outnumbered).
 17541 | D:7      | 17541 ||| Stepping ~*~*~tactically~*~*~ (outnumbered).
 17546 | D:7      | 17546 ||| Stepping ~*~*~tactically~*~*~ (outnumbered).
 17551 | D:7      | 17551 ||| Stepping ~*~*~tactically~*~*~ (outnumbered).
 17559 | D:7      | 17559 ||| Stepping ~*~*~tactically~*~*~ (outnumbered).
 17561 | D:7      | 17561 ||| Stepping ~*~*~tactically~*~*~ (outnumbered).
 17570 | D:7      | 17570 ||| Stepping ~*~*~tactically~*~*~ (outnumbered).
 17574 | D:7      | 17574 ||| Stepping ~*~*~tactically~*~*~ (outnumbered).
 17576 | D:7      | 17576 ||| Stepping ~*~*~tactically~*~*~ (outnumbered).
 17581 | D:7      | 17581 ||| Stepping ~*~*~tactically~*~*~ (outnumbered).
 17587 | D:7      | 17587 ||| Stepping ~*~*~tactically~*~*~ (outnumbered).
 17592 | D:7      | 17592 ||| Stepping ~*~*~tactically~*~*~ (outnumbered).
 17594 | D:7      | 17594 ||| Stepping ~*~*~tactically~*~*~ (outnumbered).
 17598 | D:7      | 17598 ||| Stepping ~*~*~tactically~*~*~ (outnumbered).
 17602 | D:7      | 17602 ||| Stepping ~*~*~tactically~*~*~ (outnumbered).
 17604 | D:7      | 17604 ||| Stepping ~*~*~tactically~*~*~ (outnumbered).
 17606 | D:7      | 17606 ||| Stepping ~*~*~tactically~*~*~ (outnumbered).
 17611 | D:7      | 17611 ||| Stepping ~*~*~tactically~*~*~ (outnumbered).
 17613 | D:7      | 17613 ||| Stepping ~*~*~tactically~*~*~ (outnumbered).
 17615 | D:7      | 17615 ||| Stepping ~*~*~tactically~*~*~ (outnumbered).
 17620 | D:7      | 17620 ||| Stepping ~*~*~tactically~*~*~ (outnumbered).
 17623 | D:7      | 17623 ||| Stepping ~*~*~tactically~*~*~ (outnumbered).
 17631 | D:7      | 17631 ||| Stepping ~*~*~tactically~*~*~ (outnumbered).
 17634 | D:7      | 17634 ||| Stepping ~*~*~tactically~*~*~ (outnumbered).
 17643 | D:7      | 17643 ||| Stepping ~*~*~tactically~*~*~ (outnumbered).
 17645 | D:7      | 17645 ||| Stepping ~*~*~tactically~*~*~ (outnumbered).
 17651 | D:7      | 17651 ||| Stepping ~*~*~tactically~*~*~ (outnumbered).
 17655 | D:7      | 17655 ||| Stepping ~*~*~tactically~*~*~ (outnumbered).
 17657 | D:7      | 17657 ||| Stepping ~*~*~tactically~*~*~ (outnumbered).
 17661 | D:7      | 17661 ||| Stepping ~*~*~tactically~*~*~ (outnumbered).
 17672 | D:7      | 17672 ||| Stepping ~*~*~tactically~*~*~ (outnumbered).
 17676 | D:7      | 17676 ||| Stepping ~*~*~tactically~*~*~ (outnumbered).
 17678 | D:7      | 17678 ||| Stepping ~*~*~tactically~*~*~ (outnumbered).
 17683 | D:7      | 17683 ||| Stepping ~*~*~tactically~*~*~ (outnumbered).
 17685 | D:7      | 17685 ||| Stepping ~*~*~tactically~*~*~ (outnumbered).
 17689 | D:7      | 17689 ||| Stepping ~*~*~tactically~*~*~ (outnumbered).
 17691 | D:7      | 17691 ||| Stepping ~*~*~tactically~*~*~ (outnumbered).
 17699 | D:7      | 17699 ||| Stepping ~*~*~tactically~*~*~ (outnumbered).
 17701 | D:7      | 17701 ||| Stepping ~*~*~tactically~*~*~ (outnumbered).
 17703 | D:7      | 17703 ||| Stepping ~*~*~tactically~*~*~ (outnumbered).
 17708 | D:7      | 17708 ||| Stepping ~*~*~tactically~*~*~ (outnumbered).
 17710 | D:7      | 17710 ||| Stepping ~*~*~tactically~*~*~ (outnumbered).
 17712 | D:7      | 17712 ||| Stepping ~*~*~tactically~*~*~ (outnumbered).
 17715 | D:7      | 17715 ||| Stepping ~*~*~tactically~*~*~ (outnumbered).
 17719 | D:7      | 17719 ||| Stepping ~*~*~tactically~*~*~ (outnumbered).
 17722 | D:7      | 17722 ||| Stepping ~*~*~tactically~*~*~ (outnumbered).
 17724 | D:7      | 17724 ||| Stepping ~*~*~tactically~*~*~ (outnumbered).
 17726 | D:7      | 17726 ||| Stepping ~*~*~tactically~*~*~ (outnumbered).
 17730 | D:7      | 17730 ||| Stepping ~*~*~tactically~*~*~ (outnumbered).
 17732 | D:7      | 17732 ||| Stepping ~*~*~tactically~*~*~ (outnumbered).
 17736 | D:7      | 17736 ||| Stepping ~*~*~tactically~*~*~ (outnumbered).
 17738 | D:7      | 17738 ||| Stepping ~*~*~tactically~*~*~ (outnumbered).
 17741 | D:7      | 17741 ||| Stepping ~*~*~tactically~*~*~ (outnumbered).
 17746 | D:7      | 17746 ||| Stepping ~*~*~tactically~*~*~ (outnumbered).
 17748 | D:7      | 17748 ||| Stepping ~*~*~tactically~*~*~ (outnumbered).
 17756 | D:7      | 17756 ||| Stepping ~*~*~tactically~*~*~ (outnumbered).
 17761 | D:7      | 17761 ||| Stepping ~*~*~tactically~*~*~ (outnumbered).
 17764 | D:7      | 17764 ||| Stepping ~*~*~tactically~*~*~ (outnumbered).
 17770 | D:7      | 17770 ||| Stepping ~*~*~tactically~*~*~ (outnumbered).
 17776 | D:7      | 17776 ||| Stepping ~*~*~tactically~*~*~ (outnumbered).
 17778 | D:7      | 17778 ||| Stepping ~*~*~tactically~*~*~ (outnumbered).
 17782 | D:7      | 17782 ||| Stepping ~*~*~tactically~*~*~ (outnumbered).
 17786 | D:7      | 17786 ||| Stepping ~*~*~tactically~*~*~ (outnumbered).
 17790 | D:7      | 17790 ||| Stepping ~*~*~tactically~*~*~ (outnumbered).
 17795 | D:7      | 17795 ||| Stepping ~*~*~tactically~*~*~ (outnumbered).
 17800 | D:7      | 17800 ||| Stepping ~*~*~tactically~*~*~ (outnumbered).
 17806 | D:7      | 17806 ||| Stepping ~*~*~tactically~*~*~ (outnumbered).
 17808 | D:7      | 17808 ||| Stepping ~*~*~tactically~*~*~ (outnumbered).
 17810 | D:7      | 17810 ||| Stepping ~*~*~tactically~*~*~ (outnumbered).
 17812 | D:7      | 17812 ||| Stepping ~*~*~tactically~*~*~ (outnumbered).
 17814 | D:7      | 17814 ||| Stepping ~*~*~tactically~*~*~ (outnumbered).
 17821 | D:7      | 17821 ||| Stepping ~*~*~tactically~*~*~ (outnumbered).
 17828 | D:7      | 17828 ||| Stepping ~*~*~tactically~*~*~ (outnumbered).
 17832 | D:7      | 17832 ||| Stepping ~*~*~tactically~*~*~ (outnumbered).
 17837 | D:7      | 17837 ||| Stepping ~*~*~tactically~*~*~ (outnumbered).
 17840 | D:7      | 17840 ||| Stepping ~*~*~tactically~*~*~ (outnumbered).
 17846 | D:7      | 17846 ||| Stepping ~*~*~tactically~*~*~ (outnumbered).
 17848 | D:7      | 17848 ||| Stepping ~*~*~tactically~*~*~ (outnumbered).
 17850 | D:7      | 17850 ||| Stepping ~*~*~tactically~*~*~ (outnumbered).
 17857 | D:7      | 17857 ||| Stepping ~*~*~tactically~*~*~ (outnumbered).
 17859 | D:7      | 17859 ||| Stepping ~*~*~tactically~*~*~ (outnumbered).
 17863 | D:7      | 17863 ||| Stepping ~*~*~tactically~*~*~ (outnumbered).
 17867 | D:7      | 17867 ||| Stepping ~*~*~tactically~*~*~ (outnumbered).
 17869 | D:7      | 17869 ||| Stepping ~*~*~tactically~*~*~ (outnumbered).
 17876 | D:7      | 17876 ||| Stepping ~*~*~tactically~*~*~ (outnumbered).
 17878 | D:7      | 17878 ||| Stepping ~*~*~tactically~*~*~ (outnumbered).
 17880 | D:7      | 17880 ||| Stepping ~*~*~tactically~*~*~ (outnumbered).
 17885 | D:7      | 17885 ||| Stepping ~*~*~tactically~*~*~ (outnumbered).
 17887 | D:7      | 17887 ||| Stepping ~*~*~tactically~*~*~ (outnumbered).
 17893 | D:7      | 17893 ||| Stepping ~*~*~tactically~*~*~ (outnumbered).
 17898 | D:7      | 17898 ||| Stepping ~*~*~tactically~*~*~ (outnumbered).
 17900 | D:7      | 17900 ||| Stepping ~*~*~tactically~*~*~ (outnumbered).
 17902 | D:7      | 17902 ||| Stepping ~*~*~tactically~*~*~ (outnumbered).
 17904 | D:7      | 17904 ||| Stepping ~*~*~tactically~*~*~ (outnumbered).
 17906 | D:7      | 17906 ||| Stepping ~*~*~tactically~*~*~ (outnumbered).
 17911 | D:7      | 17911 ||| Stepping ~*~*~tactically~*~*~ (outnumbered).
 17913 | D:7      | 17913 ||| Stepping ~*~*~tactically~*~*~ (outnumbered).
 17915 | D:7      | 17915 ||| Stepping ~*~*~tactically~*~*~ (outnumbered).
 17920 | D:7      | 17920 ||| Stepping ~*~*~tactically~*~*~ (outnumbered).
 17922 | D:7      | 17922 ||| Stepping ~*~*~tactically~*~*~ (outnumbered).
 17926 | D:7      | 17926 ||| Stepping ~*~*~tactically~*~*~ (outnumbered).
 17929 | D:7      | 17929 ||| Stepping ~*~*~tactically~*~*~ (outnumbered).
 17933 | D:7      | 17933 ||| Stepping ~*~*~tactically~*~*~ (outnumbered).
 17938 | D:7      | 17938 ||| Stepping ~*~*~tactically~*~*~ (outnumbered).
 17942 | D:7      | 17942 ||| Stepping ~*~*~tactically~*~*~ (outnumbered).
 17944 | D:7      | 17944 ||| Stepping ~*~*~tactically~*~*~ (outnumbered).
 17948 | D:7      | 17948 ||| Stepping ~*~*~tactically~*~*~ (outnumbered).
 17951 | D:7      | 17951 ||| Stepping ~*~*~tactically~*~*~ (outnumbered).
 17955 | D:7      | 17955 ||| Stepping ~*~*~tactically~*~*~ (outnumbered).
 17957 | D:7      | 17957 ||| Stepping ~*~*~tactically~*~*~ (outnumbered).
 17959 | D:7      | 17959 ||| Stepping ~*~*~tactically~*~*~ (outnumbered).
 17964 | D:7      | 17964 ||| Stepping ~*~*~tactically~*~*~ (outnumbered).
 17969 | D:7      | 17969 ||| Stepping ~*~*~tactically~*~*~ (outnumbered).
 17971 | D:7      | 17971 ||| Stepping ~*~*~tactically~*~*~ (outnumbered).
 17973 | D:7      | 17973 ||| Stepping ~*~*~tactically~*~*~ (outnumbered).
 17976 | D:7      | 17976 ||| Stepping ~*~*~tactically~*~*~ (outnumbered).
 17983 | D:7      | 17983 ||| Stepping ~*~*~tactically~*~*~ (outnumbered).
 17986 | D:7      | 17986 ||| Stepping ~*~*~tactically~*~*~ (outnumbered).
 17990 | D:7      | 17990 ||| Stepping ~*~*~tactically~*~*~ (outnumbered).
 17992 | D:7      | 17992 ||| Stepping ~*~*~tactically~*~*~ (outnumbered).
 17996 | D:7      | 17996 ||| Stepping ~*~*~tactically~*~*~ (outnumbered).
 18000 | D:7      | 18000 ||| Stepping ~*~*~tactically~*~*~ (outnumbered).
 18002 | D:7      | 18002 ||| Stepping ~*~*~tactically~*~*~ (outnumbered).
 18012 | D:7      | 18012 ||| Stepping ~*~*~tactically~*~*~ (outnumbered).
 18014 | D:7      | 18014 ||| Stepping ~*~*~tactically~*~*~ (outnumbered).
 18020 | D:7      | 18020 ||| Stepping ~*~*~tactically~*~*~ (outnumbered).
 18031 | D:7      | 18031 ||| Stepping ~*~*~tactically~*~*~ (outnumbered).
 18034 | D:7      | 18034 ||| Stepping ~*~*~tactically~*~*~ (outnumbered).
 18039 | D:7      | 18039 ||| Stepping ~*~*~tactically~*~*~ (outnumbered).
 18046 | D:7      | 18046 ||| Stepping ~*~*~tactically~*~*~ (outnumbered).
 18051 | D:7      | 18051 ||| Stepping ~*~*~tactically~*~*~ (outnumbered).
 18062 | D:7      | 18062 ||| Stepping ~*~*~tactically~*~*~ (outnumbered).
 18067 | D:7      | 18067 ||| Stepping ~*~*~tactically~*~*~ (outnumbered).
 18069 | D:7      | 18069 ||| Stepping ~*~*~tactically~*~*~ (outnumbered).
 18071 | D:7      | 18071 ||| Stepping ~*~*~tactically~*~*~ (outnumbered).
 18073 | D:7      | 18073 ||| Stepping ~*~*~tactically~*~*~ (outnumbered).
 18075 | D:7      | 18075 ||| Stepping ~*~*~tactically~*~*~ (outnumbered).
 18078 | D:7      | 18078 ||| Stepping ~*~*~tactically~*~*~ (outnumbered).
 18085 | D:7      | 18085 ||| Stepping ~*~*~tactically~*~*~ (outnumbered).
 18093 | D:7      | 18093 ||| Stepping ~*~*~tactically~*~*~ (outnumbered).
 18095 | D:7      | 18095 ||| Stepping ~*~*~tactically~*~*~ (outnumbered).
 18098 | D:7      | 18098 ||| Stepping ~*~*~tactically~*~*~ (outnumbered).
 18101 | D:7      | 18101 ||| Stepping ~*~*~tactically~*~*~ (outnumbered).
 18113 | D:7      | 18113 ||| Stepping ~*~*~tactically~*~*~ (outnumbered).
 18115 | D:7      | 18115 ||| Stepping ~*~*~tactically~*~*~ (outnumbered).
 18117 | D:7      | 18117 ||| Stepping ~*~*~tactically~*~*~ (outnumbered).
 18121 | D:7      | 18121 ||| Stepping ~*~*~tactically~*~*~ (outnumbered).
 18126 | D:7      | 18126 ||| Stepping ~*~*~tactically~*~*~ (outnumbered).
 18131 | D:7      | 18131 ||| Stepping ~*~*~tactically~*~*~ (outnumbered).
 18133 | D:7      | 18133 ||| Stepping ~*~*~tactically~*~*~ (outnumbered).
 18135 | D:7      | 18135 ||| Stepping ~*~*~tactically~*~*~ (outnumbered).
 18139 | D:7      | 18139 ||| Stepping ~*~*~tactically~*~*~ (outnumbered).
 18143 | D:7      | 18143 ||| Stepping ~*~*~tactically~*~*~ (outnumbered).
 18148 | D:7      | 18148 ||| Stepping ~*~*~tactically~*~*~ (outnumbered).
 18151 | D:7      | 18151 ||| Stepping ~*~*~tactically~*~*~ (outnumbered).
 18153 | D:7      | 18153 ||| Stepping ~*~*~tactically~*~*~ (outnumbered).
 18155 | D:7      | 18155 ||| Stepping ~*~*~tactically~*~*~ (outnumbered).
 18157 | D:7      | 18157 ||| Stepping ~*~*~tactically~*~*~ (outnumbered).
 18164 | D:7      | 18164 ||| Stepping ~*~*~tactically~*~*~ (outnumbered).
 18170 | D:7      | 18170 ||| Stepping ~*~*~tactically~*~*~ (outnumbered).
 18175 | D:7      | 18175 ||| Stepping ~*~*~tactically~*~*~ (outnumbered).
 18179 | D:7      | 18179 ||| Stepping ~*~*~tactically~*~*~ (outnumbered).
 18181 | D:7      | 18181 ||| Stepping ~*~*~tactically~*~*~ (outnumbered).
 18183 | D:7      | 18183 ||| Stepping ~*~*~tactically~*~*~ (outnumbered).
 18185 | D:7      | 18185 ||| Stepping ~*~*~tactically~*~*~ (outnumbered).
 18190 | D:7      | 18190 ||| Stepping ~*~*~tactically~*~*~ (outnumbered).
 18194 | D:7      | 18194 ||| Stepping ~*~*~tactically~*~*~ (outnumbered).
 18198 | D:7      | 18198 ||| Stepping ~*~*~tactically~*~*~ (outnumbered).
 18200 | D:7      | 18200 ||| Stepping ~*~*~tactically~*~*~ (outnumbered).
 18202 | D:7      | 18202 ||| Stepping ~*~*~tactically~*~*~ (outnumbered).
 18204 | D:7      | 18204 ||| Stepping ~*~*~tactically~*~*~ (outnumbered).
 18206 | D:7      | 18206 ||| Stepping ~*~*~tactically~*~*~ (outnumbered).
 18208 | D:7      | 18208 ||| Stepping ~*~*~tactically~*~*~ (outnumbered).
 18216 | D:7      | 18216 ||| Stepping ~*~*~tactically~*~*~ (outnumbered).
 18222 | D:7      | 18222 ||| Stepping ~*~*~tactically~*~*~ (outnumbered).
 18224 | D:7      | 18224 ||| Stepping ~*~*~tactically~*~*~ (outnumbered).
 18226 | D:7      | 18226 ||| Stepping ~*~*~tactically~*~*~ (outnumbered).
 18231 | D:7      | 18231 ||| Stepping ~*~*~tactically~*~*~ (outnumbered).
 18233 | D:7      | 18233 ||| Stepping ~*~*~tactically~*~*~ (outnumbered).
 18236 | D:7      | 18236 ||| Stepping ~*~*~tactically~*~*~ (outnumbered).
 18240 | D:7      | 18240 ||| Stepping ~*~*~tactically~*~*~ (outnumbered).
 18242 | D:7      | 18242 ||| Stepping ~*~*~tactically~*~*~ (outnumbered).
 18244 | D:7      | 18244 ||| Stepping ~*~*~tactically~*~*~ (outnumbered).
 18246 | D:7      | 18246 ||| Stepping ~*~*~tactically~*~*~ (outnumbered).
 18254 | D:7      | 18254 ||| Stepping ~*~*~tactically~*~*~ (outnumbered).
 18257 | D:7      | 18257 ||| Stepping ~*~*~tactically~*~*~ (outnumbered).
 18259 | D:7      | 18259 ||| Stepping ~*~*~tactically~*~*~ (outnumbered).
 18263 | D:7      | 18263 ||| Stepping ~*~*~tactically~*~*~ (outnumbered).
 18270 | D:7      | 18270 ||| Stepping ~*~*~tactically~*~*~ (outnumbered).
 18275 | D:7      | 18275 ||| Stepping ~*~*~tactically~*~*~ (outnumbered).
 18282 | D:7      | 18282 ||| Stepping ~*~*~tactically~*~*~ (outnumbered).
 18284 | D:7      | 18284 ||| Stepping ~*~*~tactically~*~*~ (outnumbered).
 18293 | D:7      | 18293 ||| Stepping ~*~*~tactically~*~*~ (outnumbered).
 18299 | D:7      | 18299 ||| Stepping ~*~*~tactically~*~*~ (outnumbered).
 18301 | D:7      | 18301 ||| Stepping ~*~*~tactically~*~*~ (outnumbered).
 18307 | D:7      | 18307 ||| Stepping ~*~*~tactically~*~*~ (outnumbered).
 18310 | D:7      | 18310 ||| Stepping ~*~*~tactically~*~*~ (outnumbered).
 18312 | D:7      | 18312 ||| Stepping ~*~*~tactically~*~*~ (outnumbered).
 18317 | D:7      | 18317 ||| Stepping ~*~*~tactically~*~*~ (outnumbered).
 18319 | D:7      | 18319 ||| Stepping ~*~*~tactically~*~*~ (outnumbered).
 18325 | D:7      | 18325 ||| Stepping ~*~*~tactically~*~*~ (outnumbered).
 18337 | D:7      | 18337 ||| Stepping ~*~*~tactically~*~*~ (outnumbered).
 18342 | D:7      | 18342 ||| Stepping ~*~*~tactically~*~*~ (outnumbered).
 18344 | D:7      | 18344 ||| Stepping ~*~*~tactically~*~*~ (outnumbered).
 18349 | D:7      | 18349 ||| Stepping ~*~*~tactically~*~*~ (outnumbered).
 18351 | D:7      | 18351 ||| Stepping ~*~*~tactically~*~*~ (outnumbered).
 18358 | D:7      | 18358 ||| Stepping ~*~*~tactically~*~*~ (outnumbered).
 18361 | D:7      | 18361 ||| Stepping ~*~*~tactically~*~*~ (outnumbered).
 18363 | D:7      | 18363 ||| Stepping ~*~*~tactically~*~*~ (outnumbered).
 18365 | D:7      | 18365 ||| Stepping ~*~*~tactically~*~*~ (outnumbered).
 18371 | D:7      | 18371 ||| Stepping ~*~*~tactically~*~*~ (outnumbered).
 18373 | D:7      | 18373 ||| Stepping ~*~*~tactically~*~*~ (outnumbered).
 18376 | D:7      | 18376 ||| Stepping ~*~*~tactically~*~*~ (outnumbered).
 18389 | D:7      | 18389 ||| Stepping ~*~*~tactically~*~*~ (outnumbered).
 18395 | D:7      | 18395 ||| Stepping ~*~*~tactically~*~*~ (outnumbered).
 18400 | D:7      | 18400 ||| Stepping ~*~*~tactically~*~*~ (outnumbered).
 18406 | D:7      | 18406 ||| Stepping ~*~*~tactically~*~*~ (outnumbered).
 18409 | D:7      | 18409 ||| Stepping ~*~*~tactically~*~*~ (outnumbered).
 18411 | D:7      | 18411 ||| Stepping ~*~*~tactically~*~*~ (outnumbered).
 18413 | D:7      | 18413 ||| Stepping ~*~*~tactically~*~*~ (outnumbered).
 18415 | D:7      | 18415 ||| Stepping ~*~*~tactically~*~*~ (outnumbered).
 18417 | D:7      | 18417 ||| Stepping ~*~*~tactically~*~*~ (outnumbered).
 18422 | D:7      | 18422 ||| Stepping ~*~*~tactically~*~*~ (outnumbered).
 18427 | D:7      | 18427 ||| Stepping ~*~*~tactically~*~*~ (outnumbered).
 18432 | D:7      | 18432 ||| Stepping ~*~*~tactically~*~*~ (outnumbered).
 18434 | D:7      | 18434 ||| Stepping ~*~*~tactically~*~*~ (outnumbered).
 18436 | D:7      | 18436 ||| Stepping ~*~*~tactically~*~*~ (outnumbered).
 18438 | D:7      | 18438 ||| Stepping ~*~*~tactically~*~*~ (outnumbered).
 18446 | D:7      | 18446 ||| Stepping ~*~*~tactically~*~*~ (outnumbered).
 18449 | D:7      | 18449 ||| Stepping ~*~*~tactically~*~*~ (outnumbered).
 18458 | D:7      | 18458 ||| Stepping ~*~*~tactically~*~*~ (outnumbered).
 18461 | D:7      | 18461 ||| Stepping ~*~*~tactically~*~*~ (outnumbered).
 18465 | D:7      | 18465 ||| Stepping ~*~*~tactically~*~*~ (outnumbered).
 18474 | D:7      | 18474 ||| Stepping ~*~*~tactically~*~*~ (outnumbered).
 18478 | D:7      | 18478 ||| Stepping ~*~*~tactically~*~*~ (outnumbered).
 18480 | D:7      | 18480 ||| Stepping ~*~*~tactically~*~*~ (outnumbered).
 18487 | D:7      | 18487 ||| Stepping ~*~*~tactically~*~*~ (outnumbered).
 18489 | D:7      | 18489 ||| Stepping ~*~*~tactically~*~*~ (outnumbered).
 18499 | D:7      | 18499 ||| Stepping ~*~*~tactically~*~*~ (outnumbered).
 18501 | D:7      | 18501 ||| Stepping ~*~*~tactically~*~*~ (outnumbered).
 18503 | D:7      | 18503 ||| Stepping ~*~*~tactically~*~*~ (outnumbered).
 18505 | D:7      | 18505 ||| Stepping ~*~*~tactically~*~*~ (outnumbered).
 18511 | D:7      | 18511 ||| Stepping ~*~*~tactically~*~*~ (outnumbered).
 18515 | D:7      | 18515 ||| Stepping ~*~*~tactically~*~*~ (outnumbered).
 18519 | D:7      | 18519 ||| Stepping ~*~*~tactically~*~*~ (outnumbered).
 18522 | D:7      | 18522 ||| Stepping ~*~*~tactically~*~*~ (outnumbered).
 18528 | D:7      | 18528 ||| Stepping ~*~*~tactically~*~*~ (outnumbered).
 18530 | D:7      | 18530 ||| Stepping ~*~*~tactically~*~*~ (outnumbered).
 18533 | D:7      | 18533 ||| Stepping ~*~*~tactically~*~*~ (outnumbered).
 18537 | D:7      | 18537 ||| Stepping ~*~*~tactically~*~*~ (outnumbered).
 18541 | D:7      | 18541 ||| Stepping ~*~*~tactically~*~*~ (outnumbered).
 18547 | D:7      | 18547 ||| Stepping ~*~*~tactically~*~*~ (outnumbered).
 18551 | D:7      | 18551 ||| Stepping ~*~*~tactically~*~*~ (outnumbered).
 18553 | D:7      | 18553 ||| Stepping ~*~*~tactically~*~*~ (outnumbered).
 18555 | D:7      | 18555 ||| Stepping ~*~*~tactically~*~*~ (outnumbered).
 18557 | D:7      | 18557 ||| Stepping ~*~*~tactically~*~*~ (outnumbered).
 18561 | D:7      | 18561 ||| Stepping ~*~*~tactically~*~*~ (outnumbered).
 18563 | D:7      | 18563 ||| Stepping ~*~*~tactically~*~*~ (outnumbered).
 18565 | D:7      | 18565 ||| Stepping ~*~*~tactically~*~*~ (outnumbered).
 18567 | D:7      | 18567 ||| Stepping ~*~*~tactically~*~*~ (outnumbered).
 18577 | D:7      | 18577 ||| Stepping ~*~*~tactically~*~*~ (outnumbered).
 18579 | D:7      | 18579 ||| Stepping ~*~*~tactically~*~*~ (outnumbered).
 18583 | D:7      | 18583 ||| Stepping ~*~*~tactically~*~*~ (outnumbered).
 18591 | D:7      | 18591 ||| Stepping ~*~*~tactically~*~*~ (outnumbered).
 18593 | D:7      | 18593 ||| Stepping ~*~*~tactically~*~*~ (outnumbered).
 18596 | D:7      | 18596 ||| Stepping ~*~*~tactically~*~*~ (outnumbered).
 18599 | D:7      | 18599 ||| Stepping ~*~*~tactically~*~*~ (outnumbered).
 18601 | D:7      | 18601 ||| Stepping ~*~*~tactically~*~*~ (outnumbered).
 18603 | D:7      | 18603 ||| Stepping ~*~*~tactically~*~*~ (outnumbered).
 18605 | D:7      | 18605 ||| Stepping ~*~*~tactically~*~*~ (outnumbered).
 18607 | D:7      | 18607 ||| Stepping ~*~*~tactically~*~*~ (outnumbered).
 18609 | D:7      | 18609 ||| Stepping ~*~*~tactically~*~*~ (outnumbered).
 18612 | D:7      | 18612 ||| Stepping ~*~*~tactically~*~*~ (outnumbered).
 18624 | D:7      | 18624 ||| Stepping ~*~*~tactically~*~*~ (outnumbered).
 18631 | D:7      | 18631 ||| Stepping ~*~*~tactically~*~*~ (outnumbered).
 18633 | D:7      | 18633 ||| Stepping ~*~*~tactically~*~*~ (outnumbered).
 18635 | D:7      | 18635 ||| Stepping ~*~*~tactically~*~*~ (outnumbered).
 18639 | D:7      | 18639 ||| Stepping ~*~*~tactically~*~*~ (outnumbered).
 18641 | D:7      | 18641 ||| Stepping ~*~*~tactically~*~*~ (outnumbered).
 18643 | D:7      | 18643 ||| Stepping ~*~*~tactically~*~*~ (outnumbered).
 18647 | D:7      | 18647 ||| Stepping ~*~*~tactically~*~*~ (outnumbered).
 18651 | D:7      | 18651 ||| Stepping ~*~*~tactically~*~*~ (outnumbered).
 18656 | D:7      | 18656 ||| Stepping ~*~*~tactically~*~*~ (outnumbered).
 18663 | D:7      | 18663 ||| Stepping ~*~*~tactically~*~*~ (outnumbered).
 18668 | D:7      | 18668 ||| Stepping ~*~*~tactically~*~*~ (outnumbered).
 18670 | D:7      | 18670 ||| Stepping ~*~*~tactically~*~*~ (outnumbered).
 18673 | D:7      | 18673 ||| Stepping ~*~*~tactically~*~*~ (outnumbered).
 18676 | D:7      | 18676 ||| Stepping ~*~*~tactically~*~*~ (outnumbered).
 18681 | D:7      | 18681 ||| Stepping ~*~*~tactically~*~*~ (outnumbered).
 18683 | D:7      | 18683 ||| Stepping ~*~*~tactically~*~*~ (outnumbered).
 18685 | D:7      | 18685 ||| Stepping ~*~*~tactically~*~*~ (outnumbered).
 18687 | D:7      | 18687 ||| Stepping ~*~*~tactically~*~*~ (outnumbered).
 18697 | D:7      | 18697 ||| Stepping ~*~*~tactically~*~*~ (outnumbered).
 18699 | D:7      | 18699 ||| Stepping ~*~*~tactically~*~*~ (outnumbered).
 18702 | D:7      | 18702 ||| Stepping ~*~*~tactically~*~*~ (outnumbered).
 18704 | D:7      | 18704 ||| Stepping ~*~*~tactically~*~*~ (outnumbered).
 18707 | D:7      | 18707 ||| Stepping ~*~*~tactically~*~*~ (outnumbered).
 18711 | D:7      | 18711 ||| Stepping ~*~*~tactically~*~*~ (outnumbered).
 18713 | D:7      | 18713 ||| Stepping ~*~*~tactically~*~*~ (outnumbered).
 18715 | D:7      | 18715 ||| Stepping ~*~*~tactically~*~*~ (outnumbered).
 18717 | D:7      | 18717 ||| Stepping ~*~*~tactically~*~*~ (outnumbered).
 18720 | D:7      | 18720 ||| Stepping ~*~*~tactically~*~*~ (outnumbered).
 18724 | D:7      | 18724 ||| Stepping ~*~*~tactically~*~*~ (outnumbered).
 18726 | D:7      | 18726 ||| Stepping ~*~*~tactically~*~*~ (outnumbered).
 18733 | D:7      | 18733 ||| Stepping ~*~*~tactically~*~*~ (outnumbered).
 18735 | D:7      | 18735 ||| Stepping ~*~*~tactically~*~*~ (outnumbered).
 18742 | D:7      | 18742 ||| Stepping ~*~*~tactically~*~*~ (outnumbered).
 18744 | D:7      | 18744 ||| Stepping ~*~*~tactically~*~*~ (outnumbered).
 18751 | D:7      | 18751 ||| Stepping ~*~*~tactically~*~*~ (outnumbered).
 18753 | D:7      | 18753 ||| Stepping ~*~*~tactically~*~*~ (outnumbered).
 18761 | D:7      | 18761 ||| Stepping ~*~*~tactically~*~*~ (outnumbered).
 18771 | D:7      | 18771 ||| Stepping ~*~*~tactically~*~*~ (outnumbered).
 18773 | D:7      | 18773 ||| Stepping ~*~*~tactically~*~*~ (outnumbered).
 18776 | D:7      | 18776 ||| Stepping ~*~*~tactically~*~*~ (outnumbered).
 18780 | D:7      | 18780 ||| Stepping ~*~*~tactically~*~*~ (outnumbered).
 18784 | D:7      | 18784 ||| Stepping ~*~*~tactically~*~*~ (outnumbered).
 18786 | D:7      | 18786 ||| Stepping ~*~*~tactically~*~*~ (outnumbered).
 18788 | D:7      | 18788 ||| Stepping ~*~*~tactically~*~*~ (outnumbered).
 18790 | D:7      | 18790 ||| Stepping ~*~*~tactically~*~*~ (outnumbered).
 18795 | D:7      | 18795 ||| Stepping ~*~*~tactically~*~*~ (outnumbered).
 18797 | D:7      | 18797 ||| Stepping ~*~*~tactically~*~*~ (outnumbered).
 18799 | D:7      | 18799 ||| Stepping ~*~*~tactically~*~*~ (outnumbered).
 18801 | D:7      | 18801 ||| Stepping ~*~*~tactically~*~*~ (outnumbered).
 18808 | D:7      | 18808 ||| Stepping ~*~*~tactically~*~*~ (outnumbered).
 18810 | D:7      | 18810 ||| Stepping ~*~*~tactically~*~*~ (outnumbered).
 18812 | D:7      | 18812 ||| Stepping ~*~*~tactically~*~*~ (outnumbered).
 18814 | D:7      | 18814 ||| Stepping ~*~*~tactically~*~*~ (outnumbered).
 18817 | D:7      | 18817 ||| Stepping ~*~*~tactically~*~*~ (outnumbered).
 18819 | D:7      | 18819 ||| Stepping ~*~*~tactically~*~*~ (outnumbered).
 18821 | D:7      | 18821 ||| Stepping ~*~*~tactically~*~*~ (outnumbered).
 18827 | D:7      | 18827 ||| Stepping ~*~*~tactically~*~*~ (outnumbered).
 18830 | D:7      | 18830 ||| Stepping ~*~*~tactically~*~*~ (outnumbered).
 18832 | D:7      | 18832 ||| Stepping ~*~*~tactically~*~*~ (outnumbered).
 18839 | D:7      | 18839 ||| Stepping ~*~*~tactically~*~*~ (outnumbered).
 18841 | D:7      | 18841 ||| Stepping ~*~*~tactically~*~*~ (outnumbered).
 18847 | D:7      | 18847 ||| Stepping ~*~*~tactically~*~*~ (outnumbered).
 18851 | D:7      | 18851 ||| Stepping ~*~*~tactically~*~*~ (outnumbered).
 18859 | D:7      | 18859 ||| Stepping ~*~*~tactically~*~*~ (outnumbered).
 18864 | D:7      | 18864 ||| Stepping ~*~*~tactically~*~*~ (outnumbered).
 18873 | D:7      | 18873 ||| Stepping ~*~*~tactically~*~*~ (outnumbered).
 18875 | D:7      | 18875 ||| Stepping ~*~*~tactically~*~*~ (outnumbered).
 18879 | D:7      | 18879 ||| Stepping ~*~*~tactically~*~*~ (outnumbered).
 18881 | D:7      | 18881 ||| Stepping ~*~*~tactically~*~*~ (outnumbered).
 18884 | D:7      | 18884 ||| Stepping ~*~*~tactically~*~*~ (outnumbered).
 18888 | D:7      | 18888 ||| Stepping ~*~*~tactically~*~*~ (outnumbered).
 18890 | D:7      | 18890 ||| Stepping ~*~*~tactically~*~*~ (outnumbered).
 18892 | D:7      | 18892 ||| Stepping ~*~*~tactically~*~*~ (outnumbered).
 18894 | D:7      | 18894 ||| Stepping ~*~*~tactically~*~*~ (outnumbered).
 18896 | D:7      | 18896 ||| Stepping ~*~*~tactically~*~*~ (outnumbered).
 18901 | D:7      | 18901 ||| Stepping ~*~*~tactically~*~*~ (outnumbered).
 18906 | D:7      | 18906 ||| Stepping ~*~*~tactically~*~*~ (outnumbered).
 18911 | D:7      | 18911 ||| Stepping ~*~*~tactically~*~*~ (outnumbered).
 18916 | D:7      | 18916 ||| Stepping ~*~*~tactically~*~*~ (outnumbered).
 18923 | D:7      | 18923 ||| Stepping ~*~*~tactically~*~*~ (outnumbered).
 18926 | D:7      | 18926 ||| Stepping ~*~*~tactically~*~*~ (outnumbered).
 18929 | D:7      | 18929 ||| Stepping ~*~*~tactically~*~*~ (outnumbered).
 18934 | D:7      | 18934 ||| Stepping ~*~*~tactically~*~*~ (outnumbered).
 18938 | D:7      | 18938 ||| Stepping ~*~*~tactically~*~*~ (outnumbered).
 18941 | D:7      | 18941 ||| Stepping ~*~*~tactically~*~*~ (outnumbered).
 18949 | D:7      | 18949 ||| Stepping ~*~*~tactically~*~*~ (outnumbered).
 18951 | D:7      | 18951 ||| Stepping ~*~*~tactically~*~*~ (outnumbered).
 18953 | D:7      | 18953 ||| Stepping ~*~*~tactically~*~*~ (outnumbered).
 18958 | D:7      | 18958 ||| Stepping ~*~*~tactically~*~*~ (outnumbered).
 18960 | D:7      | 18960 ||| Stepping ~*~*~tactically~*~*~ (outnumbered).
 18962 | D:7      | 18962 ||| Stepping ~*~*~tactically~*~*~ (outnumbered).
 18964 | D:7      | 18964 ||| Stepping ~*~*~tactically~*~*~ (outnumbered).
 18971 | D:7      | 18971 ||| Stepping ~*~*~tactically~*~*~ (outnumbered).
 18981 | D:7      | 18981 ||| Stepping ~*~*~tactically~*~*~ (outnumbered).
 18983 | D:7      | 18983 ||| Stepping ~*~*~tactically~*~*~ (outnumbered).
 18986 | D:7      | 18986 ||| Stepping ~*~*~tactically~*~*~ (outnumbered).
 18995 | D:7      | 18995 ||| Stepping ~*~*~tactically~*~*~ (outnumbered).
 18997 | D:7      | 18997 ||| Stepping ~*~*~tactically~*~*~ (outnumbered).
 18999 | D:7      | 18999 ||| Stepping ~*~*~tactically~*~*~ (outnumbered).
 19001 | D:7      | 19001 ||| Stepping ~*~*~tactically~*~*~ (outnumbered).
 19003 | D:7      | 19003 ||| Stepping ~*~*~tactically~*~*~ (outnumbered).
 19005 | D:7      | 19005 ||| Stepping ~*~*~tactically~*~*~ (outnumbered).
 19009 | D:7      | 19009 ||| Stepping ~*~*~tactically~*~*~ (outnumbered).
 19011 | D:7      | 19011 ||| Stepping ~*~*~tactically~*~*~ (outnumbered).
 19015 | D:7      | 19015 ||| Stepping ~*~*~tactically~*~*~ (outnumbered).
 19017 | D:7      | 19017 ||| Stepping ~*~*~tactically~*~*~ (outnumbered).
 19021 | D:7      | 19021 ||| Stepping ~*~*~tactically~*~*~ (outnumbered).
 19025 | D:7      | 19025 ||| Stepping ~*~*~tactically~*~*~ (outnumbered).
 19029 | D:7      | 19029 ||| Stepping ~*~*~tactically~*~*~ (outnumbered).
 19037 | D:7      | 19037 ||| Stepping ~*~*~tactically~*~*~ (outnumbered).
 19040 | D:7      | 19040 ||| Stepping ~*~*~tactically~*~*~ (outnumbered).
 19044 | D:7      | 19044 ||| Stepping ~*~*~tactically~*~*~ (outnumbered).
 19048 | D:7      | 19048 ||| Stepping ~*~*~tactically~*~*~ (outnumbered).
 19052 | D:7      | 19052 ||| Stepping ~*~*~tactically~*~*~ (outnumbered).
 19059 | D:7      | 19059 ||| Stepping ~*~*~tactically~*~*~ (outnumbered).
 19062 | D:7      | 19062 ||| Stepping ~*~*~tactically~*~*~ (outnumbered).
 19068 | D:7      | 19068 ||| Stepping ~*~*~tactically~*~*~ (outnumbered).
 19071 | D:7      | 19071 ||| Stepping ~*~*~tactically~*~*~ (outnumbered).
 19073 | D:7      | 19073 ||| Stepping ~*~*~tactically~*~*~ (outnumbered).
 19075 | D:7      | 19075 ||| Stepping ~*~*~tactically~*~*~ (outnumbered).
 19081 | D:7      | 19081 ||| Stepping ~*~*~tactically~*~*~ (outnumbered).
 19086 | D:7      | 19086 ||| Stepping ~*~*~tactically~*~*~ (outnumbered).
 19088 | D:7      | 19088 ||| Stepping ~*~*~tactically~*~*~ (outnumbered).
 19097 | D:7      | 19097 ||| Stepping ~*~*~tactically~*~*~ (outnumbered).
 19099 | D:7      | 19099 ||| Stepping ~*~*~tactically~*~*~ (outnumbered).
 19105 | D:7      | 19105 ||| Stepping ~*~*~tactically~*~*~ (outnumbered).
 19110 | D:7      | 19110 ||| Stepping ~*~*~tactically~*~*~ (outnumbered).
 19114 | D:7      | 19114 ||| Stepping ~*~*~tactically~*~*~ (outnumbered).
 19119 | D:7      | 19119 ||| Stepping ~*~*~tactically~*~*~ (outnumbered).
 19122 | D:7      | 19122 ||| Stepping ~*~*~tactically~*~*~ (outnumbered).
 19124 | D:7      | 19124 ||| Stepping ~*~*~tactically~*~*~ (outnumbered).
 19132 | D:7      | 19132 ||| Stepping ~*~*~tactically~*~*~ (outnumbered).
 19135 | D:7      | 19135 ||| Stepping ~*~*~tactically~*~*~ (outnumbered).
 19140 | D:7      | 19140 ||| Stepping ~*~*~tactically~*~*~ (outnumbered).
 19148 | D:7      | 19148 ||| Stepping ~*~*~tactically~*~*~ (outnumbered).
 19150 | D:7      | 19150 ||| Stepping ~*~*~tactically~*~*~ (outnumbered).
 19152 | D:7      | 19152 ||| Stepping ~*~*~tactically~*~*~ (outnumbered).
 19156 | D:7      | 19156 ||| Stepping ~*~*~tactically~*~*~ (outnumbered).
 19159 | D:7      | 19159 ||| Stepping ~*~*~tactically~*~*~ (outnumbered).
 19164 | D:7      | 19164 ||| Stepping ~*~*~tactically~*~*~ (outnumbered).
 19167 | D:7      | 19167 ||| Stepping ~*~*~tactically~*~*~ (outnumbered).
 19169 | D:7      | 19169 ||| Stepping ~*~*~tactically~*~*~ (outnumbered).
 19173 | D:7      | 19173 ||| Stepping ~*~*~tactically~*~*~ (outnumbered).
 19176 | D:7      | 19176 ||| Stepping ~*~*~tactically~*~*~ (outnumbered).
 19183 | D:7      | 19183 ||| Stepping ~*~*~tactically~*~*~ (outnumbered).
 19185 | D:7      | 19185 ||| Stepping ~*~*~tactically~*~*~ (outnumbered).
 19187 | D:7      | 19187 ||| Stepping ~*~*~tactically~*~*~ (outnumbered).
 19191 | D:7      | 19191 ||| Stepping ~*~*~tactically~*~*~ (outnumbered).
 19194 | D:7      | 19194 ||| Stepping ~*~*~tactically~*~*~ (outnumbered).
 19200 | D:7      | 19200 ||| Stepping ~*~*~tactically~*~*~ (outnumbered).
 19203 | D:7      | 19203 ||| Stepping ~*~*~tactically~*~*~ (outnumbered).
 19210 | D:7      | 19210 ||| Stepping ~*~*~tactically~*~*~ (outnumbered).
 19216 | D:7      | 19216 ||| Stepping ~*~*~tactically~*~*~ (outnumbered).
 19218 | D:7      | 19218 ||| Stepping ~*~*~tactically~*~*~ (outnumbered).
 19224 | D:7      | 19224 ||| Stepping ~*~*~tactically~*~*~ (outnumbered).
 19226 | D:7      | 19226 ||| Stepping ~*~*~tactically~*~*~ (outnumbered).
 19229 | D:7      | 19229 ||| Stepping ~*~*~tactically~*~*~ (outnumbered).
 19231 | D:7      | 19231 ||| Stepping ~*~*~tactically~*~*~ (outnumbered).
 19234 | D:7      | 19234 ||| Stepping ~*~*~tactically~*~*~ (outnumbered).
 19238 | D:7      | 19238 ||| Stepping ~*~*~tactically~*~*~ (outnumbered).
 19245 | D:7      | 19245 ||| Stepping ~*~*~tactically~*~*~ (outnumbered).
 19247 | D:7      | 19247 ||| Stepping ~*~*~tactically~*~*~ (outnumbered).
 19249 | D:7      | 19249 ||| Stepping ~*~*~tactically~*~*~ (outnumbered).
 19251 | D:7      | 19251 ||| Stepping ~*~*~tactically~*~*~ (outnumbered).
 19255 | D:7      | 19255 ||| Stepping ~*~*~tactically~*~*~ (outnumbered).
 19257 | D:7      | 19257 ||| Stepping ~*~*~tactically~*~*~ (outnumbered).
 19259 | D:7      | 19259 ||| Stepping ~*~*~tactically~*~*~ (outnumbered).
 19262 | D:7      | 19262 ||| Stepping ~*~*~tactically~*~*~ (outnumbered).
 19264 | D:7      | 19264 ||| Stepping ~*~*~tactically~*~*~ (outnumbered).
 19267 | D:7      | 19267 ||| Stepping ~*~*~tactically~*~*~ (outnumbered).
 19269 | D:7      | 19269 ||| Stepping ~*~*~tactically~*~*~ (outnumbered).
 19275 | D:7      | 19275 ||| Stepping ~*~*~tactically~*~*~ (outnumbered).
 19278 | D:7      | 19278 ||| Stepping ~*~*~tactically~*~*~ (outnumbered).
 19281 | D:7      | 19281 ||| Stepping ~*~*~tactically~*~*~ (outnumbered).
 19284 | D:7      | 19284 ||| Stepping ~*~*~tactically~*~*~ (outnumbered).
 19286 | D:7      | 19286 ||| Stepping ~*~*~tactically~*~*~ (outnumbered).
 19288 | D:7      | 19288 ||| Stepping ~*~*~tactically~*~*~ (outnumbered).
 19290 | D:7      | 19290 ||| Stepping ~*~*~tactically~*~*~ (outnumbered).
 19295 | D:7      | 19295 ||| Stepping ~*~*~tactically~*~*~ (outnumbered).
 19299 | D:7      | 19299 ||| Stepping ~*~*~tactically~*~*~ (outnumbered).
 19301 | D:7      | 19301 ||| Stepping ~*~*~tactically~*~*~ (outnumbered).
 19304 | D:7      | 19304 ||| Stepping ~*~*~tactically~*~*~ (outnumbered).
 19306 | D:7      | 19306 ||| Stepping ~*~*~tactically~*~*~ (outnumbered).
 19311 | D:7      | 19311 ||| Stepping ~*~*~tactically~*~*~ (outnumbered).
 19313 | D:7      | 19313 ||| Stepping ~*~*~tactically~*~*~ (outnumbered).
 19318 | D:7      | 19318 ||| Stepping ~*~*~tactically~*~*~ (outnumbered).
 19320 | D:7      | 19320 ||| Stepping ~*~*~tactically~*~*~ (outnumbered).
 19322 | D:7      | 19322 ||| Stepping ~*~*~tactically~*~*~ (outnumbered).
 19326 | D:7      | 19326 ||| Stepping ~*~*~tactically~*~*~ (outnumbered).
 19329 | D:7      | 19329 ||| Stepping ~*~*~tactically~*~*~ (outnumbered).
 19338 | D:7      | 19338 ||| Stepping ~*~*~tactically~*~*~ (outnumbered).
 19340 | D:7      | 19340 ||| Stepping ~*~*~tactically~*~*~ (outnumbered).
 19345 | D:7      | 19345 ||| Stepping ~*~*~tactically~*~*~ (outnumbered).
 19349 | D:7      | 19349 ||| Stepping ~*~*~tactically~*~*~ (outnumbered).
 19351 | D:7      | 19351 ||| Stepping ~*~*~tactically~*~*~ (outnumbered).
 19356 | D:7      | 19356 ||| Stepping ~*~*~tactically~*~*~ (outnumbered).
 19361 | D:7      | 19361 ||| Stepping ~*~*~tactically~*~*~ (outnumbered).
 19369 | D:7      | 19369 ||| Stepping ~*~*~tactically~*~*~ (outnumbered).
 19375 | D:7      | 19375 ||| Stepping ~*~*~tactically~*~*~ (outnumbered).
 19379 | D:7      | 19379 ||| Stepping ~*~*~tactically~*~*~ (outnumbered).
 19381 | D:7      | 19381 ||| Stepping ~*~*~tactically~*~*~ (outnumbered).
 19387 | D:7      | 19387 ||| Stepping ~*~*~tactically~*~*~ (outnumbered).
 19390 | D:7      | 19390 ||| Stepping ~*~*~tactically~*~*~ (outnumbered).
 19395 | D:7      | 19395 ||| Stepping ~*~*~tactically~*~*~ (outnumbered).
 19398 | D:7      | 19398 ||| Stepping ~*~*~tactically~*~*~ (outnumbered).
 19404 | D:7      | 19404 ||| Stepping ~*~*~tactically~*~*~ (outnumbered).
 19407 | D:7      | 19407 ||| Stepping ~*~*~tactically~*~*~ (outnumbered).
 19411 | D:7      | 19411 ||| Stepping ~*~*~tactically~*~*~ (outnumbered).
 19413 | D:7      | 19413 ||| Stepping ~*~*~tactically~*~*~ (outnumbered).
 19415 | D:7      | 19415 ||| Stepping ~*~*~tactically~*~*~ (outnumbered).
 19417 | D:7      | 19417 ||| Stepping ~*~*~tactically~*~*~ (outnumbered).
 19419 | D:7      | 19419 ||| Stepping ~*~*~tactically~*~*~ (outnumbered).
 19421 | D:7      | 19421 ||| Stepping ~*~*~tactically~*~*~ (outnumbered).
 19426 | D:7      | 19426 ||| Stepping ~*~*~tactically~*~*~ (outnumbered).
 19429 | D:7      | 19429 ||| Stepping ~*~*~tactically~*~*~ (outnumbered).
 19431 | D:7      | 19431 ||| Stepping ~*~*~tactically~*~*~ (outnumbered).
 19438 | D:7      | 19438 ||| Stepping ~*~*~tactically~*~*~ (outnumbered).
 19442 | D:7      | 19442 ||| Stepping ~*~*~tactically~*~*~ (outnumbered).
 19444 | D:7      | 19444 ||| Stepping ~*~*~tactically~*~*~ (outnumbered).
 19448 | D:7      | 19448 ||| Stepping ~*~*~tactically~*~*~ (outnumbered).
 19451 | D:7      | 19451 ||| Stepping ~*~*~tactically~*~*~ (outnumbered).
 19453 | D:7      | 19453 ||| Stepping ~*~*~tactically~*~*~ (outnumbered).
 19458 | D:7      | 19458 ||| Stepping ~*~*~tactically~*~*~ (outnumbered).
 19462 | D:7      | 19462 ||| Stepping ~*~*~tactically~*~*~ (outnumbered).
 19466 | D:7      | 19466 ||| Stepping ~*~*~tactically~*~*~ (outnumbered).
 19468 | D:7      | 19468 ||| Stepping ~*~*~tactically~*~*~ (outnumbered).
 19473 | D:7      | 19473 ||| Stepping ~*~*~tactically~*~*~ (outnumbered).
 19478 | D:7      | 19478 ||| Stepping ~*~*~tactically~*~*~ (outnumbered).
 19487 | D:7      | 19487 ||| Stepping ~*~*~tactically~*~*~ (outnumbered).
 19489 | D:7      | 19489 ||| Stepping ~*~*~tactically~*~*~ (outnumbered).
 19496 | D:7      | 19496 ||| Stepping ~*~*~tactically~*~*~ (outnumbered).
 19501 | D:7      | 19501 ||| Stepping ~*~*~tactically~*~*~ (outnumbered).
 19503 | D:7      | 19503 ||| Stepping ~*~*~tactically~*~*~ (outnumbered).
 19507 | D:7      | 19507 ||| Stepping ~*~*~tactically~*~*~ (outnumbered).
 19509 | D:7      | 19509 ||| Stepping ~*~*~tactically~*~*~ (outnumbered).
 19511 | D:7      | 19511 ||| Stepping ~*~*~tactically~*~*~ (outnumbered).
 19513 | D:7      | 19513 ||| Stepping ~*~*~tactically~*~*~ (outnumbered).
 19515 | D:7      | 19515 ||| Stepping ~*~*~tactically~*~*~ (outnumbered).
 19518 | D:7      | 19518 ||| Stepping ~*~*~tactically~*~*~ (outnumbered).
 19522 | D:7      | 19522 ||| Stepping ~*~*~tactically~*~*~ (outnumbered).
 19524 | D:7      | 19524 ||| Stepping ~*~*~tactically~*~*~ (outnumbered).
 19526 | D:7      | 19526 ||| Stepping ~*~*~tactically~*~*~ (outnumbered).
 19531 | D:7      | 19531 ||| Stepping ~*~*~tactically~*~*~ (outnumbered).
 19540 | D:7      | 19540 ||| Stepping ~*~*~tactically~*~*~ (outnumbered).
 19542 | D:7      | 19542 ||| Stepping ~*~*~tactically~*~*~ (outnumbered).
 19544 | D:7      | 19544 ||| Stepping ~*~*~tactically~*~*~ (outnumbered).
 19546 | D:7      | 19546 ||| Stepping ~*~*~tactically~*~*~ (outnumbered).
 19550 | D:7      | 19550 ||| Stepping ~*~*~tactically~*~*~ (outnumbered).
 19558 | D:7      | 19558 ||| Stepping ~*~*~tactically~*~*~ (outnumbered).
 19560 | D:7      | 19560 ||| Stepping ~*~*~tactically~*~*~ (outnumbered).
 19562 | D:7      | 19562 ||| Stepping ~*~*~tactically~*~*~ (outnumbered).
 19564 | D:7      | 19564 ||| Stepping ~*~*~tactically~*~*~ (outnumbered).
 19570 | D:7      | 19570 ||| Stepping ~*~*~tactically~*~*~ (outnumbered).
 19574 | D:7      | 19574 ||| Stepping ~*~*~tactically~*~*~ (outnumbered).
 19576 | D:7      | 19576 ||| Stepping ~*~*~tactically~*~*~ (outnumbered).
 19584 | D:7      | 19584 ||| Stepping ~*~*~tactically~*~*~ (outnumbered).
 19586 | D:7      | 19586 ||| Stepping ~*~*~tactically~*~*~ (outnumbered).
 19588 | D:7      | 19588 ||| Stepping ~*~*~tactically~*~*~ (outnumbered).
 19595 | D:7      | 19595 ||| Stepping ~*~*~tactically~*~*~ (outnumbered).
 19600 | D:7      | 19600 ||| Stepping ~*~*~tactically~*~*~ (outnumbered).
 19605 | D:7      | 19605 ||| Stepping ~*~*~tactically~*~*~ (outnumbered).
 19608 | D:7      | 19608 ||| Stepping ~*~*~tactically~*~*~ (outnumbered).
 19611 | D:7      | 19611 ||| Stepping ~*~*~tactically~*~*~ (outnumbered).
 19613 | D:7      | 19613 ||| Stepping ~*~*~tactically~*~*~ (outnumbered).
 19615 | D:7      | 19615 ||| Stepping ~*~*~tactically~*~*~ (outnumbered).
 19619 | D:7      | 19619 ||| Stepping ~*~*~tactically~*~*~ (outnumbered).
 19626 | D:7      | 19626 ||| Stepping ~*~*~tactically~*~*~ (outnumbered).
 19630 | D:7      | 19630 ||| Stepping ~*~*~tactically~*~*~ (outnumbered).
 19632 | D:7      | 19632 ||| Stepping ~*~*~tactically~*~*~ (outnumbered).
 19635 | D:7      | 19635 ||| Stepping ~*~*~tactically~*~*~ (outnumbered).
 19637 | D:7      | 19637 ||| Stepping ~*~*~tactically~*~*~ (outnumbered).
 19643 | D:7      | 19643 ||| Stepping ~*~*~tactically~*~*~ (outnumbered).
 19645 | D:7      | 19645 ||| Stepping ~*~*~tactically~*~*~ (outnumbered).
 19647 | D:7      | 19647 ||| Stepping ~*~*~tactically~*~*~ (outnumbered).
 19653 | D:7      | 19653 ||| Stepping ~*~*~tactically~*~*~ (outnumbered).
 19658 | D:7      | 19658 ||| Stepping ~*~*~tactically~*~*~ (outnumbered).
 19667 | D:7      | 19667 ||| Stepping ~*~*~tactically~*~*~ (outnumbered).
 19672 | D:7      | 19672 ||| Stepping ~*~*~tactically~*~*~ (outnumbered).
 19675 | D:7      | 19675 ||| Stepping ~*~*~tactically~*~*~ (outnumbered).
 19677 | D:7      | 19677 ||| Stepping ~*~*~tactically~*~*~ (outnumbered).
 19679 | D:7      | 19679 ||| Stepping ~*~*~tactically~*~*~ (outnumbered).
 19681 | D:7      | 19681 ||| Stepping ~*~*~tactically~*~*~ (outnumbered).
 19683 | D:7      | 19683 ||| Stepping ~*~*~tactically~*~*~ (outnumbered).
 19685 | D:7      | 19685 ||| Stepping ~*~*~tactically~*~*~ (outnumbered).
 19687 | D:7      | 19687 ||| Stepping ~*~*~tactically~*~*~ (outnumbered).
 19691 | D:7      | 19691 ||| Stepping ~*~*~tactically~*~*~ (outnumbered).
 19693 | D:7      | 19693 ||| Stepping ~*~*~tactically~*~*~ (outnumbered).
 19696 | D:7      | 19696 ||| Stepping ~*~*~tactically~*~*~ (outnumbered).
 19698 | D:7      | 19698 ||| Stepping ~*~*~tactically~*~*~ (outnumbered).
 19700 | D:7      | 19700 ||| Stepping ~*~*~tactically~*~*~ (outnumbered).
 19702 | D:7      | 19702 ||| Stepping ~*~*~tactically~*~*~ (outnumbered).
 19710 | D:7      | 19710 ||| Stepping ~*~*~tactically~*~*~ (outnumbered).
 19716 | D:7      | 19716 ||| Stepping ~*~*~tactically~*~*~ (outnumbered).
 19721 | D:7      | 19721 ||| Stepping ~*~*~tactically~*~*~ (outnumbered).
 19724 | D:7      | 19724 ||| Stepping ~*~*~tactically~*~*~ (outnumbered).
 19726 | D:7      | 19726 ||| Stepping ~*~*~tactically~*~*~ (outnumbered).
 19728 | D:7      | 19728 ||| Stepping ~*~*~tactically~*~*~ (outnumbered).
 19736 | D:7      | 19736 ||| Stepping ~*~*~tactically~*~*~ (outnumbered).
 19745 | D:7      | 19745 ||| Stepping ~*~*~tactically~*~*~ (outnumbered).
 19748 | D:7      | 19748 ||| Stepping ~*~*~tactically~*~*~ (outnumbered).
 19750 | D:7      | 19750 ||| Stepping ~*~*~tactically~*~*~ (outnumbered).
 19752 | D:7      | 19752 ||| Stepping ~*~*~tactically~*~*~ (outnumbered).
 19755 | D:7      | 19755 ||| Stepping ~*~*~tactically~*~*~ (outnumbered).
 19762 | D:7      | 19762 ||| Stepping ~*~*~tactically~*~*~ (outnumbered).
 19764 | D:7      | 19764 ||| Stepping ~*~*~tactically~*~*~ (outnumbered).
 19766 | D:7      | 19766 ||| Stepping ~*~*~tactically~*~*~ (outnumbered).
 19772 | D:7      | 19772 ||| Stepping ~*~*~tactically~*~*~ (outnumbered).
 19776 | D:7      | 19776 ||| Stepping ~*~*~tactically~*~*~ (outnumbered).
 19778 | D:7      | 19778 ||| Stepping ~*~*~tactically~*~*~ (outnumbered).
 19780 | D:7      | 19780 ||| Stepping ~*~*~tactically~*~*~ (outnumbered).
 19783 | D:7      | 19783 ||| Stepping ~*~*~tactically~*~*~ (outnumbered).
 19794 | D:7      | 19794 ||| Stepping ~*~*~tactically~*~*~ (outnumbered).
 19796 | D:7      | 19796 ||| Stepping ~*~*~tactically~*~*~ (outnumbered).
 19798 | D:7      | 19798 ||| Stepping ~*~*~tactically~*~*~ (outnumbered).
 19801 | D:7      | 19801 ||| Stepping ~*~*~tactically~*~*~ (outnumbered).
 19803 | D:7      | 19803 ||| Stepping ~*~*~tactically~*~*~ (outnumbered).
 19805 | D:7      | 19805 ||| Stepping ~*~*~tactically~*~*~ (outnumbered).
 19809 | D:7      | 19809 ||| Stepping ~*~*~tactically~*~*~ (outnumbered).
 19816 | D:7      | 19816 ||| Stepping ~*~*~tactically~*~*~ (outnumbered).
 19819 | D:7      | 19819 ||| Stepping ~*~*~tactically~*~*~ (outnumbered).
 19824 | D:7      | 19824 ||| Stepping ~*~*~tactically~*~*~ (outnumbered).
 19830 | D:7      | 19830 ||| Stepping ~*~*~tactically~*~*~ (outnumbered).
 19834 | D:7      | 19834 ||| Stepping ~*~*~tactically~*~*~ (outnumbered).
 19836 | D:7      | 19836 ||| Stepping ~*~*~tactically~*~*~ (outnumbered).
 19842 | D:7      | 19842 ||| Stepping ~*~*~tactically~*~*~ (outnumbered).
 19844 | D:7      | 19844 ||| Stepping ~*~*~tactically~*~*~ (outnumbered).
 19847 | D:7      | 19847 ||| Stepping ~*~*~tactically~*~*~ (outnumbered).
 19851 | D:7      | 19851 ||| Stepping ~*~*~tactically~*~*~ (outnumbered).
 19858 | D:7      | 19858 ||| Stepping ~*~*~tactically~*~*~ (outnumbered).
 19870 | D:7      | 19870 ||| Stepping ~*~*~tactically~*~*~ (outnumbered).
 19872 | D:7      | 19872 ||| Stepping ~*~*~tactically~*~*~ (outnumbered).
 19874 | D:7      | 19874 ||| Stepping ~*~*~tactically~*~*~ (outnumbered).
 19876 | D:7      | 19876 ||| Stepping ~*~*~tactically~*~*~ (outnumbered).
 19882 | D:7      | 19882 ||| Stepping ~*~*~tactically~*~*~ (outnumbered).
 19884 | D:7      | 19884 ||| Stepping ~*~*~tactically~*~*~ (outnumbered).
 19886 | D:7      | 19886 ||| Stepping ~*~*~tactically~*~*~ (outnumbered).
 19895 | D:7      | 19895 ||| Stepping ~*~*~tactically~*~*~ (outnumbered).
 19897 | D:7      | 19897 ||| Stepping ~*~*~tactically~*~*~ (outnumbered).
 19899 | D:7      | 19899 ||| Stepping ~*~*~tactically~*~*~ (outnumbered).
 19902 | D:7      | 19902 ||| Stepping ~*~*~tactically~*~*~ (outnumbered).
 19906 | D:7      | 19906 ||| Stepping ~*~*~tactically~*~*~ (outnumbered).
 19914 | D:7      | 19914 ||| Stepping ~*~*~tactically~*~*~ (outnumbered).
 19922 | D:7      | 19922 ||| Stepping ~*~*~tactically~*~*~ (outnumbered).
 19926 | D:7      | 19926 ||| Stepping ~*~*~tactically~*~*~ (outnumbered).
 19931 | D:7      | 19931 ||| Stepping ~*~*~tactically~*~*~ (outnumbered).
 19933 | D:7      | 19933 ||| Stepping ~*~*~tactically~*~*~ (outnumbered).
 19938 | D:7      | 19938 ||| Stepping ~*~*~tactically~*~*~ (outnumbered).
 19943 | D:7      | 19943 ||| Stepping ~*~*~tactically~*~*~ (outnumbered).
 19948 | D:7      | 19948 ||| Stepping ~*~*~tactically~*~*~ (outnumbered).
 19950 | D:7      | 19950 ||| Stepping ~*~*~tactically~*~*~ (outnumbered).
 19952 | D:7      | 19952 ||| Stepping ~*~*~tactically~*~*~ (outnumbered).
 19954 | D:7      | 19954 ||| Stepping ~*~*~tactically~*~*~ (outnumbered).
 19959 | D:7      | 19959 ||| Stepping ~*~*~tactically~*~*~ (outnumbered).
 19961 | D:7      | 19961 ||| Stepping ~*~*~tactically~*~*~ (outnumbered).
 19972 | D:7      | 19972 ||| Stepping ~*~*~tactically~*~*~ (outnumbered).
 19974 | D:7      | 19974 ||| Stepping ~*~*~tactically~*~*~ (outnumbered).
 19976 | D:7      | 19976 ||| Stepping ~*~*~tactically~*~*~ (outnumbered).
 19978 | D:7      | 19978 ||| Stepping ~*~*~tactically~*~*~ (outnumbered).
 19980 | D:7      | 19980 ||| Stepping ~*~*~tactically~*~*~ (outnumbered).
 19984 | D:7      | 19984 ||| Stepping ~*~*~tactically~*~*~ (outnumbered).
 19986 | D:7      | 19986 ||| Stepping ~*~*~tactically~*~*~ (outnumbered).
 19988 | D:7      | 19988 ||| Stepping ~*~*~tactically~*~*~ (outnumbered).
 19990 | D:7      | 19990 ||| Stepping ~*~*~tactically~*~*~ (outnumbered).
 19992 | D:7      | 19992 ||| Stepping ~*~*~tactically~*~*~ (outnumbered).
 19994 | D:7      | 19994 ||| Stepping ~*~*~tactically~*~*~ (outnumbered).
 19997 | D:7      | 19997 ||| Stepping ~*~*~tactically~*~*~ (outnumbered).
 20004 | D:7      | 20004 ||| Stepping ~*~*~tactically~*~*~ (outnumbered).
 20006 | D:7      | 20006 ||| Stepping ~*~*~tactically~*~*~ (outnumbered).
 20015 | D:7      | 20015 ||| Stepping ~*~*~tactically~*~*~ (outnumbered).
 20019 | D:7      | 20019 ||| Stepping ~*~*~tactically~*~*~ (outnumbered).
 20023 | D:7      | 20023 ||| Stepping ~*~*~tactically~*~*~ (outnumbered).
 20027 | D:7      | 20027 ||| Stepping ~*~*~tactically~*~*~ (outnumbered).
 20029 | D:7      | 20029 ||| Stepping ~*~*~tactically~*~*~ (outnumbered).
 20031 | D:7      | 20031 ||| Stepping ~*~*~tactically~*~*~ (outnumbered).
 20036 | D:7      | 20036 ||| Stepping ~*~*~tactically~*~*~ (outnumbered).
 20040 | D:7      | 20040 ||| Stepping ~*~*~tactically~*~*~ (outnumbered).
 20044 | D:7      | 20044 ||| Stepping ~*~*~tactically~*~*~ (outnumbered).
 20049 | D:7      | 20049 ||| Stepping ~*~*~tactically~*~*~ (outnumbered).
 20051 | D:7      | 20051 ||| Stepping ~*~*~tactically~*~*~ (outnumbered).
 20059 | D:7      | 20059 ||| Stepping ~*~*~tactically~*~*~ (outnumbered).
 20064 | D:7      | 20064 ||| Stepping ~*~*~tactically~*~*~ (outnumbered).
 20068 | D:7      | 20068 ||| Stepping ~*~*~tactically~*~*~ (outnumbered).
 20070 | D:7      | 20070 ||| Stepping ~*~*~tactically~*~*~ (outnumbered).
 20072 | D:7      | 20072 ||| Stepping ~*~*~tactically~*~*~ (outnumbered).
 20074 | D:7      | 20074 ||| Stepping ~*~*~tactically~*~*~ (outnumbered).
 20082 | D:7      | 20082 ||| Stepping ~*~*~tactically~*~*~ (outnumbered).
 20085 | D:7      | 20085 ||| Stepping ~*~*~tactically~*~*~ (outnumbered).
 20089 | D:7      | 20089 ||| Stepping ~*~*~tactically~*~*~ (outnumbered).
 20091 | D:7      | 20091 ||| Stepping ~*~*~tactically~*~*~ (outnumbered).
 20097 | D:7      | 20097 ||| Stepping ~*~*~tactically~*~*~ (outnumbered).
 20099 | D:7      | 20099 ||| Stepping ~*~*~tactically~*~*~ (outnumbered).
 20101 | D:7      | 20101 ||| Stepping ~*~*~tactically~*~*~ (outnumbered).
 20113 | D:7      | 20113 ||| Stepping ~*~*~tactically~*~*~ (outnumbered).
 20118 | D:7      | 20118 ||| Stepping ~*~*~tactically~*~*~ (outnumbered).
 20124 | D:7      | 20124 ||| Stepping ~*~*~tactically~*~*~ (outnumbered).
 20126 | D:7      | 20126 ||| Stepping ~*~*~tactically~*~*~ (outnumbered).
 20128 | D:7      | 20128 ||| Stepping ~*~*~tactically~*~*~ (outnumbered).
 20132 | D:7      | 20132 ||| Stepping ~*~*~tactically~*~*~ (outnumbered).
 20134 | D:7      | 20134 ||| Stepping ~*~*~tactically~*~*~ (outnumbered).
 20136 | D:7      | 20136 ||| Stepping ~*~*~tactically~*~*~ (outnumbered).
 20139 | D:7      | 20139 ||| Stepping ~*~*~tactically~*~*~ (outnumbered).
 20145 | D:7      | 20145 ||| Stepping ~*~*~tactically~*~*~ (outnumbered).
 20150 | D:7      | 20150 ||| Stepping ~*~*~tactically~*~*~ (outnumbered).
 20152 | D:7      | 20152 ||| Stepping ~*~*~tactically~*~*~ (outnumbered).
 20154 | D:7      | 20154 ||| Stepping ~*~*~tactically~*~*~ (outnumbered).
 20159 | D:7      | 20159 ||| Stepping ~*~*~tactically~*~*~ (outnumbered).
 20161 | D:7      | 20161 ||| Stepping ~*~*~tactically~*~*~ (outnumbered).
 20166 | D:7      | 20166 ||| Stepping ~*~*~tactically~*~*~ (outnumbered).
 20172 | D:7      | 20172 ||| Stepping ~*~*~tactically~*~*~ (outnumbered).
 20176 | D:7      | 20176 ||| Stepping ~*~*~tactically~*~*~ (outnumbered).
 20180 | D:7      | 20180 ||| Stepping ~*~*~tactically~*~*~ (outnumbered).
 20182 | D:7      | 20182 ||| Stepping ~*~*~tactically~*~*~ (outnumbered).
 20185 | D:7      | 20185 ||| Stepping ~*~*~tactically~*~*~ (outnumbered).
 20187 | D:7      | 20187 ||| Stepping ~*~*~tactically~*~*~ (outnumbered).
 20189 | D:7      | 20189 ||| Stepping ~*~*~tactically~*~*~ (outnumbered).
 20191 | D:7      | 20191 ||| Stepping ~*~*~tactically~*~*~ (outnumbered).
 20194 | D:7      | 20194 ||| Stepping ~*~*~tactically~*~*~ (outnumbered).
 20198 | D:7      | 20198 ||| Stepping ~*~*~tactically~*~*~ (outnumbered).
 20204 | D:7      | 20204 ||| Stepping ~*~*~tactically~*~*~ (outnumbered).
 20206 | D:7      | 20206 ||| Stepping ~*~*~tactically~*~*~ (outnumbered).
 20209 | D:7      | 20209 ||| Stepping ~*~*~tactically~*~*~ (outnumbered).
 20216 | D:7      | 20216 ||| Stepping ~*~*~tactically~*~*~ (outnumbered).
 20222 | D:7      | 20222 ||| Stepping ~*~*~tactically~*~*~ (outnumbered).
 20226 | D:7      | 20226 ||| Stepping ~*~*~tactically~*~*~ (outnumbered).
 20228 | D:7      | 20228 ||| Stepping ~*~*~tactically~*~*~ (outnumbered).
 20230 | D:7      | 20230 ||| Stepping ~*~*~tactically~*~*~ (outnumbered).
 20232 | D:7      | 20232 ||| Stepping ~*~*~tactically~*~*~ (outnumbered).
 20237 | D:7      | 20237 ||| Stepping ~*~*~tactically~*~*~ (outnumbered).
 20247 | D:7      | 20247 ||| Stepping ~*~*~tactically~*~*~ (outnumbered).
 20250 | D:7      | 20250 ||| Stepping ~*~*~tactically~*~*~ (outnumbered).
 20258 | D:7      | 20258 ||| Stepping ~*~*~tactically~*~*~ (outnumbered).
 20261 | D:7      | 20261 ||| Stepping ~*~*~tactically~*~*~ (outnumbered).
 20265 | D:7      | 20265 ||| Stepping ~*~*~tactically~*~*~ (outnumbered).
 20268 | D:7      | 20268 ||| Stepping ~*~*~tactically~*~*~ (outnumbered).
 20272 | D:7      | 20272 ||| Stepping ~*~*~tactically~*~*~ (outnumbered).
 20278 | D:7      | 20278 ||| Stepping ~*~*~tactically~*~*~ (outnumbered).
 20280 | D:7      | 20280 ||| Stepping ~*~*~tactically~*~*~ (outnumbered).
 20285 | D:7      | 20285 ||| Stepping ~*~*~tactically~*~*~ (outnumbered).
 20287 | D:7      | 20287 ||| Stepping ~*~*~tactically~*~*~ (outnumbered).
 20289 | D:7      | 20289 ||| Stepping ~*~*~tactically~*~*~ (outnumbered).
 20291 | D:7      | 20291 ||| Stepping ~*~*~tactically~*~*~ (outnumbered).
 20293 | D:7      | 20293 ||| Stepping ~*~*~tactically~*~*~ (outnumbered).
 20295 | D:7      | 20295 ||| Stepping ~*~*~tactically~*~*~ (outnumbered).
 20299 | D:7      | 20299 ||| Stepping ~*~*~tactically~*~*~ (outnumbered).
 20308 | D:7      | 20308 ||| Stepping ~*~*~tactically~*~*~ (outnumbered).
 20314 | D:7      | 20314 ||| Stepping ~*~*~tactically~*~*~ (outnumbered).
 20316 | D:7      | 20316 ||| Stepping ~*~*~tactically~*~*~ (outnumbered).
 20320 | D:7      | 20320 ||| Stepping ~*~*~tactically~*~*~ (outnumbered).
 20322 | D:7      | 20322 ||| Stepping ~*~*~tactically~*~*~ (outnumbered).
 20326 | D:7      | 20326 ||| Stepping ~*~*~tactically~*~*~ (outnumbered).
 20328 | D:7      | 20328 ||| Stepping ~*~*~tactically~*~*~ (outnumbered).
 20332 | D:7      | 20332 ||| Stepping ~*~*~tactically~*~*~ (outnumbered).
 20340 | D:7      | 20340 ||| Stepping ~*~*~tactically~*~*~ (outnumbered).
 20342 | D:7      | 20342 ||| Stepping ~*~*~tactically~*~*~ (outnumbered).
 20344 | D:7      | 20344 ||| Stepping ~*~*~tactically~*~*~ (outnumbered).
 20349 | D:7      | 20349 ||| Stepping ~*~*~tactically~*~*~ (outnumbered).
 20351 | D:7      | 20351 ||| Stepping ~*~*~tactically~*~*~ (outnumbered).
 20359 | D:7      | 20359 ||| Stepping ~*~*~tactically~*~*~ (outnumbered).
 20363 | D:7      | 20363 ||| Stepping ~*~*~tactically~*~*~ (outnumbered).
 20365 | D:7      | 20365 ||| Stepping ~*~*~tactically~*~*~ (outnumbered).
 20368 | D:7      | 20368 ||| Stepping ~*~*~tactically~*~*~ (outnumbered).
 20375 | D:7      | 20375 ||| Stepping ~*~*~tactically~*~*~ (outnumbered).
 20377 | D:7      | 20377 ||| Stepping ~*~*~tactically~*~*~ (outnumbered).
 20379 | D:7      | 20379 ||| Stepping ~*~*~tactically~*~*~ (outnumbered).
 20381 | D:7      | 20381 ||| Stepping ~*~*~tactically~*~*~ (outnumbered).
 20383 | D:7      | 20383 ||| Stepping ~*~*~tactically~*~*~ (outnumbered).
 20391 | D:7      | 20391 ||| Stepping ~*~*~tactically~*~*~ (outnumbered).
 20396 | D:7      | 20396 ||| Stepping ~*~*~tactically~*~*~ (outnumbered).
 20400 | D:7      | 20400 ||| Stepping ~*~*~tactically~*~*~ (outnumbered).
 20406 | D:7      | 20406 ||| Stepping ~*~*~tactically~*~*~ (outnumbered).
 20408 | D:7      | 20408 ||| Stepping ~*~*~tactically~*~*~ (outnumbered).
 20413 | D:7      | 20413 ||| Stepping ~*~*~tactically~*~*~ (outnumbered).
 20415 | D:7      | 20415 ||| Stepping ~*~*~tactically~*~*~ (outnumbered).
 20422 | D:7      | 20422 ||| Stepping ~*~*~tactically~*~*~ (outnumbered).
 20433 | D:7      | 20433 ||| Stepping ~*~*~tactically~*~*~ (outnumbered).
 20436 | D:7      | 20436 ||| Stepping ~*~*~tactically~*~*~ (outnumbered).
 20442 | D:7      | 20442 ||| Stepping ~*~*~tactically~*~*~ (outnumbered).
 20449 | D:7      | 20449 ||| Stepping ~*~*~tactically~*~*~ (outnumbered).
 20451 | D:7      | 20451 ||| Stepping ~*~*~tactically~*~*~ (outnumbered).
 20455 | D:7      | 20455 ||| Stepping ~*~*~tactically~*~*~ (outnumbered).
 20457 | D:7      | 20457 ||| Stepping ~*~*~tactically~*~*~ (outnumbered).
 20459 | D:7      | 20459 ||| Stepping ~*~*~tactically~*~*~ (outnumbered).
 20462 | D:7      | 20462 ||| Stepping ~*~*~tactically~*~*~ (outnumbered).
 20467 | D:7      | 20467 ||| Stepping ~*~*~tactically~*~*~ (outnumbered).
 20471 | D:7      | 20471 ||| Stepping ~*~*~tactically~*~*~ (outnumbered).
 20473 | D:7      | 20473 ||| Stepping ~*~*~tactically~*~*~ (outnumbered).
 20475 | D:7      | 20475 ||| Stepping ~*~*~tactically~*~*~ (outnumbered).
 20483 | D:7      | 20483 ||| Stepping ~*~*~tactically~*~*~ (outnumbered).
 20489 | D:7      | 20489 ||| Stepping ~*~*~tactically~*~*~ (outnumbered).
 20495 | D:7      | 20495 ||| Stepping ~*~*~tactically~*~*~ (outnumbered).
 20498 | D:7      | 20498 ||| Stepping ~*~*~tactically~*~*~ (outnumbered).
 20500 | D:7      | 20500 ||| Stepping ~*~*~tactically~*~*~ (outnumbered).
 20503 | D:7      | 20503 ||| Stepping ~*~*~tactically~*~*~ (outnumbered).
 20506 | D:7      | 20506 ||| Stepping ~*~*~tactically~*~*~ (outnumbered).
 20508 | D:7      | 20508 ||| Stepping ~*~*~tactically~*~*~ (outnumbered).
 20514 | D:7      | 20514 ||| Stepping ~*~*~tactically~*~*~ (outnumbered).
 20519 | D:7      | 20519 ||| Stepping ~*~*~tactically~*~*~ (outnumbered).
 20522 | D:7      | 20522 ||| Stepping ~*~*~tactically~*~*~ (outnumbered).
 20525 | D:7      | 20525 ||| Stepping ~*~*~tactically~*~*~ (outnumbered).
 20527 | D:7      | 20527 ||| Stepping ~*~*~tactically~*~*~ (outnumbered).
 20529 | D:7      | 20529 ||| Stepping ~*~*~tactically~*~*~ (outnumbered).
 20534 | D:7      | 20534 ||| Stepping ~*~*~tactically~*~*~ (outnumbered).
 20541 | D:7      | 20541 ||| Stepping ~*~*~tactically~*~*~ (outnumbered).
 20543 | D:7      | 20543 ||| Stepping ~*~*~tactically~*~*~ (outnumbered).
 20547 | D:7      | 20547 ||| Stepping ~*~*~tactically~*~*~ (outnumbered).
 20555 | D:7      | 20555 ||| Stepping ~*~*~tactically~*~*~ (outnumbered).
 20557 | D:7      | 20557 ||| Stepping ~*~*~tactically~*~*~ (outnumbered).
 20559 | D:7      | 20559 ||| Stepping ~*~*~tactically~*~*~ (outnumbered).
 20561 | D:7      | 20561 ||| Stepping ~*~*~tactically~*~*~ (outnumbered).
 20563 | D:7      | 20563 ||| Stepping ~*~*~tactically~*~*~ (outnumbered).
 20569 | D:7      | 20569 ||| Stepping ~*~*~tactically~*~*~ (outnumbered).
 20575 | D:7      | 20575 ||| Stepping ~*~*~tactically~*~*~ (outnumbered).
 20582 | D:7      | 20582 ||| Stepping ~*~*~tactically~*~*~ (outnumbered).
 20589 | D:7      | 20589 ||| Stepping ~*~*~tactically~*~*~ (outnumbered).
 20597 | D:7      | 20597 ||| Stepping ~*~*~tactically~*~*~ (outnumbered).
 20599 | D:7      | 20599 ||| Stepping ~*~*~tactically~*~*~ (outnumbered).
 20601 | D:7      | 20601 ||| Stepping ~*~*~tactically~*~*~ (outnumbered).
 20603 | D:7      | 20603 ||| Stepping ~*~*~tactically~*~*~ (outnumbered).
 20606 | D:7      | 20606 ||| Stepping ~*~*~tactically~*~*~ (outnumbered).
 20612 | D:7      | 20612 ||| Stepping ~*~*~tactically~*~*~ (outnumbered).
 20617 | D:7      | 20617 ||| Stepping ~*~*~tactically~*~*~ (outnumbered).
 20622 | D:7      | 20622 ||| Stepping ~*~*~tactically~*~*~ (outnumbered).
 20624 | D:7      | 20624 ||| Stepping ~*~*~tactically~*~*~ (outnumbered).
 20632 | D:7      | 20632 ||| Stepping ~*~*~tactically~*~*~ (outnumbered).
 20634 | D:7      | 20634 ||| Stepping ~*~*~tactically~*~*~ (outnumbered).
 20638 | D:7      | 20638 ||| Stepping ~*~*~tactically~*~*~ (outnumbered).
 20646 | D:7      | 20646 ||| Stepping ~*~*~tactically~*~*~ (outnumbered).
 20648 | D:7      | 20648 ||| Stepping ~*~*~tactically~*~*~ (outnumbered).
 20653 | D:7      | 20653 ||| Stepping ~*~*~tactically~*~*~ (outnumbered).
 20658 | D:7      | 20658 ||| Stepping ~*~*~tactically~*~*~ (outnumbered).
 20660 | D:7      | 20660 ||| Stepping ~*~*~tactically~*~*~ (outnumbered).
 20662 | D:7      | 20662 ||| Stepping ~*~*~tactically~*~*~ (outnumbered).
 20668 | D:7      | 20668 ||| Stepping ~*~*~tactically~*~*~ (outnumbered).
 20671 | D:7      | 20671 ||| Stepping ~*~*~tactically~*~*~ (outnumbered).
 20676 | D:7      | 20676 ||| Stepping ~*~*~tactically~*~*~ (outnumbered).
 20680 | D:7      | 20680 ||| Stepping ~*~*~tactically~*~*~ (outnumbered).
 20685 | D:7      | 20685 ||| Stepping ~*~*~tactically~*~*~ (outnumbered).
 20687 | D:7      | 20687 ||| Stepping ~*~*~tactically~*~*~ (outnumbered).
 20692 | D:7      | 20692 ||| Stepping ~*~*~tactically~*~*~ (outnumbered).
 20699 | D:7      | 20699 ||| Stepping ~*~*~tactically~*~*~ (outnumbered).
 20701 | D:7      | 20701 ||| Stepping ~*~*~tactically~*~*~ (outnumbered).
 20703 | D:7      | 20703 ||| Stepping ~*~*~tactically~*~*~ (outnumbered).
 20709 | D:7      | 20709 ||| Stepping ~*~*~tactically~*~*~ (outnumbered).
 20714 | D:7      | 20714 ||| Stepping ~*~*~tactically~*~*~ (outnumbered).
 20716 | D:7      | 20716 ||| Stepping ~*~*~tactically~*~*~ (outnumbered).
 20718 | D:7      | 20718 ||| Stepping ~*~*~tactically~*~*~ (outnumbered).
 20720 | D:7      | 20720 ||| Stepping ~*~*~tactically~*~*~ (outnumbered).
 20725 | D:7      | 20725 ||| Stepping ~*~*~tactically~*~*~ (outnumbered).
 20729 | D:7      | 20729 ||| Stepping ~*~*~tactically~*~*~ (outnumbered).
 20731 | D:7      | 20731 ||| Stepping ~*~*~tactically~*~*~ (outnumbered).
 20741 | D:7      | 20741 ||| Stepping ~*~*~tactically~*~*~ (outnumbered).
 20743 | D:7      | 20743 ||| Stepping ~*~*~tactically~*~*~ (outnumbered).
 20745 | D:7      | 20745 ||| Stepping ~*~*~tactically~*~*~ (outnumbered).
 20747 | D:7      | 20747 ||| Stepping ~*~*~tactically~*~*~ (outnumbered).
 20751 | D:7      | 20751 ||| Stepping ~*~*~tactically~*~*~ (outnumbered).
 20753 | D:7      | 20753 ||| Stepping ~*~*~tactically~*~*~ (outnumbered).
 20755 | D:7      | 20755 ||| Stepping ~*~*~tactically~*~*~ (outnumbered).
 20757 | D:7      | 20757 ||| Stepping ~*~*~tactically~*~*~ (outnumbered).
 20760 | D:7      | 20760 ||| Stepping ~*~*~tactically~*~*~ (outnumbered).
 20771 | D:7      | 20771 ||| Stepping ~*~*~tactically~*~*~ (outnumbered).
 20777 | D:7      | 20777 ||| Stepping ~*~*~tactically~*~*~ (outnumbered).
 20779 | D:7      | 20779 ||| Stepping ~*~*~tactically~*~*~ (outnumbered).
 20785 | D:7      | 20785 ||| Stepping ~*~*~tactically~*~*~ (outnumbered).
 20788 | D:7      | 20788 ||| Stepping ~*~*~tactically~*~*~ (outnumbered).
 20793 | D:7      | 20793 ||| Stepping ~*~*~tactically~*~*~ (outnumbered).
 20797 | D:7      | 20797 ||| Stepping ~*~*~tactically~*~*~ (outnumbered).
 20803 | D:7      | 20803 ||| Stepping ~*~*~tactically~*~*~ (outnumbered).
 20806 | D:7      | 20806 ||| Stepping ~*~*~tactically~*~*~ (outnumbered).
 20808 | D:7      | 20808 ||| Stepping ~*~*~tactically~*~*~ (outnumbered).
 20812 | D:7      | 20812 ||| Stepping ~*~*~tactically~*~*~ (outnumbered).
 20817 | D:7      | 20817 ||| Stepping ~*~*~tactically~*~*~ (outnumbered).
 20821 | D:7      | 20821 ||| Stepping ~*~*~tactically~*~*~ (outnumbered).
 20823 | D:7      | 20823 ||| Stepping ~*~*~tactically~*~*~ (outnumbered).
 20830 | D:7      | 20830 ||| Stepping ~*~*~tactically~*~*~ (outnumbered).
 20832 | D:7      | 20832 ||| Stepping ~*~*~tactically~*~*~ (outnumbered).
 20836 | D:7      | 20836 ||| Stepping ~*~*~tactically~*~*~ (outnumbered).
 20838 | D:7      | 20838 ||| Stepping ~*~*~tactically~*~*~ (outnumbered).
 20841 | D:7      | 20841 ||| Stepping ~*~*~tactically~*~*~ (outnumbered).
 20843 | D:7      | 20843 ||| Stepping ~*~*~tactically~*~*~ (outnumbered).
 20848 | D:7      | 20848 ||| Stepping ~*~*~tactically~*~*~ (outnumbered).
 20851 | D:7      | 20851 ||| Stepping ~*~*~tactically~*~*~ (outnumbered).
 20859 | D:7      | 20859 ||| Stepping ~*~*~tactically~*~*~ (outnumbered).
 20865 | D:7      | 20865 ||| Stepping ~*~*~tactically~*~*~ (outnumbered).
 20871 | D:7      | 20871 ||| Stepping ~*~*~tactically~*~*~ (outnumbered).
 20873 | D:7      | 20873 ||| Stepping ~*~*~tactically~*~*~ (outnumbered).
 20875 | D:7      | 20875 ||| Stepping ~*~*~tactically~*~*~ (outnumbered).
 20877 | D:7      | 20877 ||| Stepping ~*~*~tactically~*~*~ (outnumbered).
 20879 | D:7      | 20879 ||| Stepping ~*~*~tactically~*~*~ (outnumbered).
 20886 | D:7      | 20886 ||| Stepping ~*~*~tactically~*~*~ (outnumbered).
 20892 | D:7      | 20892 ||| Stepping ~*~*~tactically~*~*~ (outnumbered).
 20895 | D:7      | 20895 ||| Stepping ~*~*~tactically~*~*~ (outnumbered).
 20898 | D:7      | 20898 ||| Stepping ~*~*~tactically~*~*~ (outnumbered).
 20902 | D:7      | 20902 ||| Stepping ~*~*~tactically~*~*~ (outnumbered).
 20904 | D:7      | 20904 ||| Stepping ~*~*~tactically~*~*~ (outnumbered).
 20906 | D:7      | 20906 ||| Stepping ~*~*~tactically~*~*~ (outnumbered).
 20910 | D:7      | 20910 ||| Stepping ~*~*~tactically~*~*~ (outnumbered).
 20916 | D:7      | 20916 ||| Stepping ~*~*~tactically~*~*~ (outnumbered).
 20920 | D:7      | 20920 ||| Stepping ~*~*~tactically~*~*~ (outnumbered).
 20923 | D:7      | 20923 ||| Stepping ~*~*~tactically~*~*~ (outnumbered).
 20927 | D:7      | 20927 ||| Stepping ~*~*~tactically~*~*~ (outnumbered).
 20929 | D:7      | 20929 ||| Stepping ~*~*~tactically~*~*~ (outnumbered).
 20931 | D:7      | 20931 ||| Stepping ~*~*~tactically~*~*~ (outnumbered).
 20934 | D:7      | 20934 ||| Stepping ~*~*~tactically~*~*~ (outnumbered).
 20936 | D:7      | 20936 ||| Stepping ~*~*~tactically~*~*~ (outnumbered).
 20938 | D:7      | 20938 ||| Stepping ~*~*~tactically~*~*~ (outnumbered).
 20943 | D:7      | 20943 ||| Stepping ~*~*~tactically~*~*~ (outnumbered).
 20948 | D:7      | 20948 ||| Stepping ~*~*~tactically~*~*~ (outnumbered).
 20950 | D:7      | 20950 ||| Stepping ~*~*~tactically~*~*~ (outnumbered).
 20955 | D:7      | 20955 ||| Stepping ~*~*~tactically~*~*~ (outnumbered).
 20961 | D:7      | 20961 ||| Stepping ~*~*~tactically~*~*~ (outnumbered).
 20967 | D:7      | 20967 ||| Stepping ~*~*~tactically~*~*~ (outnumbered).
 20975 | D:7      | 20975 ||| Stepping ~*~*~tactically~*~*~ (outnumbered).
 20984 | D:7      | 20984 ||| Stepping ~*~*~tactically~*~*~ (outnumbered).
 20989 | D:7      | 20989 ||| Stepping ~*~*~tactically~*~*~ (outnumbered).
 20995 | D:7      | 20995 ||| Stepping ~*~*~tactically~*~*~ (outnumbered).
 20997 | D:7      | 20997 ||| Stepping ~*~*~tactically~*~*~ (outnumbered).
 21000 | D:7      | 21000 ||| Stepping ~*~*~tactically~*~*~ (outnumbered).
 21002 | D:7      | 21002 ||| Stepping ~*~*~tactically~*~*~ (outnumbered).
 21009 | D:7      | 21009 ||| Stepping ~*~*~tactically~*~*~ (outnumbered).
 21015 | D:7      | 21015 ||| Stepping ~*~*~tactically~*~*~ (outnumbered).
 21020 | D:7      | 21020 ||| Stepping ~*~*~tactically~*~*~ (outnumbered).
 21024 | D:7      | 21024 ||| Stepping ~*~*~tactically~*~*~ (outnumbered).
 21027 | D:7      | 21027 ||| Stepping ~*~*~tactically~*~*~ (outnumbered).
 21029 | D:7      | 21029 ||| Stepping ~*~*~tactically~*~*~ (outnumbered).
 21031 | D:7      | 21031 ||| Stepping ~*~*~tactically~*~*~ (outnumbered).
 21035 | D:7      | 21035 ||| Stepping ~*~*~tactically~*~*~ (outnumbered).
 21037 | D:7      | 21037 ||| Stepping ~*~*~tactically~*~*~ (outnumbered).
 21039 | D:7      | 21039 ||| Stepping ~*~*~tactically~*~*~ (outnumbered).
 21043 | D:7      | 21043 ||| Stepping ~*~*~tactically~*~*~ (outnumbered).
 21046 | D:7      | 21046 ||| Stepping ~*~*~tactically~*~*~ (outnumbered).
 21048 | D:7      | 21048 ||| Stepping ~*~*~tactically~*~*~ (outnumbered).
 21051 | D:7      | 21051 ||| Stepping ~*~*~tactically~*~*~ (outnumbered).
 21057 | D:7      | 21057 ||| Stepping ~*~*~tactically~*~*~ (outnumbered).
 21059 | D:7      | 21059 ||| Stepping ~*~*~tactically~*~*~ (outnumbered).
 21064 | D:7      | 21064 ||| Stepping ~*~*~tactically~*~*~ (outnumbered).
 21067 | D:7      | 21067 ||| Stepping ~*~*~tactically~*~*~ (outnumbered).
 21069 | D:7      | 21069 ||| Stepping ~*~*~tactically~*~*~ (outnumbered).
 21074 | D:7      | 21074 ||| Stepping ~*~*~tactically~*~*~ (outnumbered).
 21076 | D:7      | 21076 ||| Stepping ~*~*~tactically~*~*~ (outnumbered).
 21078 | D:7      | 21078 ||| Stepping ~*~*~tactically~*~*~ (outnumbered).
 21081 | D:7      | 21081 ||| Stepping ~*~*~tactically~*~*~ (outnumbered).
 21083 | D:7      | 21083 ||| Stepping ~*~*~tactically~*~*~ (outnumbered).
 21087 | D:7      | 21087 ||| Stepping ~*~*~tactically~*~*~ (outnumbered).
 21094 | D:7      | 21094 ||| Stepping ~*~*~tactically~*~*~ (outnumbered).
 21099 | D:7      | 21099 ||| Stepping ~*~*~tactically~*~*~ (outnumbered).
 21101 | D:7      | 21101 ||| Stepping ~*~*~tactically~*~*~ (outnumbered).
 21108 | D:7      | 21108 ||| Stepping ~*~*~tactically~*~*~ (outnumbered).
 21115 | D:7      | 21115 ||| Stepping ~*~*~tactically~*~*~ (outnumbered).
 21118 | D:7      | 21118 ||| Stepping ~*~*~tactically~*~*~ (outnumbered).
 21120 | D:7      | 21120 ||| Stepping ~*~*~tactically~*~*~ (outnumbered).
 21128 | D:7      | 21128 ||| Stepping ~*~*~tactically~*~*~ (outnumbered).
 21130 | D:7      | 21130 ||| Stepping ~*~*~tactically~*~*~ (outnumbered).
 21133 | D:7      | 21133 ||| Stepping ~*~*~tactically~*~*~ (outnumbered).
 21135 | D:7      | 21135 ||| Stepping ~*~*~tactically~*~*~ (outnumbered).
 21139 | D:7      | 21139 ||| Stepping ~*~*~tactically~*~*~ (outnumbered).
 21142 | D:7      | 21142 ||| Stepping ~*~*~tactically~*~*~ (outnumbered).
 21146 | D:7      | 21146 ||| Stepping ~*~*~tactically~*~*~ (outnumbered).
 21148 | D:7      | 21148 ||| Stepping ~*~*~tactically~*~*~ (outnumbered).
 21151 | D:7      | 21151 ||| Stepping ~*~*~tactically~*~*~ (outnumbered).
 21154 | D:7      | 21154 ||| Stepping ~*~*~tactically~*~*~ (outnumbered).
 21156 | D:7      | 21156 ||| Stepping ~*~*~tactically~*~*~ (outnumbered).
 21162 | D:7      | 21162 ||| Stepping ~*~*~tactically~*~*~ (outnumbered).
 21164 | D:7      | 21164 ||| Stepping ~*~*~tactically~*~*~ (outnumbered).
 21166 | D:7      | 21166 ||| Stepping ~*~*~tactically~*~*~ (outnumbered).
 21168 | D:7      | 21168 ||| Stepping ~*~*~tactically~*~*~ (outnumbered).
 21170 | D:7      | 21170 ||| Stepping ~*~*~tactically~*~*~ (outnumbered).
 21173 | D:7      | 21173 ||| Stepping ~*~*~tactically~*~*~ (outnumbered).
 21179 | D:7      | 21179 ||| Stepping ~*~*~tactically~*~*~ (outnumbered).
 21181 | D:7      | 21181 ||| Stepping ~*~*~tactically~*~*~ (outnumbered).
 21185 | D:7      | 21185 ||| Stepping ~*~*~tactically~*~*~ (outnumbered).
 21189 | D:7      | 21189 ||| Stepping ~*~*~tactically~*~*~ (outnumbered).
 21191 | D:7      | 21191 ||| Stepping ~*~*~tactically~*~*~ (outnumbered).
 21201 | D:7      | 21201 ||| Stepping ~*~*~tactically~*~*~ (outnumbered).
 21203 | D:7      | 21203 ||| Stepping ~*~*~tactically~*~*~ (outnumbered).
 21206 | D:7      | 21206 ||| Stepping ~*~*~tactically~*~*~ (outnumbered).
 21209 | D:7      | 21209 ||| Stepping ~*~*~tactically~*~*~ (outnumbered).
 21213 | D:7      | 21213 ||| Stepping ~*~*~tactically~*~*~ (outnumbered).
 21215 | D:7      | 21215 ||| Stepping ~*~*~tactically~*~*~ (outnumbered).
 21219 | D:7      | 21219 ||| Stepping ~*~*~tactically~*~*~ (outnumbered).
 21224 | D:7      | 21224 ||| Stepping ~*~*~tactically~*~*~ (outnumbered).
 21228 | D:7      | 21228 ||| Stepping ~*~*~tactically~*~*~ (outnumbered).
 21233 | D:7      | 21233 ||| Stepping ~*~*~tactically~*~*~ (outnumbered).
 21238 | D:7      | 21238 ||| Stepping ~*~*~tactically~*~*~ (outnumbered).
 21241 | D:7      | 21241 ||| Stepping ~*~*~tactically~*~*~ (outnumbered).
 21246 | D:7      | 21246 ||| Stepping ~*~*~tactically~*~*~ (outnumbered).
 21251 | D:7      | 21251 ||| Stepping ~*~*~tactically~*~*~ (outnumbered).
 21256 | D:7      | 21256 ||| Stepping ~*~*~tactically~*~*~ (outnumbered).
 21259 | D:7      | 21259 ||| Stepping ~*~*~tactically~*~*~ (outnumbered).
 21261 | D:7      | 21261 ||| Stepping ~*~*~tactically~*~*~ (outnumbered).
 21270 | D:7      | 21270 ||| Stepping ~*~*~tactically~*~*~ (outnumbered).
 21272 | D:7      | 21272 ||| Stepping ~*~*~tactically~*~*~ (outnumbered).
 21274 | D:7      | 21274 ||| Stepping ~*~*~tactically~*~*~ (outnumbered).
 21277 | D:7      | 21277 ||| Stepping ~*~*~tactically~*~*~ (outnumbered).
 21279 | D:7      | 21279 ||| Stepping ~*~*~tactically~*~*~ (outnumbered).
 21282 | D:7      | 21282 ||| Stepping ~*~*~tactically~*~*~ (outnumbered).
 21287 | D:7      | 21287 ||| Stepping ~*~*~tactically~*~*~ (outnumbered).
 21290 | D:7      | 21290 ||| Stepping ~*~*~tactically~*~*~ (outnumbered).
 21295 | D:7      | 21295 ||| Stepping ~*~*~tactically~*~*~ (outnumbered).
 21297 | D:7      | 21297 ||| Stepping ~*~*~tactically~*~*~ (outnumbered).
 21299 | D:7      | 21299 ||| Stepping ~*~*~tactically~*~*~ (outnumbered).
 21302 | D:7      | 21302 ||| Stepping ~*~*~tactically~*~*~ (outnumbered).
 21309 | D:7      | 21309 ||| Stepping ~*~*~tactically~*~*~ (outnumbered).
 21311 | D:7      | 21311 ||| Stepping ~*~*~tactically~*~*~ (outnumbered).
 21313 | D:7      | 21313 ||| Stepping ~*~*~tactically~*~*~ (outnumbered).
 21319 | D:7      | 21319 ||| Stepping ~*~*~tactically~*~*~ (outnumbered).
 21321 | D:7      | 21321 ||| Stepping ~*~*~tactically~*~*~ (outnumbered).
 21329 | D:7      | 21329 ||| Stepping ~*~*~tactically~*~*~ (outnumbered).
 21331 | D:7      | 21331 ||| Stepping ~*~*~tactically~*~*~ (outnumbered).
 21333 | D:7      | 21333 ||| Stepping ~*~*~tactically~*~*~ (outnumbered).
 21335 | D:7      | 21335 ||| Stepping ~*~*~tactically~*~*~ (outnumbered).
 21337 | D:7      | 21337 ||| Stepping ~*~*~tactically~*~*~ (outnumbered).
 21339 | D:7      | 21339 ||| Stepping ~*~*~tactically~*~*~ (outnumbered).
 21345 | D:7      | 21345 ||| Stepping ~*~*~tactically~*~*~ (outnumbered).
 21347 | D:7      | 21347 ||| Stepping ~*~*~tactically~*~*~ (outnumbered).
 21349 | D:7      | 21349 ||| Stepping ~*~*~tactically~*~*~ (outnumbered).
 21351 | D:7      | 21351 ||| Stepping ~*~*~tactically~*~*~ (outnumbered).
 21353 | D:7      | 21353 ||| Stepping ~*~*~tactically~*~*~ (outnumbered).
 21355 | D:7      | 21355 ||| Stepping ~*~*~tactically~*~*~ (outnumbered).
 21361 | D:7      | 21361 ||| Stepping ~*~*~tactically~*~*~ (outnumbered).
 21363 | D:7      | 21363 ||| Stepping ~*~*~tactically~*~*~ (outnumbered).
 21365 | D:7      | 21365 ||| Stepping ~*~*~tactically~*~*~ (outnumbered).
 21371 | D:7      | 21371 ||| Stepping ~*~*~tactically~*~*~ (outnumbered).
 21373 | D:7      | 21373 ||| Stepping ~*~*~tactically~*~*~ (outnumbered).
 21377 | D:7      | 21377 ||| Stepping ~*~*~tactically~*~*~ (outnumbered).
 21379 | D:7      | 21379 ||| Stepping ~*~*~tactically~*~*~ (outnumbered).
 21384 | D:7      | 21384 ||| Stepping ~*~*~tactically~*~*~ (outnumbered).
 21388 | D:7      | 21388 ||| Stepping ~*~*~tactically~*~*~ (outnumbered).
 21392 | D:7      | 21392 ||| Stepping ~*~*~tactically~*~*~ (outnumbered).
 21394 | D:7      | 21394 ||| Stepping ~*~*~tactically~*~*~ (outnumbered).
 21397 | D:7      | 21397 ||| Stepping ~*~*~tactically~*~*~ (outnumbered).
 21399 | D:7      | 21399 ||| Stepping ~*~*~tactically~*~*~ (outnumbered).
 21404 | D:7      | 21404 ||| Stepping ~*~*~tactically~*~*~ (outnumbered).
 21408 | D:7      | 21408 ||| Stepping ~*~*~tactically~*~*~ (outnumbered).
 21414 | D:7      | 21414 ||| Stepping ~*~*~tactically~*~*~ (outnumbered).
 21420 | D:7      | 21420 ||| Stepping ~*~*~tactically~*~*~ (outnumbered).
 21424 | D:7      | 21424 ||| Stepping ~*~*~tactically~*~*~ (outnumbered).
 21427 | D:7      | 21427 ||| Stepping ~*~*~tactically~*~*~ (outnumbered).
 21429 | D:7      | 21429 ||| Stepping ~*~*~tactically~*~*~ (outnumbered).
 21434 | D:7      | 21434 ||| Stepping ~*~*~tactically~*~*~ (outnumbered).
 21439 | D:7      | 21439 ||| Stepping ~*~*~tactically~*~*~ (outnumbered).
 21446 | D:7      | 21446 ||| Stepping ~*~*~tactically~*~*~ (outnumbered).
 21448 | D:7      | 21448 ||| Stepping ~*~*~tactically~*~*~ (outnumbered).
 21452 | D:7      | 21452 ||| Stepping ~*~*~tactically~*~*~ (outnumbered).
 21458 | D:7      | 21458 ||| Stepping ~*~*~tactically~*~*~ (outnumbered).
 21461 | D:7      | 21461 ||| Stepping ~*~*~tactically~*~*~ (outnumbered).
 21463 | D:7      | 21463 ||| Stepping ~*~*~tactically~*~*~ (outnumbered).
 21465 | D:7      | 21465 ||| Stepping ~*~*~tactically~*~*~ (outnumbered).
 21467 | D:7      | 21467 ||| Stepping ~*~*~tactically~*~*~ (outnumbered).
 21473 | D:7      | 21473 ||| Stepping ~*~*~tactically~*~*~ (outnumbered).
 21476 | D:7      | 21476 ||| Stepping ~*~*~tactically~*~*~ (outnumbered).
 21481 | D:7      | 21481 ||| Stepping ~*~*~tactically~*~*~ (outnumbered).
 21483 | D:7      | 21483 ||| Stepping ~*~*~tactically~*~*~ (outnumbered).
 21485 | D:7      | 21485 ||| Stepping ~*~*~tactically~*~*~ (outnumbered).
 21491 | D:7      | 21491 ||| Stepping ~*~*~tactically~*~*~ (outnumbered).
 21498 | D:7      | 21498 ||| Stepping ~*~*~tactically~*~*~ (outnumbered).
 21501 | D:7      | 21501 ||| Stepping ~*~*~tactically~*~*~ (outnumbered).
 21506 | D:7      | 21506 ||| Stepping ~*~*~tactically~*~*~ (outnumbered).
 21508 | D:7      | 21508 ||| Stepping ~*~*~tactically~*~*~ (outnumbered).
 21518 | D:7      | 21518 ||| Stepping ~*~*~tactically~*~*~ (outnumbered).
 21520 | D:7      | 21520 ||| Stepping ~*~*~tactically~*~*~ (outnumbered).
 21522 | D:7      | 21522 ||| Stepping ~*~*~tactically~*~*~ (outnumbered).
 21531 | D:7      | 21531 ||| Stepping ~*~*~tactically~*~*~ (outnumbered).
 21533 | D:7      | 21533 ||| Stepping ~*~*~tactically~*~*~ (outnumbered).
 21540 | D:7      | 21540 ||| Stepping ~*~*~tactically~*~*~ (outnumbered).
 21542 | D:7      | 21542 ||| Stepping ~*~*~tactically~*~*~ (outnumbered).
 21546 | D:7      | 21546 ||| Stepping ~*~*~tactically~*~*~ (outnumbered).
 21548 | D:7      | 21548 ||| Stepping ~*~*~tactically~*~*~ (outnumbered).
 21550 | D:7      | 21550 ||| Stepping ~*~*~tactically~*~*~ (outnumbered).
 21556 | D:7      | 21556 ||| Stepping ~*~*~tactically~*~*~ (outnumbered).
 21559 | D:7      | 21559 ||| Stepping ~*~*~tactically~*~*~ (outnumbered).
 21566 | D:7      | 21566 ||| Stepping ~*~*~tactically~*~*~ (outnumbered).
 21568 | D:7      | 21568 ||| Stepping ~*~*~tactically~*~*~ (outnumbered).
 21573 | D:7      | 21573 ||| Stepping ~*~*~tactically~*~*~ (outnumbered).
 21581 | D:7      | 21581 ||| Stepping ~*~*~tactically~*~*~ (outnumbered).
 21583 | D:7      | 21583 ||| Stepping ~*~*~tactically~*~*~ (outnumbered).
 21586 | D:7      | 21586 ||| Stepping ~*~*~tactically~*~*~ (outnumbered).
 21588 | D:7      | 21588 ||| Stepping ~*~*~tactically~*~*~ (outnumbered).
 21592 | D:7      | 21592 ||| Stepping ~*~*~tactically~*~*~ (outnumbered).
 21598 | D:7      | 21598 ||| Stepping ~*~*~tactically~*~*~ (outnumbered).
 21600 | D:7      | 21600 ||| Stepping ~*~*~tactically~*~*~ (outnumbered).
 21603 | D:7      | 21603 ||| Stepping ~*~*~tactically~*~*~ (outnumbered).
 21611 | D:7      | 21611 ||| Stepping ~*~*~tactically~*~*~ (outnumbered).
 21623 | D:7      | 21623 ||| Stepping ~*~*~tactically~*~*~ (outnumbered).
 21625 | D:7      | 21625 ||| Stepping ~*~*~tactically~*~*~ (outnumbered).
 21627 | D:7      | 21627 ||| Stepping ~*~*~tactically~*~*~ (outnumbered).
 21635 | D:7      | 21635 ||| Stepping ~*~*~tactically~*~*~ (outnumbered).
 21640 | D:7      | 21640 ||| Stepping ~*~*~tactically~*~*~ (outnumbered).
 21643 | D:7      | 21643 ||| Stepping ~*~*~tactically~*~*~ (outnumbered).
 21648 | D:7      | 21648 ||| Stepping ~*~*~tactically~*~*~ (outnumbered).
 21659 | D:7      | 21659 ||| Stepping ~*~*~tactically~*~*~ (outnumbered).
 21669 | D:7      | 21669 ||| Stepping ~*~*~tactically~*~*~ (outnumbered).
 21671 | D:7      | 21671 ||| Stepping ~*~*~tactically~*~*~ (outnumbered).
 21678 | D:7      | 21678 ||| Stepping ~*~*~tactically~*~*~ (outnumbered).
 21683 | D:7      | 21683 ||| Stepping ~*~*~tactically~*~*~ (outnumbered).
 21685 | D:7      | 21685 ||| Stepping ~*~*~tactically~*~*~ (outnumbered).
 21690 | D:7      | 21690 ||| Stepping ~*~*~tactically~*~*~ (outnumbered).
 21696 | D:7      | 21696 ||| Stepping ~*~*~tactically~*~*~ (outnumbered).
 21698 | D:7      | 21698 ||| Stepping ~*~*~tactically~*~*~ (outnumbered).
 21707 | D:7      | 21707 ||| Stepping ~*~*~tactically~*~*~ (outnumbered).
 21717 | D:7      | 21717 ||| Stepping ~*~*~tactically~*~*~ (outnumbered).
 21719 | D:7      | 21719 ||| Stepping ~*~*~tactically~*~*~ (outnumbered).
 21721 | D:7      | 21721 ||| Stepping ~*~*~tactically~*~*~ (outnumbered).
 21725 | D:7      | 21725 ||| Stepping ~*~*~tactically~*~*~ (outnumbered).
 21727 | D:7      | 21727 ||| Stepping ~*~*~tactically~*~*~ (outnumbered).
 21729 | D:7      | 21729 ||| Stepping ~*~*~tactically~*~*~ (outnumbered).
 21732 | D:7      | 21732 ||| Stepping ~*~*~tactically~*~*~ (outnumbered).
 21734 | D:7      | 21734 ||| Stepping ~*~*~tactically~*~*~ (outnumbered).
 21743 | D:7      | 21743 ||| Stepping ~*~*~tactically~*~*~ (outnumbered).
 21751 | D:7      | 21751 ||| Stepping ~*~*~tactically~*~*~ (outnumbered).
 21761 | D:7      | 21761 ||| Stepping ~*~*~tactically~*~*~ (outnumbered).
 21763 | D:7      | 21763 ||| Stepping ~*~*~tactically~*~*~ (outnumbered).
 21766 | D:7      | 21766 ||| Stepping ~*~*~tactically~*~*~ (outnumbered).
 21768 | D:7      | 21768 ||| Stepping ~*~*~tactically~*~*~ (outnumbered).
 21771 | D:7      | 21771 ||| Stepping ~*~*~tactically~*~*~ (outnumbered).
 21776 | D:7      | 21776 ||| Stepping ~*~*~tactically~*~*~ (outnumbered).
 21780 | D:7      | 21780 ||| Stepping ~*~*~tactically~*~*~ (outnumbered).
 21782 | D:7      | 21782 ||| Stepping ~*~*~tactically~*~*~ (outnumbered).
 21787 | D:7      | 21787 ||| Stepping ~*~*~tactically~*~*~ (outnumbered).
 21791 | D:7      | 21791 ||| Stepping ~*~*~tactically~*~*~ (outnumbered).
 21798 | D:7      | 21798 ||| Stepping ~*~*~tactically~*~*~ (outnumbered).
 21806 | D:7      | 21806 ||| Stepping ~*~*~tactically~*~*~ (outnumbered).
 21808 | D:7      | 21808 ||| Stepping ~*~*~tactically~*~*~ (outnumbered).
 21811 | D:7      | 21811 ||| Stepping ~*~*~tactically~*~*~ (outnumbered).
 21815 | D:7      | 21815 ||| Stepping ~*~*~tactically~*~*~ (outnumbered).
 21817 | D:7      | 21817 ||| Stepping ~*~*~tactically~*~*~ (outnumbered).
 21821 | D:7      | 21821 ||| Stepping ~*~*~tactically~*~*~ (outnumbered).
 21826 | D:7      | 21826 ||| Stepping ~*~*~tactically~*~*~ (outnumbered).
 21828 | D:7      | 21828 ||| Stepping ~*~*~tactically~*~*~ (outnumbered).
 21832 | D:7      | 21832 ||| Stepping ~*~*~tactically~*~*~ (outnumbered).
 21834 | D:7      | 21834 ||| Stepping ~*~*~tactically~*~*~ (outnumbered).
 21836 | D:7      | 21836 ||| Stepping ~*~*~tactically~*~*~ (outnumbered).
 21840 | D:7      | 21840 ||| Stepping ~*~*~tactically~*~*~ (outnumbered).
 21844 | D:7      | 21844 ||| Stepping ~*~*~tactically~*~*~ (outnumbered).
 21846 | D:7      | 21846 ||| Stepping ~*~*~tactically~*~*~ (outnumbered).
 21850 | D:7      | 21850 ||| Stepping ~*~*~tactically~*~*~ (outnumbered).
 21853 | D:7      | 21853 ||| Stepping ~*~*~tactically~*~*~ (outnumbered).
 21857 | D:7      | 21857 ||| Stepping ~*~*~tactically~*~*~ (outnumbered).
 21865 | D:7      | 21865 ||| Stepping ~*~*~tactically~*~*~ (outnumbered).
 21868 | D:7      | 21868 ||| Stepping ~*~*~tactically~*~*~ (outnumbered).
 21875 | D:7      | 21875 ||| Stepping ~*~*~tactically~*~*~ (outnumbered).
 21879 | D:7      | 21879 ||| Stepping ~*~*~tactically~*~*~ (outnumbered).
 21881 | D:7      | 21881 ||| Stepping ~*~*~tactically~*~*~ (outnumbered).
 21884 | D:7      | 21884 ||| Stepping ~*~*~tactically~*~*~ (outnumbered).
 21886 | D:7      | 21886 ||| Stepping ~*~*~tactically~*~*~ (outnumbered).
 21888 | D:7      | 21888 ||| Stepping ~*~*~tactically~*~*~ (outnumbered).
 21891 | D:7      | 21891 ||| Stepping ~*~*~tactically~*~*~ (outnumbered).
 21893 | D:7      | 21893 ||| Stepping ~*~*~tactically~*~*~ (outnumbered).
 21895 | D:7      | 21895 ||| Stepping ~*~*~tactically~*~*~ (outnumbered).
 21897 | D:7      | 21897 ||| Stepping ~*~*~tactically~*~*~ (outnumbered).
 21900 | D:7      | 21900 ||| Stepping ~*~*~tactically~*~*~ (outnumbered).
 21906 | D:7      | 21906 ||| Stepping ~*~*~tactically~*~*~ (outnumbered).
 21911 | D:7      | 21911 ||| Stepping ~*~*~tactically~*~*~ (outnumbered).
 21917 | D:7      | 21917 ||| Stepping ~*~*~tactically~*~*~ (outnumbered).
 21922 | D:7      | 21922 ||| Stepping ~*~*~tactically~*~*~ (outnumbered).
 21924 | D:7      | 21924 ||| Stepping ~*~*~tactically~*~*~ (outnumbered).
 21926 | D:7      | 21926 ||| Stepping ~*~*~tactically~*~*~ (outnumbered).
 21928 | D:7      | 21928 ||| Stepping ~*~*~tactically~*~*~ (outnumbered).
 21933 | D:7      | 21933 ||| Stepping ~*~*~tactically~*~*~ (outnumbered).
 21936 | D:7      | 21936 ||| Stepping ~*~*~tactically~*~*~ (outnumbered).
 21942 | D:7      | 21942 ||| Stepping ~*~*~tactically~*~*~ (outnumbered).
 21946 | D:7      | 21946 ||| Stepping ~*~*~tactically~*~*~ (outnumbered).
 21949 | D:7      | 21949 ||| Stepping ~*~*~tactically~*~*~ (outnumbered).
 21951 | D:7      | 21951 ||| Stepping ~*~*~tactically~*~*~ (outnumbered).
 21953 | D:7      | 21953 ||| Stepping ~*~*~tactically~*~*~ (outnumbered).
 21958 | D:7      | 21958 ||| Stepping ~*~*~tactically~*~*~ (outnumbered).
 21961 | D:7      | 21961 ||| Stepping ~*~*~tactically~*~*~ (outnumbered).
 21963 | D:7      | 21963 ||| Stepping ~*~*~tactically~*~*~ (outnumbered).
 21970 | D:7      | 21970 ||| Stepping ~*~*~tactically~*~*~ (outnumbered).
 21976 | D:7      | 21976 ||| Stepping ~*~*~tactically~*~*~ (outnumbered).
 21978 | D:7      | 21978 ||| Stepping ~*~*~tactically~*~*~ (outnumbered).
 21981 | D:7      | 21981 ||| Stepping ~*~*~tactically~*~*~ (outnumbered).
 21988 | D:7      | 21988 ||| Stepping ~*~*~tactically~*~*~ (outnumbered).
 21990 | D:7      | 21990 ||| Stepping ~*~*~tactically~*~*~ (outnumbered).
 21995 | D:7      | 21995 ||| Stepping ~*~*~tactically~*~*~ (outnumbered).
 21999 | D:7      | 21999 ||| Stepping ~*~*~tactically~*~*~ (outnumbered).
 22007 | D:7      | 22007 ||| Stepping ~*~*~tactically~*~*~ (outnumbered).
 22014 | D:7      | 22014 ||| Stepping ~*~*~tactically~*~*~ (outnumbered).
 22022 | D:7      | 22022 ||| Stepping ~*~*~tactically~*~*~ (outnumbered).
 22024 | D:7      | 22024 ||| Stepping ~*~*~tactically~*~*~ (outnumbered).
 22026 | D:7      | 22026 ||| Stepping ~*~*~tactically~*~*~ (outnumbered).
 22028 | D:7      | 22028 ||| Stepping ~*~*~tactically~*~*~ (outnumbered).
 22036 | D:7      | 22036 ||| Stepping ~*~*~tactically~*~*~ (outnumbered).
 22038 | D:7      | 22038 ||| Stepping ~*~*~tactically~*~*~ (outnumbered).
 22043 | D:7      | 22043 ||| Stepping ~*~*~tactically~*~*~ (outnumbered).
 22047 | D:7      | 22047 ||| Stepping ~*~*~tactically~*~*~ (outnumbered).
 22049 | D:7      | 22049 ||| Stepping ~*~*~tactically~*~*~ (outnumbered).
 22051 | D:7      | 22051 ||| Stepping ~*~*~tactically~*~*~ (outnumbered).
 22058 | D:7      | 22058 ||| Stepping ~*~*~tactically~*~*~ (outnumbered).
 22063 | D:7      | 22063 ||| Stepping ~*~*~tactically~*~*~ (outnumbered).
 22067 | D:7      | 22067 ||| Stepping ~*~*~tactically~*~*~ (outnumbered).
 22069 | D:7      | 22069 ||| Stepping ~*~*~tactically~*~*~ (outnumbered).
 22071 | D:7      | 22071 ||| Stepping ~*~*~tactically~*~*~ (outnumbered).
 22076 | D:7      | 22076 ||| Stepping ~*~*~tactically~*~*~ (outnumbered).
 22081 | D:7      | 22081 ||| Stepping ~*~*~tactically~*~*~ (outnumbered).
 22083 | D:7      | 22083 ||| Stepping ~*~*~tactically~*~*~ (outnumbered).
 22086 | D:7      | 22086 ||| Stepping ~*~*~tactically~*~*~ (outnumbered).
 22088 | D:7      | 22088 ||| Stepping ~*~*~tactically~*~*~ (outnumbered).
 22090 | D:7      | 22090 ||| Stepping ~*~*~tactically~*~*~ (outnumbered).
 22094 | D:7      | 22094 ||| Stepping ~*~*~tactically~*~*~ (outnumbered).
 22101 | D:7      | 22101 ||| Stepping ~*~*~tactically~*~*~ (outnumbered).
 22110 | D:7      | 22110 ||| Stepping ~*~*~tactically~*~*~ (outnumbered).
 22114 | D:7      | 22114 ||| Stepping ~*~*~tactically~*~*~ (outnumbered).
 22122 | D:7      | 22122 ||| Stepping ~*~*~tactically~*~*~ (outnumbered).
 22124 | D:7      | 22124 ||| Stepping ~*~*~tactically~*~*~ (outnumbered).
 22126 | D:7      | 22126 ||| Stepping ~*~*~tactically~*~*~ (outnumbered).
 22129 | D:7      | 22129 ||| Stepping ~*~*~tactically~*~*~ (outnumbered).
 22131 | D:7      | 22131 ||| Stepping ~*~*~tactically~*~*~ (outnumbered).
 22135 | D:7      | 22135 ||| Stepping ~*~*~tactically~*~*~ (outnumbered).
 22146 | D:7      | 22146 ||| Stepping ~*~*~tactically~*~*~ (outnumbered).
 22150 | D:7      | 22150 ||| Stepping ~*~*~tactically~*~*~ (outnumbered).
 22152 | D:7      | 22152 ||| Stepping ~*~*~tactically~*~*~ (outnumbered).
 22156 | D:7      | 22156 ||| Stepping ~*~*~tactically~*~*~ (outnumbered).
 22158 | D:7      | 22158 ||| Stepping ~*~*~tactically~*~*~ (outnumbered).
 22161 | D:7      | 22161 ||| Stepping ~*~*~tactically~*~*~ (outnumbered).
 22163 | D:7      | 22163 ||| Stepping ~*~*~tactically~*~*~ (outnumbered).
 22166 | D:7      | 22166 ||| Stepping ~*~*~tactically~*~*~ (outnumbered).
 22177 | D:7      | 22177 ||| Stepping ~*~*~tactically~*~*~ (outnumbered).
 22180 | D:7      | 22180 ||| Stepping ~*~*~tactically~*~*~ (outnumbered).
 22185 | D:7      | 22185 ||| Stepping ~*~*~tactically~*~*~ (outnumbered).
 22193 | D:7      | 22193 ||| Stepping ~*~*~tactically~*~*~ (outnumbered).
 22197 | D:7      | 22197 ||| Stepping ~*~*~tactically~*~*~ (outnumbered).
 22200 | D:7      | 22200 ||| Stepping ~*~*~tactically~*~*~ (outnumbered).
 22208 | D:7      | 22208 ||| Stepping ~*~*~tactically~*~*~ (outnumbered).
 22211 | D:7      | 22211 ||| Stepping ~*~*~tactically~*~*~ (outnumbered).
 22217 | D:7      | 22217 ||| Stepping ~*~*~tactically~*~*~ (outnumbered).
 22223 | D:7      | 22223 ||| Stepping ~*~*~tactically~*~*~ (outnumbered).
 22227 | D:7      | 22227 ||| Stepping ~*~*~tactically~*~*~ (outnumbered).
 22229 | D:7      | 22229 ||| Stepping ~*~*~tactically~*~*~ (outnumbered).
 22234 | D:7      | 22234 ||| Stepping ~*~*~tactically~*~*~ (outnumbered).
 22238 | D:7      | 22238 ||| Stepping ~*~*~tactically~*~*~ (outnumbered).
 22240 | D:7      | 22240 ||| Stepping ~*~*~tactically~*~*~ (outnumbered).
 22242 | D:7      | 22242 ||| Stepping ~*~*~tactically~*~*~ (outnumbered).
 22244 | D:7      | 22244 ||| Stepping ~*~*~tactically~*~*~ (outnumbered).
 22251 | D:7      | 22251 ||| Stepping ~*~*~tactically~*~*~ (outnumbered).
 22253 | D:7      | 22253 ||| Stepping ~*~*~tactically~*~*~ (outnumbered).
 22258 | D:7      | 22258 ||| Stepping ~*~*~tactically~*~*~ (outnumbered).
 22260 | D:7      | 22260 ||| Stepping ~*~*~tactically~*~*~ (outnumbered).
 22262 | D:7      | 22262 ||| Stepping ~*~*~tactically~*~*~ (outnumbered).
 22267 | D:7      | 22267 ||| Stepping ~*~*~tactically~*~*~ (outnumbered).
 22272 | D:7      | 22272 ||| Stepping ~*~*~tactically~*~*~ (outnumbered).
 22275 | D:7      | 22275 ||| Stepping ~*~*~tactically~*~*~ (outnumbered).
 22278 | D:7      | 22278 ||| Stepping ~*~*~tactically~*~*~ (outnumbered).
 22280 | D:7      | 22280 ||| Stepping ~*~*~tactically~*~*~ (outnumbered).
 22286 | D:7      | 22286 ||| Stepping ~*~*~tactically~*~*~ (outnumbered).
 22288 | D:7      | 22288 ||| Stepping ~*~*~tactically~*~*~ (outnumbered).
 22294 | D:7      | 22294 ||| Stepping ~*~*~tactically~*~*~ (outnumbered).
 22299 | D:7      | 22299 ||| Stepping ~*~*~tactically~*~*~ (outnumbered).
 22306 | D:7      | 22306 ||| Stepping ~*~*~tactically~*~*~ (outnumbered).
 22309 | D:7      | 22309 ||| Stepping ~*~*~tactically~*~*~ (outnumbered).
 22317 | D:7      | 22317 ||| Stepping ~*~*~tactically~*~*~ (outnumbered).
 22323 | D:7      | 22323 ||| Stepping ~*~*~tactically~*~*~ (outnumbered).
 22325 | D:7      | 22325 ||| Stepping ~*~*~tactically~*~*~ (outnumbered).
 22327 | D:7      | 22327 ||| Stepping ~*~*~tactically~*~*~ (outnumbered).
 22329 | D:7      | 22329 ||| Stepping ~*~*~tactically~*~*~ (outnumbered).
 22331 | D:7      | 22331 ||| Stepping ~*~*~tactically~*~*~ (outnumbered).
 22333 | D:7      | 22333 ||| Stepping ~*~*~tactically~*~*~ (outnumbered).
 22337 | D:7      | 22337 ||| Stepping ~*~*~tactically~*~*~ (outnumbered).
 22346 | D:7      | 22346 ||| Stepping ~*~*~tactically~*~*~ (outnumbered).
 22348 | D:7      | 22348 ||| Stepping ~*~*~tactically~*~*~ (outnumbered).
 22351 | D:7      | 22351 ||| Stepping ~*~*~tactically~*~*~ (outnumbered).
 22353 | D:7      | 22353 ||| Stepping ~*~*~tactically~*~*~ (outnumbered).
 22355 | D:7      | 22355 ||| Stepping ~*~*~tactically~*~*~ (outnumbered).
 22358 | D:7      | 22358 ||| Stepping ~*~*~tactically~*~*~ (outnumbered).
 22360 | D:7      | 22360 ||| Stepping ~*~*~tactically~*~*~ (outnumbered).
 22366 | D:7      | 22366 ||| Stepping ~*~*~tactically~*~*~ (outnumbered).
 22371 | D:7      | 22371 ||| Stepping ~*~*~tactically~*~*~ (outnumbered).
 22376 | D:7      | 22376 ||| Stepping ~*~*~tactically~*~*~ (outnumbered).
 22385 | D:7      | 22385 ||| Stepping ~*~*~tactically~*~*~ (outnumbered).
 22387 | D:7      | 22387 ||| Stepping ~*~*~tactically~*~*~ (outnumbered).
 22389 | D:7      | 22389 ||| Stepping ~*~*~tactically~*~*~ (outnumbered).
 22392 | D:7      | 22392 ||| Stepping ~*~*~tactically~*~*~ (outnumbered).
 22396 | D:7      | 22396 ||| Stepping ~*~*~tactically~*~*~ (outnumbered).
 22398 | D:7      | 22398 ||| Stepping ~*~*~tactically~*~*~ (outnumbered).
 22400 | D:7      | 22400 ||| Stepping ~*~*~tactically~*~*~ (outnumbered).
 22403 | D:7      | 22403 ||| Stepping ~*~*~tactically~*~*~ (outnumbered).
 22405 | D:7      | 22405 ||| Stepping ~*~*~tactically~*~*~ (outnumbered).
 22407 | D:7      | 22407 ||| Stepping ~*~*~tactically~*~*~ (outnumbered).
 22410 | D:7      | 22410 ||| Stepping ~*~*~tactically~*~*~ (outnumbered).
 22412 | D:7      | 22412 ||| Stepping ~*~*~tactically~*~*~ (outnumbered).
 22414 | D:7      | 22414 ||| Stepping ~*~*~tactically~*~*~ (outnumbered).
 22417 | D:7      | 22417 ||| Stepping ~*~*~tactically~*~*~ (outnumbered).
 22419 | D:7      | 22419 ||| Stepping ~*~*~tactically~*~*~ (outnumbered).
 22421 | D:7      | 22421 ||| Stepping ~*~*~tactically~*~*~ (outnumbered).
 22426 | D:7      | 22426 ||| Stepping ~*~*~tactically~*~*~ (outnumbered).
 22433 | D:7      | 22433 ||| Stepping ~*~*~tactically~*~*~ (outnumbered).
 22441 | D:7      | 22441 ||| Stepping ~*~*~tactically~*~*~ (outnumbered).
 22443 | D:7      | 22443 ||| Stepping ~*~*~tactically~*~*~ (outnumbered).
 22446 | D:7      | 22446 ||| Stepping ~*~*~tactically~*~*~ (outnumbered).
 22448 | D:7      | 22448 ||| Stepping ~*~*~tactically~*~*~ (outnumbered).
 22455 | D:7      | 22455 ||| Stepping ~*~*~tactically~*~*~ (outnumbered).
 22458 | D:7      | 22458 ||| Stepping ~*~*~tactically~*~*~ (outnumbered).
 22463 | D:7      | 22463 ||| Stepping ~*~*~tactically~*~*~ (outnumbered).
 22465 | D:7      | 22465 ||| Stepping ~*~*~tactically~*~*~ (outnumbered).
 22468 | D:7      | 22468 ||| Stepping ~*~*~tactically~*~*~ (outnumbered).
 22470 | D:7      | 22470 ||| Stepping ~*~*~tactically~*~*~ (outnumbered).
 22472 | D:7      | 22472 ||| Stepping ~*~*~tactically~*~*~ (outnumbered).
 22476 | D:7      | 22476 ||| Stepping ~*~*~tactically~*~*~ (outnumbered).
 22479 | D:7      | 22479 ||| Stepping ~*~*~tactically~*~*~ (outnumbered).
 22482 | D:7      | 22482 ||| Stepping ~*~*~tactically~*~*~ (outnumbered).
 22485 | D:7      | 22485 ||| Stepping ~*~*~tactically~*~*~ (outnumbered).
 22494 | D:7      | 22494 ||| Stepping ~*~*~tactically~*~*~ (outnumbered).
 22496 | D:7      | 22496 ||| Stepping ~*~*~tactically~*~*~ (outnumbered).
 22498 | D:7      | 22498 ||| Stepping ~*~*~tactically~*~*~ (outnumbered).
 22500 | D:7      | 22500 ||| Stepping ~*~*~tactically~*~*~ (outnumbered).
 22502 | D:7      | 22502 ||| Stepping ~*~*~tactically~*~*~ (outnumbered).
 22508 | D:7      | 22508 ||| Stepping ~*~*~tactically~*~*~ (outnumbered).
 22511 | D:7      | 22511 ||| Stepping ~*~*~tactically~*~*~ (outnumbered).
 22517 | D:7      | 22517 ||| Stepping ~*~*~tactically~*~*~ (outnumbered).
 22520 | D:7      | 22520 ||| Stepping ~*~*~tactically~*~*~ (outnumbered).
 22522 | D:7      | 22522 ||| Stepping ~*~*~tactically~*~*~ (outnumbered).
 22524 | D:7      | 22524 ||| Stepping ~*~*~tactically~*~*~ (outnumbered).
 22526 | D:7      | 22526 ||| Stepping ~*~*~tactically~*~*~ (outnumbered).
 22528 | D:7      | 22528 ||| Stepping ~*~*~tactically~*~*~ (outnumbered).
 22530 | D:7      | 22530 ||| Stepping ~*~*~tactically~*~*~ (outnumbered).
 22532 | D:7      | 22532 ||| Stepping ~*~*~tactically~*~*~ (outnumbered).
 22534 | D:7      | 22534 ||| Stepping ~*~*~tactically~*~*~ (outnumbered).
 22537 | D:7      | 22537 ||| Stepping ~*~*~tactically~*~*~ (outnumbered).
 22539 | D:7      | 22539 ||| Stepping ~*~*~tactically~*~*~ (outnumbered).
 22546 | D:7      | 22546 ||| Stepping ~*~*~tactically~*~*~ (outnumbered).
 22550 | D:7      | 22550 ||| Stepping ~*~*~tactically~*~*~ (outnumbered).
 22556 | D:7      | 22556 ||| Stepping ~*~*~tactically~*~*~ (outnumbered).
 22558 | D:7      | 22558 ||| Stepping ~*~*~tactically~*~*~ (outnumbered).
 22560 | D:7      | 22560 ||| Stepping ~*~*~tactically~*~*~ (outnumbered).
 22564 | D:7      | 22564 ||| Stepping ~*~*~tactically~*~*~ (outnumbered).
 22566 | D:7      | 22566 ||| Stepping ~*~*~tactically~*~*~ (outnumbered).
 22569 | D:7      | 22569 ||| Stepping ~*~*~tactically~*~*~ (outnumbered).
 22574 | D:7      | 22574 ||| Stepping ~*~*~tactically~*~*~ (outnumbered).
 22578 | D:7      | 22578 ||| Stepping ~*~*~tactically~*~*~ (outnumbered).
 22584 | D:7      | 22584 ||| Stepping ~*~*~tactically~*~*~ (outnumbered).
 22586 | D:7      | 22586 ||| Stepping ~*~*~tactically~*~*~ (outnumbered).
 22589 | D:7      | 22589 ||| Stepping ~*~*~tactically~*~*~ (outnumbered).
 22598 | D:7      | 22598 ||| Stepping ~*~*~tactically~*~*~ (outnumbered).
 22600 | D:7      | 22600 ||| Stepping ~*~*~tactically~*~*~ (outnumbered).
 22604 | D:7      | 22604 ||| Stepping ~*~*~tactically~*~*~ (outnumbered).
 22606 | D:7      | 22606 ||| Stepping ~*~*~tactically~*~*~ (outnumbered).
 22610 | D:7      | 22610 ||| Stepping ~*~*~tactically~*~*~ (outnumbered).
 22616 | D:7      | 22616 ||| Stepping ~*~*~tactically~*~*~ (outnumbered).
 22618 | D:7      | 22618 ||| Stepping ~*~*~tactically~*~*~ (outnumbered).
 22624 | D:7      | 22624 ||| Stepping ~*~*~tactically~*~*~ (outnumbered).
 22626 | D:7      | 22626 ||| Stepping ~*~*~tactically~*~*~ (outnumbered).
 22628 | D:7      | 22628 ||| Stepping ~*~*~tactically~*~*~ (outnumbered).
 22630 | D:7      | 22630 ||| Stepping ~*~*~tactically~*~*~ (outnumbered).
 22636 | D:7      | 22636 ||| Stepping ~*~*~tactically~*~*~ (outnumbered).
 22641 | D:7      | 22641 ||| Stepping ~*~*~tactically~*~*~ (outnumbered).
 22643 | D:7      | 22643 ||| Stepping ~*~*~tactically~*~*~ (outnumbered).
 22646 | D:7      | 22646 ||| Stepping ~*~*~tactically~*~*~ (outnumbered).
 22648 | D:7      | 22648 ||| Stepping ~*~*~tactically~*~*~ (outnumbered).
 22650 | D:7      | 22650 ||| Stepping ~*~*~tactically~*~*~ (outnumbered).
 22652 | D:7      | 22652 ||| Stepping ~*~*~tactically~*~*~ (outnumbered).
 22654 | D:7      | 22654 ||| Stepping ~*~*~tactically~*~*~ (outnumbered).
 22661 | D:7      | 22661 ||| Stepping ~*~*~tactically~*~*~ (outnumbered).
 22667 | D:7      | 22667 ||| Stepping ~*~*~tactically~*~*~ (outnumbered).
 22669 | D:7      | 22669 ||| Stepping ~*~*~tactically~*~*~ (outnumbered).
 22678 | D:7      | 22678 ||| Stepping ~*~*~tactically~*~*~ (outnumbered).
 22680 | D:7      | 22680 ||| Stepping ~*~*~tactically~*~*~ (outnumbered).
 22682 | D:7      | 22682 ||| Stepping ~*~*~tactically~*~*~ (outnumbered).
 22688 | D:7      | 22688 ||| Stepping ~*~*~tactically~*~*~ (outnumbered).
 22692 | D:7      | 22692 ||| Stepping ~*~*~tactically~*~*~ (outnumbered).
 22696 | D:7      | 22696 ||| Stepping ~*~*~tactically~*~*~ (outnumbered).
 22702 | D:7      | 22702 ||| Stepping ~*~*~tactically~*~*~ (outnumbered).
 22705 | D:7      | 22705 ||| Stepping ~*~*~tactically~*~*~ (outnumbered).
 22707 | D:7      | 22707 ||| Stepping ~*~*~tactically~*~*~ (outnumbered).
 22709 | D:7      | 22709 ||| Stepping ~*~*~tactically~*~*~ (outnumbered).
 22715 | D:7      | 22715 ||| Stepping ~*~*~tactically~*~*~ (outnumbered).
 22717 | D:7      | 22717 ||| Stepping ~*~*~tactically~*~*~ (outnumbered).
 22719 | D:7      | 22719 ||| Stepping ~*~*~tactically~*~*~ (outnumbered).
 22721 | D:7      | 22721 ||| Stepping ~*~*~tactically~*~*~ (outnumbered).
 22723 | D:7      | 22723 ||| Stepping ~*~*~tactically~*~*~ (outnumbered).
 22727 | D:7      | 22727 ||| Stepping ~*~*~tactically~*~*~ (outnumbered).
 22729 | D:7      | 22729 ||| Stepping ~*~*~tactically~*~*~ (outnumbered).
 22731 | D:7      | 22731 ||| Stepping ~*~*~tactically~*~*~ (outnumbered).
 22733 | D:7      | 22733 ||| Stepping ~*~*~tactically~*~*~ (outnumbered).
 22738 | D:7      | 22738 ||| Stepping ~*~*~tactically~*~*~ (outnumbered).
 22740 | D:7      | 22740 ||| Stepping ~*~*~tactically~*~*~ (outnumbered).
 22744 | D:7      | 22744 ||| Stepping ~*~*~tactically~*~*~ (outnumbered).
 22746 | D:7      | 22746 ||| Stepping ~*~*~tactically~*~*~ (outnumbered).
 22751 | D:7      | 22751 ||| Stepping ~*~*~tactically~*~*~ (outnumbered).
 22753 | D:7      | 22753 ||| Stepping ~*~*~tactically~*~*~ (outnumbered).
 22758 | D:7      | 22758 ||| Stepping ~*~*~tactically~*~*~ (outnumbered).
 22766 | D:7      | 22766 ||| Stepping ~*~*~tactically~*~*~ (outnumbered).
 22768 | D:7      | 22768 ||| Stepping ~*~*~tactically~*~*~ (outnumbered).
 22776 | D:7      | 22776 ||| Stepping ~*~*~tactically~*~*~ (outnumbered).
 22787 | D:7      | 22787 ||| Stepping ~*~*~tactically~*~*~ (outnumbered).
 22789 | D:7      | 22789 ||| Stepping ~*~*~tactically~*~*~ (outnumbered).
 22796 | D:7      | 22796 ||| Stepping ~*~*~tactically~*~*~ (outnumbered).
 22798 | D:7      | 22798 ||| Stepping ~*~*~tactically~*~*~ (outnumbered).
 22800 | D:7      | 22800 ||| Stepping ~*~*~tactically~*~*~ (outnumbered).
 22802 | D:7      | 22802 ||| Stepping ~*~*~tactically~*~*~ (outnumbered).
 22804 | D:7      | 22804 ||| Stepping ~*~*~tactically~*~*~ (outnumbered).
 22806 | D:7      | 22806 ||| Stepping ~*~*~tactically~*~*~ (outnumbered).
 22808 | D:7      | 22808 ||| Stepping ~*~*~tactically~*~*~ (outnumbered).
 22810 | D:7      | 22810 ||| Stepping ~*~*~tactically~*~*~ (outnumbered).
 22812 | D:7      | 22812 ||| Stepping ~*~*~tactically~*~*~ (outnumbered).
 22814 | D:7      | 22814 ||| Stepping ~*~*~tactically~*~*~ (outnumbered).
 22816 | D:7      | 22816 ||| Stepping ~*~*~tactically~*~*~ (outnumbered).
 22818 | D:7      | 22818 ||| Stepping ~*~*~tactically~*~*~ (outnumbered).
 22820 | D:7      | 22820 ||| Stepping ~*~*~tactically~*~*~ (outnumbered).
 22826 | D:7      | 22826 ||| Stepping ~*~*~tactically~*~*~ (outnumbered).
 22828 | D:7      | 22828 ||| Stepping ~*~*~tactically~*~*~ (outnumbered).
 22830 | D:7      | 22830 ||| Stepping ~*~*~tactically~*~*~ (outnumbered).
 22832 | D:7      | 22832 ||| Stepping ~*~*~tactically~*~*~ (outnumbered).
 22834 | D:7      | 22834 ||| Stepping ~*~*~tactically~*~*~ (outnumbered).
 22836 | D:7      | 22836 ||| Stepping ~*~*~tactically~*~*~ (outnumbered).
 22839 | D:7      | 22839 ||| Stepping ~*~*~tactically~*~*~ (outnumbered).
 22844 | D:7      | 22844 ||| Stepping ~*~*~tactically~*~*~ (outnumbered).
 22849 | D:7      | 22849 ||| Stepping ~*~*~tactically~*~*~ (outnumbered).
 22851 | D:7      | 22851 ||| Stepping ~*~*~tactically~*~*~ (outnumbered).
 22853 | D:7      | 22853 ||| Stepping ~*~*~tactically~*~*~ (outnumbered).
 22855 | D:7      | 22855 ||| Stepping ~*~*~tactically~*~*~ (outnumbered).
 22857 | D:7      | 22857 ||| Stepping ~*~*~tactically~*~*~ (outnumbered).
 22859 | D:7      | 22859 ||| Stepping ~*~*~tactically~*~*~ (outnumbered).
 22861 | D:7      | 22861 ||| Stepping ~*~*~tactically~*~*~ (outnumbered).
 22863 | D:7      | 22863 ||| Stepping ~*~*~tactically~*~*~ (outnumbered).
 22872 | D:7      | 22872 ||| Stepping ~*~*~tactically~*~*~ (outnumbered).
 22877 | D:7      | 22877 ||| Stepping ~*~*~tactically~*~*~ (outnumbered).
 22881 | D:7      | 22881 ||| Stepping ~*~*~tactically~*~*~ (outnumbered).
 22883 | D:7      | 22883 ||| Stepping ~*~*~tactically~*~*~ (outnumbered).
 22887 | D:7      | 22887 ||| Stepping ~*~*~tactically~*~*~ (outnumbered).
 22895 | D:7      | 22895 ||| Stepping ~*~*~tactically~*~*~ (outnumbered).
 22902 | D:7      | 22902 ||| Stepping ~*~*~tactically~*~*~ (outnumbered).
 22904 | D:7      | 22904 ||| Stepping ~*~*~tactically~*~*~ (outnumbered).
 22906 | D:7      | 22906 ||| Stepping ~*~*~tactically~*~*~ (outnumbered).
 22908 | D:7      | 22908 ||| Stepping ~*~*~tactically~*~*~ (outnumbered).
 22912 | D:7      | 22912 ||| Stepping ~*~*~tactically~*~*~ (outnumbered).
 22915 | D:7      | 22915 ||| Stepping ~*~*~tactically~*~*~ (outnumbered).
 22917 | D:7      | 22917 ||| Stepping ~*~*~tactically~*~*~ (outnumbered).
 22919 | D:7      | 22919 ||| Stepping ~*~*~tactically~*~*~ (outnumbered).
 22923 | D:7      | 22923 ||| Stepping ~*~*~tactically~*~*~ (outnumbered).
 22925 | D:7      | 22925 ||| Stepping ~*~*~tactically~*~*~ (outnumbered).
 22927 | D:7      | 22927 ||| Stepping ~*~*~tactically~*~*~ (outnumbered).
 22930 | D:7      | 22930 ||| Stepping ~*~*~tactically~*~*~ (outnumbered).
 22932 | D:7      | 22932 ||| Stepping ~*~*~tactically~*~*~ (outnumbered).
 22937 | D:7      | 22937 ||| Stepping ~*~*~tactically~*~*~ (outnumbered).
 22941 | D:7      | 22941 ||| Stepping ~*~*~tactically~*~*~ (outnumbered).
 22943 | D:7      | 22943 ||| Stepping ~*~*~tactically~*~*~ (outnumbered).
 22947 | D:7      | 22947 ||| Stepping ~*~*~tactically~*~*~ (outnumbered).
 22949 | D:7      | 22949 ||| Stepping ~*~*~tactically~*~*~ (outnumbered).
 22953 | D:7      | 22953 ||| Stepping ~*~*~tactically~*~*~ (outnumbered).
 22956 | D:7      | 22956 ||| Stepping ~*~*~tactically~*~*~ (outnumbered).
 22958 | D:7      | 22958 ||| Stepping ~*~*~tactically~*~*~ (outnumbered).
 22963 | D:7      | 22963 ||| Stepping ~*~*~tactically~*~*~ (outnumbered).
 22965 | D:7      | 22965 ||| Stepping ~*~*~tactically~*~*~ (outnumbered).
 22974 | D:7      | 22974 ||| Stepping ~*~*~tactically~*~*~ (outnumbered).
 22978 | D:7      | 22978 ||| Stepping ~*~*~tactically~*~*~ (outnumbered).
 22980 | D:7      | 22980 ||| Stepping ~*~*~tactically~*~*~ (outnumbered).
 22987 | D:7      | 22987 ||| Stepping ~*~*~tactically~*~*~ (outnumbered).
 22991 | D:7      | 22991 ||| Stepping ~*~*~tactically~*~*~ (outnumbered).
 22993 | D:7      | 22993 ||| Stepping ~*~*~tactically~*~*~ (outnumbered).
 22995 | D:7      | 22995 ||| Stepping ~*~*~tactically~*~*~ (outnumbered).
 22997 | D:7      | 22997 ||| Stepping ~*~*~tactically~*~*~ (outnumbered).
 22999 | D:7      | 22999 ||| Stepping ~*~*~tactically~*~*~ (outnumbered).
 23001 | D:7      | 23001 ||| Stepping ~*~*~tactically~*~*~ (outnumbered).
 23005 | D:7      | 23005 ||| Stepping ~*~*~tactically~*~*~ (outnumbered).
 23008 | D:7      | 23008 ||| Stepping ~*~*~tactically~*~*~ (outnumbered).
 23015 | D:7      | 23015 ||| Stepping ~*~*~tactically~*~*~ (outnumbered).
 23017 | D:7      | 23017 ||| Stepping ~*~*~tactically~*~*~ (outnumbered).
 23019 | D:7      | 23019 ||| Stepping ~*~*~tactically~*~*~ (outnumbered).
 23021 | D:7      | 23021 ||| Stepping ~*~*~tactically~*~*~ (outnumbered).
 23025 | D:7      | 23025 ||| Stepping ~*~*~tactically~*~*~ (outnumbered).
 23027 | D:7      | 23027 ||| Stepping ~*~*~tactically~*~*~ (outnumbered).
 23033 | D:7      | 23033 ||| Stepping ~*~*~tactically~*~*~ (outnumbered).
 23040 | D:7      | 23040 ||| Stepping ~*~*~tactically~*~*~ (outnumbered).
 23049 | D:7      | 23049 ||| Stepping ~*~*~tactically~*~*~ (outnumbered).
 23053 | D:7      | 23053 ||| Stepping ~*~*~tactically~*~*~ (outnumbered).
 23055 | D:7      | 23055 ||| Stepping ~*~*~tactically~*~*~ (outnumbered).
 23058 | D:7      | 23058 ||| Stepping ~*~*~tactically~*~*~ (outnumbered).
 23060 | D:7      | 23060 ||| Stepping ~*~*~tactically~*~*~ (outnumbered).
 23062 | D:7      | 23062 ||| Stepping ~*~*~tactically~*~*~ (outnumbered).
 23064 | D:7      | 23064 ||| Stepping ~*~*~tactically~*~*~ (outnumbered).
 23066 | D:7      | 23066 ||| Stepping ~*~*~tactically~*~*~ (outnumbered).
 23068 | D:7      | 23068 ||| Stepping ~*~*~tactically~*~*~ (outnumbered).
 23074 | D:7      | 23074 ||| Stepping ~*~*~tactically~*~*~ (outnumbered).
 23078 | D:7      | 23078 ||| Stepping ~*~*~tactically~*~*~ (outnumbered).
 23088 | D:7      | 23088 ||| Stepping ~*~*~tactically~*~*~ (outnumbered).
 23090 | D:7      | 23090 ||| Stepping ~*~*~tactically~*~*~ (outnumbered).
 23093 | D:7      | 23093 ||| Stepping ~*~*~tactically~*~*~ (outnumbered).
 23095 | D:7      | 23095 ||| Stepping ~*~*~tactically~*~*~ (outnumbered).
 23097 | D:7      | 23097 ||| Stepping ~*~*~tactically~*~*~ (outnumbered).
 23101 | D:7      | 23101 ||| Stepping ~*~*~tactically~*~*~ (outnumbered).
 23104 | D:7      | 23104 ||| Stepping ~*~*~tactically~*~*~ (outnumbered).
 23111 | D:7      | 23111 ||| Stepping ~*~*~tactically~*~*~ (outnumbered).
 23119 | D:7      | 23119 ||| Stepping ~*~*~tactically~*~*~ (outnumbered).
 23121 | D:7      | 23121 ||| Stepping ~*~*~tactically~*~*~ (outnumbered).
 23126 | D:7      | 23126 ||| Stepping ~*~*~tactically~*~*~ (outnumbered).
 23130 | D:7      | 23130 ||| Stepping ~*~*~tactically~*~*~ (outnumbered).
 23135 | D:7      | 23135 ||| Stepping ~*~*~tactically~*~*~ (outnumbered).
 23137 | D:7      | 23137 ||| Stepping ~*~*~tactically~*~*~ (outnumbered).
 23139 | D:7      | 23139 ||| Stepping ~*~*~tactically~*~*~ (outnumbered).
 23141 | D:7      | 23141 ||| Stepping ~*~*~tactically~*~*~ (outnumbered).
 23147 | D:7      | 23147 ||| Stepping ~*~*~tactically~*~*~ (outnumbered).
 23149 | D:7      | 23149 ||| Stepping ~*~*~tactically~*~*~ (outnumbered).
 23151 | D:7      | 23151 ||| Stepping ~*~*~tactically~*~*~ (outnumbered).
 23153 | D:7      | 23153 ||| Stepping ~*~*~tactically~*~*~ (outnumbered).
 23155 | D:7      | 23155 ||| Stepping ~*~*~tactically~*~*~ (outnumbered).
 23157 | D:7      | 23157 ||| Stepping ~*~*~tactically~*~*~ (outnumbered).
 23160 | D:7      | 23160 ||| Stepping ~*~*~tactically~*~*~ (outnumbered).
 23162 | D:7      | 23162 ||| Stepping ~*~*~tactically~*~*~ (outnumbered).
 23169 | D:7      | 23169 ||| Stepping ~*~*~tactically~*~*~ (outnumbered).
 23176 | D:7      | 23176 ||| Stepping ~*~*~tactically~*~*~ (outnumbered).
 23182 | D:7      | 23182 ||| Stepping ~*~*~tactically~*~*~ (outnumbered).
 23184 | D:7      | 23184 ||| Stepping ~*~*~tactically~*~*~ (outnumbered).
 23186 | D:7      | 23186 ||| Stepping ~*~*~tactically~*~*~ (outnumbered).
 23188 | D:7      | 23188 ||| Stepping ~*~*~tactically~*~*~ (outnumbered).
 23192 | D:7      | 23192 ||| Stepping ~*~*~tactically~*~*~ (outnumbered).
 23201 | D:7      | 23201 ||| Stepping ~*~*~tactically~*~*~ (outnumbered).
 23206 | D:7      | 23206 ||| Stepping ~*~*~tactically~*~*~ (outnumbered).
 23208 | D:7      | 23208 ||| Stepping ~*~*~tactically~*~*~ (outnumbered).
 23210 | D:7      | 23210 ||| Stepping ~*~*~tactically~*~*~ (outnumbered).
 23212 | D:7      | 23212 ||| Stepping ~*~*~tactically~*~*~ (outnumbered).
 23219 | D:7      | 23219 ||| Stepping ~*~*~tactically~*~*~ (outnumbered).
 23221 | D:7      | 23221 ||| Stepping ~*~*~tactically~*~*~ (outnumbered).
 23229 | D:7      | 23229 ||| Stepping ~*~*~tactically~*~*~ (outnumbered).
 23231 | D:7      | 23231 ||| Stepping ~*~*~tactically~*~*~ (outnumbered).
 23233 | D:7      | 23233 ||| Stepping ~*~*~tactically~*~*~ (outnumbered).
 23239 | D:7      | 23239 ||| Stepping ~*~*~tactically~*~*~ (outnumbered).
 23246 | D:7      | 23246 ||| Stepping ~*~*~tactically~*~*~ (outnumbered).
 23248 | D:7      | 23248 ||| Stepping ~*~*~tactically~*~*~ (outnumbered).
 23250 | D:7      | 23250 ||| Stepping ~*~*~tactically~*~*~ (outnumbered).
 23252 | D:7      | 23252 ||| Stepping ~*~*~tactically~*~*~ (outnumbered).
 23260 | D:7      | 23260 ||| Stepping ~*~*~tactically~*~*~ (outnumbered).
 23264 | D:7      | 23264 ||| Stepping ~*~*~tactically~*~*~ (outnumbered).
 23266 | D:7      | 23266 ||| Stepping ~*~*~tactically~*~*~ (outnumbered).
 23269 | D:7      | 23269 ||| Stepping ~*~*~tactically~*~*~ (outnumbered).
 23271 | D:7      | 23271 ||| Stepping ~*~*~tactically~*~*~ (outnumbered).
 23274 | D:7      | 23274 ||| Stepping ~*~*~tactically~*~*~ (outnumbered).
 23282 | D:7      | 23282 ||| Stepping ~*~*~tactically~*~*~ (outnumbered).
 23284 | D:7      | 23284 ||| Stepping ~*~*~tactically~*~*~ (outnumbered).
 23289 | D:7      | 23289 ||| Stepping ~*~*~tactically~*~*~ (outnumbered).
 23292 | D:7      | 23292 ||| Stepping ~*~*~tactically~*~*~ (outnumbered).
 23297 | D:7      | 23297 ||| Stepping ~*~*~tactically~*~*~ (outnumbered).
 23299 | D:7      | 23299 ||| Stepping ~*~*~tactically~*~*~ (outnumbered).
 23301 | D:7      | 23301 ||| Stepping ~*~*~tactically~*~*~ (outnumbered).
 23303 | D:7      | 23303 ||| Stepping ~*~*~tactically~*~*~ (outnumbered).
 23310 | D:7      | 23310 ||| Stepping ~*~*~tactically~*~*~ (outnumbered).
 23314 | D:7      | 23314 ||| Stepping ~*~*~tactically~*~*~ (outnumbered).
 23316 | D:7      | 23316 ||| Stepping ~*~*~tactically~*~*~ (outnumbered).
 23320 | D:7      | 23320 ||| Stepping ~*~*~tactically~*~*~ (outnumbered).
 23323 | D:7      | 23323 ||| Stepping ~*~*~tactically~*~*~ (outnumbered).
 23325 | D:7      | 23325 ||| Stepping ~*~*~tactically~*~*~ (outnumbered).
 23327 | D:7      | 23327 ||| Stepping ~*~*~tactically~*~*~ (outnumbered).
 23329 | D:7      | 23329 ||| Stepping ~*~*~tactically~*~*~ (outnumbered).
 23331 | D:7      | 23331 ||| Stepping ~*~*~tactically~*~*~ (outnumbered).
 23337 | D:7      | 23337 ||| Stepping ~*~*~tactically~*~*~ (outnumbered).
 23347 | D:7      | 23347 ||| Stepping ~*~*~tactically~*~*~ (outnumbered).
 23349 | D:7      | 23349 ||| Stepping ~*~*~tactically~*~*~ (outnumbered).
 23351 | D:7      | 23351 ||| Stepping ~*~*~tactically~*~*~ (outnumbered).
 23358 | D:7      | 23358 ||| Stepping ~*~*~tactically~*~*~ (outnumbered).
 23362 | D:7      | 23362 ||| Stepping ~*~*~tactically~*~*~ (outnumbered).
 23364 | D:7      | 23364 ||| Stepping ~*~*~tactically~*~*~ (outnumbered).
 23366 | D:7      | 23366 ||| Stepping ~*~*~tactically~*~*~ (outnumbered).
 23368 | D:7      | 23368 ||| Stepping ~*~*~tactically~*~*~ (outnumbered).
 23373 | D:7      | 23373 ||| Stepping ~*~*~tactically~*~*~ (outnumbered).
 23376 | D:7      | 23376 ||| Stepping ~*~*~tactically~*~*~ (outnumbered).
 23380 | D:7      | 23380 ||| Stepping ~*~*~tactically~*~*~ (outnumbered).
 23383 | D:7      | 23383 ||| Stepping ~*~*~tactically~*~*~ (outnumbered).
 23389 | D:7      | 23389 ||| Stepping ~*~*~tactically~*~*~ (outnumbered).
 23391 | D:7      | 23391 ||| Stepping ~*~*~tactically~*~*~ (outnumbered).
 23393 | D:7      | 23393 ||| Stepping ~*~*~tactically~*~*~ (outnumbered).
 23395 | D:7      | 23395 ||| Stepping ~*~*~tactically~*~*~ (outnumbered).
 23397 | D:7      | 23397 ||| Stepping ~*~*~tactically~*~*~ (outnumbered).
 23401 | D:7      | 23401 ||| Stepping ~*~*~tactically~*~*~ (outnumbered).
 23405 | D:7      | 23405 ||| Stepping ~*~*~tactically~*~*~ (outnumbered).
 23407 | D:7      | 23407 ||| Stepping ~*~*~tactically~*~*~ (outnumbered).
 23409 | D:7      | 23409 ||| Stepping ~*~*~tactically~*~*~ (outnumbered).
 23411 | D:7      | 23411 ||| Stepping ~*~*~tactically~*~*~ (outnumbered).
 23413 | D:7      | 23413 ||| Stepping ~*~*~tactically~*~*~ (outnumbered).
 23419 | D:7      | 23419 ||| Stepping ~*~*~tactically~*~*~ (outnumbered).
 23421 | D:7      | 23421 ||| Stepping ~*~*~tactically~*~*~ (outnumbered).
 23427 | D:7      | 23427 ||| Stepping ~*~*~tactically~*~*~ (outnumbered).
 23431 | D:7      | 23431 ||| Stepping ~*~*~tactically~*~*~ (outnumbered).
 23433 | D:7      | 23433 ||| Stepping ~*~*~tactically~*~*~ (outnumbered).
 23444 | D:7      | 23444 ||| Stepping ~*~*~tactically~*~*~ (outnumbered).
 23449 | D:7      | 23449 ||| Stepping ~*~*~tactically~*~*~ (outnumbered).
 23457 | D:7      | 23457 ||| Stepping ~*~*~tactically~*~*~ (outnumbered).
 23459 | D:7      | 23459 ||| Stepping ~*~*~tactically~*~*~ (outnumbered).
 23461 | D:7      | 23461 ||| Stepping ~*~*~tactically~*~*~ (outnumbered).
 23463 | D:7      | 23463 ||| Stepping ~*~*~tactically~*~*~ (outnumbered).
 23465 | D:7      | 23465 ||| Stepping ~*~*~tactically~*~*~ (outnumbered).
 23467 | D:7      | 23467 ||| Stepping ~*~*~tactically~*~*~ (outnumbered).
 23469 | D:7      | 23469 ||| Stepping ~*~*~tactically~*~*~ (outnumbered).
 23471 | D:7      | 23471 ||| Stepping ~*~*~tactically~*~*~ (outnumbered).
 23475 | D:7      | 23475 ||| Stepping ~*~*~tactically~*~*~ (outnumbered).
 23477 | D:7      | 23477 ||| Stepping ~*~*~tactically~*~*~ (outnumbered).
 23479 | D:7      | 23479 ||| Stepping ~*~*~tactically~*~*~ (outnumbered).
 23481 | D:7      | 23481 ||| Stepping ~*~*~tactically~*~*~ (outnumbered).
 23485 | D:7      | 23485 ||| Stepping ~*~*~tactically~*~*~ (outnumbered).
 23487 | D:7      | 23487 ||| Stepping ~*~*~tactically~*~*~ (outnumbered).
 23490 | D:7      | 23490 ||| Stepping ~*~*~tactically~*~*~ (outnumbered).
 23493 | D:7      | 23493 ||| Stepping ~*~*~tactically~*~*~ (outnumbered).
 23495 | D:7      | 23495 ||| Stepping ~*~*~tactically~*~*~ (outnumbered).
 23497 | D:7      | 23497 ||| Stepping ~*~*~tactically~*~*~ (outnumbered).
 23500 | D:7      | 23500 ||| Stepping ~*~*~tactically~*~*~ (outnumbered).
 23505 | D:7      | 23505 ||| Stepping ~*~*~tactically~*~*~ (outnumbered).
 23508 | D:7      | 23508 ||| Stepping ~*~*~tactically~*~*~ (outnumbered).
 23512 | D:7      | 23512 ||| Stepping ~*~*~tactically~*~*~ (outnumbered).
 23514 | D:7      | 23514 ||| Stepping ~*~*~tactically~*~*~ (outnumbered).
 23517 | D:7      | 23517 ||| Stepping ~*~*~tactically~*~*~ (outnumbered).
 23520 | D:7      | 23520 ||| Stepping ~*~*~tactically~*~*~ (outnumbered).
 23524 | D:7      | 23524 ||| Stepping ~*~*~tactically~*~*~ (outnumbered).
 23529 | D:7      | 23529 ||| Stepping ~*~*~tactically~*~*~ (outnumbered).
 23531 | D:7      | 23531 ||| Stepping ~*~*~tactically~*~*~ (outnumbered).
 23534 | D:7      | 23534 ||| Stepping ~*~*~tactically~*~*~ (outnumbered).
 23536 | D:7      | 23536 ||| Stepping ~*~*~tactically~*~*~ (outnumbered).
 23538 | D:7      | 23538 ||| Stepping ~*~*~tactically~*~*~ (outnumbered).
 23541 | D:7      | 23541 ||| Stepping ~*~*~tactically~*~*~ (outnumbered).
 23546 | D:7      | 23546 ||| Stepping ~*~*~tactically~*~*~ (outnumbered).
 23548 | D:7      | 23548 ||| Stepping ~*~*~tactically~*~*~ (outnumbered).
 23551 | D:7      | 23551 ||| Stepping ~*~*~tactically~*~*~ (outnumbered).
 23557 | D:7      | 23557 ||| Stepping ~*~*~tactically~*~*~ (outnumbered).
 23567 | D:7      | 23567 ||| Stepping ~*~*~tactically~*~*~ (outnumbered).
 23570 | D:7      | 23570 ||| Stepping ~*~*~tactically~*~*~ (outnumbered).
 23575 | D:7      | 23575 ||| Stepping ~*~*~tactically~*~*~ (outnumbered).
 23580 | D:7      | 23580 ||| Stepping ~*~*~tactically~*~*~ (outnumbered).
 23584 | D:7      | 23584 ||| Stepping ~*~*~tactically~*~*~ (outnumbered).
 23590 | D:7      | 23590 ||| Stepping ~*~*~tactically~*~*~ (outnumbered).
 23592 | D:7      | 23592 ||| Stepping ~*~*~tactically~*~*~ (outnumbered).
 23599 | D:7      | 23599 ||| Stepping ~*~*~tactically~*~*~ (outnumbered).
 23606 | D:7      | 23606 ||| Stepping ~*~*~tactically~*~*~ (outnumbered).
 23612 | D:7      | 23612 ||| Stepping ~*~*~tactically~*~*~ (outnumbered).
 23617 | D:7      | 23617 ||| Stepping ~*~*~tactically~*~*~ (outnumbered).
 23622 | D:7      | 23622 ||| Stepping ~*~*~tactically~*~*~ (outnumbered).
 23624 | D:7      | 23624 ||| Stepping ~*~*~tactically~*~*~ (outnumbered).
 23626 | D:7      | 23626 ||| Stepping ~*~*~tactically~*~*~ (outnumbered).
 23628 | D:7      | 23628 ||| Stepping ~*~*~tactically~*~*~ (outnumbered).
 23633 | D:7      | 23633 ||| Stepping ~*~*~tactically~*~*~ (outnumbered).
 23642 | D:7      | 23642 ||| Stepping ~*~*~tactically~*~*~ (outnumbered).
 23645 | D:7      | 23645 ||| Stepping ~*~*~tactically~*~*~ (outnumbered).
 23650 | D:7      | 23650 ||| Stepping ~*~*~tactically~*~*~ (outnumbered).
 23653 | D:7      | 23653 ||| Stepping ~*~*~tactically~*~*~ (outnumbered).
 23659 | D:7      | 23659 ||| Stepping ~*~*~tactically~*~*~ (outnumbered).
 23668 | D:7      | 23668 ||| Stepping ~*~*~tactically~*~*~ (outnumbered).
 23671 | D:7      | 23671 ||| Stepping ~*~*~tactically~*~*~ (outnumbered).
 23676 | D:7      | 23676 ||| Stepping ~*~*~tactically~*~*~ (outnumbered).
 23678 | D:7      | 23678 ||| Stepping ~*~*~tactically~*~*~ (outnumbered).
 23682 | D:7      | 23682 ||| Stepping ~*~*~tactically~*~*~ (outnumbered).
 23690 | D:7      | 23690 ||| Stepping ~*~*~tactically~*~*~ (outnumbered).
 23692 | D:7      | 23692 ||| Stepping ~*~*~tactically~*~*~ (outnumbered).
 23696 | D:7      | 23696 ||| Stepping ~*~*~tactically~*~*~ (outnumbered).
 23698 | D:7      | 23698 ||| Stepping ~*~*~tactically~*~*~ (outnumbered).
 23702 | D:7      | 23702 ||| Stepping ~*~*~tactically~*~*~ (outnumbered).
 23709 | D:7      | 23709 ||| Stepping ~*~*~tactically~*~*~ (outnumbered).
 23711 | D:7      | 23711 ||| Stepping ~*~*~tactically~*~*~ (outnumbered).
 23713 | D:7      | 23713 ||| Stepping ~*~*~tactically~*~*~ (outnumbered).
 23715 | D:7      | 23715 ||| Stepping ~*~*~tactically~*~*~ (outnumbered).
 23717 | D:7      | 23717 ||| Stepping ~*~*~tactically~*~*~ (outnumbered).
 23720 | D:7      | 23720 ||| Stepping ~*~*~tactically~*~*~ (outnumbered).
 23728 | D:7      | 23728 ||| Stepping ~*~*~tactically~*~*~ (outnumbered).
 23731 | D:7      | 23731 ||| Stepping ~*~*~tactically~*~*~ (outnumbered).
 23733 | D:7      | 23733 ||| Stepping ~*~*~tactically~*~*~ (outnumbered).
 23735 | D:7      | 23735 ||| Stepping ~*~*~tactically~*~*~ (outnumbered).
 23737 | D:7      | 23737 ||| Stepping ~*~*~tactically~*~*~ (outnumbered).
 23739 | D:7      | 23739 ||| Stepping ~*~*~tactically~*~*~ (outnumbered).
 23741 | D:7      | 23741 ||| Stepping ~*~*~tactically~*~*~ (outnumbered).
 23743 | D:7      | 23743 ||| Stepping ~*~*~tactically~*~*~ (outnumbered).
 23751 | D:7      | 23751 ||| Stepping ~*~*~tactically~*~*~ (outnumbered).
 23756 | D:7      | 23756 ||| Stepping ~*~*~tactically~*~*~ (outnumbered).
 23758 | D:7      | 23758 ||| Stepping ~*~*~tactically~*~*~ (outnumbered).
 23762 | D:7      | 23762 ||| Stepping ~*~*~tactically~*~*~ (outnumbered).
 23764 | D:7      | 23764 ||| Stepping ~*~*~tactically~*~*~ (outnumbered).
 23766 | D:7      | 23766 ||| Stepping ~*~*~tactically~*~*~ (outnumbered).
 23768 | D:7      | 23768 ||| Stepping ~*~*~tactically~*~*~ (outnumbered).
 23770 | D:7      | 23770 ||| Stepping ~*~*~tactically~*~*~ (outnumbered).
 23772 | D:7      | 23772 ||| Stepping ~*~*~tactically~*~*~ (outnumbered).
 23780 | D:7      | 23780 ||| Stepping ~*~*~tactically~*~*~ (outnumbered).
 23782 | D:7      | 23782 ||| Stepping ~*~*~tactically~*~*~ (outnumbered).
 23786 | D:7      | 23786 ||| Stepping ~*~*~tactically~*~*~ (outnumbered).
 23788 | D:7      | 23788 ||| Stepping ~*~*~tactically~*~*~ (outnumbered).
 23794 | D:7      | 23794 ||| Stepping ~*~*~tactically~*~*~ (outnumbered).
 23796 | D:7      | 23796 ||| Stepping ~*~*~tactically~*~*~ (outnumbered).
 23798 | D:7      | 23798 ||| Stepping ~*~*~tactically~*~*~ (outnumbered).
 23802 | D:7      | 23802 ||| Stepping ~*~*~tactically~*~*~ (outnumbered).
 23804 | D:7      | 23804 ||| Stepping ~*~*~tactically~*~*~ (outnumbered).
 23808 | D:7      | 23808 ||| Stepping ~*~*~tactically~*~*~ (outnumbered).
 23810 | D:7      | 23810 ||| Stepping ~*~*~tactically~*~*~ (outnumbered).
 23813 | D:7      | 23813 ||| Stepping ~*~*~tactically~*~*~ (outnumbered).
 23815 | D:7      | 23815 ||| Stepping ~*~*~tactically~*~*~ (outnumbered).
 23817 | D:7      | 23817 ||| Stepping ~*~*~tactically~*~*~ (outnumbered).
 23822 | D:7      | 23822 ||| Stepping ~*~*~tactically~*~*~ (outnumbered).
 23824 | D:7      | 23824 ||| Stepping ~*~*~tactically~*~*~ (outnumbered).
 23830 | D:7      | 23830 ||| Stepping ~*~*~tactically~*~*~ (outnumbered).
 23835 | D:7      | 23835 ||| Stepping ~*~*~tactically~*~*~ (outnumbered).
 23837 | D:7      | 23837 ||| Stepping ~*~*~tactically~*~*~ (outnumbered).
 23843 | D:7      | 23843 ||| Stepping ~*~*~tactically~*~*~ (outnumbered).
 23847 | D:7      | 23847 ||| Stepping ~*~*~tactically~*~*~ (outnumbered).
 23851 | D:7      | 23851 ||| Stepping ~*~*~tactically~*~*~ (outnumbered).
 23861 | D:7      | 23861 ||| Stepping ~*~*~tactically~*~*~ (outnumbered).
 23869 | D:7      | 23869 ||| Stepping ~*~*~tactically~*~*~ (outnumbered).
 23873 | D:7      | 23873 ||| Stepping ~*~*~tactically~*~*~ (outnumbered).
 23876 | D:7      | 23876 ||| Stepping ~*~*~tactically~*~*~ (outnumbered).
 23883 | D:7      | 23883 ||| Stepping ~*~*~tactically~*~*~ (outnumbered).
 23886 | D:7      | 23886 ||| Stepping ~*~*~tactically~*~*~ (outnumbered).
 23888 | D:7      | 23888 ||| Stepping ~*~*~tactically~*~*~ (outnumbered).
 23897 | D:7      | 23897 ||| Stepping ~*~*~tactically~*~*~ (outnumbered).
 23899 | D:7      | 23899 ||| Stepping ~*~*~tactically~*~*~ (outnumbered).
 23903 | D:7      | 23903 ||| Stepping ~*~*~tactically~*~*~ (outnumbered).
 23907 | D:7      | 23907 ||| Stepping ~*~*~tactically~*~*~ (outnumbered).
 23909 | D:7      | 23909 ||| Stepping ~*~*~tactically~*~*~ (outnumbered).
 23914 | D:7      | 23914 ||| Stepping ~*~*~tactically~*~*~ (outnumbered).
 23918 | D:7      | 23918 ||| Stepping ~*~*~tactically~*~*~ (outnumbered).
 23921 | D:7      | 23921 ||| Stepping ~*~*~tactically~*~*~ (outnumbered).
 23926 | D:7      | 23926 ||| Stepping ~*~*~tactically~*~*~ (outnumbered).
 23928 | D:7      | 23928 ||| Stepping ~*~*~tactically~*~*~ (outnumbered).
 23932 | D:7      | 23932 ||| Stepping ~*~*~tactically~*~*~ (outnumbered).
 23941 | D:7      | 23941 ||| Stepping ~*~*~tactically~*~*~ (outnumbered).
 23950 | D:7      | 23950 ||| Stepping ~*~*~tactically~*~*~ (outnumbered).
 23954 | D:7      | 23954 ||| Stepping ~*~*~tactically~*~*~ (outnumbered).
 23959 | D:7      | 23959 ||| Stepping ~*~*~tactically~*~*~ (outnumbered).
 23961 | D:7      | 23961 ||| Stepping ~*~*~tactically~*~*~ (outnumbered).
 23963 | D:7      | 23963 ||| Stepping ~*~*~tactically~*~*~ (outnumbered).
 23965 | D:7      | 23965 ||| Stepping ~*~*~tactically~*~*~ (outnumbered).
 23967 | D:7      | 23967 ||| Stepping ~*~*~tactically~*~*~ (outnumbered).
 23969 | D:7      | 23969 ||| Stepping ~*~*~tactically~*~*~ (outnumbered).
 23971 | D:7      | 23971 ||| Stepping ~*~*~tactically~*~*~ (outnumbered).
 23974 | D:7      | 23974 ||| Stepping ~*~*~tactically~*~*~ (outnumbered).
 23976 | D:7      | 23976 ||| Stepping ~*~*~tactically~*~*~ (outnumbered).
 23982 | D:7      | 23982 ||| Stepping ~*~*~tactically~*~*~ (outnumbered).
 23991 | D:7      | 23991 ||| Stepping ~*~*~tactically~*~*~ (outnumbered).
 23994 | D:7      | 23994 ||| Stepping ~*~*~tactically~*~*~ (outnumbered).
 24001 | D:7      | 24001 ||| Stepping ~*~*~tactically~*~*~ (outnumbered).
 24003 | D:7      | 24003 ||| Stepping ~*~*~tactically~*~*~ (outnumbered).
 24014 | D:7      | 24014 ||| Stepping ~*~*~tactically~*~*~ (outnumbered).
 24018 | D:7      | 24018 ||| Stepping ~*~*~tactically~*~*~ (outnumbered).
 24020 | D:7      | 24020 ||| Stepping ~*~*~tactically~*~*~ (outnumbered).
 24022 | D:7      | 24022 ||| Stepping ~*~*~tactically~*~*~ (outnumbered).
 24024 | D:7      | 24024 ||| Stepping ~*~*~tactically~*~*~ (outnumbered).
 24028 | D:7      | 24028 ||| Stepping ~*~*~tactically~*~*~ (outnumbered).
 24030 | D:7      | 24030 ||| Stepping ~*~*~tactically~*~*~ (outnumbered).
 24032 | D:7      | 24032 ||| Stepping ~*~*~tactically~*~*~ (outnumbered).
 24039 | D:7      | 24039 ||| Stepping ~*~*~tactically~*~*~ (outnumbered).
 24046 | D:7      | 24046 ||| Stepping ~*~*~tactically~*~*~ (outnumbered).
 24051 | D:7      | 24051 ||| Stepping ~*~*~tactically~*~*~ (outnumbered).
 24058 | D:7      | 24058 ||| Stepping ~*~*~tactically~*~*~ (outnumbered).
 24062 | D:7      | 24062 ||| Stepping ~*~*~tactically~*~*~ (outnumbered).
 24069 | D:7      | 24069 ||| Stepping ~*~*~tactically~*~*~ (outnumbered).
 24071 | D:7      | 24071 ||| Stepping ~*~*~tactically~*~*~ (outnumbered).
 24073 | D:7      | 24073 ||| Stepping ~*~*~tactically~*~*~ (outnumbered).
 24077 | D:7      | 24077 ||| Stepping ~*~*~tactically~*~*~ (outnumbered).
 24079 | D:7      | 24079 ||| Stepping ~*~*~tactically~*~*~ (outnumbered).
 24081 | D:7      | 24081 ||| Stepping ~*~*~tactically~*~*~ (outnumbered).
 24084 | D:7      | 24084 ||| Stepping ~*~*~tactically~*~*~ (outnumbered).
 24086 | D:7      | 24086 ||| Stepping ~*~*~tactically~*~*~ (outnumbered).
 24096 | D:7      | 24096 ||| Stepping ~*~*~tactically~*~*~ (outnumbered).
 24098 | D:7      | 24098 ||| Stepping ~*~*~tactically~*~*~ (outnumbered).
 24104 | D:7      | 24104 ||| Stepping ~*~*~tactically~*~*~ (outnumbered).
 24106 | D:7      | 24106 ||| Stepping ~*~*~tactically~*~*~ (outnumbered).
 24116 | D:7      | 24116 ||| Stepping ~*~*~tactically~*~*~ (outnumbered).
 24118 | D:7      | 24118 ||| Stepping ~*~*~tactically~*~*~ (outnumbered).
 24120 | D:7      | 24120 ||| Stepping ~*~*~tactically~*~*~ (outnumbered).
 24125 | D:7      | 24125 ||| Stepping ~*~*~tactically~*~*~ (outnumbered).
 24129 | D:7      | 24129 ||| Stepping ~*~*~tactically~*~*~ (outnumbered).
 24132 | D:7      | 24132 ||| Stepping ~*~*~tactically~*~*~ (outnumbered).
 24134 | D:7      | 24134 ||| Stepping ~*~*~tactically~*~*~ (outnumbered).
 24137 | D:7      | 24137 ||| Stepping ~*~*~tactically~*~*~ (outnumbered).
 24141 | D:7      | 24141 ||| Stepping ~*~*~tactically~*~*~ (outnumbered).
 24144 | D:7      | 24144 ||| Stepping ~*~*~tactically~*~*~ (outnumbered).
 24146 | D:7      | 24146 ||| Stepping ~*~*~tactically~*~*~ (outnumbered).
 24148 | D:7      | 24148 ||| Stepping ~*~*~tactically~*~*~ (outnumbered).
 24152 | D:7      | 24152 ||| Stepping ~*~*~tactically~*~*~ (outnumbered).
 24155 | D:7      | 24155 ||| Stepping ~*~*~tactically~*~*~ (outnumbered).
 24157 | D:7      | 24157 ||| Stepping ~*~*~tactically~*~*~ (outnumbered).
 24160 | D:7      | 24160 ||| Stepping ~*~*~tactically~*~*~ (outnumbered).
 24164 | D:7      | 24164 ||| Stepping ~*~*~tactically~*~*~ (outnumbered).
 24168 | D:7      | 24168 ||| Stepping ~*~*~tactically~*~*~ (outnumbered).
 24170 | D:7      | 24170 ||| Stepping ~*~*~tactically~*~*~ (outnumbered).
 24172 | D:7      | 24172 ||| Stepping ~*~*~tactically~*~*~ (outnumbered).
 24176 | D:7      | 24176 ||| Stepping ~*~*~tactically~*~*~ (outnumbered).
 24178 | D:7      | 24178 ||| Stepping ~*~*~tactically~*~*~ (outnumbered).
 24182 | D:7      | 24182 ||| Stepping ~*~*~tactically~*~*~ (outnumbered).
 24184 | D:7      | 24184 ||| Stepping ~*~*~tactically~*~*~ (outnumbered).
 24189 | D:7      | 24189 ||| Stepping ~*~*~tactically~*~*~ (outnumbered).
 24197 | D:7      | 24197 ||| Stepping ~*~*~tactically~*~*~ (outnumbered).
 24201 | D:7      | 24201 ||| Stepping ~*~*~tactically~*~*~ (outnumbered).
 24204 | D:7      | 24204 ||| Stepping ~*~*~tactically~*~*~ (outnumbered).
 24206 | D:7      | 24206 ||| Stepping ~*~*~tactically~*~*~ (outnumbered).
 24208 | D:7      | 24208 ||| Stepping ~*~*~tactically~*~*~ (outnumbered).
 24214 | D:7      | 24214 ||| Stepping ~*~*~tactically~*~*~ (outnumbered).
 24220 | D:7      | 24220 ||| Stepping ~*~*~tactically~*~*~ (outnumbered).
 24222 | D:7      | 24222 ||| Stepping ~*~*~tactically~*~*~ (outnumbered).
 24230 | D:7      | 24230 ||| Stepping ~*~*~tactically~*~*~ (outnumbered).
 24232 | D:7      | 24232 ||| Stepping ~*~*~tactically~*~*~ (outnumbered).
 24234 | D:7      | 24234 ||| Stepping ~*~*~tactically~*~*~ (outnumbered).
 24238 | D:7      | 24238 ||| Stepping ~*~*~tactically~*~*~ (outnumbered).
 24241 | D:7      | 24241 ||| Stepping ~*~*~tactically~*~*~ (outnumbered).
 24243 | D:7      | 24243 ||| Stepping ~*~*~tactically~*~*~ (outnumbered).
 24246 | D:7      | 24246 ||| Stepping ~*~*~tactically~*~*~ (outnumbered).
 24256 | D:7      | 24256 ||| Stepping ~*~*~tactically~*~*~ (outnumbered).
 24258 | D:7      | 24258 ||| Stepping ~*~*~tactically~*~*~ (outnumbered).
 24261 | D:7      | 24261 ||| Stepping ~*~*~tactically~*~*~ (outnumbered).
 24269 | D:7      | 24269 ||| Stepping ~*~*~tactically~*~*~ (outnumbered).
 24273 | D:7      | 24273 ||| Stepping ~*~*~tactically~*~*~ (outnumbered).
 24281 | D:7      | 24281 ||| Stepping ~*~*~tactically~*~*~ (outnumbered).
 24287 | D:7      | 24287 ||| Stepping ~*~*~tactically~*~*~ (outnumbered).
 24297 | D:7      | 24297 ||| Stepping ~*~*~tactically~*~*~ (outnumbered).
 24300 | D:7      | 24300 ||| Stepping ~*~*~tactically~*~*~ (outnumbered).
 24302 | D:7      | 24302 ||| Stepping ~*~*~tactically~*~*~ (outnumbered).
 24310 | D:7      | 24310 ||| Stepping ~*~*~tactically~*~*~ (outnumbered).
 24316 | D:7      | 24316 ||| Stepping ~*~*~tactically~*~*~ (outnumbered).
 24319 | D:7      | 24319 ||| Stepping ~*~*~tactically~*~*~ (outnumbered).
 24321 | D:7      | 24321 ||| Stepping ~*~*~tactically~*~*~ (outnumbered).
 24324 | D:7      | 24324 ||| Stepping ~*~*~tactically~*~*~ (outnumbered).
 24326 | D:7      | 24326 ||| Stepping ~*~*~tactically~*~*~ (outnumbered).
 24329 | D:7      | 24329 ||| Stepping ~*~*~tactically~*~*~ (outnumbered).
 24332 | D:7      | 24332 ||| Stepping ~*~*~tactically~*~*~ (outnumbered).
 24336 | D:7      | 24336 ||| Stepping ~*~*~tactically~*~*~ (outnumbered).
 24338 | D:7      | 24338 ||| Stepping ~*~*~tactically~*~*~ (outnumbered).
 24340 | D:7      | 24340 ||| Stepping ~*~*~tactically~*~*~ (outnumbered).
 24342 | D:7      | 24342 ||| Stepping ~*~*~tactically~*~*~ (outnumbered).
 24351 | D:7      | 24351 ||| Stepping ~*~*~tactically~*~*~ (outnumbered).
 24353 | D:7      | 24353 ||| Stepping ~*~*~tactically~*~*~ (outnumbered).
 24360 | D:7      | 24360 ||| Stepping ~*~*~tactically~*~*~ (outnumbered).
 24362 | D:7      | 24362 ||| Stepping ~*~*~tactically~*~*~ (outnumbered).
 24364 | D:7      | 24364 ||| Stepping ~*~*~tactically~*~*~ (outnumbered).
 24369 | D:7      | 24369 ||| Stepping ~*~*~tactically~*~*~ (outnumbered).
 24371 | D:7      | 24371 ||| Stepping ~*~*~tactically~*~*~ (outnumbered).
 24381 | D:7      | 24381 ||| Stepping ~*~*~tactically~*~*~ (outnumbered).
 24392 | D:7      | 24392 ||| Stepping ~*~*~tactically~*~*~ (outnumbered).
 24398 | D:7      | 24398 ||| Stepping ~*~*~tactically~*~*~ (outnumbered).
 24401 | D:7      | 24401 ||| Stepping ~*~*~tactically~*~*~ (outnumbered).
 24404 | D:7      | 24404 ||| Stepping ~*~*~tactically~*~*~ (outnumbered).
 24409 | D:7      | 24409 ||| Stepping ~*~*~tactically~*~*~ (outnumbered).
 24411 | D:7      | 24411 ||| Stepping ~*~*~tactically~*~*~ (outnumbered).
 24413 | D:7      | 24413 ||| Stepping ~*~*~tactically~*~*~ (outnumbered).
 24415 | D:7      | 24415 ||| Stepping ~*~*~tactically~*~*~ (outnumbered).
 24417 | D:7      | 24417 ||| Stepping ~*~*~tactically~*~*~ (outnumbered).
 24419 | D:7      | 24419 ||| Stepping ~*~*~tactically~*~*~ (outnumbered).
 24425 | D:7      | 24425 ||| Stepping ~*~*~tactically~*~*~ (outnumbered).
 24432 | D:7      | 24432 ||| Stepping ~*~*~tactically~*~*~ (outnumbered).
 24435 | D:7      | 24435 ||| Stepping ~*~*~tactically~*~*~ (outnumbered).
 24445 | D:7      | 24445 ||| Stepping ~*~*~tactically~*~*~ (outnumbered).
 24447 | D:7      | 24447 ||| Stepping ~*~*~tactically~*~*~ (outnumbered).
 24450 | D:7      | 24450 ||| Stepping ~*~*~tactically~*~*~ (outnumbered).
 24457 | D:7      | 24457 ||| Stepping ~*~*~tactically~*~*~ (outnumbered).
 24461 | D:7      | 24461 ||| Stepping ~*~*~tactically~*~*~ (outnumbered).
 24463 | D:7      | 24463 ||| Stepping ~*~*~tactically~*~*~ (outnumbered).
 24465 | D:7      | 24465 ||| Stepping ~*~*~tactically~*~*~ (outnumbered).
 24472 | D:7      | 24472 ||| Stepping ~*~*~tactically~*~*~ (outnumbered).
 24474 | D:7      | 24474 ||| Stepping ~*~*~tactically~*~*~ (outnumbered).
 24476 | D:7      | 24476 ||| Stepping ~*~*~tactically~*~*~ (outnumbered).
 24482 | D:7      | 24482 ||| Stepping ~*~*~tactically~*~*~ (outnumbered).
 24484 | D:7      | 24484 ||| Stepping ~*~*~tactically~*~*~ (outnumbered).
 24486 | D:7      | 24486 ||| Stepping ~*~*~tactically~*~*~ (outnumbered).
 24492 | D:7      | 24492 ||| Stepping ~*~*~tactically~*~*~ (outnumbered).
 24497 | D:7      | 24497 ||| Stepping ~*~*~tactically~*~*~ (outnumbered).
 24499 | D:7      | 24499 ||| Stepping ~*~*~tactically~*~*~ (outnumbered).
 24501 | D:7      | 24501 ||| Stepping ~*~*~tactically~*~*~ (outnumbered).
 24511 | D:7      | 24511 ||| Stepping ~*~*~tactically~*~*~ (outnumbered).
 24516 | D:7      | 24516 ||| Stepping ~*~*~tactically~*~*~ (outnumbered).
 24523 | D:7      | 24523 ||| Stepping ~*~*~tactically~*~*~ (outnumbered).
 24527 | D:7      | 24527 ||| Stepping ~*~*~tactically~*~*~ (outnumbered).
 24531 | D:7      | 24531 ||| Stepping ~*~*~tactically~*~*~ (outnumbered).
 24533 | D:7      | 24533 ||| Stepping ~*~*~tactically~*~*~ (outnumbered).
 24535 | D:7      | 24535 ||| Stepping ~*~*~tactically~*~*~ (outnumbered).
 24537 | D:7      | 24537 ||| Stepping ~*~*~tactically~*~*~ (outnumbered).
 24539 | D:7      | 24539 ||| Stepping ~*~*~tactically~*~*~ (outnumbered).
 24542 | D:7      | 24542 ||| Stepping ~*~*~tactically~*~*~ (outnumbered).
 24548 | D:7      | 24548 ||| Stepping ~*~*~tactically~*~*~ (outnumbered).
 24550 | D:7      | 24550 ||| Stepping ~*~*~tactically~*~*~ (outnumbered).
 24552 | D:7      | 24552 ||| Stepping ~*~*~tactically~*~*~ (outnumbered).
 24554 | D:7      | 24554 ||| Stepping ~*~*~tactically~*~*~ (outnumbered).
 24558 | D:7      | 24558 ||| Stepping ~*~*~tactically~*~*~ (outnumbered).
 24563 | D:7      | 24563 ||| Stepping ~*~*~tactically~*~*~ (outnumbered).
 24568 | D:7      | 24568 ||| Stepping ~*~*~tactically~*~*~ (outnumbered).
 24572 | D:7      | 24572 ||| Stepping ~*~*~tactically~*~*~ (outnumbered).
 24578 | D:7      | 24578 ||| Stepping ~*~*~tactically~*~*~ (outnumbered).
 24581 | D:7      | 24581 ||| Stepping ~*~*~tactically~*~*~ (outnumbered).
 24586 | D:7      | 24586 ||| Stepping ~*~*~tactically~*~*~ (outnumbered).
 24594 | D:7      | 24594 ||| Stepping ~*~*~tactically~*~*~ (outnumbered).
 24596 | D:7      | 24596 ||| Stepping ~*~*~tactically~*~*~ (outnumbered).
 24598 | D:7      | 24598 ||| Stepping ~*~*~tactically~*~*~ (outnumbered).
 24601 | D:7      | 24601 ||| Stepping ~*~*~tactically~*~*~ (outnumbered).
 24603 | D:7      | 24603 ||| Stepping ~*~*~tactically~*~*~ (outnumbered).
 24605 | D:7      | 24605 ||| Stepping ~*~*~tactically~*~*~ (outnumbered).
 24607 | D:7      | 24607 ||| Stepping ~*~*~tactically~*~*~ (outnumbered).
 24609 | D:7      | 24609 ||| Stepping ~*~*~tactically~*~*~ (outnumbered).
 24613 | D:7      | 24613 ||| Stepping ~*~*~tactically~*~*~ (outnumbered).
 24615 | D:7      | 24615 ||| Stepping ~*~*~tactically~*~*~ (outnumbered).
 24622 | D:7      | 24622 ||| Stepping ~*~*~tactically~*~*~ (outnumbered).
 24625 | D:7      | 24625 ||| Stepping ~*~*~tactically~*~*~ (outnumbered).
 24627 | D:7      | 24627 ||| Stepping ~*~*~tactically~*~*~ (outnumbered).
 24633 | D:7      | 24633 ||| Stepping ~*~*~tactically~*~*~ (outnumbered).
 24638 | D:7      | 24638 ||| Stepping ~*~*~tactically~*~*~ (outnumbered).
 24640 | D:7      | 24640 ||| Stepping ~*~*~tactically~*~*~ (outnumbered).
 24642 | D:7      | 24642 ||| Stepping ~*~*~tactically~*~*~ (outnumbered).
 24644 | D:7      | 24644 ||| Stepping ~*~*~tactically~*~*~ (outnumbered).
 24648 | D:7      | 24648 ||| Stepping ~*~*~tactically~*~*~ (outnumbered).
 24650 | D:7      | 24650 ||| Stepping ~*~*~tactically~*~*~ (outnumbered).
 24656 | D:7      | 24656 ||| Stepping ~*~*~tactically~*~*~ (outnumbered).
 24658 | D:7      | 24658 ||| Stepping ~*~*~tactically~*~*~ (outnumbered).
 24662 | D:7      | 24662 ||| Stepping ~*~*~tactically~*~*~ (outnumbered).
 24669 | D:7      | 24669 ||| Stepping ~*~*~tactically~*~*~ (outnumbered).
 24673 | D:7      | 24673 ||| Stepping ~*~*~tactically~*~*~ (outnumbered).
 24675 | D:7      | 24675 ||| Stepping ~*~*~tactically~*~*~ (outnumbered).
 24679 | D:7      | 24679 ||| Stepping ~*~*~tactically~*~*~ (outnumbered).
 24681 | D:7      | 24681 ||| Stepping ~*~*~tactically~*~*~ (outnumbered).
 24689 | D:7      | 24689 ||| Stepping ~*~*~tactically~*~*~ (outnumbered).
 24691 | D:7      | 24691 ||| Stepping ~*~*~tactically~*~*~ (outnumbered).
 24693 | D:7      | 24693 ||| Stepping ~*~*~tactically~*~*~ (outnumbered).
 24696 | D:7      | 24696 ||| Stepping ~*~*~tactically~*~*~ (outnumbered).
 24698 | D:7      | 24698 ||| Stepping ~*~*~tactically~*~*~ (outnumbered).
 24700 | D:7      | 24700 ||| Stepping ~*~*~tactically~*~*~ (outnumbered).
 24702 | D:7      | 24702 ||| Stepping ~*~*~tactically~*~*~ (outnumbered).
 24706 | D:7      | 24706 ||| Stepping ~*~*~tactically~*~*~ (outnumbered).
 24714 | D:7      | 24714 ||| Stepping ~*~*~tactically~*~*~ (outnumbered).
 24716 | D:7      | 24716 ||| Stepping ~*~*~tactically~*~*~ (outnumbered).
 24718 | D:7      | 24718 ||| Stepping ~*~*~tactically~*~*~ (outnumbered).
 24720 | D:7      | 24720 ||| Stepping ~*~*~tactically~*~*~ (outnumbered).
 24728 | D:7      | 24728 ||| Stepping ~*~*~tactically~*~*~ (outnumbered).
 24731 | D:7      | 24731 ||| Stepping ~*~*~tactically~*~*~ (outnumbered).
 24743 | D:7      | 24743 ||| Stepping ~*~*~tactically~*~*~ (outnumbered).
 24745 | D:7      | 24745 ||| Stepping ~*~*~tactically~*~*~ (outnumbered).
 24749 | D:7      | 24749 ||| Stepping ~*~*~tactically~*~*~ (outnumbered).
 24752 | D:7      | 24752 ||| Stepping ~*~*~tactically~*~*~ (outnumbered).
 24755 | D:7      | 24755 ||| Stepping ~*~*~tactically~*~*~ (outnumbered).
 24758 | D:7      | 24758 ||| Stepping ~*~*~tactically~*~*~ (outnumbered).
 24760 | D:7      | 24760 ||| Stepping ~*~*~tactically~*~*~ (outnumbered).
 24762 | D:7      | 24762 ||| Stepping ~*~*~tactically~*~*~ (outnumbered).
 24764 | D:7      | 24764 ||| Stepping ~*~*~tactically~*~*~ (outnumbered).
 24766 | D:7      | 24766 ||| Stepping ~*~*~tactically~*~*~ (outnumbered).
 24770 | D:7      | 24770 ||| Stepping ~*~*~tactically~*~*~ (outnumbered).
 24772 | D:7      | 24772 ||| Stepping ~*~*~tactically~*~*~ (outnumbered).
 24775 | D:7      | 24775 ||| Stepping ~*~*~tactically~*~*~ (outnumbered).
 24779 | D:7      | 24779 ||| Stepping ~*~*~tactically~*~*~ (outnumbered).
 24785 | D:7      | 24785 ||| Stepping ~*~*~tactically~*~*~ (outnumbered).
 24790 | D:7      | 24790 ||| Stepping ~*~*~tactically~*~*~ (outnumbered).
 24793 | D:7      | 24793 ||| Stepping ~*~*~tactically~*~*~ (outnumbered).
 24798 | D:7      | 24798 ||| Stepping ~*~*~tactically~*~*~ (outnumbered).
 24800 | D:7      | 24800 ||| Stepping ~*~*~tactically~*~*~ (outnumbered).
 24803 | D:7      | 24803 ||| Stepping ~*~*~tactically~*~*~ (outnumbered).
 24810 | D:7      | 24810 ||| Stepping ~*~*~tactically~*~*~ (outnumbered).
 24812 | D:7      | 24812 ||| Stepping ~*~*~tactically~*~*~ (outnumbered).
 24814 | D:7      | 24814 ||| Stepping ~*~*~tactically~*~*~ (outnumbered).
 24816 | D:7      | 24816 ||| Stepping ~*~*~tactically~*~*~ (outnumbered).
 24820 | D:7      | 24820 ||| Stepping ~*~*~tactically~*~*~ (outnumbered).
 24826 | D:7      | 24826 ||| Stepping ~*~*~tactically~*~*~ (outnumbered).
 24833 | D:7      | 24833 ||| Stepping ~*~*~tactically~*~*~ (outnumbered).
 24835 | D:7      | 24835 ||| Stepping ~*~*~tactically~*~*~ (outnumbered).
 24839 | D:7      | 24839 ||| Stepping ~*~*~tactically~*~*~ (outnumbered).
 24841 | D:7      | 24841 ||| Stepping ~*~*~tactically~*~*~ (outnumbered).
 24845 | D:7      | 24845 ||| Stepping ~*~*~tactically~*~*~ (outnumbered).
 24851 | D:7      | 24851 ||| Stepping ~*~*~tactically~*~*~ (outnumbered).
 24853 | D:7      | 24853 ||| Stepping ~*~*~tactically~*~*~ (outnumbered).
 24861 | D:7      | 24861 ||| Stepping ~*~*~tactically~*~*~ (outnumbered).
 24863 | D:7      | 24863 ||| Stepping ~*~*~tactically~*~*~ (outnumbered).
 24865 | D:7      | 24865 ||| Stepping ~*~*~tactically~*~*~ (outnumbered).
 24867 | D:7      | 24867 ||| Stepping ~*~*~tactically~*~*~ (outnumbered).
 24873 | D:7      | 24873 ||| Stepping ~*~*~tactically~*~*~ (outnumbered).
 24875 | D:7      | 24875 ||| Stepping ~*~*~tactically~*~*~ (outnumbered).
 24879 | D:7      | 24879 ||| Stepping ~*~*~tactically~*~*~ (outnumbered).
 24881 | D:7      | 24881 ||| Stepping ~*~*~tactically~*~*~ (outnumbered).
 24883 | D:7      | 24883 ||| Stepping ~*~*~tactically~*~*~ (outnumbered).
 24886 | D:7      | 24886 ||| Stepping ~*~*~tactically~*~*~ (outnumbered).
 24889 | D:7      | 24889 ||| Stepping ~*~*~tactically~*~*~ (outnumbered).
 24891 | D:7      | 24891 ||| Stepping ~*~*~tactically~*~*~ (outnumbered).
 24896 | D:7      | 24896 ||| Stepping ~*~*~tactically~*~*~ (outnumbered).
 24898 | D:7      | 24898 ||| Stepping ~*~*~tactically~*~*~ (outnumbered).
 24900 | D:7      | 24900 ||| Stepping ~*~*~tactically~*~*~ (outnumbered).
 24905 | D:7      | 24905 ||| Stepping ~*~*~tactically~*~*~ (outnumbered).
 24914 | D:7      | 24914 ||| Stepping ~*~*~tactically~*~*~ (outnumbered).
 24916 | D:7      | 24916 ||| Stepping ~*~*~tactically~*~*~ (outnumbered).
 24918 | D:7      | 24918 ||| Stepping ~*~*~tactically~*~*~ (outnumbered).
 24920 | D:7      | 24920 ||| Stepping ~*~*~tactically~*~*~ (outnumbered).
 24931 | D:7      | 24931 ||| Stepping ~*~*~tactically~*~*~ (outnumbered).
 24939 | D:7      | 24939 ||| Stepping ~*~*~tactically~*~*~ (outnumbered).
 24941 | D:7      | 24941 ||| Stepping ~*~*~tactically~*~*~ (outnumbered).
 24943 | D:7      | 24943 ||| Stepping ~*~*~tactically~*~*~ (outnumbered).
 24945 | D:7      | 24945 ||| Stepping ~*~*~tactically~*~*~ (outnumbered).
 24948 | D:7      | 24948 ||| Stepping ~*~*~tactically~*~*~ (outnumbered).
 24951 | D:7      | 24951 ||| Stepping ~*~*~tactically~*~*~ (outnumbered).
 24953 | D:7      | 24953 ||| Stepping ~*~*~tactically~*~*~ (outnumbered).
 24957 | D:7      | 24957 ||| Stepping ~*~*~tactically~*~*~ (outnumbered).
 24962 | D:7      | 24962 ||| Stepping ~*~*~tactically~*~*~ (outnumbered).
 24964 | D:7      | 24964 ||| Stepping ~*~*~tactically~*~*~ (outnumbered).
 24969 | D:7      | 24969 ||| Stepping ~*~*~tactically~*~*~ (outnumbered).
 24971 | D:7      | 24971 ||| Stepping ~*~*~tactically~*~*~ (outnumbered).
 24975 | D:7      | 24975 ||| Stepping ~*~*~tactically~*~*~ (outnumbered).
 24977 | D:7      | 24977 ||| Stepping ~*~*~tactically~*~*~ (outnumbered).
 24979 | D:7      | 24979 ||| Stepping ~*~*~tactically~*~*~ (outnumbered).
 24981 | D:7      | 24981 ||| Stepping ~*~*~tactically~*~*~ (outnumbered).
 24987 | D:7      | 24987 ||| Stepping ~*~*~tactically~*~*~ (outnumbered).
 24989 | D:7      | 24989 ||| Stepping ~*~*~tactically~*~*~ (outnumbered).
 24991 | D:7      | 24991 ||| Stepping ~*~*~tactically~*~*~ (outnumbered).
 25002 | D:7      | 25002 ||| Stepping ~*~*~tactically~*~*~ (outnumbered).
 25004 | D:7      | 25004 ||| Stepping ~*~*~tactically~*~*~ (outnumbered).
 25017 | D:7      | 25017 ||| Stepping ~*~*~tactically~*~*~ (outnumbered).
 25021 | D:7      | 25021 ||| Stepping ~*~*~tactically~*~*~ (outnumbered).
 25023 | D:7      | 25023 ||| Stepping ~*~*~tactically~*~*~ (outnumbered).
 25025 | D:7      | 25025 ||| Stepping ~*~*~tactically~*~*~ (outnumbered).
 25028 | D:7      | 25028 ||| Stepping ~*~*~tactically~*~*~ (outnumbered).
 25030 | D:7      | 25030 ||| Stepping ~*~*~tactically~*~*~ (outnumbered).
 25032 | D:7      | 25032 ||| Stepping ~*~*~tactically~*~*~ (outnumbered).
 25040 | D:7      | 25040 ||| Stepping ~*~*~tactically~*~*~ (outnumbered).
 25042 | D:7      | 25042 ||| Stepping ~*~*~tactically~*~*~ (outnumbered).
 25044 | D:7      | 25044 ||| Stepping ~*~*~tactically~*~*~ (outnumbered).
 25046 | D:7      | 25046 ||| Stepping ~*~*~tactically~*~*~ (outnumbered).
 25048 | D:7      | 25048 ||| Stepping ~*~*~tactically~*~*~ (outnumbered).
 25051 | D:7      | 25051 ||| Stepping ~*~*~tactically~*~*~ (outnumbered).
 25053 | D:7      | 25053 ||| Stepping ~*~*~tactically~*~*~ (outnumbered).
 25059 | D:7      | 25059 ||| Stepping ~*~*~tactically~*~*~ (outnumbered).
 25064 | D:7      | 25064 ||| Stepping ~*~*~tactically~*~*~ (outnumbered).
 25074 | D:7      | 25074 ||| Stepping ~*~*~tactically~*~*~ (outnumbered).
 25076 | D:7      | 25076 ||| Stepping ~*~*~tactically~*~*~ (outnumbered).
 25083 | D:7      | 25083 ||| Stepping ~*~*~tactically~*~*~ (outnumbered).
 25095 | D:7      | 25095 ||| Stepping ~*~*~tactically~*~*~ (outnumbered).
 25103 | D:7      | 25103 ||| Stepping ~*~*~tactically~*~*~ (outnumbered).
 25105 | D:7      | 25105 ||| Stepping ~*~*~tactically~*~*~ (outnumbered).
 25107 | D:7      | 25107 ||| Stepping ~*~*~tactically~*~*~ (outnumbered).
 25113 | D:7      | 25113 ||| Stepping ~*~*~tactically~*~*~ (outnumbered).
 25115 | D:7      | 25115 ||| Stepping ~*~*~tactically~*~*~ (outnumbered).
 25124 | D:7      | 25124 ||| Stepping ~*~*~tactically~*~*~ (outnumbered).
 25130 | D:7      | 25130 ||| Stepping ~*~*~tactically~*~*~ (outnumbered).
 25138 | D:7      | 25138 ||| Stepping ~*~*~tactically~*~*~ (outnumbered).
 25140 | D:7      | 25140 ||| Stepping ~*~*~tactically~*~*~ (outnumbered).
 25146 | D:7      | 25146 ||| Stepping ~*~*~tactically~*~*~ (outnumbered).
 25153 | D:7      | 25153 ||| Stepping ~*~*~tactically~*~*~ (outnumbered).
 25155 | D:7      | 25155 ||| Stepping ~*~*~tactically~*~*~ (outnumbered).
 25157 | D:7      | 25157 ||| Stepping ~*~*~tactically~*~*~ (outnumbered).
 25159 | D:7      | 25159 ||| Stepping ~*~*~tactically~*~*~ (outnumbered).
 25167 | D:7      | 25167 ||| Stepping ~*~*~tactically~*~*~ (outnumbered).
 25176 | D:7      | 25176 ||| Stepping ~*~*~tactically~*~*~ (outnumbered).
 25178 | D:7      | 25178 ||| Stepping ~*~*~tactically~*~*~ (outnumbered).
 25180 | D:7      | 25180 ||| Stepping ~*~*~tactically~*~*~ (outnumbered).
 25185 | D:7      | 25185 ||| Stepping ~*~*~tactically~*~*~ (outnumbered).
 25187 | D:7      | 25187 ||| Stepping ~*~*~tactically~*~*~ (outnumbered).
 25192 | D:7      | 25192 ||| Stepping ~*~*~tactically~*~*~ (outnumbered).
 25199 | D:7      | 25199 ||| Stepping ~*~*~tactically~*~*~ (outnumbered).
 25206 | D:7      | 25206 ||| Stepping ~*~*~tactically~*~*~ (outnumbered).
 25208 | D:7      | 25208 ||| Stepping ~*~*~tactically~*~*~ (outnumbered).
 25213 | D:7      | 25213 ||| Stepping ~*~*~tactically~*~*~ (outnumbered).
 25215 | D:7      | 25215 ||| Stepping ~*~*~tactically~*~*~ (outnumbered).
 25219 | D:7      | 25219 ||| Stepping ~*~*~tactically~*~*~ (outnumbered).
 25226 | D:7      | 25226 ||| Stepping ~*~*~tactically~*~*~ (outnumbered).
 25228 | D:7      | 25228 ||| Stepping ~*~*~tactically~*~*~ (outnumbered).
 25232 | D:7      | 25232 ||| Stepping ~*~*~tactically~*~*~ (outnumbered).
 25234 | D:7      | 25234 ||| Stepping ~*~*~tactically~*~*~ (outnumbered).
 25239 | D:7      | 25239 ||| Stepping ~*~*~tactically~*~*~ (outnumbered).
 25243 | D:7      | 25243 ||| Stepping ~*~*~tactically~*~*~ (outnumbered).
 25250 | D:7      | 25250 ||| Stepping ~*~*~tactically~*~*~ (outnumbered).
 25252 | D:7      | 25252 ||| Stepping ~*~*~tactically~*~*~ (outnumbered).
 25255 | D:7      | 25255 ||| Stepping ~*~*~tactically~*~*~ (outnumbered).
 25257 | D:7      | 25257 ||| Stepping ~*~*~tactically~*~*~ (outnumbered).
 25264 | D:7      | 25264 ||| Stepping ~*~*~tactically~*~*~ (outnumbered).
 25266 | D:7      | 25266 ||| Stepping ~*~*~tactically~*~*~ (outnumbered).
 25268 | D:7      | 25268 ||| Stepping ~*~*~tactically~*~*~ (outnumbered).
 25270 | D:7      | 25270 ||| Stepping ~*~*~tactically~*~*~ (outnumbered).
 25272 | D:7      | 25272 ||| Stepping ~*~*~tactically~*~*~ (outnumbered).
 25275 | D:7      | 25275 ||| Stepping ~*~*~tactically~*~*~ (outnumbered).
 25277 | D:7      | 25277 ||| Stepping ~*~*~tactically~*~*~ (outnumbered).
 25279 | D:7      | 25279 ||| Stepping ~*~*~tactically~*~*~ (outnumbered).
 25281 | D:7      | 25281 ||| Stepping ~*~*~tactically~*~*~ (outnumbered).
 25285 | D:7      | 25285 ||| Stepping ~*~*~tactically~*~*~ (outnumbered).
 25287 | D:7      | 25287 ||| Stepping ~*~*~tactically~*~*~ (outnumbered).
 25292 | D:7      | 25292 ||| Stepping ~*~*~tactically~*~*~ (outnumbered).
 25296 | D:7      | 25296 ||| Stepping ~*~*~tactically~*~*~ (outnumbered).
 25298 | D:7      | 25298 ||| Stepping ~*~*~tactically~*~*~ (outnumbered).
 25305 | D:7      | 25305 ||| Stepping ~*~*~tactically~*~*~ (outnumbered).
 25312 | D:7      | 25312 ||| Stepping ~*~*~tactically~*~*~ (outnumbered).
 25316 | D:7      | 25316 ||| Stepping ~*~*~tactically~*~*~ (outnumbered).
 25318 | D:7      | 25318 ||| Stepping ~*~*~tactically~*~*~ (outnumbered).
 25320 | D:7      | 25320 ||| Stepping ~*~*~tactically~*~*~ (outnumbered).
 25327 | D:7      | 25327 ||| Stepping ~*~*~tactically~*~*~ (outnumbered).
 25329 | D:7      | 25329 ||| Stepping ~*~*~tactically~*~*~ (outnumbered).
 25332 | D:7      | 25332 ||| Stepping ~*~*~tactically~*~*~ (outnumbered).
 25336 | D:7      | 25336 ||| Stepping ~*~*~tactically~*~*~ (outnumbered).
 25338 | D:7      | 25338 ||| Stepping ~*~*~tactically~*~*~ (outnumbered).
 25341 | D:7      | 25341 ||| Stepping ~*~*~tactically~*~*~ (outnumbered).
 25343 | D:7      | 25343 ||| Stepping ~*~*~tactically~*~*~ (outnumbered).
 25345 | D:7      | 25345 ||| Stepping ~*~*~tactically~*~*~ (outnumbered).
 25349 | D:7      | 25349 ||| Stepping ~*~*~tactically~*~*~ (outnumbered).
 25352 | D:7      | 25352 ||| Stepping ~*~*~tactically~*~*~ (outnumbered).
 25355 | D:7      | 25355 ||| Stepping ~*~*~tactically~*~*~ (outnumbered).
 25358 | D:7      | 25358 ||| Stepping ~*~*~tactically~*~*~ (outnumbered).
 25360 | D:7      | 25360 ||| Stepping ~*~*~tactically~*~*~ (outnumbered).
 25362 | D:7      | 25362 ||| Stepping ~*~*~tactically~*~*~ (outnumbered).
 25365 | D:7      | 25365 ||| Stepping ~*~*~tactically~*~*~ (outnumbered).
 25367 | D:7      | 25367 ||| Stepping ~*~*~tactically~*~*~ (outnumbered).
 25369 | D:7      | 25369 ||| Stepping ~*~*~tactically~*~*~ (outnumbered).
 25371 | D:7      | 25371 ||| Stepping ~*~*~tactically~*~*~ (outnumbered).
 25373 | D:7      | 25373 ||| Stepping ~*~*~tactically~*~*~ (outnumbered).
 25376 | D:7      | 25376 ||| Stepping ~*~*~tactically~*~*~ (outnumbered).
 25379 | D:7      | 25379 ||| Stepping ~*~*~tactically~*~*~ (outnumbered).
 25381 | D:7      | 25381 ||| Stepping ~*~*~tactically~*~*~ (outnumbered).
 25388 | D:7      | 25388 ||| Stepping ~*~*~tactically~*~*~ (outnumbered).
 25392 | D:7      | 25392 ||| Stepping ~*~*~tactically~*~*~ (outnumbered).
 25394 | D:7      | 25394 ||| Stepping ~*~*~tactically~*~*~ (outnumbered).
 25403 | D:7      | 25403 ||| Stepping ~*~*~tactically~*~*~ (outnumbered).
 25407 | D:7      | 25407 ||| Stepping ~*~*~tactically~*~*~ (outnumbered).
 25417 | D:7      | 25417 ||| Stepping ~*~*~tactically~*~*~ (outnumbered).
 25422 | D:7      | 25422 ||| Stepping ~*~*~tactically~*~*~ (outnumbered).
 25429 | D:7      | 25429 ||| Stepping ~*~*~tactically~*~*~ (outnumbered).
 25431 | D:7      | 25431 ||| Stepping ~*~*~tactically~*~*~ (outnumbered).
 25433 | D:7      | 25433 ||| Stepping ~*~*~tactically~*~*~ (outnumbered).
 25435 | D:7      | 25435 ||| Stepping ~*~*~tactically~*~*~ (outnumbered).
 25443 | D:7      | 25443 ||| Stepping ~*~*~tactically~*~*~ (outnumbered).
 25445 | D:7      | 25445 ||| Stepping ~*~*~tactically~*~*~ (outnumbered).
 25451 | D:7      | 25451 ||| Stepping ~*~*~tactically~*~*~ (outnumbered).
 25453 | D:7      | 25453 ||| Stepping ~*~*~tactically~*~*~ (outnumbered).
 25458 | D:7      | 25458 ||| Stepping ~*~*~tactically~*~*~ (outnumbered).
 25460 | D:7      | 25460 ||| Stepping ~*~*~tactically~*~*~ (outnumbered).
 25462 | D:7      | 25462 ||| Stepping ~*~*~tactically~*~*~ (outnumbered).
 25466 | D:7      | 25466 ||| Stepping ~*~*~tactically~*~*~ (outnumbered).
 25476 | D:7      | 25476 ||| Stepping ~*~*~tactically~*~*~ (outnumbered).
 25482 | D:7      | 25482 ||| Stepping ~*~*~tactically~*~*~ (outnumbered).
 25487 | D:7      | 25487 ||| Stepping ~*~*~tactically~*~*~ (outnumbered).
 25493 | D:7      | 25493 ||| Stepping ~*~*~tactically~*~*~ (outnumbered).
 25495 | D:7      | 25495 ||| Stepping ~*~*~tactically~*~*~ (outnumbered).
 25497 | D:7      | 25497 ||| Stepping ~*~*~tactically~*~*~ (outnumbered).
 25501 | D:7      | 25501 ||| Stepping ~*~*~tactically~*~*~ (outnumbered).
 25503 | D:7      | 25503 ||| Stepping ~*~*~tactically~*~*~ (outnumbered).
 25509 | D:7      | 25509 ||| Stepping ~*~*~tactically~*~*~ (outnumbered).
 25511 | D:7      | 25511 ||| Stepping ~*~*~tactically~*~*~ (outnumbered).
 25513 | D:7      | 25513 ||| Stepping ~*~*~tactically~*~*~ (outnumbered).
 25519 | D:7      | 25519 ||| Stepping ~*~*~tactically~*~*~ (outnumbered).
 25521 | D:7      | 25521 ||| Stepping ~*~*~tactically~*~*~ (outnumbered).
 25525 | D:7      | 25525 ||| Stepping ~*~*~tactically~*~*~ (outnumbered).
 25527 | D:7      | 25527 ||| Stepping ~*~*~tactically~*~*~ (outnumbered).
 25529 | D:7      | 25529 ||| Stepping ~*~*~tactically~*~*~ (outnumbered).
 25537 | D:7      | 25537 ||| Stepping ~*~*~tactically~*~*~ (outnumbered).
 25539 | D:7      | 25539 ||| Stepping ~*~*~tactically~*~*~ (outnumbered).
 25541 | D:7      | 25541 ||| Stepping ~*~*~tactically~*~*~ (outnumbered).
 25543 | D:7      | 25543 ||| Stepping ~*~*~tactically~*~*~ (outnumbered).
 25545 | D:7      | 25545 ||| Stepping ~*~*~tactically~*~*~ (outnumbered).
 25547 | D:7      | 25547 ||| Stepping ~*~*~tactically~*~*~ (outnumbered).
 25552 | D:7      | 25552 ||| Stepping ~*~*~tactically~*~*~ (outnumbered).
 25560 | D:7      | 25560 ||| Stepping ~*~*~tactically~*~*~ (outnumbered).
 25562 | D:7      | 25562 ||| Stepping ~*~*~tactically~*~*~ (outnumbered).
 25568 | D:7      | 25568 ||| Stepping ~*~*~tactically~*~*~ (outnumbered).
 25572 | D:7      | 25572 ||| Stepping ~*~*~tactically~*~*~ (outnumbered).
 25574 | D:7      | 25574 ||| Stepping ~*~*~tactically~*~*~ (outnumbered).
 25581 | D:7      | 25581 ||| Stepping ~*~*~tactically~*~*~ (outnumbered).
 25583 | D:7      | 25583 ||| Stepping ~*~*~tactically~*~*~ (outnumbered).
 25585 | D:7      | 25585 ||| Stepping ~*~*~tactically~*~*~ (outnumbered).
 25590 | D:7      | 25590 ||| Stepping ~*~*~tactically~*~*~ (outnumbered).
 25596 | D:7      | 25596 ||| Stepping ~*~*~tactically~*~*~ (outnumbered).
 25598 | D:7      | 25598 ||| Stepping ~*~*~tactically~*~*~ (outnumbered).
 25601 | D:7      | 25601 ||| Stepping ~*~*~tactically~*~*~ (outnumbered).
 25603 | D:7      | 25603 ||| Stepping ~*~*~tactically~*~*~ (outnumbered).
 25607 | D:7      | 25607 ||| Stepping ~*~*~tactically~*~*~ (outnumbered).
 25615 | D:7      | 25615 ||| Stepping ~*~*~tactically~*~*~ (outnumbered).
 25621 | D:7      | 25621 ||| Stepping ~*~*~tactically~*~*~ (outnumbered).
 25623 | D:7      | 25623 ||| Stepping ~*~*~tactically~*~*~ (outnumbered).
 25625 | D:7      | 25625 ||| Stepping ~*~*~tactically~*~*~ (outnumbered).
 25632 | D:7      | 25632 ||| Stepping ~*~*~tactically~*~*~ (outnumbered).
 25636 | D:7      | 25636 ||| Stepping ~*~*~tactically~*~*~ (outnumbered).
 25638 | D:7      | 25638 ||| Stepping ~*~*~tactically~*~*~ (outnumbered).
 25644 | D:7      | 25644 ||| Stepping ~*~*~tactically~*~*~ (outnumbered).
 25646 | D:7      | 25646 ||| Stepping ~*~*~tactically~*~*~ (outnumbered).
 25648 | D:7      | 25648 ||| Stepping ~*~*~tactically~*~*~ (outnumbered).
 25650 | D:7      | 25650 ||| Stepping ~*~*~tactically~*~*~ (outnumbered).
 25656 | D:7      | 25656 ||| Stepping ~*~*~tactically~*~*~ (outnumbered).
 25660 | D:7      | 25660 ||| Stepping ~*~*~tactically~*~*~ (outnumbered).
 25667 | D:7      | 25667 ||| Stepping ~*~*~tactically~*~*~ (outnumbered).
 25676 | D:7      | 25676 ||| Stepping ~*~*~tactically~*~*~ (outnumbered).
 25684 | D:7      | 25684 ||| Stepping ~*~*~tactically~*~*~ (outnumbered).
 25689 | D:7      | 25689 ||| Stepping ~*~*~tactically~*~*~ (outnumbered).
 25694 | D:7      | 25694 ||| Stepping ~*~*~tactically~*~*~ (outnumbered).
 25696 | D:7      | 25696 ||| Stepping ~*~*~tactically~*~*~ (outnumbered).
 25698 | D:7      | 25698 ||| Stepping ~*~*~tactically~*~*~ (outnumbered).
 25702 | D:7      | 25702 ||| Stepping ~*~*~tactically~*~*~ (outnumbered).
 25709 | D:7      | 25709 ||| Stepping ~*~*~tactically~*~*~ (outnumbered).
 25714 | D:7      | 25714 ||| Stepping ~*~*~tactically~*~*~ (outnumbered).
 25722 | D:7      | 25722 ||| Stepping ~*~*~tactically~*~*~ (outnumbered).
 25727 | D:7      | 25727 ||| Stepping ~*~*~tactically~*~*~ (outnumbered).
 25731 | D:7      | 25731 ||| Stepping ~*~*~tactically~*~*~ (outnumbered).
 25733 | D:7      | 25733 ||| Stepping ~*~*~tactically~*~*~ (outnumbered).
 25738 | D:7      | 25738 ||| Stepping ~*~*~tactically~*~*~ (outnumbered).
 25742 | D:7      | 25742 ||| Stepping ~*~*~tactically~*~*~ (outnumbered).
 25744 | D:7      | 25744 ||| Stepping ~*~*~tactically~*~*~ (outnumbered).
 25749 | D:7      | 25749 ||| Stepping ~*~*~tactically~*~*~ (outnumbered).
 25751 | D:7      | 25751 ||| Stepping ~*~*~tactically~*~*~ (outnumbered).
 25753 | D:7      | 25753 ||| Stepping ~*~*~tactically~*~*~ (outnumbered).
 25759 | D:7      | 25759 ||| Stepping ~*~*~tactically~*~*~ (outnumbered).
 25761 | D:7      | 25761 ||| Stepping ~*~*~tactically~*~*~ (outnumbered).
 25764 | D:7      | 25764 ||| Stepping ~*~*~tactically~*~*~ (outnumbered).
 25766 | D:7      | 25766 ||| Stepping ~*~*~tactically~*~*~ (outnumbered).
 25774 | D:7      | 25774 ||| Stepping ~*~*~tactically~*~*~ (outnumbered).
 25779 | D:7      | 25779 ||| Stepping ~*~*~tactically~*~*~ (outnumbered).
 25785 | D:7      | 25785 ||| Stepping ~*~*~tactically~*~*~ (outnumbered).
 25787 | D:7      | 25787 ||| Stepping ~*~*~tactically~*~*~ (outnumbered).
 25791 | D:7      | 25791 ||| Stepping ~*~*~tactically~*~*~ (outnumbered).
 25793 | D:7      | 25793 ||| Stepping ~*~*~tactically~*~*~ (outnumbered).
 25800 | D:7      | 25800 ||| Stepping ~*~*~tactically~*~*~ (outnumbered).
 25804 | D:7      | 25804 ||| Stepping ~*~*~tactically~*~*~ (outnumbered).
 25806 | D:7      | 25806 ||| Stepping ~*~*~tactically~*~*~ (outnumbered).
 25815 | D:7      | 25815 ||| Stepping ~*~*~tactically~*~*~ (outnumbered).
 25820 | D:7      | 25820 ||| Stepping ~*~*~tactically~*~*~ (outnumbered).
 25822 | D:7      | 25822 ||| Stepping ~*~*~tactically~*~*~ (outnumbered).
 25824 | D:7      | 25824 ||| Stepping ~*~*~tactically~*~*~ (outnumbered).
 25832 | D:7      | 25832 ||| Stepping ~*~*~tactically~*~*~ (outnumbered).
 25834 | D:7      | 25834 ||| Stepping ~*~*~tactically~*~*~ (outnumbered).
 25837 | D:7      | 25837 ||| Stepping ~*~*~tactically~*~*~ (outnumbered).
 25842 | D:7      | 25842 ||| Stepping ~*~*~tactically~*~*~ (outnumbered).
 25845 | D:7      | 25845 ||| Stepping ~*~*~tactically~*~*~ (outnumbered).
 25847 | D:7      | 25847 ||| Stepping ~*~*~tactically~*~*~ (outnumbered).
 25849 | D:7      | 25849 ||| Stepping ~*~*~tactically~*~*~ (outnumbered).
 25851 | D:7      | 25851 ||| Stepping ~*~*~tactically~*~*~ (outnumbered).
 25856 | D:7      | 25856 ||| Stepping ~*~*~tactically~*~*~ (outnumbered).
 25863 | D:7      | 25863 ||| Stepping ~*~*~tactically~*~*~ (outnumbered).
 25865 | D:7      | 25865 ||| Stepping ~*~*~tactically~*~*~ (outnumbered).
 25867 | D:7      | 25867 ||| Stepping ~*~*~tactically~*~*~ (outnumbered).
 25869 | D:7      | 25869 ||| Stepping ~*~*~tactically~*~*~ (outnumbered).
 25873 | D:7      | 25873 ||| Stepping ~*~*~tactically~*~*~ (outnumbered).
 25876 | D:7      | 25876 ||| Stepping ~*~*~tactically~*~*~ (outnumbered).
 25881 | D:7      | 25881 ||| Stepping ~*~*~tactically~*~*~ (outnumbered).
 25889 | D:7      | 25889 ||| Stepping ~*~*~tactically~*~*~ (outnumbered).
 25895 | D:7      | 25895 ||| Stepping ~*~*~tactically~*~*~ (outnumbered).
 25908 | D:7      | 25908 ||| Stepping ~*~*~tactically~*~*~ (outnumbered).
 25910 | D:7      | 25910 ||| Stepping ~*~*~tactically~*~*~ (outnumbered).
 25913 | D:7      | 25913 ||| Stepping ~*~*~tactically~*~*~ (outnumbered).
 25917 | D:7      | 25917 ||| Stepping ~*~*~tactically~*~*~ (outnumbered).
 25926 | D:7      | 25926 ||| Stepping ~*~*~tactically~*~*~ (outnumbered).
 25928 | D:7      | 25928 ||| Stepping ~*~*~tactically~*~*~ (outnumbered).
 25930 | D:7      | 25930 ||| Stepping ~*~*~tactically~*~*~ (outnumbered).
 25932 | D:7      | 25932 ||| Stepping ~*~*~tactically~*~*~ (outnumbered).
 25937 | D:7      | 25937 ||| Stepping ~*~*~tactically~*~*~ (outnumbered).
 25944 | D:7      | 25944 ||| Stepping ~*~*~tactically~*~*~ (outnumbered).
 25950 | D:7      | 25950 ||| Stepping ~*~*~tactically~*~*~ (outnumbered).
 25954 | D:7      | 25954 ||| Stepping ~*~*~tactically~*~*~ (outnumbered).
 25957 | D:7      | 25957 ||| Stepping ~*~*~tactically~*~*~ (outnumbered).
 25960 | D:7      | 25960 ||| Stepping ~*~*~tactically~*~*~ (outnumbered).
 25962 | D:7      | 25962 ||| Stepping ~*~*~tactically~*~*~ (outnumbered).
 25967 | D:7      | 25967 ||| Stepping ~*~*~tactically~*~*~ (outnumbered).
 25969 | D:7      | 25969 ||| Stepping ~*~*~tactically~*~*~ (outnumbered).
 25971 | D:7      | 25971 ||| Stepping ~*~*~tactically~*~*~ (outnumbered).
 25978 | D:7      | 25978 ||| Stepping ~*~*~tactically~*~*~ (outnumbered).
 25981 | D:7      | 25981 ||| Stepping ~*~*~tactically~*~*~ (outnumbered).
 25983 | D:7      | 25983 ||| Stepping ~*~*~tactically~*~*~ (outnumbered).
 25988 | D:7      | 25988 ||| Stepping ~*~*~tactically~*~*~ (outnumbered).
 25993 | D:7      | 25993 ||| Stepping ~*~*~tactically~*~*~ (outnumbered).
 26000 | D:7      | 26000 ||| Stepping ~*~*~tactically~*~*~ (outnumbered).
 26002 | D:7      | 26002 ||| Stepping ~*~*~tactically~*~*~ (outnumbered).
 26009 | D:7      | 26009 ||| Stepping ~*~*~tactically~*~*~ (outnumbered).
 26013 | D:7      | 26013 ||| Stepping ~*~*~tactically~*~*~ (outnumbered).
 26016 | D:7      | 26016 ||| Stepping ~*~*~tactically~*~*~ (outnumbered).
 26020 | D:7      | 26020 ||| Stepping ~*~*~tactically~*~*~ (outnumbered).
 26022 | D:7      | 26022 ||| Stepping ~*~*~tactically~*~*~ (outnumbered).
 26027 | D:7      | 26027 ||| Stepping ~*~*~tactically~*~*~ (outnumbered).
 26031 | D:7      | 26031 ||| Stepping ~*~*~tactically~*~*~ (outnumbered).
 26033 | D:7      | 26033 ||| Stepping ~*~*~tactically~*~*~ (outnumbered).
 26035 | D:7      | 26035 ||| Stepping ~*~*~tactically~*~*~ (outnumbered).
 26038 | D:7      | 26038 ||| Stepping ~*~*~tactically~*~*~ (outnumbered).
 26044 | D:7      | 26044 ||| Stepping ~*~*~tactically~*~*~ (outnumbered).
 26050 | D:7      | 26050 ||| Stepping ~*~*~tactically~*~*~ (outnumbered).
 26055 | D:7      | 26055 ||| Stepping ~*~*~tactically~*~*~ (outnumbered).
 26063 | D:7      | 26063 ||| Stepping ~*~*~tactically~*~*~ (outnumbered).
 26070 | D:7      | 26070 ||| Stepping ~*~*~tactically~*~*~ (outnumbered).
 26076 | D:7      | 26076 ||| Stepping ~*~*~tactically~*~*~ (outnumbered).
 26078 | D:7      | 26078 ||| Stepping ~*~*~tactically~*~*~ (outnumbered).
 26081 | D:7      | 26081 ||| Stepping ~*~*~tactically~*~*~ (outnumbered).
 26083 | D:7      | 26083 ||| Stepping ~*~*~tactically~*~*~ (outnumbered).
 26089 | D:7      | 26089 ||| Stepping ~*~*~tactically~*~*~ (outnumbered).
 26091 | D:7      | 26091 ||| Stepping ~*~*~tactically~*~*~ (outnumbered).
 26098 | D:7      | 26098 ||| Stepping ~*~*~tactically~*~*~ (outnumbered).
 26101 | D:7      | 26101 ||| Stepping ~*~*~tactically~*~*~ (outnumbered).
 26113 | D:7      | 26113 ||| Stepping ~*~*~tactically~*~*~ (outnumbered).
 26117 | D:7      | 26117 ||| Stepping ~*~*~tactically~*~*~ (outnumbered).
 26120 | D:7      | 26120 ||| Stepping ~*~*~tactically~*~*~ (outnumbered).
 26123 | D:7      | 26123 ||| Stepping ~*~*~tactically~*~*~ (outnumbered).
 26125 | D:7      | 26125 ||| Stepping ~*~*~tactically~*~*~ (outnumbered).
 26130 | D:7      | 26130 ||| Stepping ~*~*~tactically~*~*~ (outnumbered).
 26137 | D:7      | 26137 ||| Stepping ~*~*~tactically~*~*~ (outnumbered).
 26140 | D:7      | 26140 ||| Stepping ~*~*~tactically~*~*~ (outnumbered).
 26144 | D:7      | 26144 ||| Stepping ~*~*~tactically~*~*~ (outnumbered).
 26147 | D:7      | 26147 ||| Stepping ~*~*~tactically~*~*~ (outnumbered).
 26151 | D:7      | 26151 ||| Stepping ~*~*~tactically~*~*~ (outnumbered).
 26153 | D:7      | 26153 ||| Stepping ~*~*~tactically~*~*~ (outnumbered).
 26156 | D:7      | 26156 ||| Stepping ~*~*~tactically~*~*~ (outnumbered).
 26163 | D:7      | 26163 ||| Stepping ~*~*~tactically~*~*~ (outnumbered).
 26165 | D:7      | 26165 ||| Stepping ~*~*~tactically~*~*~ (outnumbered).
 26167 | D:7      | 26167 ||| Stepping ~*~*~tactically~*~*~ (outnumbered).
 26169 | D:7      | 26169 ||| Stepping ~*~*~tactically~*~*~ (outnumbered).
 26178 | D:7      | 26178 ||| Stepping ~*~*~tactically~*~*~ (outnumbered).
 26183 | D:7      | 26183 ||| Stepping ~*~*~tactically~*~*~ (outnumbered).
 26191 | D:7      | 26191 ||| Stepping ~*~*~tactically~*~*~ (outnumbered).
 26193 | D:7      | 26193 ||| Stepping ~*~*~tactically~*~*~ (outnumbered).
 26196 | D:7      | 26196 ||| Stepping ~*~*~tactically~*~*~ (outnumbered).
 26198 | D:7      | 26198 ||| Stepping ~*~*~tactically~*~*~ (outnumbered).
 26201 | D:7      | 26201 ||| Stepping ~*~*~tactically~*~*~ (outnumbered).
 26203 | D:7      | 26203 ||| Stepping ~*~*~tactically~*~*~ (outnumbered).
 26212 | D:7      | 26212 ||| Stepping ~*~*~tactically~*~*~ (outnumbered).
 26214 | D:7      | 26214 ||| Stepping ~*~*~tactically~*~*~ (outnumbered).
 26216 | D:7      | 26216 ||| Stepping ~*~*~tactically~*~*~ (outnumbered).
 26218 | D:7      | 26218 ||| Stepping ~*~*~tactically~*~*~ (outnumbered).
 26220 | D:7      | 26220 ||| Stepping ~*~*~tactically~*~*~ (outnumbered).
 26225 | D:7      | 26225 ||| Stepping ~*~*~tactically~*~*~ (outnumbered).
 26227 | D:7      | 26227 ||| Stepping ~*~*~tactically~*~*~ (outnumbered).
 26229 | D:7      | 26229 ||| Stepping ~*~*~tactically~*~*~ (outnumbered).
 26231 | D:7      | 26231 ||| Stepping ~*~*~tactically~*~*~ (outnumbered).
 26236 | D:7      | 26236 ||| Stepping ~*~*~tactically~*~*~ (outnumbered).
 26238 | D:7      | 26238 ||| Stepping ~*~*~tactically~*~*~ (outnumbered).
 26241 | D:7      | 26241 ||| Stepping ~*~*~tactically~*~*~ (outnumbered).
 26245 | D:7      | 26245 ||| Stepping ~*~*~tactically~*~*~ (outnumbered).
 26250 | D:7      | 26250 ||| Stepping ~*~*~tactically~*~*~ (outnumbered).
 26252 | D:7      | 26252 ||| Stepping ~*~*~tactically~*~*~ (outnumbered).
 26254 | D:7      | 26254 ||| Stepping ~*~*~tactically~*~*~ (outnumbered).
 26256 | D:7      | 26256 ||| Stepping ~*~*~tactically~*~*~ (outnumbered).
 26260 | D:7      | 26260 ||| Stepping ~*~*~tactically~*~*~ (outnumbered).
 26270 | D:7      | 26270 ||| Stepping ~*~*~tactically~*~*~ (outnumbered).
 26276 | D:7      | 26276 ||| Stepping ~*~*~tactically~*~*~ (outnumbered).
 26281 | D:7      | 26281 ||| Stepping ~*~*~tactically~*~*~ (outnumbered).
 26290 | D:7      | 26290 ||| Stepping ~*~*~tactically~*~*~ (outnumbered).
 26295 | D:7      | 26295 ||| Stepping ~*~*~tactically~*~*~ (outnumbered).
 26301 | D:7      | 26301 ||| Stepping ~*~*~tactically~*~*~ (outnumbered).
 26311 | D:7      | 26311 ||| Stepping ~*~*~tactically~*~*~ (outnumbered).
 26313 | D:7      | 26313 ||| Stepping ~*~*~tactically~*~*~ (outnumbered).
 26322 | D:7      | 26322 ||| Stepping ~*~*~tactically~*~*~ (outnumbered).
 26324 | D:7      | 26324 ||| Stepping ~*~*~tactically~*~*~ (outnumbered).
 26326 | D:7      | 26326 ||| Stepping ~*~*~tactically~*~*~ (outnumbered).
 26330 | D:7      | 26330 ||| Stepping ~*~*~tactically~*~*~ (outnumbered).
 26334 | D:7      | 26334 ||| Stepping ~*~*~tactically~*~*~ (outnumbered).
 26339 | D:7      | 26339 ||| Stepping ~*~*~tactically~*~*~ (outnumbered).
 26347 | D:7      | 26347 ||| Stepping ~*~*~tactically~*~*~ (outnumbered).
 26349 | D:7      | 26349 ||| Stepping ~*~*~tactically~*~*~ (outnumbered).
 26357 | D:7      | 26357 ||| Stepping ~*~*~tactically~*~*~ (outnumbered).
 26363 | D:7      | 26363 ||| Stepping ~*~*~tactically~*~*~ (outnumbered).
 26370 | D:7      | 26370 ||| Stepping ~*~*~tactically~*~*~ (outnumbered).
 26372 | D:7      | 26372 ||| Stepping ~*~*~tactically~*~*~ (outnumbered).
 26379 | D:7      | 26379 ||| Stepping ~*~*~tactically~*~*~ (outnumbered).
 26383 | D:7      | 26383 ||| Stepping ~*~*~tactically~*~*~ (outnumbered).
 26387 | D:7      | 26387 ||| Stepping ~*~*~tactically~*~*~ (outnumbered).
 26390 | D:7      | 26390 ||| Stepping ~*~*~tactically~*~*~ (outnumbered).
 26392 | D:7      | 26392 ||| Stepping ~*~*~tactically~*~*~ (outnumbered).
 26394 | D:7      | 26394 ||| Stepping ~*~*~tactically~*~*~ (outnumbered).
 26396 | D:7      | 26396 ||| Stepping ~*~*~tactically~*~*~ (outnumbered).
 26398 | D:7      | 26398 ||| Stepping ~*~*~tactically~*~*~ (outnumbered).
 26400 | D:7      | 26400 ||| Stepping ~*~*~tactically~*~*~ (outnumbered).
 26407 | D:7      | 26407 ||| Stepping ~*~*~tactically~*~*~ (outnumbered).
 26411 | D:7      | 26411 ||| Stepping ~*~*~tactically~*~*~ (outnumbered).
 26416 | D:7      | 26416 ||| Stepping ~*~*~tactically~*~*~ (outnumbered).
 26418 | D:7      | 26418 ||| Stepping ~*~*~tactically~*~*~ (outnumbered).
 26423 | D:7      | 26423 ||| Stepping ~*~*~tactically~*~*~ (outnumbered).
 26428 | D:7      | 26428 ||| Stepping ~*~*~tactically~*~*~ (outnumbered).
 26437 | D:7      | 26437 ||| Stepping ~*~*~tactically~*~*~ (outnumbered).
 26439 | D:7      | 26439 ||| Stepping ~*~*~tactically~*~*~ (outnumbered).
 26441 | D:7      | 26441 ||| Stepping ~*~*~tactically~*~*~ (outnumbered).
 26445 | D:7      | 26445 ||| Stepping ~*~*~tactically~*~*~ (outnumbered).
 26447 | D:7      | 26447 ||| Stepping ~*~*~tactically~*~*~ (outnumbered).
 26449 | D:7      | 26449 ||| Stepping ~*~*~tactically~*~*~ (outnumbered).
 26452 | D:7      | 26452 ||| Stepping ~*~*~tactically~*~*~ (outnumbered).
 26455 | D:7      | 26455 ||| Stepping ~*~*~tactically~*~*~ (outnumbered).
 26459 | D:7      | 26459 ||| Stepping ~*~*~tactically~*~*~ (outnumbered).
 26461 | D:7      | 26461 ||| Stepping ~*~*~tactically~*~*~ (outnumbered).
 26464 | D:7      | 26464 ||| Stepping ~*~*~tactically~*~*~ (outnumbered).
 26471 | D:7      | 26471 ||| Stepping ~*~*~tactically~*~*~ (outnumbered).
 26473 | D:7      | 26473 ||| Stepping ~*~*~tactically~*~*~ (outnumbered).
 26476 | D:7      | 26476 ||| Stepping ~*~*~tactically~*~*~ (outnumbered).
 26478 | D:7      | 26478 ||| Stepping ~*~*~tactically~*~*~ (outnumbered).
 26482 | D:7      | 26482 ||| Stepping ~*~*~tactically~*~*~ (outnumbered).
 26484 | D:7      | 26484 ||| Stepping ~*~*~tactically~*~*~ (outnumbered).
 26489 | D:7      | 26489 ||| Stepping ~*~*~tactically~*~*~ (outnumbered).
 26491 | D:7      | 26491 ||| Stepping ~*~*~tactically~*~*~ (outnumbered).
 26493 | D:7      | 26493 ||| Stepping ~*~*~tactically~*~*~ (outnumbered).
 26495 | D:7      | 26495 ||| Stepping ~*~*~tactically~*~*~ (outnumbered).
 26497 | D:7      | 26497 ||| Stepping ~*~*~tactically~*~*~ (outnumbered).
 26499 | D:7      | 26499 ||| Stepping ~*~*~tactically~*~*~ (outnumbered).
 26509 | D:7      | 26509 ||| Stepping ~*~*~tactically~*~*~ (outnumbered).
 26511 | D:7      | 26511 ||| Stepping ~*~*~tactically~*~*~ (outnumbered).
 26514 | D:7      | 26514 ||| Stepping ~*~*~tactically~*~*~ (outnumbered).
 26517 | D:7      | 26517 ||| Stepping ~*~*~tactically~*~*~ (outnumbered).
 26519 | D:7      | 26519 ||| Stepping ~*~*~tactically~*~*~ (outnumbered).
 26521 | D:7      | 26521 ||| Stepping ~*~*~tactically~*~*~ (outnumbered).
 26525 | D:7      | 26525 ||| Stepping ~*~*~tactically~*~*~ (outnumbered).
 26527 | D:7      | 26527 ||| Stepping ~*~*~tactically~*~*~ (outnumbered).
 26529 | D:7      | 26529 ||| Stepping ~*~*~tactically~*~*~ (outnumbered).
 26531 | D:7      | 26531 ||| Stepping ~*~*~tactically~*~*~ (outnumbered).
 26533 | D:7      | 26533 ||| Stepping ~*~*~tactically~*~*~ (outnumbered).
 26542 | D:7      | 26542 ||| Stepping ~*~*~tactically~*~*~ (outnumbered).
 26544 | D:7      | 26544 ||| Stepping ~*~*~tactically~*~*~ (outnumbered).
 26546 | D:7      | 26546 ||| Stepping ~*~*~tactically~*~*~ (outnumbered).
 26550 | D:7      | 26550 ||| Stepping ~*~*~tactically~*~*~ (outnumbered).
 26552 | D:7      | 26552 ||| Stepping ~*~*~tactically~*~*~ (outnumbered).
 26556 | D:7      | 26556 ||| Stepping ~*~*~tactically~*~*~ (outnumbered).
 26560 | D:7      | 26560 ||| Stepping ~*~*~tactically~*~*~ (outnumbered).
 26567 | D:7      | 26567 ||| Stepping ~*~*~tactically~*~*~ (outnumbered).
 26569 | D:7      | 26569 ||| Stepping ~*~*~tactically~*~*~ (outnumbered).
 26571 | D:7      | 26571 ||| Stepping ~*~*~tactically~*~*~ (outnumbered).
 26578 | D:7      | 26578 ||| Stepping ~*~*~tactically~*~*~ (outnumbered).
 26585 | D:7      | 26585 ||| Stepping ~*~*~tactically~*~*~ (outnumbered).
 26588 | D:7      | 26588 ||| Stepping ~*~*~tactically~*~*~ (outnumbered).
 26590 | D:7      | 26590 ||| Stepping ~*~*~tactically~*~*~ (outnumbered).
 26592 | D:7      | 26592 ||| Stepping ~*~*~tactically~*~*~ (outnumbered).
 26596 | D:7      | 26596 ||| Stepping ~*~*~tactically~*~*~ (outnumbered).
 26598 | D:7      | 26598 ||| Stepping ~*~*~tactically~*~*~ (outnumbered).
 26605 | D:7      | 26605 ||| Stepping ~*~*~tactically~*~*~ (outnumbered).
 26607 | D:7      | 26607 ||| Stepping ~*~*~tactically~*~*~ (outnumbered).
 26609 | D:7      | 26609 ||| Stepping ~*~*~tactically~*~*~ (outnumbered).
 26619 | D:7      | 26619 ||| Stepping ~*~*~tactically~*~*~ (outnumbered).
 26622 | D:7      | 26622 ||| Stepping ~*~*~tactically~*~*~ (outnumbered).
 26625 | D:7      | 26625 ||| Stepping ~*~*~tactically~*~*~ (outnumbered).
 26628 | D:7      | 26628 ||| Stepping ~*~*~tactically~*~*~ (outnumbered).
 26630 | D:7      | 26630 ||| Stepping ~*~*~tactically~*~*~ (outnumbered).
 26632 | D:7      | 26632 ||| Stepping ~*~*~tactically~*~*~ (outnumbered).
 26636 | D:7      | 26636 ||| Stepping ~*~*~tactically~*~*~ (outnumbered).
 26638 | D:7      | 26638 ||| Stepping ~*~*~tactically~*~*~ (outnumbered).
 26644 | D:7      | 26644 ||| Stepping ~*~*~tactically~*~*~ (outnumbered).
 26649 | D:7      | 26649 ||| Stepping ~*~*~tactically~*~*~ (outnumbered).
 26656 | D:7      | 26656 ||| Stepping ~*~*~tactically~*~*~ (outnumbered).
 26660 | D:7      | 26660 ||| Stepping ~*~*~tactically~*~*~ (outnumbered).
 26665 | D:7      | 26665 ||| Stepping ~*~*~tactically~*~*~ (outnumbered).
 26674 | D:7      | 26674 ||| Stepping ~*~*~tactically~*~*~ (outnumbered).
 26676 | D:7      | 26676 ||| Stepping ~*~*~tactically~*~*~ (outnumbered).
 26678 | D:7      | 26678 ||| Stepping ~*~*~tactically~*~*~ (outnumbered).
 26681 | D:7      | 26681 ||| Stepping ~*~*~tactically~*~*~ (outnumbered).
 26686 | D:7      | 26686 ||| Stepping ~*~*~tactically~*~*~ (outnumbered).
 26688 | D:7      | 26688 ||| Stepping ~*~*~tactically~*~*~ (outnumbered).
 26692 | D:7      | 26692 ||| Stepping ~*~*~tactically~*~*~ (outnumbered).
 26702 | D:7      | 26702 ||| Stepping ~*~*~tactically~*~*~ (outnumbered).
 26705 | D:7      | 26705 ||| Stepping ~*~*~tactically~*~*~ (outnumbered).
 26709 | D:7      | 26709 ||| Stepping ~*~*~tactically~*~*~ (outnumbered).
 26721 | D:7      | 26721 ||| Stepping ~*~*~tactically~*~*~ (outnumbered).
 26726 | D:7      | 26726 ||| Stepping ~*~*~tactically~*~*~ (outnumbered).
 26728 | D:7      | 26728 ||| Stepping ~*~*~tactically~*~*~ (outnumbered).
 26732 | D:7      | 26732 ||| Stepping ~*~*~tactically~*~*~ (outnumbered).
 26739 | D:7      | 26739 ||| Stepping ~*~*~tactically~*~*~ (outnumbered).
 26746 | D:7      | 26746 ||| Stepping ~*~*~tactically~*~*~ (outnumbered).
 26751 | D:7      | 26751 ||| Stepping ~*~*~tactically~*~*~ (outnumbered).
 26758 | D:7      | 26758 ||| Stepping ~*~*~tactically~*~*~ (outnumbered).
 26760 | D:7      | 26760 ||| Stepping ~*~*~tactically~*~*~ (outnumbered).
 26762 | D:7      | 26762 ||| Stepping ~*~*~tactically~*~*~ (outnumbered).
 26764 | D:7      | 26764 ||| Stepping ~*~*~tactically~*~*~ (outnumbered).
 26766 | D:7      | 26766 ||| Stepping ~*~*~tactically~*~*~ (outnumbered).
 26774 | D:7      | 26774 ||| Stepping ~*~*~tactically~*~*~ (outnumbered).
 26776 | D:7      | 26776 ||| Stepping ~*~*~tactically~*~*~ (outnumbered).
 26782 | D:7      | 26782 ||| Stepping ~*~*~tactically~*~*~ (outnumbered).
 26784 | D:7      | 26784 ||| Stepping ~*~*~tactically~*~*~ (outnumbered).
 26786 | D:7      | 26786 ||| Stepping ~*~*~tactically~*~*~ (outnumbered).
 26788 | D:7      | 26788 ||| Stepping ~*~*~tactically~*~*~ (outnumbered).
 26790 | D:7      | 26790 ||| Stepping ~*~*~tactically~*~*~ (outnumbered).
 26792 | D:7      | 26792 ||| Stepping ~*~*~tactically~*~*~ (outnumbered).
 26796 | D:7      | 26796 ||| Stepping ~*~*~tactically~*~*~ (outnumbered).
 26799 | D:7      | 26799 ||| Stepping ~*~*~tactically~*~*~ (outnumbered).
 26805 | D:7      | 26805 ||| Stepping ~*~*~tactically~*~*~ (outnumbered).
 26807 | D:7      | 26807 ||| Stepping ~*~*~tactically~*~*~ (outnumbered).
 26809 | D:7      | 26809 ||| Stepping ~*~*~tactically~*~*~ (outnumbered).
 26813 | D:7      | 26813 ||| Stepping ~*~*~tactically~*~*~ (outnumbered).
 26824 | D:7      | 26824 ||| Stepping ~*~*~tactically~*~*~ (outnumbered).
 26827 | D:7      | 26827 ||| Stepping ~*~*~tactically~*~*~ (outnumbered).
 26833 | D:7      | 26833 ||| Stepping ~*~*~tactically~*~*~ (outnumbered).
 26838 | D:7      | 26838 ||| Stepping ~*~*~tactically~*~*~ (outnumbered).
 26844 | D:7      | 26844 ||| Stepping ~*~*~tactically~*~*~ (outnumbered).
 26846 | D:7      | 26846 ||| Stepping ~*~*~tactically~*~*~ (outnumbered).
 26851 | D:7      | 26851 ||| Stepping ~*~*~tactically~*~*~ (outnumbered).
 26853 | D:7      | 26853 ||| Stepping ~*~*~tactically~*~*~ (outnumbered).
 26855 | D:7      | 26855 ||| Stepping ~*~*~tactically~*~*~ (outnumbered).
 26858 | D:7      | 26858 ||| Stepping ~*~*~tactically~*~*~ (outnumbered).
 26862 | D:7      | 26862 ||| Stepping ~*~*~tactically~*~*~ (outnumbered).
 26864 | D:7      | 26864 ||| Stepping ~*~*~tactically~*~*~ (outnumbered).
 26866 | D:7      | 26866 ||| Stepping ~*~*~tactically~*~*~ (outnumbered).
 26868 | D:7      | 26868 ||| Stepping ~*~*~tactically~*~*~ (outnumbered).
 26870 | D:7      | 26870 ||| Stepping ~*~*~tactically~*~*~ (outnumbered).
 26873 | D:7      | 26873 ||| Stepping ~*~*~tactically~*~*~ (outnumbered).
 26875 | D:7      | 26875 ||| Stepping ~*~*~tactically~*~*~ (outnumbered).
 26877 | D:7      | 26877 ||| Stepping ~*~*~tactically~*~*~ (outnumbered).
 26879 | D:7      | 26879 ||| Stepping ~*~*~tactically~*~*~ (outnumbered).
 26883 | D:7      | 26883 ||| Stepping ~*~*~tactically~*~*~ (outnumbered).
 26885 | D:7      | 26885 ||| Stepping ~*~*~tactically~*~*~ (outnumbered).
 26887 | D:7      | 26887 ||| Stepping ~*~*~tactically~*~*~ (outnumbered).
 26889 | D:7      | 26889 ||| Stepping ~*~*~tactically~*~*~ (outnumbered).
 26893 | D:7      | 26893 ||| Stepping ~*~*~tactically~*~*~ (outnumbered).
 26895 | D:7      | 26895 ||| Stepping ~*~*~tactically~*~*~ (outnumbered).
 26899 | D:7      | 26899 ||| Stepping ~*~*~tactically~*~*~ (outnumbered).
 26901 | D:7      | 26901 ||| Stepping ~*~*~tactically~*~*~ (outnumbered).
 26903 | D:7      | 26903 ||| Stepping ~*~*~tactically~*~*~ (outnumbered).
 26910 | D:7      | 26910 ||| Stepping ~*~*~tactically~*~*~ (outnumbered).
 26912 | D:7      | 26912 ||| Stepping ~*~*~tactically~*~*~ (outnumbered).
 26920 | D:7      | 26920 ||| Stepping ~*~*~tactically~*~*~ (outnumbered).
 26922 | D:7      | 26922 ||| Stepping ~*~*~tactically~*~*~ (outnumbered).
 26924 | D:7      | 26924 ||| Stepping ~*~*~tactically~*~*~ (outnumbered).
 26926 | D:7      | 26926 ||| Stepping ~*~*~tactically~*~*~ (outnumbered).
 26928 | D:7      | 26928 ||| Stepping ~*~*~tactically~*~*~ (outnumbered).
 26932 | D:7      | 26932 ||| Stepping ~*~*~tactically~*~*~ (outnumbered).
 26934 | D:7      | 26934 ||| Stepping ~*~*~tactically~*~*~ (outnumbered).
 26938 | D:7      | 26938 ||| Stepping ~*~*~tactically~*~*~ (outnumbered).
 26940 | D:7      | 26940 ||| Stepping ~*~*~tactically~*~*~ (outnumbered).
 26945 | D:7      | 26945 ||| Stepping ~*~*~tactically~*~*~ (outnumbered).
 26956 | D:7      | 26956 ||| Stepping ~*~*~tactically~*~*~ (outnumbered).
 26960 | D:7      | 26960 ||| Stepping ~*~*~tactically~*~*~ (outnumbered).
 26966 | D:7      | 26966 ||| Stepping ~*~*~tactically~*~*~ (outnumbered).
 26971 | D:7      | 26971 ||| Stepping ~*~*~tactically~*~*~ (outnumbered).
 26976 | D:7      | 26976 ||| Stepping ~*~*~tactically~*~*~ (outnumbered).
 26982 | D:7      | 26982 ||| Stepping ~*~*~tactically~*~*~ (outnumbered).
 26985 | D:7      | 26985 ||| Stepping ~*~*~tactically~*~*~ (outnumbered).
 26987 | D:7      | 26987 ||| Stepping ~*~*~tactically~*~*~ (outnumbered).
 26989 | D:7      | 26989 ||| Stepping ~*~*~tactically~*~*~ (outnumbered).
 26991 | D:7      | 26991 ||| Stepping ~*~*~tactically~*~*~ (outnumbered).
 26993 | D:7      | 26993 ||| Stepping ~*~*~tactically~*~*~ (outnumbered).
 26995 | D:7      | 26995 ||| Stepping ~*~*~tactically~*~*~ (outnumbered).
 26997 | D:7      | 26997 ||| Stepping ~*~*~tactically~*~*~ (outnumbered).
 27001 | D:7      | 27001 ||| Stepping ~*~*~tactically~*~*~ (outnumbered).
 27004 | D:7      | 27004 ||| Stepping ~*~*~tactically~*~*~ (outnumbered).
 27009 | D:7      | 27009 ||| Stepping ~*~*~tactically~*~*~ (outnumbered).
 27013 | D:7      | 27013 ||| Stepping ~*~*~tactically~*~*~ (outnumbered).
 27015 | D:7      | 27015 ||| Stepping ~*~*~tactically~*~*~ (outnumbered).
 27017 | D:7      | 27017 ||| Stepping ~*~*~tactically~*~*~ (outnumbered).
 27019 | D:7      | 27019 ||| Stepping ~*~*~tactically~*~*~ (outnumbered).
 27024 | D:7      | 27024 ||| Stepping ~*~*~tactically~*~*~ (outnumbered).
 27027 | D:7      | 27027 ||| Stepping ~*~*~tactically~*~*~ (outnumbered).
 27036 | D:7      | 27036 ||| Stepping ~*~*~tactically~*~*~ (outnumbered).
 27038 | D:7      | 27038 ||| Stepping ~*~*~tactically~*~*~ (outnumbered).
 27040 | D:7      | 27040 ||| Stepping ~*~*~tactically~*~*~ (outnumbered).
 27046 | D:7      | 27046 ||| Stepping ~*~*~tactically~*~*~ (outnumbered).
 27048 | D:7      | 27048 ||| Stepping ~*~*~tactically~*~*~ (outnumbered).
 27053 | D:7      | 27053 ||| Stepping ~*~*~tactically~*~*~ (outnumbered).
 27055 | D:7      | 27055 ||| Stepping ~*~*~tactically~*~*~ (outnumbered).
 27057 | D:7      | 27057 ||| Stepping ~*~*~tactically~*~*~ (outnumbered).
 27059 | D:7      | 27059 ||| Stepping ~*~*~tactically~*~*~ (outnumbered).
 27061 | D:7      | 27061 ||| Stepping ~*~*~tactically~*~*~ (outnumbered).
 27065 | D:7      | 27065 ||| Stepping ~*~*~tactically~*~*~ (outnumbered).
 27067 | D:7      | 27067 ||| Stepping ~*~*~tactically~*~*~ (outnumbered).
 27074 | D:7      | 27074 ||| Stepping ~*~*~tactically~*~*~ (outnumbered).
 27078 | D:7      | 27078 ||| Stepping ~*~*~tactically~*~*~ (outnumbered).
 27082 | D:7      | 27082 ||| Stepping ~*~*~tactically~*~*~ (outnumbered).
 27086 | D:7      | 27086 ||| Stepping ~*~*~tactically~*~*~ (outnumbered).
 27097 | D:7      | 27097 ||| Stepping ~*~*~tactically~*~*~ (outnumbered).
 27099 | D:7      | 27099 ||| Stepping ~*~*~tactically~*~*~ (outnumbered).
 27103 | D:7      | 27103 ||| Stepping ~*~*~tactically~*~*~ (outnumbered).
 27113 | D:7      | 27113 ||| Stepping ~*~*~tactically~*~*~ (outnumbered).
 27118 | D:7      | 27118 ||| Stepping ~*~*~tactically~*~*~ (outnumbered).
 27126 | D:7      | 27126 ||| Stepping ~*~*~tactically~*~*~ (outnumbered).
 27128 | D:7      | 27128 ||| Stepping ~*~*~tactically~*~*~ (outnumbered).
 27130 | D:7      | 27130 ||| Stepping ~*~*~tactically~*~*~ (outnumbered).
 27135 | D:7      | 27135 ||| Stepping ~*~*~tactically~*~*~ (outnumbered).
 27140 | D:7      | 27140 ||| Stepping ~*~*~tactically~*~*~ (outnumbered).
 27143 | D:7      | 27143 ||| Stepping ~*~*~tactically~*~*~ (outnumbered).
 27145 | D:7      | 27145 ||| Stepping ~*~*~tactically~*~*~ (outnumbered).
 27147 | D:7      | 27147 ||| Stepping ~*~*~tactically~*~*~ (outnumbered).
 27149 | D:7      | 27149 ||| Stepping ~*~*~tactically~*~*~ (outnumbered).
 27154 | D:7      | 27154 ||| Stepping ~*~*~tactically~*~*~ (outnumbered).
 27164 | D:7      | 27164 ||| Stepping ~*~*~tactically~*~*~ (outnumbered).
 27170 | D:7      | 27170 ||| Stepping ~*~*~tactically~*~*~ (outnumbered).
 27176 | D:7      | 27176 ||| Stepping ~*~*~tactically~*~*~ (outnumbered).
 27187 | D:7      | 27187 ||| Stepping ~*~*~tactically~*~*~ (outnumbered).
 27190 | D:7      | 27190 ||| Stepping ~*~*~tactically~*~*~ (outnumbered).
 27192 | D:7      | 27192 ||| Stepping ~*~*~tactically~*~*~ (outnumbered).
 27196 | D:7      | 27196 ||| Stepping ~*~*~tactically~*~*~ (outnumbered).
 27198 | D:7      | 27198 ||| Stepping ~*~*~tactically~*~*~ (outnumbered).
 27203 | D:7      | 27203 ||| Stepping ~*~*~tactically~*~*~ (outnumbered).
 27212 | D:7      | 27212 ||| Stepping ~*~*~tactically~*~*~ (outnumbered).
 27217 | D:7      | 27217 ||| Stepping ~*~*~tactically~*~*~ (outnumbered).
 27219 | D:7      | 27219 ||| Stepping ~*~*~tactically~*~*~ (outnumbered).
 27225 | D:7      | 27225 ||| Stepping ~*~*~tactically~*~*~ (outnumbered).
 27232 | D:7      | 27232 ||| Stepping ~*~*~tactically~*~*~ (outnumbered).
 27234 | D:7      | 27234 ||| Stepping ~*~*~tactically~*~*~ (outnumbered).
 27236 | D:7      | 27236 ||| Stepping ~*~*~tactically~*~*~ (outnumbered).
 27239 | D:7      | 27239 ||| Stepping ~*~*~tactically~*~*~ (outnumbered).
 27241 | D:7      | 27241 ||| Stepping ~*~*~tactically~*~*~ (outnumbered).
 27243 | D:7      | 27243 ||| Stepping ~*~*~tactically~*~*~ (outnumbered).
 27247 | D:7      | 27247 ||| Stepping ~*~*~tactically~*~*~ (outnumbered).
 27256 | D:7      | 27256 ||| Stepping ~*~*~tactically~*~*~ (outnumbered).
 27258 | D:7      | 27258 ||| Stepping ~*~*~tactically~*~*~ (outnumbered).
 27265 | D:7      | 27265 ||| Stepping ~*~*~tactically~*~*~ (outnumbered).
 27268 | D:7      | 27268 ||| Stepping ~*~*~tactically~*~*~ (outnumbered).
 27277 | D:7      | 27277 ||| Stepping ~*~*~tactically~*~*~ (outnumbered).
 27283 | D:7      | 27283 ||| Stepping ~*~*~tactically~*~*~ (outnumbered).
 27292 | D:7      | 27292 ||| Stepping ~*~*~tactically~*~*~ (outnumbered).
 27298 | D:7      | 27298 ||| Stepping ~*~*~tactically~*~*~ (outnumbered).
 27302 | D:7      | 27302 ||| Stepping ~*~*~tactically~*~*~ (outnumbered).
 27309 | D:7      | 27309 ||| Stepping ~*~*~tactically~*~*~ (outnumbered).
 27311 | D:7      | 27311 ||| Stepping ~*~*~tactically~*~*~ (outnumbered).
 27314 | D:7      | 27314 ||| Stepping ~*~*~tactically~*~*~ (outnumbered).
 27316 | D:7      | 27316 ||| Stepping ~*~*~tactically~*~*~ (outnumbered).
 27318 | D:7      | 27318 ||| Stepping ~*~*~tactically~*~*~ (outnumbered).
 27326 | D:7      | 27326 ||| Stepping ~*~*~tactically~*~*~ (outnumbered).
 27330 | D:7      | 27330 ||| Stepping ~*~*~tactically~*~*~ (outnumbered).
 27332 | D:7      | 27332 ||| Stepping ~*~*~tactically~*~*~ (outnumbered).
 27337 | D:7      | 27337 ||| Stepping ~*~*~tactically~*~*~ (outnumbered).
 27339 | D:7      | 27339 ||| Stepping ~*~*~tactically~*~*~ (outnumbered).
 27341 | D:7      | 27341 ||| Stepping ~*~*~tactically~*~*~ (outnumbered).
 27343 | D:7      | 27343 ||| Stepping ~*~*~tactically~*~*~ (outnumbered).
 27345 | D:7      | 27345 ||| Stepping ~*~*~tactically~*~*~ (outnumbered).
 27351 | D:7      | 27351 ||| Stepping ~*~*~tactically~*~*~ (outnumbered).
 27353 | D:7      | 27353 ||| Stepping ~*~*~tactically~*~*~ (outnumbered).
 27355 | D:7      | 27355 ||| Stepping ~*~*~tactically~*~*~ (outnumbered).
 27357 | D:7      | 27357 ||| Stepping ~*~*~tactically~*~*~ (outnumbered).
 27362 | D:7      | 27362 ||| Stepping ~*~*~tactically~*~*~ (outnumbered).
 27364 | D:7      | 27364 ||| Stepping ~*~*~tactically~*~*~ (outnumbered).
 27366 | D:7      | 27366 ||| Stepping ~*~*~tactically~*~*~ (outnumbered).
 27372 | D:7      | 27372 ||| Stepping ~*~*~tactically~*~*~ (outnumbered).
 27379 | D:7      | 27379 ||| Stepping ~*~*~tactically~*~*~ (outnumbered).
 27381 | D:7      | 27381 ||| Stepping ~*~*~tactically~*~*~ (outnumbered).
 27387 | D:7      | 27387 ||| Stepping ~*~*~tactically~*~*~ (outnumbered).
 27391 | D:7      | 27391 ||| Stepping ~*~*~tactically~*~*~ (outnumbered).
 27398 | D:7      | 27398 ||| Stepping ~*~*~tactically~*~*~ (outnumbered).
 27400 | D:7      | 27400 ||| Stepping ~*~*~tactically~*~*~ (outnumbered).
 27406 | D:7      | 27406 ||| Stepping ~*~*~tactically~*~*~ (outnumbered).
 27411 | D:7      | 27411 ||| Stepping ~*~*~tactically~*~*~ (outnumbered).
 27413 | D:7      | 27413 ||| Stepping ~*~*~tactically~*~*~ (outnumbered).
 27419 | D:7      | 27419 ||| Stepping ~*~*~tactically~*~*~ (outnumbered).
 27421 | D:7      | 27421 ||| Stepping ~*~*~tactically~*~*~ (outnumbered).
 27425 | D:7      | 27425 ||| Stepping ~*~*~tactically~*~*~ (outnumbered).
 27427 | D:7      | 27427 ||| Stepping ~*~*~tactically~*~*~ (outnumbered).
 27431 | D:7      | 27431 ||| Stepping ~*~*~tactically~*~*~ (outnumbered).
 27433 | D:7      | 27433 ||| Stepping ~*~*~tactically~*~*~ (outnumbered).
 27437 | D:7      | 27437 ||| Stepping ~*~*~tactically~*~*~ (outnumbered).
 27439 | D:7      | 27439 ||| Stepping ~*~*~tactically~*~*~ (outnumbered).
 27441 | D:7      | 27441 ||| Stepping ~*~*~tactically~*~*~ (outnumbered).
 27447 | D:7      | 27447 ||| Stepping ~*~*~tactically~*~*~ (outnumbered).
 27454 | D:7      | 27454 ||| Stepping ~*~*~tactically~*~*~ (outnumbered).
 27456 | D:7      | 27456 ||| Stepping ~*~*~tactically~*~*~ (outnumbered).
 27461 | D:7      | 27461 ||| Stepping ~*~*~tactically~*~*~ (outnumbered).
 27466 | D:7      | 27466 ||| Stepping ~*~*~tactically~*~*~ (outnumbered).
 27468 | D:7      | 27468 ||| Stepping ~*~*~tactically~*~*~ (outnumbered).
 27479 | D:7      | 27479 ||| Stepping ~*~*~tactically~*~*~ (outnumbered).
 27487 | D:7      | 27487 ||| Stepping ~*~*~tactically~*~*~ (outnumbered).
 27491 | D:7      | 27491 ||| Stepping ~*~*~tactically~*~*~ (outnumbered).
 27493 | D:7      | 27493 ||| Stepping ~*~*~tactically~*~*~ (outnumbered).
 27499 | D:7      | 27499 ||| Stepping ~*~*~tactically~*~*~ (outnumbered).
 27501 | D:7      | 27501 ||| Stepping ~*~*~tactically~*~*~ (outnumbered).
 27503 | D:7      | 27503 ||| Stepping ~*~*~tactically~*~*~ (outnumbered).
 27505 | D:7      | 27505 ||| Stepping ~*~*~tactically~*~*~ (outnumbered).
 27507 | D:7      | 27507 ||| Stepping ~*~*~tactically~*~*~ (outnumbered).
 27509 | D:7      | 27509 ||| Stepping ~*~*~tactically~*~*~ (outnumbered).
 27511 | D:7      | 27511 ||| Stepping ~*~*~tactically~*~*~ (outnumbered).
 27514 | D:7      | 27514 ||| Stepping ~*~*~tactically~*~*~ (outnumbered).
 27519 | D:7      | 27519 ||| Stepping ~*~*~tactically~*~*~ (outnumbered).
 27521 | D:7      | 27521 ||| Stepping ~*~*~tactically~*~*~ (outnumbered).
 27523 | D:7      | 27523 ||| Stepping ~*~*~tactically~*~*~ (outnumbered).
 27526 | D:7      | 27526 ||| Stepping ~*~*~tactically~*~*~ (outnumbered).
 27531 | D:7      | 27531 ||| Stepping ~*~*~tactically~*~*~ (outnumbered).
 27538 | D:7      | 27538 ||| Stepping ~*~*~tactically~*~*~ (outnumbered).
 27548 | D:7      | 27548 ||| Stepping ~*~*~tactically~*~*~ (outnumbered).
 27554 | D:7      | 27554 ||| Stepping ~*~*~tactically~*~*~ (outnumbered).
 27560 | D:7      | 27560 ||| Stepping ~*~*~tactically~*~*~ (outnumbered).
 27563 | D:7      | 27563 ||| Stepping ~*~*~tactically~*~*~ (outnumbered).
 27571 | D:7      | 27571 ||| Stepping ~*~*~tactically~*~*~ (outnumbered).
 27575 | D:7      | 27575 ||| Stepping ~*~*~tactically~*~*~ (outnumbered).
 27578 | D:7      | 27578 ||| Stepping ~*~*~tactically~*~*~ (outnumbered).
 27582 | D:7      | 27582 ||| Stepping ~*~*~tactically~*~*~ (outnumbered).
 27585 | D:7      | 27585 ||| Stepping ~*~*~tactically~*~*~ (outnumbered).
 27592 | D:7      | 27592 ||| Stepping ~*~*~tactically~*~*~ (outnumbered).
 27594 | D:7      | 27594 ||| Stepping ~*~*~tactically~*~*~ (outnumbered).
 27596 | D:7      | 27596 ||| Stepping ~*~*~tactically~*~*~ (outnumbered).
 27598 | D:7      | 27598 ||| Stepping ~*~*~tactically~*~*~ (outnumbered).
 27602 | D:7      | 27602 ||| Stepping ~*~*~tactically~*~*~ (outnumbered).
 27604 | D:7      | 27604 ||| Stepping ~*~*~tactically~*~*~ (outnumbered).
 27606 | D:7      | 27606 ||| Stepping ~*~*~tactically~*~*~ (outnumbered).
 27611 | D:7      | 27611 ||| Stepping ~*~*~tactically~*~*~ (outnumbered).
 27617 | D:7      | 27617 ||| Stepping ~*~*~tactically~*~*~ (outnumbered).
 27622 | D:7      | 27622 ||| Stepping ~*~*~tactically~*~*~ (outnumbered).
 27624 | D:7      | 27624 ||| Stepping ~*~*~tactically~*~*~ (outnumbered).
 27626 | D:7      | 27626 ||| Stepping ~*~*~tactically~*~*~ (outnumbered).
 27628 | D:7      | 27628 ||| Stepping ~*~*~tactically~*~*~ (outnumbered).
 27630 | D:7      | 27630 ||| Stepping ~*~*~tactically~*~*~ (outnumbered).
 27634 | D:7      | 27634 ||| Stepping ~*~*~tactically~*~*~ (outnumbered).
 27638 | D:7      | 27638 ||| Stepping ~*~*~tactically~*~*~ (outnumbered).
 27643 | D:7      | 27643 ||| Stepping ~*~*~tactically~*~*~ (outnumbered).
 27645 | D:7      | 27645 ||| Stepping ~*~*~tactically~*~*~ (outnumbered).
 27651 | D:7      | 27651 ||| Stepping ~*~*~tactically~*~*~ (outnumbered).
 27655 | D:7      | 27655 ||| Stepping ~*~*~tactically~*~*~ (outnumbered).
 27657 | D:7      | 27657 ||| Stepping ~*~*~tactically~*~*~ (outnumbered).
 27664 | D:7      | 27664 ||| Stepping ~*~*~tactically~*~*~ (outnumbered).
 27666 | D:7      | 27666 ||| Stepping ~*~*~tactically~*~*~ (outnumbered).
 27668 | D:7      | 27668 ||| Stepping ~*~*~tactically~*~*~ (outnumbered).
 27674 | D:7      | 27674 ||| Stepping ~*~*~tactically~*~*~ (outnumbered).
 27679 | D:7      | 27679 ||| Stepping ~*~*~tactically~*~*~ (outnumbered).
 27685 | D:7      | 27685 ||| Stepping ~*~*~tactically~*~*~ (outnumbered).
 27689 | D:7      | 27689 ||| Stepping ~*~*~tactically~*~*~ (outnumbered).
 27698 | D:7      | 27698 ||| Stepping ~*~*~tactically~*~*~ (outnumbered).
 27701 | D:7      | 27701 ||| Stepping ~*~*~tactically~*~*~ (outnumbered).
 27709 | D:7      | 27709 ||| Stepping ~*~*~tactically~*~*~ (outnumbered).
 27714 | D:7      | 27714 ||| Stepping ~*~*~tactically~*~*~ (outnumbered).
 27718 | D:7      | 27718 ||| Stepping ~*~*~tactically~*~*~ (outnumbered).
 27720 | D:7      | 27720 ||| Stepping ~*~*~tactically~*~*~ (outnumbered).
 27725 | D:7      | 27725 ||| Stepping ~*~*~tactically~*~*~ (outnumbered).
 27735 | D:7      | 27735 ||| Stepping ~*~*~tactically~*~*~ (outnumbered).
 27737 | D:7      | 27737 ||| Stepping ~*~*~tactically~*~*~ (outnumbered).
 27739 | D:7      | 27739 ||| Stepping ~*~*~tactically~*~*~ (outnumbered).
 27741 | D:7      | 27741 ||| Stepping ~*~*~tactically~*~*~ (outnumbered).
 27745 | D:7      | 27745 ||| Stepping ~*~*~tactically~*~*~ (outnumbered).
 27749 | D:7      | 27749 ||| Stepping ~*~*~tactically~*~*~ (outnumbered).
 27755 | D:7      | 27755 ||| Stepping ~*~*~tactically~*~*~ (outnumbered).
 27758 | D:7      | 27758 ||| Stepping ~*~*~tactically~*~*~ (outnumbered).
 27766 | D:7      | 27766 ||| Stepping ~*~*~tactically~*~*~ (outnumbered).
 27772 | D:7      | 27772 ||| Stepping ~*~*~tactically~*~*~ (outnumbered).
 27776 | D:7      | 27776 ||| Stepping ~*~*~tactically~*~*~ (outnumbered).
 27783 | D:7      | 27783 ||| Stepping ~*~*~tactically~*~*~ (outnumbered).
 27785 | D:7      | 27785 ||| Stepping ~*~*~tactically~*~*~ (outnumbered).
 27787 | D:7      | 27787 ||| Stepping ~*~*~tactically~*~*~ (outnumbered).
 27791 | D:7      | 27791 ||| Stepping ~*~*~tactically~*~*~ (outnumbered).
 27793 | D:7      | 27793 ||| Stepping ~*~*~tactically~*~*~ (outnumbered).
 27795 | D:7      | 27795 ||| Stepping ~*~*~tactically~*~*~ (outnumbered).
 27797 | D:7      | 27797 ||| Stepping ~*~*~tactically~*~*~ (outnumbered).
 27799 | D:7      | 27799 ||| Stepping ~*~*~tactically~*~*~ (outnumbered).
 27802 | D:7      | 27802 ||| Stepping ~*~*~tactically~*~*~ (outnumbered).
 27811 | D:7      | 27811 ||| Stepping ~*~*~tactically~*~*~ (outnumbered).
 27813 | D:7      | 27813 ||| Stepping ~*~*~tactically~*~*~ (outnumbered).
 27817 | D:7      | 27817 ||| Stepping ~*~*~tactically~*~*~ (outnumbered).
 27819 | D:7      | 27819 ||| Stepping ~*~*~tactically~*~*~ (outnumbered).
 27827 | D:7      | 27827 ||| Stepping ~*~*~tactically~*~*~ (outnumbered).
 27835 | D:7      | 27835 ||| Stepping ~*~*~tactically~*~*~ (outnumbered).
 27840 | D:7      | 27840 ||| Stepping ~*~*~tactically~*~*~ (outnumbered).
 27846 | D:7      | 27846 ||| Stepping ~*~*~tactically~*~*~ (outnumbered).
 27848 | D:7      | 27848 ||| Stepping ~*~*~tactically~*~*~ (outnumbered).
 27850 | D:7      | 27850 ||| Stepping ~*~*~tactically~*~*~ (outnumbered).
 27855 | D:7      | 27855 ||| Stepping ~*~*~tactically~*~*~ (outnumbered).
 27863 | D:7      | 27863 ||| Stepping ~*~*~tactically~*~*~ (outnumbered).
 27868 | D:7      | 27868 ||| Stepping ~*~*~tactically~*~*~ (outnumbered).
 27871 | D:7      | 27871 ||| Stepping ~*~*~tactically~*~*~ (outnumbered).
 27873 | D:7      | 27873 ||| Stepping ~*~*~tactically~*~*~ (outnumbered).
 27875 | D:7      | 27875 ||| Stepping ~*~*~tactically~*~*~ (outnumbered).
 27881 | D:7      | 27881 ||| Stepping ~*~*~tactically~*~*~ (outnumbered).
 27887 | D:7      | 27887 ||| Stepping ~*~*~tactically~*~*~ (outnumbered).
 27889 | D:7      | 27889 ||| Stepping ~*~*~tactically~*~*~ (outnumbered).
 27891 | D:7      | 27891 ||| Stepping ~*~*~tactically~*~*~ (outnumbered).
 27896 | D:7      | 27896 ||| Stepping ~*~*~tactically~*~*~ (outnumbered).
 27910 | D:7      | 27910 ||| Stepping ~*~*~tactically~*~*~ (outnumbered).
 27912 | D:7      | 27912 ||| Stepping ~*~*~tactically~*~*~ (outnumbered).
 27920 | D:7      | 27920 ||| Stepping ~*~*~tactically~*~*~ (outnumbered).
 27923 | D:7      | 27923 ||| Stepping ~*~*~tactically~*~*~ (outnumbered).
 27925 | D:7      | 27925 ||| Stepping ~*~*~tactically~*~*~ (outnumbered).
 27929 | D:7      | 27929 ||| Stepping ~*~*~tactically~*~*~ (outnumbered).
 27931 | D:7      | 27931 ||| Stepping ~*~*~tactically~*~*~ (outnumbered).
 27938 | D:7      | 27938 ||| Stepping ~*~*~tactically~*~*~ (outnumbered).
 27946 | D:7      | 27946 ||| Stepping ~*~*~tactically~*~*~ (outnumbered).
 27948 | D:7      | 27948 ||| Stepping ~*~*~tactically~*~*~ (outnumbered).
 27950 | D:7      | 27950 ||| Stepping ~*~*~tactically~*~*~ (outnumbered).
 27952 | D:7      | 27952 ||| Stepping ~*~*~tactically~*~*~ (outnumbered).
 27961 | D:7      | 27961 ||| Stepping ~*~*~tactically~*~*~ (outnumbered).
 27965 | D:7      | 27965 ||| Stepping ~*~*~tactically~*~*~ (outnumbered).
 27971 | D:7      | 27971 ||| Stepping ~*~*~tactically~*~*~ (outnumbered).
 27981 | D:7      | 27981 ||| Stepping ~*~*~tactically~*~*~ (outnumbered).
 27983 | D:7      | 27983 ||| Stepping ~*~*~tactically~*~*~ (outnumbered).
 27988 | D:7      | 27988 ||| Stepping ~*~*~tactically~*~*~ (outnumbered).
 27992 | D:7      | 27992 ||| Stepping ~*~*~tactically~*~*~ (outnumbered).
 27998 | D:7      | 27998 ||| Stepping ~*~*~tactically~*~*~ (outnumbered).
 28001 | D:7      | 28001 ||| Stepping ~*~*~tactically~*~*~ (outnumbered).
 28006 | D:7      | 28006 ||| Stepping ~*~*~tactically~*~*~ (outnumbered).
 28008 | D:7      | 28008 ||| Stepping ~*~*~tactically~*~*~ (outnumbered).
 28010 | D:7      | 28010 ||| Stepping ~*~*~tactically~*~*~ (outnumbered).
 28013 | D:7      | 28013 ||| Stepping ~*~*~tactically~*~*~ (outnumbered).
 28015 | D:7      | 28015 ||| Stepping ~*~*~tactically~*~*~ (outnumbered).
 28017 | D:7      | 28017 ||| Stepping ~*~*~tactically~*~*~ (outnumbered).
 28019 | D:7      | 28019 ||| Stepping ~*~*~tactically~*~*~ (outnumbered).
 28021 | D:7      | 28021 ||| Stepping ~*~*~tactically~*~*~ (outnumbered).
 28027 | D:7      | 28027 ||| Stepping ~*~*~tactically~*~*~ (outnumbered).
 28029 | D:7      | 28029 ||| Stepping ~*~*~tactically~*~*~ (outnumbered).
 28033 | D:7      | 28033 ||| Stepping ~*~*~tactically~*~*~ (outnumbered).
 28042 | D:7      | 28042 ||| Stepping ~*~*~tactically~*~*~ (outnumbered).
 28044 | D:7      | 28044 ||| Stepping ~*~*~tactically~*~*~ (outnumbered).
 28053 | D:7      | 28053 ||| Stepping ~*~*~tactically~*~*~ (outnumbered).
 28056 | D:7      | 28056 ||| Stepping ~*~*~tactically~*~*~ (outnumbered).
 28061 | D:7      | 28061 ||| Stepping ~*~*~tactically~*~*~ (outnumbered).
 28064 | D:7      | 28064 ||| Stepping ~*~*~tactically~*~*~ (outnumbered).
 28068 | D:7      | 28068 ||| Stepping ~*~*~tactically~*~*~ (outnumbered).
 28072 | D:7      | 28072 ||| Stepping ~*~*~tactically~*~*~ (outnumbered).
 28076 | D:7      | 28076 ||| Stepping ~*~*~tactically~*~*~ (outnumbered).
 28078 | D:7      | 28078 ||| Stepping ~*~*~tactically~*~*~ (outnumbered).
 28082 | D:7      | 28082 ||| Stepping ~*~*~tactically~*~*~ (outnumbered).
 28092 | D:7      | 28092 ||| Stepping ~*~*~tactically~*~*~ (outnumbered).
 28099 | D:7      | 28099 ||| Stepping ~*~*~tactically~*~*~ (outnumbered).
 28103 | D:7      | 28103 ||| Stepping ~*~*~tactically~*~*~ (outnumbered).
 28108 | D:7      | 28108 ||| Stepping ~*~*~tactically~*~*~ (outnumbered).
 28114 | D:7      | 28114 ||| Stepping ~*~*~tactically~*~*~ (outnumbered).
 28116 | D:7      | 28116 ||| Stepping ~*~*~tactically~*~*~ (outnumbered).
 28121 | D:7      | 28121 ||| Stepping ~*~*~tactically~*~*~ (outnumbered).
 28127 | D:7      | 28127 ||| Stepping ~*~*~tactically~*~*~ (outnumbered).
 28131 | D:7      | 28131 ||| Stepping ~*~*~tactically~*~*~ (outnumbered).
 28133 | D:7      | 28133 ||| Stepping ~*~*~tactically~*~*~ (outnumbered).
 28135 | D:7      | 28135 ||| Stepping ~*~*~tactically~*~*~ (outnumbered).
 28139 | D:7      | 28139 ||| Stepping ~*~*~tactically~*~*~ (outnumbered).
 28146 | D:7      | 28146 ||| Stepping ~*~*~tactically~*~*~ (outnumbered).
 28148 | D:7      | 28148 ||| Stepping ~*~*~tactically~*~*~ (outnumbered).
 28152 | D:7      | 28152 ||| Stepping ~*~*~tactically~*~*~ (outnumbered).
 28160 | D:7      | 28160 ||| Stepping ~*~*~tactically~*~*~ (outnumbered).
 28163 | D:7      | 28163 ||| Stepping ~*~*~tactically~*~*~ (outnumbered).
 28168 | D:7      | 28168 ||| Stepping ~*~*~tactically~*~*~ (outnumbered).
 28172 | D:7      | 28172 ||| Stepping ~*~*~tactically~*~*~ (outnumbered).
 28176 | D:7      | 28176 ||| Stepping ~*~*~tactically~*~*~ (outnumbered).
 28178 | D:7      | 28178 ||| Stepping ~*~*~tactically~*~*~ (outnumbered).
 28180 | D:7      | 28180 ||| Stepping ~*~*~tactically~*~*~ (outnumbered).
 28182 | D:7      | 28182 ||| Stepping ~*~*~tactically~*~*~ (outnumbered).
 28184 | D:7      | 28184 ||| Stepping ~*~*~tactically~*~*~ (outnumbered).
 28186 | D:7      | 28186 ||| Stepping ~*~*~tactically~*~*~ (outnumbered).
 28191 | D:7      | 28191 ||| Stepping ~*~*~tactically~*~*~ (outnumbered).
 28195 | D:7      | 28195 ||| Stepping ~*~*~tactically~*~*~ (outnumbered).
 28199 | D:7      | 28199 ||| Stepping ~*~*~tactically~*~*~ (outnumbered).
 28201 | D:7      | 28201 ||| Stepping ~*~*~tactically~*~*~ (outnumbered).
 28203 | D:7      | 28203 ||| Stepping ~*~*~tactically~*~*~ (outnumbered).
 28209 | D:7      | 28209 ||| Stepping ~*~*~tactically~*~*~ (outnumbered).
 28211 | D:7      | 28211 ||| Stepping ~*~*~tactically~*~*~ (outnumbered).
 28216 | D:7      | 28216 ||| Stepping ~*~*~tactically~*~*~ (outnumbered).
 28221 | D:7      | 28221 ||| Stepping ~*~*~tactically~*~*~ (outnumbered).
 28224 | D:7      | 28224 ||| Stepping ~*~*~tactically~*~*~ (outnumbered).
 28227 | D:7      | 28227 ||| Stepping ~*~*~tactically~*~*~ (outnumbered).
 28229 | D:7      | 28229 ||| Stepping ~*~*~tactically~*~*~ (outnumbered).
 28235 | D:7      | 28235 ||| Stepping ~*~*~tactically~*~*~ (outnumbered).
 28241 | D:7      | 28241 ||| Stepping ~*~*~tactically~*~*~ (outnumbered).
 28243 | D:7      | 28243 ||| Stepping ~*~*~tactically~*~*~ (outnumbered).
 28246 | D:7      | 28246 ||| Stepping ~*~*~tactically~*~*~ (outnumbered).
 28248 | D:7      | 28248 ||| Stepping ~*~*~tactically~*~*~ (outnumbered).
 28252 | D:7      | 28252 ||| Stepping ~*~*~tactically~*~*~ (outnumbered).
 28259 | D:7      | 28259 ||| Stepping ~*~*~tactically~*~*~ (outnumbered).
 28263 | D:7      | 28263 ||| Stepping ~*~*~tactically~*~*~ (outnumbered).
 28266 | D:7      | 28266 ||| Stepping ~*~*~tactically~*~*~ (outnumbered).
 28268 | D:7      | 28268 ||| Stepping ~*~*~tactically~*~*~ (outnumbered).
 28270 | D:7      | 28270 ||| Stepping ~*~*~tactically~*~*~ (outnumbered).
 28280 | D:7      | 28280 ||| Stepping ~*~*~tactically~*~*~ (outnumbered).
 28285 | D:7      | 28285 ||| Stepping ~*~*~tactically~*~*~ (outnumbered).
 28287 | D:7      | 28287 ||| Stepping ~*~*~tactically~*~*~ (outnumbered).
 28289 | D:7      | 28289 ||| Stepping ~*~*~tactically~*~*~ (outnumbered).
 28291 | D:7      | 28291 ||| Stepping ~*~*~tactically~*~*~ (outnumbered).
 28297 | D:7      | 28297 ||| Stepping ~*~*~tactically~*~*~ (outnumbered).
 28299 | D:7      | 28299 ||| Stepping ~*~*~tactically~*~*~ (outnumbered).
 28301 | D:7      | 28301 ||| Stepping ~*~*~tactically~*~*~ (outnumbered).
 28305 | D:7      | 28305 ||| Stepping ~*~*~tactically~*~*~ (outnumbered).
 28310 | D:7      | 28310 ||| Stepping ~*~*~tactically~*~*~ (outnumbered).
 28318 | D:7      | 28318 ||| Stepping ~*~*~tactically~*~*~ (outnumbered).
 28320 | D:7      | 28320 ||| Stepping ~*~*~tactically~*~*~ (outnumbered).
 28322 | D:7      | 28322 ||| Stepping ~*~*~tactically~*~*~ (outnumbered).
 28324 | D:7      | 28324 ||| Stepping ~*~*~tactically~*~*~ (outnumbered).
 28326 | D:7      | 28326 ||| Stepping ~*~*~tactically~*~*~ (outnumbered).
 28328 | D:7      | 28328 ||| Stepping ~*~*~tactically~*~*~ (outnumbered).
 28331 | D:7      | 28331 ||| Stepping ~*~*~tactically~*~*~ (outnumbered).
 28333 | D:7      | 28333 ||| Stepping ~*~*~tactically~*~*~ (outnumbered).
 28344 | D:7      | 28344 ||| Stepping ~*~*~tactically~*~*~ (outnumbered).
 28349 | D:7      | 28349 ||| Stepping ~*~*~tactically~*~*~ (outnumbered).
 28353 | D:7      | 28353 ||| Stepping ~*~*~tactically~*~*~ (outnumbered).
 28362 | D:7      | 28362 ||| Stepping ~*~*~tactically~*~*~ (outnumbered).
 28365 | D:7      | 28365 ||| Stepping ~*~*~tactically~*~*~ (outnumbered).
 28367 | D:7      | 28367 ||| Stepping ~*~*~tactically~*~*~ (outnumbered).
 28369 | D:7      | 28369 ||| Stepping ~*~*~tactically~*~*~ (outnumbered).
 28371 | D:7      | 28371 ||| Stepping ~*~*~tactically~*~*~ (outnumbered).
 28373 | D:7      | 28373 ||| Stepping ~*~*~tactically~*~*~ (outnumbered).
 28375 | D:7      | 28375 ||| Stepping ~*~*~tactically~*~*~ (outnumbered).
 28379 | D:7      | 28379 ||| Stepping ~*~*~tactically~*~*~ (outnumbered).
 28383 | D:7      | 28383 ||| Stepping ~*~*~tactically~*~*~ (outnumbered).
 28385 | D:7      | 28385 ||| Stepping ~*~*~tactically~*~*~ (outnumbered).
 28391 | D:7      | 28391 ||| Stepping ~*~*~tactically~*~*~ (outnumbered).
 28393 | D:7      | 28393 ||| Stepping ~*~*~tactically~*~*~ (outnumbered).
 28396 | D:7      | 28396 ||| Stepping ~*~*~tactically~*~*~ (outnumbered).
 28400 | D:7      | 28400 ||| Stepping ~*~*~tactically~*~*~ (outnumbered).
 28412 | D:7      | 28412 ||| Stepping ~*~*~tactically~*~*~ (outnumbered).
 28414 | D:7      | 28414 ||| Stepping ~*~*~tactically~*~*~ (outnumbered).
 28419 | D:7      | 28419 ||| Stepping ~*~*~tactically~*~*~ (outnumbered).
 28422 | D:7      | 28422 ||| Stepping ~*~*~tactically~*~*~ (outnumbered).
 28429 | D:7      | 28429 ||| Stepping ~*~*~tactically~*~*~ (outnumbered).
 28432 | D:7      | 28432 ||| Stepping ~*~*~tactically~*~*~ (outnumbered).
 28438 | D:7      | 28438 ||| Stepping ~*~*~tactically~*~*~ (outnumbered).
 28446 | D:7      | 28446 ||| Stepping ~*~*~tactically~*~*~ (outnumbered).
 28449 | D:7      | 28449 ||| Stepping ~*~*~tactically~*~*~ (outnumbered).
 28453 | D:7      | 28453 ||| Stepping ~*~*~tactically~*~*~ (outnumbered).
 28455 | D:7      | 28455 ||| Stepping ~*~*~tactically~*~*~ (outnumbered).
 28458 | D:7      | 28458 ||| Stepping ~*~*~tactically~*~*~ (outnumbered).
 28460 | D:7      | 28460 ||| Stepping ~*~*~tactically~*~*~ (outnumbered).
 28466 | D:7      | 28466 ||| Stepping ~*~*~tactically~*~*~ (outnumbered).
 28472 | D:7      | 28472 ||| Stepping ~*~*~tactically~*~*~ (outnumbered).
 28474 | D:7      | 28474 ||| Stepping ~*~*~tactically~*~*~ (outnumbered).
 28477 | D:7      | 28477 ||| Stepping ~*~*~tactically~*~*~ (outnumbered).
 28483 | D:7      | 28483 ||| Stepping ~*~*~tactically~*~*~ (outnumbered).
 28490 | D:7      | 28490 ||| Stepping ~*~*~tactically~*~*~ (outnumbered).
 28492 | D:7      | 28492 ||| Stepping ~*~*~tactically~*~*~ (outnumbered).
 28495 | D:7      | 28495 ||| Stepping ~*~*~tactically~*~*~ (outnumbered).
 28499 | D:7      | 28499 ||| Stepping ~*~*~tactically~*~*~ (outnumbered).
 28501 | D:7      | 28501 ||| Stepping ~*~*~tactically~*~*~ (outnumbered).
 28506 | D:7      | 28506 ||| Stepping ~*~*~tactically~*~*~ (outnumbered).
 28508 | D:7      | 28508 ||| Stepping ~*~*~tactically~*~*~ (outnumbered).
 28512 | D:7      | 28512 ||| Stepping ~*~*~tactically~*~*~ (outnumbered).
 28518 | D:7      | 28518 ||| Stepping ~*~*~tactically~*~*~ (outnumbered).
 28525 | D:7      | 28525 ||| Stepping ~*~*~tactically~*~*~ (outnumbered).
 28529 | D:7      | 28529 ||| Stepping ~*~*~tactically~*~*~ (outnumbered).
 28531 | D:7      | 28531 ||| Stepping ~*~*~tactically~*~*~ (outnumbered).
 28536 | D:7      | 28536 ||| Stepping ~*~*~tactically~*~*~ (outnumbered).
 28543 | D:7      | 28543 ||| Stepping ~*~*~tactically~*~*~ (outnumbered).
 28545 | D:7      | 28545 ||| Stepping ~*~*~tactically~*~*~ (outnumbered).
 28550 | D:7      | 28550 ||| Stepping ~*~*~tactically~*~*~ (outnumbered).
 28556 | D:7      | 28556 ||| Stepping ~*~*~tactically~*~*~ (outnumbered).
 28558 | D:7      | 28558 ||| Stepping ~*~*~tactically~*~*~ (outnumbered).
 28564 | D:7      | 28564 ||| Stepping ~*~*~tactically~*~*~ (outnumbered).
 28567 | D:7      | 28567 ||| Stepping ~*~*~tactically~*~*~ (outnumbered).
 28571 | D:7      | 28571 ||| Stepping ~*~*~tactically~*~*~ (outnumbered).
 28573 | D:7      | 28573 ||| Stepping ~*~*~tactically~*~*~ (outnumbered).
 28576 | D:7      | 28576 ||| Stepping ~*~*~tactically~*~*~ (outnumbered).
 28578 | D:7      | 28578 ||| Stepping ~*~*~tactically~*~*~ (outnumbered).
 28584 | D:7      | 28584 ||| Stepping ~*~*~tactically~*~*~ (outnumbered).
 28591 | D:7      | 28591 ||| Stepping ~*~*~tactically~*~*~ (outnumbered).
 28597 | D:7      | 28597 ||| Stepping ~*~*~tactically~*~*~ (outnumbered).
 28599 | D:7      | 28599 ||| Stepping ~*~*~tactically~*~*~ (outnumbered).
 28601 | D:7      | 28601 ||| Stepping ~*~*~tactically~*~*~ (outnumbered).
 28610 | D:7      | 28610 ||| Stepping ~*~*~tactically~*~*~ (outnumbered).
 28615 | D:7      | 28615 ||| Stepping ~*~*~tactically~*~*~ (outnumbered).
 28619 | D:7      | 28619 ||| Stepping ~*~*~tactically~*~*~ (outnumbered).
 28624 | D:7      | 28624 ||| Stepping ~*~*~tactically~*~*~ (outnumbered).
 28628 | D:7      | 28628 ||| Stepping ~*~*~tactically~*~*~ (outnumbered).
 28633 | D:7      | 28633 ||| Stepping ~*~*~tactically~*~*~ (outnumbered).
 28636 | D:7      | 28636 ||| Stepping ~*~*~tactically~*~*~ (outnumbered).
 28638 | D:7      | 28638 ||| Stepping ~*~*~tactically~*~*~ (outnumbered).
 28640 | D:7      | 28640 ||| Stepping ~*~*~tactically~*~*~ (outnumbered).
 28643 | D:7      | 28643 ||| Stepping ~*~*~tactically~*~*~ (outnumbered).
 28645 | D:7      | 28645 ||| Stepping ~*~*~tactically~*~*~ (outnumbered).
 28650 | D:7      | 28650 ||| Stepping ~*~*~tactically~*~*~ (outnumbered).
 28659 | D:7      | 28659 ||| Stepping ~*~*~tactically~*~*~ (outnumbered).
 28662 | D:7      | 28662 ||| Stepping ~*~*~tactically~*~*~ (outnumbered).
 28664 | D:7      | 28664 ||| Stepping ~*~*~tactically~*~*~ (outnumbered).
 28666 | D:7      | 28666 ||| Stepping ~*~*~tactically~*~*~ (outnumbered).
 28668 | D:7      | 28668 ||| Stepping ~*~*~tactically~*~*~ (outnumbered).
 28670 | D:7      | 28670 ||| Stepping ~*~*~tactically~*~*~ (outnumbered).
 28672 | D:7      | 28672 ||| Stepping ~*~*~tactically~*~*~ (outnumbered).
 28674 | D:7      | 28674 ||| Stepping ~*~*~tactically~*~*~ (outnumbered).
 28676 | D:7      | 28676 ||| Stepping ~*~*~tactically~*~*~ (outnumbered).
 28682 | D:7      | 28682 ||| Stepping ~*~*~tactically~*~*~ (outnumbered).
 28688 | D:7      | 28688 ||| Stepping ~*~*~tactically~*~*~ (outnumbered).
 28696 | D:7      | 28696 ||| Stepping ~*~*~tactically~*~*~ (outnumbered).
 28700 | D:7      | 28700 ||| Stepping ~*~*~tactically~*~*~ (outnumbered).
 28705 | D:7      | 28705 ||| Stepping ~*~*~tactically~*~*~ (outnumbered).
 28710 | D:7      | 28710 ||| Stepping ~*~*~tactically~*~*~ (outnumbered).
 28712 | D:7      | 28712 ||| Stepping ~*~*~tactically~*~*~ (outnumbered).
 28725 | D:7      | 28725 ||| Stepping ~*~*~tactically~*~*~ (outnumbered).
 28727 | D:7      | 28727 ||| Stepping ~*~*~tactically~*~*~ (outnumbered).
 28731 | D:7      | 28731 ||| Stepping ~*~*~tactically~*~*~ (outnumbered).
 28736 | D:7      | 28736 ||| Stepping ~*~*~tactically~*~*~ (outnumbered).
 28739 | D:7      | 28739 ||| Stepping ~*~*~tactically~*~*~ (outnumbered).
 28744 | D:7      | 28744 ||| Stepping ~*~*~tactically~*~*~ (outnumbered).
 28746 | D:7      | 28746 ||| Stepping ~*~*~tactically~*~*~ (outnumbered).
 28752 | D:7      | 28752 ||| Stepping ~*~*~tactically~*~*~ (outnumbered).
 28754 | D:7      | 28754 ||| Stepping ~*~*~tactically~*~*~ (outnumbered).
 28756 | D:7      | 28756 ||| Stepping ~*~*~tactically~*~*~ (outnumbered).
 28760 | D:7      | 28760 ||| Stepping ~*~*~tactically~*~*~ (outnumbered).
 28763 | D:7      | 28763 ||| Stepping ~*~*~tactically~*~*~ (outnumbered).
 28766 | D:7      | 28766 ||| Stepping ~*~*~tactically~*~*~ (outnumbered).
 28768 | D:7      | 28768 ||| Stepping ~*~*~tactically~*~*~ (outnumbered).
 28770 | D:7      | 28770 ||| Stepping ~*~*~tactically~*~*~ (outnumbered).
 28772 | D:7      | 28772 ||| Stepping ~*~*~tactically~*~*~ (outnumbered).
 28776 | D:7      | 28776 ||| Stepping ~*~*~tactically~*~*~ (outnumbered).
 28782 | D:7      | 28782 ||| Stepping ~*~*~tactically~*~*~ (outnumbered).
 28785 | D:7      | 28785 ||| Stepping ~*~*~tactically~*~*~ (outnumbered).
 28788 | D:7      | 28788 ||| Stepping ~*~*~tactically~*~*~ (outnumbered).
 28792 | D:7      | 28792 ||| Stepping ~*~*~tactically~*~*~ (outnumbered).
 28796 | D:7      | 28796 ||| Stepping ~*~*~tactically~*~*~ (outnumbered).
 28799 | D:7      | 28799 ||| Stepping ~*~*~tactically~*~*~ (outnumbered).
 28801 | D:7      | 28801 ||| Stepping ~*~*~tactically~*~*~ (outnumbered).
 28803 | D:7      | 28803 ||| Stepping ~*~*~tactically~*~*~ (outnumbered).
 28806 | D:7      | 28806 ||| Stepping ~*~*~tactically~*~*~ (outnumbered).
 28809 | D:7      | 28809 ||| Stepping ~*~*~tactically~*~*~ (outnumbered).
 28818 | D:7      | 28818 ||| Stepping ~*~*~tactically~*~*~ (outnumbered).
 28821 | D:7      | 28821 ||| Stepping ~*~*~tactically~*~*~ (outnumbered).
 28823 | D:7      | 28823 ||| Stepping ~*~*~tactically~*~*~ (outnumbered).
 28826 | D:7      | 28826 ||| Stepping ~*~*~tactically~*~*~ (outnumbered).
 28828 | D:7      | 28828 ||| Stepping ~*~*~tactically~*~*~ (outnumbered).
 28831 | D:7      | 28831 ||| Stepping ~*~*~tactically~*~*~ (outnumbered).
 28835 | D:7      | 28835 ||| Stepping ~*~*~tactically~*~*~ (outnumbered).
 28844 | D:7      | 28844 ||| Stepping ~*~*~tactically~*~*~ (outnumbered).
 28847 | D:7      | 28847 ||| Stepping ~*~*~tactically~*~*~ (outnumbered).
 28849 | D:7      | 28849 ||| Stepping ~*~*~tactically~*~*~ (outnumbered).
 28851 | D:7      | 28851 ||| Stepping ~*~*~tactically~*~*~ (outnumbered).
 28854 | D:7      | 28854 ||| Stepping ~*~*~tactically~*~*~ (outnumbered).
 28867 | D:7      | 28867 ||| Stepping ~*~*~tactically~*~*~ (outnumbered).
 28869 | D:7      | 28869 ||| Stepping ~*~*~tactically~*~*~ (outnumbered).
 28873 | D:7      | 28873 ||| Stepping ~*~*~tactically~*~*~ (outnumbered).
 28877 | D:7      | 28877 ||| Stepping ~*~*~tactically~*~*~ (outnumbered).
 28887 | D:7      | 28887 ||| Stepping ~*~*~tactically~*~*~ (outnumbered).
 28891 | D:7      | 28891 ||| Stepping ~*~*~tactically~*~*~ (outnumbered).
 28894 | D:7      | 28894 ||| Stepping ~*~*~tactically~*~*~ (outnumbered).
 28896 | D:7      | 28896 ||| Stepping ~*~*~tactically~*~*~ (outnumbered).
 28898 | D:7      | 28898 ||| Stepping ~*~*~tactically~*~*~ (outnumbered).
 28903 | D:7      | 28903 ||| Stepping ~*~*~tactically~*~*~ (outnumbered).
 28906 | D:7      | 28906 ||| Stepping ~*~*~tactically~*~*~ (outnumbered).
 28911 | D:7      | 28911 ||| Stepping ~*~*~tactically~*~*~ (outnumbered).
 28913 | D:7      | 28913 ||| Stepping ~*~*~tactically~*~*~ (outnumbered).
 28915 | D:7      | 28915 ||| Stepping ~*~*~tactically~*~*~ (outnumbered).
 28922 | D:7      | 28922 ||| Stepping ~*~*~tactically~*~*~ (outnumbered).
 28926 | D:7      | 28926 ||| Stepping ~*~*~tactically~*~*~ (outnumbered).
 28928 | D:7      | 28928 ||| Stepping ~*~*~tactically~*~*~ (outnumbered).
 28933 | D:7      | 28933 ||| Stepping ~*~*~tactically~*~*~ (outnumbered).
 28935 | D:7      | 28935 ||| Stepping ~*~*~tactically~*~*~ (outnumbered).
 28937 | D:7      | 28937 ||| Stepping ~*~*~tactically~*~*~ (outnumbered).
 28939 | D:7      | 28939 ||| Stepping ~*~*~tactically~*~*~ (outnumbered).
 28941 | D:7      | 28941 ||| Stepping ~*~*~tactically~*~*~ (outnumbered).
 28943 | D:7      | 28943 ||| Stepping ~*~*~tactically~*~*~ (outnumbered).
 28945 | D:7      | 28945 ||| Stepping ~*~*~tactically~*~*~ (outnumbered).
 28953 | D:7      | 28953 ||| Stepping ~*~*~tactically~*~*~ (outnumbered).
 28955 | D:7      | 28955 ||| Stepping ~*~*~tactically~*~*~ (outnumbered).
 28957 | D:7      | 28957 ||| Stepping ~*~*~tactically~*~*~ (outnumbered).
 28965 | D:7      | 28965 ||| Stepping ~*~*~tactically~*~*~ (outnumbered).
 28968 | D:7      | 28968 ||| Stepping ~*~*~tactically~*~*~ (outnumbered).
 28972 | D:7      | 28972 ||| Stepping ~*~*~tactically~*~*~ (outnumbered).
 28974 | D:7      | 28974 ||| Stepping ~*~*~tactically~*~*~ (outnumbered).
 28976 | D:7      | 28976 ||| Stepping ~*~*~tactically~*~*~ (outnumbered).
 28980 | D:7      | 28980 ||| Stepping ~*~*~tactically~*~*~ (outnumbered).
 28984 | D:7      | 28984 ||| Stepping ~*~*~tactically~*~*~ (outnumbered).
 28986 | D:7      | 28986 ||| Stepping ~*~*~tactically~*~*~ (outnumbered).
 28988 | D:7      | 28988 ||| Stepping ~*~*~tactically~*~*~ (outnumbered).
 28993 | D:7      | 28993 ||| Stepping ~*~*~tactically~*~*~ (outnumbered).
 28998 | D:7      | 28998 ||| Stepping ~*~*~tactically~*~*~ (outnumbered).
 29002 | D:7      | 29002 ||| Stepping ~*~*~tactically~*~*~ (outnumbered).
 29007 | D:7      | 29007 ||| Stepping ~*~*~tactically~*~*~ (outnumbered).
 29020 | D:7      | 29020 ||| Stepping ~*~*~tactically~*~*~ (outnumbered).
 29022 | D:7      | 29022 ||| Stepping ~*~*~tactically~*~*~ (outnumbered).
 29029 | D:7      | 29029 ||| Stepping ~*~*~tactically~*~*~ (outnumbered).
 29031 | D:7      | 29031 ||| Stepping ~*~*~tactically~*~*~ (outnumbered).
 29034 | D:7      | 29034 ||| Stepping ~*~*~tactically~*~*~ (outnumbered).
 29036 | D:7      | 29036 ||| Stepping ~*~*~tactically~*~*~ (outnumbered).
 29038 | D:7      | 29038 ||| Stepping ~*~*~tactically~*~*~ (outnumbered).
 29043 | D:7      | 29043 ||| Stepping ~*~*~tactically~*~*~ (outnumbered).
 29045 | D:7      | 29045 ||| Stepping ~*~*~tactically~*~*~ (outnumbered).
 29050 | D:7      | 29050 ||| Stepping ~*~*~tactically~*~*~ (outnumbered).
 29052 | D:7      | 29052 ||| Stepping ~*~*~tactically~*~*~ (outnumbered).
 29054 | D:7      | 29054 ||| Stepping ~*~*~tactically~*~*~ (outnumbered).
 29057 | D:7      | 29057 ||| Stepping ~*~*~tactically~*~*~ (outnumbered).
 29061 | D:7      | 29061 ||| Stepping ~*~*~tactically~*~*~ (outnumbered).
 29070 | D:7      | 29070 ||| Stepping ~*~*~tactically~*~*~ (outnumbered).
 29072 | D:7      | 29072 ||| Stepping ~*~*~tactically~*~*~ (outnumbered).
 29074 | D:7      | 29074 ||| Stepping ~*~*~tactically~*~*~ (outnumbered).
 29076 | D:7      | 29076 ||| Stepping ~*~*~tactically~*~*~ (outnumbered).
 29078 | D:7      | 29078 ||| Stepping ~*~*~tactically~*~*~ (outnumbered).
 29085 | D:7      | 29085 ||| Stepping ~*~*~tactically~*~*~ (outnumbered).
 29094 | D:7      | 29094 ||| Stepping ~*~*~tactically~*~*~ (outnumbered).
 29105 | D:7      | 29105 ||| Stepping ~*~*~tactically~*~*~ (outnumbered).
 29114 | D:7      | 29114 ||| Stepping ~*~*~tactically~*~*~ (outnumbered).
 29119 | D:7      | 29119 ||| Stepping ~*~*~tactically~*~*~ (outnumbered).
 29126 | D:7      | 29126 ||| Stepping ~*~*~tactically~*~*~ (outnumbered).
 29128 | D:7      | 29128 ||| Stepping ~*~*~tactically~*~*~ (outnumbered).
 29136 | D:7      | 29136 ||| Stepping ~*~*~tactically~*~*~ (outnumbered).
 29141 | D:7      | 29141 ||| Stepping ~*~*~tactically~*~*~ (outnumbered).
 29148 | D:7      | 29148 ||| Stepping ~*~*~tactically~*~*~ (outnumbered).
 29150 | D:7      | 29150 ||| Stepping ~*~*~tactically~*~*~ (outnumbered).
 29153 | D:7      | 29153 ||| Stepping ~*~*~tactically~*~*~ (outnumbered).
 29157 | D:7      | 29157 ||| Stepping ~*~*~tactically~*~*~ (outnumbered).
 29161 | D:7      | 29161 ||| Stepping ~*~*~tactically~*~*~ (outnumbered).
 29165 | D:7      | 29165 ||| Stepping ~*~*~tactically~*~*~ (outnumbered).
 29167 | D:7      | 29167 ||| Stepping ~*~*~tactically~*~*~ (outnumbered).
 29169 | D:7      | 29169 ||| Stepping ~*~*~tactically~*~*~ (outnumbered).
 29174 | D:7      | 29174 ||| Stepping ~*~*~tactically~*~*~ (outnumbered).
 29176 | D:7      | 29176 ||| Stepping ~*~*~tactically~*~*~ (outnumbered).
 29178 | D:7      | 29178 ||| Stepping ~*~*~tactically~*~*~ (outnumbered).
 29181 | D:7      | 29181 ||| Stepping ~*~*~tactically~*~*~ (outnumbered).
 29184 | D:7      | 29184 ||| Stepping ~*~*~tactically~*~*~ (outnumbered).
 29186 | D:7      | 29186 ||| Stepping ~*~*~tactically~*~*~ (outnumbered).
 29188 | D:7      | 29188 ||| Stepping ~*~*~tactically~*~*~ (outnumbered).
 29191 | D:7      | 29191 ||| Stepping ~*~*~tactically~*~*~ (outnumbered).
 29197 | D:7      | 29197 ||| Stepping ~*~*~tactically~*~*~ (outnumbered).
 29201 | D:7      | 29201 ||| Stepping ~*~*~tactically~*~*~ (outnumbered).
 29203 | D:7      | 29203 ||| Stepping ~*~*~tactically~*~*~ (outnumbered).
 29205 | D:7      | 29205 ||| Stepping ~*~*~tactically~*~*~ (outnumbered).
 29212 | D:7      | 29212 ||| Stepping ~*~*~tactically~*~*~ (outnumbered).
 29214 | D:7      | 29214 ||| Stepping ~*~*~tactically~*~*~ (outnumbered).
 29216 | D:7      | 29216 ||| Stepping ~*~*~tactically~*~*~ (outnumbered).
 29220 | D:7      | 29220 ||| Stepping ~*~*~tactically~*~*~ (outnumbered).
 29223 | D:7      | 29223 ||| Stepping ~*~*~tactically~*~*~ (outnumbered).
 29228 | D:7      | 29228 ||| Stepping ~*~*~tactically~*~*~ (outnumbered).
 29233 | D:7      | 29233 ||| Stepping ~*~*~tactically~*~*~ (outnumbered).
 29236 | D:7      | 29236 ||| Stepping ~*~*~tactically~*~*~ (outnumbered).
 29243 | D:7      | 29243 ||| Stepping ~*~*~tactically~*~*~ (outnumbered).
 29248 | D:7      | 29248 ||| Stepping ~*~*~tactically~*~*~ (outnumbered).
 29254 | D:7      | 29254 ||| Stepping ~*~*~tactically~*~*~ (outnumbered).
 29257 | D:7      | 29257 ||| Stepping ~*~*~tactically~*~*~ (outnumbered).
 29262 | D:7      | 29262 ||| Stepping ~*~*~tactically~*~*~ (outnumbered).
 29270 | D:7      | 29270 ||| Stepping ~*~*~tactically~*~*~ (outnumbered).
 29274 | D:7      | 29274 ||| Stepping ~*~*~tactically~*~*~ (outnumbered).
 29276 | D:7      | 29276 ||| Stepping ~*~*~tactically~*~*~ (outnumbered).
 29278 | D:7      | 29278 ||| Stepping ~*~*~tactically~*~*~ (outnumbered).
 29283 | D:7      | 29283 ||| Stepping ~*~*~tactically~*~*~ (outnumbered).
 29285 | D:7      | 29285 ||| Stepping ~*~*~tactically~*~*~ (outnumbered).
 29291 | D:7      | 29291 ||| Stepping ~*~*~tactically~*~*~ (outnumbered).
 29293 | D:7      | 29293 ||| Stepping ~*~*~tactically~*~*~ (outnumbered).
 29295 | D:7      | 29295 ||| Stepping ~*~*~tactically~*~*~ (outnumbered).
 29297 | D:7      | 29297 ||| Stepping ~*~*~tactically~*~*~ (outnumbered).
 29299 | D:7      | 29299 ||| Stepping ~*~*~tactically~*~*~ (outnumbered).
 29301 | D:7      | 29301 ||| Stepping ~*~*~tactically~*~*~ (outnumbered).
 29303 | D:7      | 29303 ||| Stepping ~*~*~tactically~*~*~ (outnumbered).
 29308 | D:7      | 29308 ||| Stepping ~*~*~tactically~*~*~ (outnumbered).
 29310 | D:7      | 29310 ||| Stepping ~*~*~tactically~*~*~ (outnumbered).
 29313 | D:7      | 29313 ||| Stepping ~*~*~tactically~*~*~ (outnumbered).
 29315 | D:7      | 29315 ||| Stepping ~*~*~tactically~*~*~ (outnumbered).
 29317 | D:7      | 29317 ||| Stepping ~*~*~tactically~*~*~ (outnumbered).
 29322 | D:7      | 29322 ||| Stepping ~*~*~tactically~*~*~ (outnumbered).
 29327 | D:7      | 29327 ||| Stepping ~*~*~tactically~*~*~ (outnumbered).
 29333 | D:7      | 29333 ||| Stepping ~*~*~tactically~*~*~ (outnumbered).
 29336 | D:7      | 29336 ||| Stepping ~*~*~tactically~*~*~ (outnumbered).
 29338 | D:7      | 29338 ||| Stepping ~*~*~tactically~*~*~ (outnumbered).
 29341 | D:7      | 29341 ||| Stepping ~*~*~tactically~*~*~ (outnumbered).
 29348 | D:7      | 29348 ||| Stepping ~*~*~tactically~*~*~ (outnumbered).
 29350 | D:7      | 29350 ||| Stepping ~*~*~tactically~*~*~ (outnumbered).
 29352 | D:7      | 29352 ||| Stepping ~*~*~tactically~*~*~ (outnumbered).
 29356 | D:7      | 29356 ||| Stepping ~*~*~tactically~*~*~ (outnumbered).
 29358 | D:7      | 29358 ||| Stepping ~*~*~tactically~*~*~ (outnumbered).
 29360 | D:7      | 29360 ||| Stepping ~*~*~tactically~*~*~ (outnumbered).
 29371 | D:7      | 29371 ||| Stepping ~*~*~tactically~*~*~ (outnumbered).
 29373 | D:7      | 29373 ||| Stepping ~*~*~tactically~*~*~ (outnumbered).
 29381 | D:7      | 29381 ||| Stepping ~*~*~tactically~*~*~ (outnumbered).
 29390 | D:7      | 29390 ||| Stepping ~*~*~tactically~*~*~ (outnumbered).
 29393 | D:7      | 29393 ||| Stepping ~*~*~tactically~*~*~ (outnumbered).
 29395 | D:7      | 29395 ||| Stepping ~*~*~tactically~*~*~ (outnumbered).
 29401 | D:7      | 29401 ||| Stepping ~*~*~tactically~*~*~ (outnumbered).
 29403 | D:7      | 29403 ||| Stepping ~*~*~tactically~*~*~ (outnumbered).
 29409 | D:7      | 29409 ||| Stepping ~*~*~tactically~*~*~ (outnumbered).
 29413 | D:7      | 29413 ||| Stepping ~*~*~tactically~*~*~ (outnumbered).
 29416 | D:7      | 29416 ||| Stepping ~*~*~tactically~*~*~ (outnumbered).
 29422 | D:7      | 29422 ||| Stepping ~*~*~tactically~*~*~ (outnumbered).
 29424 | D:7      | 29424 ||| Stepping ~*~*~tactically~*~*~ (outnumbered).
 29428 | D:7      | 29428 ||| Stepping ~*~*~tactically~*~*~ (outnumbered).
 29433 | D:7      | 29433 ||| Stepping ~*~*~tactically~*~*~ (outnumbered).
 29435 | D:7      | 29435 ||| Stepping ~*~*~tactically~*~*~ (outnumbered).
 29444 | D:7      | 29444 ||| Stepping ~*~*~tactically~*~*~ (outnumbered).
 29450 | D:7      | 29450 ||| Stepping ~*~*~tactically~*~*~ (outnumbered).
 29456 | D:7      | 29456 ||| Stepping ~*~*~tactically~*~*~ (outnumbered).
 29459 | D:7      | 29459 ||| Stepping ~*~*~tactically~*~*~ (outnumbered).
 29461 | D:7      | 29461 ||| Stepping ~*~*~tactically~*~*~ (outnumbered).
 29464 | D:7      | 29464 ||| Stepping ~*~*~tactically~*~*~ (outnumbered).
 29472 | D:7      | 29472 ||| Stepping ~*~*~tactically~*~*~ (outnumbered).
 29478 | D:7      | 29478 ||| Stepping ~*~*~tactically~*~*~ (outnumbered).
 29481 | D:7      | 29481 ||| Stepping ~*~*~tactically~*~*~ (outnumbered).
 29486 | D:7      | 29486 ||| Stepping ~*~*~tactically~*~*~ (outnumbered).
 29492 | D:7      | 29492 ||| Stepping ~*~*~tactically~*~*~ (outnumbered).
 29496 | D:7      | 29496 ||| Stepping ~*~*~tactically~*~*~ (outnumbered).
 29498 | D:7      | 29498 ||| Stepping ~*~*~tactically~*~*~ (outnumbered).
 29500 | D:7      | 29500 ||| Stepping ~*~*~tactically~*~*~ (outnumbered).
 29505 | D:7      | 29505 ||| Stepping ~*~*~tactically~*~*~ (outnumbered).
 29507 | D:7      | 29507 ||| Stepping ~*~*~tactically~*~*~ (outnumbered).
 29511 | D:7      | 29511 ||| Stepping ~*~*~tactically~*~*~ (outnumbered).
 29515 | D:7      | 29515 ||| Stepping ~*~*~tactically~*~*~ (outnumbered).
 29517 | D:7      | 29517 ||| Stepping ~*~*~tactically~*~*~ (outnumbered).
 29519 | D:7      | 29519 ||| Stepping ~*~*~tactically~*~*~ (outnumbered).
 29521 | D:7      | 29521 ||| Stepping ~*~*~tactically~*~*~ (outnumbered).
 29523 | D:7      | 29523 ||| Stepping ~*~*~tactically~*~*~ (outnumbered).
 29528 | D:7      | 29528 ||| Stepping ~*~*~tactically~*~*~ (outnumbered).
 29537 | D:7      | 29537 ||| Stepping ~*~*~tactically~*~*~ (outnumbered).
 29539 | D:7      | 29539 ||| Stepping ~*~*~tactically~*~*~ (outnumbered).
 29542 | D:7      | 29542 ||| Stepping ~*~*~tactically~*~*~ (outnumbered).
 29546 | D:7      | 29546 ||| Stepping ~*~*~tactically~*~*~ (outnumbered).
 29548 | D:7      | 29548 ||| Stepping ~*~*~tactically~*~*~ (outnumbered).
 29551 | D:7      | 29551 ||| Stepping ~*~*~tactically~*~*~ (outnumbered).
 29559 | D:7      | 29559 ||| Stepping ~*~*~tactically~*~*~ (outnumbered).
 29566 | D:7      | 29566 ||| Stepping ~*~*~tactically~*~*~ (outnumbered).
 29572 | D:7      | 29572 ||| Stepping ~*~*~tactically~*~*~ (outnumbered).
 29574 | D:7      | 29574 ||| Stepping ~*~*~tactically~*~*~ (outnumbered).
 29577 | D:7      | 29577 ||| Stepping ~*~*~tactically~*~*~ (outnumbered).
 29580 | D:7      | 29580 ||| Stepping ~*~*~tactically~*~*~ (outnumbered).
 29584 | D:7      | 29584 ||| Stepping ~*~*~tactically~*~*~ (outnumbered).
 29590 | D:7      | 29590 ||| Stepping ~*~*~tactically~*~*~ (outnumbered).
 29592 | D:7      | 29592 ||| Stepping ~*~*~tactically~*~*~ (outnumbered).
 29594 | D:7      | 29594 ||| Stepping ~*~*~tactically~*~*~ (outnumbered).
 29596 | D:7      | 29596 ||| Stepping ~*~*~tactically~*~*~ (outnumbered).
 29601 | D:7      | 29601 ||| Stepping ~*~*~tactically~*~*~ (outnumbered).
 29605 | D:7      | 29605 ||| Stepping ~*~*~tactically~*~*~ (outnumbered).
 29607 | D:7      | 29607 ||| Stepping ~*~*~tactically~*~*~ (outnumbered).
 29609 | D:7      | 29609 ||| Stepping ~*~*~tactically~*~*~ (outnumbered).
 29613 | D:7      | 29613 ||| Stepping ~*~*~tactically~*~*~ (outnumbered).
 29615 | D:7      | 29615 ||| Stepping ~*~*~tactically~*~*~ (outnumbered).
 29617 | D:7      | 29617 ||| Stepping ~*~*~tactically~*~*~ (outnumbered).
 29620 | D:7      | 29620 ||| Stepping ~*~*~tactically~*~*~ (outnumbered).
 29622 | D:7      | 29622 ||| Stepping ~*~*~tactically~*~*~ (outnumbered).
 29624 | D:7      | 29624 ||| Stepping ~*~*~tactically~*~*~ (outnumbered).
 29628 | D:7      | 29628 ||| Stepping ~*~*~tactically~*~*~ (outnumbered).
 29631 | D:7      | 29631 ||| Stepping ~*~*~tactically~*~*~ (outnumbered).
 29633 | D:7      | 29633 ||| Stepping ~*~*~tactically~*~*~ (outnumbered).
 29638 | D:7      | 29638 ||| Stepping ~*~*~tactically~*~*~ (outnumbered).
 29640 | D:7      | 29640 ||| Stepping ~*~*~tactically~*~*~ (outnumbered).
 29646 | D:7      | 29646 ||| Stepping ~*~*~tactically~*~*~ (outnumbered).
 29648 | D:7      | 29648 ||| Stepping ~*~*~tactically~*~*~ (outnumbered).
 29650 | D:7      | 29650 ||| Stepping ~*~*~tactically~*~*~ (outnumbered).
 29658 | D:7      | 29658 ||| Stepping ~*~*~tactically~*~*~ (outnumbered).
 29661 | D:7      | 29661 ||| Stepping ~*~*~tactically~*~*~ (outnumbered).
 29664 | D:7      | 29664 ||| Stepping ~*~*~tactically~*~*~ (outnumbered).
 29673 | D:7      | 29673 ||| Stepping ~*~*~tactically~*~*~ (outnumbered).
 29681 | D:7      | 29681 ||| Stepping ~*~*~tactically~*~*~ (outnumbered).
 29683 | D:7      | 29683 ||| Stepping ~*~*~tactically~*~*~ (outnumbered).
 29687 | D:7      | 29687 ||| Stepping ~*~*~tactically~*~*~ (outnumbered).
 29691 | D:7      | 29691 ||| Stepping ~*~*~tactically~*~*~ (outnumbered).
 29699 | D:7      | 29699 ||| Stepping ~*~*~tactically~*~*~ (outnumbered).
 29701 | D:7      | 29701 ||| Stepping ~*~*~tactically~*~*~ (outnumbered).
 29707 | D:7      | 29707 ||| Stepping ~*~*~tactically~*~*~ (outnumbered).
 29709 | D:7      | 29709 ||| Stepping ~*~*~tactically~*~*~ (outnumbered).
 29711 | D:7      | 29711 ||| Stepping ~*~*~tactically~*~*~ (outnumbered).
 29719 | D:7      | 29719 ||| Stepping ~*~*~tactically~*~*~ (outnumbered).
 29721 | D:7      | 29721 ||| Stepping ~*~*~tactically~*~*~ (outnumbered).
 29727 | D:7      | 29727 ||| Stepping ~*~*~tactically~*~*~ (outnumbered).
 29732 | D:7      | 29732 ||| Stepping ~*~*~tactically~*~*~ (outnumbered).
 29734 | D:7      | 29734 ||| Stepping ~*~*~tactically~*~*~ (outnumbered).
 29736 | D:7      | 29736 ||| Stepping ~*~*~tactically~*~*~ (outnumbered).
 29739 | D:7      | 29739 ||| Stepping ~*~*~tactically~*~*~ (outnumbered).
 29742 | D:7      | 29742 ||| Stepping ~*~*~tactically~*~*~ (outnumbered).
 29751 | D:7      | 29751 ||| Stepping ~*~*~tactically~*~*~ (outnumbered).
 29753 | D:7      | 29753 ||| Stepping ~*~*~tactically~*~*~ (outnumbered).
 29762 | D:7      | 29762 ||| Stepping ~*~*~tactically~*~*~ (outnumbered).
 29765 | D:7      | 29765 ||| Stepping ~*~*~tactically~*~*~ (outnumbered).
 29769 | D:7      | 29769 ||| Stepping ~*~*~tactically~*~*~ (outnumbered).
 29771 | D:7      | 29771 ||| Stepping ~*~*~tactically~*~*~ (outnumbered).
 29773 | D:7      | 29773 ||| Stepping ~*~*~tactically~*~*~ (outnumbered).
 29776 | D:7      | 29776 ||| Stepping ~*~*~tactically~*~*~ (outnumbered).
 29779 | D:7      | 29779 ||| Stepping ~*~*~tactically~*~*~ (outnumbered).
 29781 | D:7      | 29781 ||| Stepping ~*~*~tactically~*~*~ (outnumbered).
 29789 | D:7      | 29789 ||| Stepping ~*~*~tactically~*~*~ (outnumbered).
 29791 | D:7      | 29791 ||| Stepping ~*~*~tactically~*~*~ (outnumbered).
 29793 | D:7      | 29793 ||| Stepping ~*~*~tactically~*~*~ (outnumbered).
 29795 | D:7      | 29795 ||| Stepping ~*~*~tactically~*~*~ (outnumbered).
 29797 | D:7      | 29797 ||| Stepping ~*~*~tactically~*~*~ (outnumbered).
 29803 | D:7      | 29803 ||| Stepping ~*~*~tactically~*~*~ (outnumbered).
 29812 | D:7      | 29812 ||| Stepping ~*~*~tactically~*~*~ (outnumbered).
 29815 | D:7      | 29815 ||| Stepping ~*~*~tactically~*~*~ (outnumbered).
 29819 | D:7      | 29819 ||| Stepping ~*~*~tactically~*~*~ (outnumbered).
 29825 | D:7      | 29825 ||| Stepping ~*~*~tactically~*~*~ (outnumbered).
 29831 | D:7      | 29831 ||| Stepping ~*~*~tactically~*~*~ (outnumbered).
 29834 | D:7      | 29834 ||| Stepping ~*~*~tactically~*~*~ (outnumbered).
 29836 | D:7      | 29836 ||| Stepping ~*~*~tactically~*~*~ (outnumbered).
 29838 | D:7      | 29838 ||| Stepping ~*~*~tactically~*~*~ (outnumbered).
 29840 | D:7      | 29840 ||| Stepping ~*~*~tactically~*~*~ (outnumbered).
 29842 | D:7      | 29842 ||| Stepping ~*~*~tactically~*~*~ (outnumbered).
 29844 | D:7      | 29844 ||| Stepping ~*~*~tactically~*~*~ (outnumbered).
 29851 | D:7      | 29851 ||| Stepping ~*~*~tactically~*~*~ (outnumbered).
 29855 | D:7      | 29855 ||| Stepping ~*~*~tactically~*~*~ (outnumbered).
 29861 | D:7      | 29861 ||| Stepping ~*~*~tactically~*~*~ (outnumbered).
 29863 | D:7      | 29863 ||| Stepping ~*~*~tactically~*~*~ (outnumbered).
 29869 | D:7      | 29869 ||| Stepping ~*~*~tactically~*~*~ (outnumbered).
 29873 | D:7      | 29873 ||| Stepping ~*~*~tactically~*~*~ (outnumbered).
 29875 | D:7      | 29875 ||| Stepping ~*~*~tactically~*~*~ (outnumbered).
 29878 | D:7      | 29878 ||| Stepping ~*~*~tactically~*~*~ (outnumbered).
 29887 | D:7      | 29887 ||| Stepping ~*~*~tactically~*~*~ (outnumbered).
 29893 | D:7      | 29893 ||| Stepping ~*~*~tactically~*~*~ (outnumbered).
 29895 | D:7      | 29895 ||| Stepping ~*~*~tactically~*~*~ (outnumbered).
 29897 | D:7      | 29897 ||| Stepping ~*~*~tactically~*~*~ (outnumbered).
 29904 | D:7      | 29904 ||| Stepping ~*~*~tactically~*~*~ (outnumbered).
 29909 | D:7      | 29909 ||| Stepping ~*~*~tactically~*~*~ (outnumbered).
 29911 | D:7      | 29911 ||| Stepping ~*~*~tactically~*~*~ (outnumbered).
 29918 | D:7      | 29918 ||| Stepping ~*~*~tactically~*~*~ (outnumbered).
 29920 | D:7      | 29920 ||| Stepping ~*~*~tactically~*~*~ (outnumbered).
 29922 | D:7      | 29922 ||| Stepping ~*~*~tactically~*~*~ (outnumbered).
 29925 | D:7      | 29925 ||| Stepping ~*~*~tactically~*~*~ (outnumbered).
 29931 | D:7      | 29931 ||| Stepping ~*~*~tactically~*~*~ (outnumbered).
 29933 | D:7      | 29933 ||| Stepping ~*~*~tactically~*~*~ (outnumbered).
 29939 | D:7      | 29939 ||| Stepping ~*~*~tactically~*~*~ (outnumbered).
 29946 | D:7      | 29946 ||| Stepping ~*~*~tactically~*~*~ (outnumbered).
 29948 | D:7      | 29948 ||| Stepping ~*~*~tactically~*~*~ (outnumbered).
 29951 | D:7      | 29951 ||| Stepping ~*~*~tactically~*~*~ (outnumbered).
 29955 | D:7      | 29955 ||| Stepping ~*~*~tactically~*~*~ (outnumbered).
 29962 | D:7      | 29962 ||| Stepping ~*~*~tactically~*~*~ (outnumbered).
 29965 | D:7      | 29965 ||| Stepping ~*~*~tactically~*~*~ (outnumbered).
 29967 | D:7      | 29967 ||| Stepping ~*~*~tactically~*~*~ (outnumbered).
 29974 | D:7      | 29974 ||| Stepping ~*~*~tactically~*~*~ (outnumbered).
 29977 | D:7      | 29977 ||| Stepping ~*~*~tactically~*~*~ (outnumbered).
 29981 | D:7      | 29981 ||| Stepping ~*~*~tactically~*~*~ (outnumbered).
 29988 | D:7      | 29988 ||| Stepping ~*~*~tactically~*~*~ (outnumbered).
 29990 | D:7      | 29990 ||| Stepping ~*~*~tactically~*~*~ (outnumbered).
 29995 | D:7      | 29995 ||| Stepping ~*~*~tactically~*~*~ (outnumbered).
 29998 | D:7      | 29998 ||| Stepping ~*~*~tactically~*~*~ (outnumbered).
 30003 | D:7      | 30003 ||| Stepping ~*~*~tactically~*~*~ (outnumbered).
 30006 | D:7      | 30006 ||| Stepping ~*~*~tactically~*~*~ (outnumbered).
 30010 | D:7      | 30010 ||| Stepping ~*~*~tactically~*~*~ (outnumbered).
 30012 | D:7      | 30012 ||| Stepping ~*~*~tactically~*~*~ (outnumbered).
 30014 | D:7      | 30014 ||| Stepping ~*~*~tactically~*~*~ (outnumbered).
 30021 | D:7      | 30021 ||| Stepping ~*~*~tactically~*~*~ (outnumbered).
 30024 | D:7      | 30024 ||| Stepping ~*~*~tactically~*~*~ (outnumbered).
 30026 | D:7      | 30026 ||| Stepping ~*~*~tactically~*~*~ (outnumbered).
 30028 | D:7      | 30028 ||| Stepping ~*~*~tactically~*~*~ (outnumbered).
 30035 | D:7      | 30035 ||| Stepping ~*~*~tactically~*~*~ (outnumbered).
 30037 | D:7      | 30037 ||| Stepping ~*~*~tactically~*~*~ (outnumbered).
 30039 | D:7      | 30039 ||| Stepping ~*~*~tactically~*~*~ (outnumbered).
 30041 | D:7      | 30041 ||| Stepping ~*~*~tactically~*~*~ (outnumbered).
 30043 | D:7      | 30043 ||| Stepping ~*~*~tactically~*~*~ (outnumbered).
 30045 | D:7      | 30045 ||| Stepping ~*~*~tactically~*~*~ (outnumbered).
 30051 | D:7      | 30051 ||| Stepping ~*~*~tactically~*~*~ (outnumbered).
 30056 | D:7      | 30056 ||| Stepping ~*~*~tactically~*~*~ (outnumbered).
 30061 | D:7      | 30061 ||| Stepping ~*~*~tactically~*~*~ (outnumbered).
 30063 | D:7      | 30063 ||| Stepping ~*~*~tactically~*~*~ (outnumbered).
 30065 | D:7      | 30065 ||| Stepping ~*~*~tactically~*~*~ (outnumbered).
 30068 | D:7      | 30068 ||| Stepping ~*~*~tactically~*~*~ (outnumbered).
 30072 | D:7      | 30072 ||| Stepping ~*~*~tactically~*~*~ (outnumbered).
 30076 | D:7      | 30076 ||| Stepping ~*~*~tactically~*~*~ (outnumbered).
 30078 | D:7      | 30078 ||| Stepping ~*~*~tactically~*~*~ (outnumbered).
 30082 | D:7      | 30082 ||| Stepping ~*~*~tactically~*~*~ (outnumbered).
 30087 | D:7      | 30087 ||| Stepping ~*~*~tactically~*~*~ (outnumbered).
 30089 | D:7      | 30089 ||| Stepping ~*~*~tactically~*~*~ (outnumbered).
 30095 | D:7      | 30095 ||| Stepping ~*~*~tactically~*~*~ (outnumbered).
 30107 | D:7      | 30107 ||| Stepping ~*~*~tactically~*~*~ (outnumbered).
 30111 | D:7      | 30111 ||| Stepping ~*~*~tactically~*~*~ (outnumbered).
 30115 | D:7      | 30115 ||| Stepping ~*~*~tactically~*~*~ (outnumbered).
 30121 | D:7      | 30121 ||| Stepping ~*~*~tactically~*~*~ (outnumbered).
 30123 | D:7      | 30123 ||| Stepping ~*~*~tactically~*~*~ (outnumbered).
 30125 | D:7      | 30125 ||| Stepping ~*~*~tactically~*~*~ (outnumbered).
 30127 | D:7      | 30127 ||| Stepping ~*~*~tactically~*~*~ (outnumbered).
 30129 | D:7      | 30129 ||| Stepping ~*~*~tactically~*~*~ (outnumbered).
 30131 | D:7      | 30131 ||| Stepping ~*~*~tactically~*~*~ (outnumbered).
 30135 | D:7      | 30135 ||| Stepping ~*~*~tactically~*~*~ (outnumbered).
 30138 | D:7      | 30138 ||| Stepping ~*~*~tactically~*~*~ (outnumbered).
 30146 | D:7      | 30146 ||| Stepping ~*~*~tactically~*~*~ (outnumbered).
 30151 | D:7      | 30151 ||| Stepping ~*~*~tactically~*~*~ (outnumbered).
 30155 | D:7      | 30155 ||| Stepping ~*~*~tactically~*~*~ (outnumbered).
 30157 | D:7      | 30157 ||| Stepping ~*~*~tactically~*~*~ (outnumbered).
 30162 | D:7      | 30162 ||| Stepping ~*~*~tactically~*~*~ (outnumbered).
 30166 | D:7      | 30166 ||| Stepping ~*~*~tactically~*~*~ (outnumbered).
 30170 | D:7      | 30170 ||| Stepping ~*~*~tactically~*~*~ (outnumbered).
 30173 | D:7      | 30173 ||| Stepping ~*~*~tactically~*~*~ (outnumbered).
 30177 | D:7      | 30177 ||| Stepping ~*~*~tactically~*~*~ (outnumbered).
 30181 | D:7      | 30181 ||| Stepping ~*~*~tactically~*~*~ (outnumbered).
 30183 | D:7      | 30183 ||| Stepping ~*~*~tactically~*~*~ (outnumbered).
 30185 | D:7      | 30185 ||| Stepping ~*~*~tactically~*~*~ (outnumbered).
 30187 | D:7      | 30187 ||| Stepping ~*~*~tactically~*~*~ (outnumbered).
 30189 | D:7      | 30189 ||| Stepping ~*~*~tactically~*~*~ (outnumbered).
 30191 | D:7      | 30191 ||| Stepping ~*~*~tactically~*~*~ (outnumbered).
 30193 | D:7      | 30193 ||| Stepping ~*~*~tactically~*~*~ (outnumbered).
 30196 | D:7      | 30196 ||| Stepping ~*~*~tactically~*~*~ (outnumbered).
 30201 | D:7      | 30201 ||| Stepping ~*~*~tactically~*~*~ (outnumbered).
 30206 | D:7      | 30206 ||| Stepping ~*~*~tactically~*~*~ (outnumbered).
 30208 | D:7      | 30208 ||| Stepping ~*~*~tactically~*~*~ (outnumbered).
 30216 | D:7      | 30216 ||| Stepping ~*~*~tactically~*~*~ (outnumbered).
 30218 | D:7      | 30218 ||| Stepping ~*~*~tactically~*~*~ (outnumbered).
 30220 | D:7      | 30220 ||| Stepping ~*~*~tactically~*~*~ (outnumbered).
 30222 | D:7      | 30222 ||| Stepping ~*~*~tactically~*~*~ (outnumbered).
 30224 | D:7      | 30224 ||| Stepping ~*~*~tactically~*~*~ (outnumbered).
 30226 | D:7      | 30226 ||| Stepping ~*~*~tactically~*~*~ (outnumbered).
 30228 | D:7      | 30228 ||| Stepping ~*~*~tactically~*~*~ (outnumbered).
 30230 | D:7      | 30230 ||| Stepping ~*~*~tactically~*~*~ (outnumbered).
 30234 | D:7      | 30234 ||| Stepping ~*~*~tactically~*~*~ (outnumbered).
 30238 | D:7      | 30238 ||| Stepping ~*~*~tactically~*~*~ (outnumbered).
 30240 | D:7      | 30240 ||| Stepping ~*~*~tactically~*~*~ (outnumbered).
 30243 | D:7      | 30243 ||| Stepping ~*~*~tactically~*~*~ (outnumbered).
 30251 | D:7      | 30251 ||| Stepping ~*~*~tactically~*~*~ (outnumbered).
 30253 | D:7      | 30253 ||| Stepping ~*~*~tactically~*~*~ (outnumbered).
 30257 | D:7      | 30257 ||| Stepping ~*~*~tactically~*~*~ (outnumbered).
 30261 | D:7      | 30261 ||| Stepping ~*~*~tactically~*~*~ (outnumbered).
 30263 | D:7      | 30263 ||| Stepping ~*~*~tactically~*~*~ (outnumbered).
 30265 | D:7      | 30265 ||| Stepping ~*~*~tactically~*~*~ (outnumbered).
 30267 | D:7      | 30267 ||| Stepping ~*~*~tactically~*~*~ (outnumbered).
 30269 | D:7      | 30269 ||| Stepping ~*~*~tactically~*~*~ (outnumbered).
 30272 | D:7      | 30272 ||| Stepping ~*~*~tactically~*~*~ (outnumbered).
 30278 | D:7      | 30278 ||| Stepping ~*~*~tactically~*~*~ (outnumbered).
 30284 | D:7      | 30284 ||| Stepping ~*~*~tactically~*~*~ (outnumbered).
 30288 | D:7      | 30288 ||| Stepping ~*~*~tactically~*~*~ (outnumbered).
 30295 | D:7      | 30295 ||| Stepping ~*~*~tactically~*~*~ (outnumbered).
 30298 | D:7      | 30298 ||| Stepping ~*~*~tactically~*~*~ (outnumbered).
 30300 | D:7      | 30300 ||| Stepping ~*~*~tactically~*~*~ (outnumbered).
 30302 | D:7      | 30302 ||| Stepping ~*~*~tactically~*~*~ (outnumbered).
 30306 | D:7      | 30306 ||| Stepping ~*~*~tactically~*~*~ (outnumbered).
 30311 | D:7      | 30311 ||| Stepping ~*~*~tactically~*~*~ (outnumbered).
 30314 | D:7      | 30314 ||| Stepping ~*~*~tactically~*~*~ (outnumbered).
 30316 | D:7      | 30316 ||| Stepping ~*~*~tactically~*~*~ (outnumbered).
 30320 | D:7      | 30320 ||| Stepping ~*~*~tactically~*~*~ (outnumbered).
 30322 | D:7      | 30322 ||| Stepping ~*~*~tactically~*~*~ (outnumbered).
 30324 | D:7      | 30324 ||| Stepping ~*~*~tactically~*~*~ (outnumbered).
 30326 | D:7      | 30326 ||| Stepping ~*~*~tactically~*~*~ (outnumbered).
 30328 | D:7      | 30328 ||| Stepping ~*~*~tactically~*~*~ (outnumbered).
 30330 | D:7      | 30330 ||| Stepping ~*~*~tactically~*~*~ (outnumbered).
 30332 | D:7      | 30332 ||| Stepping ~*~*~tactically~*~*~ (outnumbered).
 30334 | D:7      | 30334 ||| Stepping ~*~*~tactically~*~*~ (outnumbered).
 30336 | D:7      | 30336 ||| Stepping ~*~*~tactically~*~*~ (outnumbered).
 30338 | D:7      | 30338 ||| Stepping ~*~*~tactically~*~*~ (outnumbered).
 30340 | D:7      | 30340 ||| Stepping ~*~*~tactically~*~*~ (outnumbered).
 30343 | D:7      | 30343 ||| Stepping ~*~*~tactically~*~*~ (outnumbered).
 30346 | D:7      | 30346 ||| Stepping ~*~*~tactically~*~*~ (outnumbered).
 30348 | D:7      | 30348 ||| Stepping ~*~*~tactically~*~*~ (outnumbered).
 30351 | D:7      | 30351 ||| Stepping ~*~*~tactically~*~*~ (outnumbered).
 30353 | D:7      | 30353 ||| Stepping ~*~*~tactically~*~*~ (outnumbered).
 30356 | D:7      | 30356 ||| Stepping ~*~*~tactically~*~*~ (outnumbered).
 30361 | D:7      | 30361 ||| Stepping ~*~*~tactically~*~*~ (outnumbered).
 30363 | D:7      | 30363 ||| Stepping ~*~*~tactically~*~*~ (outnumbered).
 30365 | D:7      | 30365 ||| Stepping ~*~*~tactically~*~*~ (outnumbered).
 30369 | D:7      | 30369 ||| Stepping ~*~*~tactically~*~*~ (outnumbered).
 30371 | D:7      | 30371 ||| Stepping ~*~*~tactically~*~*~ (outnumbered).
 30374 | D:7      | 30374 ||| Stepping ~*~*~tactically~*~*~ (outnumbered).
 30376 | D:7      | 30376 ||| Stepping ~*~*~tactically~*~*~ (outnumbered).
 30382 | D:7      | 30382 ||| Stepping ~*~*~tactically~*~*~ (outnumbered).
 30386 | D:7      | 30386 ||| Stepping ~*~*~tactically~*~*~ (outnumbered).
 30391 | D:7      | 30391 ||| Stepping ~*~*~tactically~*~*~ (outnumbered).
 30393 | D:7      | 30393 ||| Stepping ~*~*~tactically~*~*~ (outnumbered).
 30395 | D:7      | 30395 ||| Stepping ~*~*~tactically~*~*~ (outnumbered).
 30398 | D:7      | 30398 ||| Stepping ~*~*~tactically~*~*~ (outnumbered).
 30405 | D:7      | 30405 ||| Stepping ~*~*~tactically~*~*~ (outnumbered).
 30409 | D:7      | 30409 ||| Stepping ~*~*~tactically~*~*~ (outnumbered).
 30413 | D:7      | 30413 ||| Stepping ~*~*~tactically~*~*~ (outnumbered).
 30415 | D:7      | 30415 ||| Stepping ~*~*~tactically~*~*~ (outnumbered).
 30420 | D:7      | 30420 ||| Stepping ~*~*~tactically~*~*~ (outnumbered).
 30426 | D:7      | 30426 ||| Stepping ~*~*~tactically~*~*~ (outnumbered).
 30431 | D:7      | 30431 ||| Stepping ~*~*~tactically~*~*~ (outnumbered).
 30433 | D:7      | 30433 ||| Stepping ~*~*~tactically~*~*~ (outnumbered).
 30442 | D:7      | 30442 ||| Stepping ~*~*~tactically~*~*~ (outnumbered).
 30446 | D:7      | 30446 ||| Stepping ~*~*~tactically~*~*~ (outnumbered).
 30450 | D:7      | 30450 ||| Stepping ~*~*~tactically~*~*~ (outnumbered).
 30455 | D:7      | 30455 ||| Stepping ~*~*~tactically~*~*~ (outnumbered).
 30457 | D:7      | 30457 ||| Stepping ~*~*~tactically~*~*~ (outnumbered).
 30463 | D:7      | 30463 ||| Stepping ~*~*~tactically~*~*~ (outnumbered).
 30466 | D:7      | 30466 ||| Stepping ~*~*~tactically~*~*~ (outnumbered).
 30468 | D:7      | 30468 ||| Stepping ~*~*~tactically~*~*~ (outnumbered).
 30470 | D:7      | 30470 ||| Stepping ~*~*~tactically~*~*~ (outnumbered).
 30472 | D:7      | 30472 ||| Stepping ~*~*~tactically~*~*~ (outnumbered).
 30474 | D:7      | 30474 ||| Stepping ~*~*~tactically~*~*~ (outnumbered).
 30481 | D:7      | 30481 ||| Stepping ~*~*~tactically~*~*~ (outnumbered).
 30487 | D:7      | 30487 ||| Stepping ~*~*~tactically~*~*~ (outnumbered).
 30493 | D:7      | 30493 ||| Stepping ~*~*~tactically~*~*~ (outnumbered).
 30495 | D:7      | 30495 ||| Stepping ~*~*~tactically~*~*~ (outnumbered).
 30497 | D:7      | 30497 ||| Stepping ~*~*~tactically~*~*~ (outnumbered).
 30500 | D:7      | 30500 ||| Stepping ~*~*~tactically~*~*~ (outnumbered).
 30507 | D:7      | 30507 ||| Stepping ~*~*~tactically~*~*~ (outnumbered).
 30514 | D:7      | 30514 ||| Stepping ~*~*~tactically~*~*~ (outnumbered).
 30519 | D:7      | 30519 ||| Stepping ~*~*~tactically~*~*~ (outnumbered).
 30523 | D:7      | 30523 ||| Stepping ~*~*~tactically~*~*~ (outnumbered).
 30526 | D:7      | 30526 ||| Stepping ~*~*~tactically~*~*~ (outnumbered).
 30530 | D:7      | 30530 ||| Stepping ~*~*~tactically~*~*~ (outnumbered).
 30532 | D:7      | 30532 ||| Stepping ~*~*~tactically~*~*~ (outnumbered).
 30534 | D:7      | 30534 ||| Stepping ~*~*~tactically~*~*~ (outnumbered).
 30539 | D:7      | 30539 ||| Stepping ~*~*~tactically~*~*~ (outnumbered).
 30543 | D:7      | 30543 ||| Stepping ~*~*~tactically~*~*~ (outnumbered).
 30546 | D:7      | 30546 ||| Stepping ~*~*~tactically~*~*~ (outnumbered).
 30548 | D:7      | 30548 ||| Stepping ~*~*~tactically~*~*~ (outnumbered).
 30550 | D:7      | 30550 ||| Stepping ~*~*~tactically~*~*~ (outnumbered).
 30552 | D:7      | 30552 ||| Stepping ~*~*~tactically~*~*~ (outnumbered).
 30555 | D:7      | 30555 ||| Stepping ~*~*~tactically~*~*~ (outnumbered).
 30560 | D:7      | 30560 ||| Stepping ~*~*~tactically~*~*~ (outnumbered).
 30562 | D:7      | 30562 ||| Stepping ~*~*~tactically~*~*~ (outnumbered).
 30564 | D:7      | 30564 ||| Stepping ~*~*~tactically~*~*~ (outnumbered).
 30566 | D:7      | 30566 ||| Stepping ~*~*~tactically~*~*~ (outnumbered).
 30576 | D:7      | 30576 ||| Stepping ~*~*~tactically~*~*~ (outnumbered).
 30578 | D:7      | 30578 ||| Stepping ~*~*~tactically~*~*~ (outnumbered).
 30581 | D:7      | 30581 ||| Stepping ~*~*~tactically~*~*~ (outnumbered).
 30587 | D:7      | 30587 ||| Stepping ~*~*~tactically~*~*~ (outnumbered).
 30590 | D:7      | 30590 ||| Stepping ~*~*~tactically~*~*~ (outnumbered).
 30592 | D:7      | 30592 ||| Stepping ~*~*~tactically~*~*~ (outnumbered).
 30594 | D:7      | 30594 ||| Stepping ~*~*~tactically~*~*~ (outnumbered).
 30596 | D:7      | 30596 ||| Stepping ~*~*~tactically~*~*~ (outnumbered).
 30599 | D:7      | 30599 ||| Stepping ~*~*~tactically~*~*~ (outnumbered).
 30601 | D:7      | 30601 ||| Stepping ~*~*~tactically~*~*~ (outnumbered).
 30608 | D:7      | 30608 ||| Stepping ~*~*~tactically~*~*~ (outnumbered).
 30610 | D:7      | 30610 ||| Stepping ~*~*~tactically~*~*~ (outnumbered).
 30612 | D:7      | 30612 ||| Stepping ~*~*~tactically~*~*~ (outnumbered).
 30616 | D:7      | 30616 ||| Stepping ~*~*~tactically~*~*~ (outnumbered).
 30625 | D:7      | 30625 ||| Stepping ~*~*~tactically~*~*~ (outnumbered).
 30629 | D:7      | 30629 ||| Stepping ~*~*~tactically~*~*~ (outnumbered).
 30635 | D:7      | 30635 ||| Stepping ~*~*~tactically~*~*~ (outnumbered).
 30644 | D:7      | 30644 ||| Stepping ~*~*~tactically~*~*~ (outnumbered).
 30650 | D:7      | 30650 ||| Stepping ~*~*~tactically~*~*~ (outnumbered).
 30656 | D:7      | 30656 ||| Stepping ~*~*~tactically~*~*~ (outnumbered).
 30662 | D:7      | 30662 ||| Stepping ~*~*~tactically~*~*~ (outnumbered).
 30667 | D:7      | 30667 ||| Stepping ~*~*~tactically~*~*~ (outnumbered).
 30673 | D:7      | 30673 ||| Stepping ~*~*~tactically~*~*~ (outnumbered).
 30675 | D:7      | 30675 ||| Stepping ~*~*~tactically~*~*~ (outnumbered).
 30685 | D:7      | 30685 ||| Stepping ~*~*~tactically~*~*~ (outnumbered).
 30690 | D:7      | 30690 ||| Stepping ~*~*~tactically~*~*~ (outnumbered).
 30692 | D:7      | 30692 ||| Stepping ~*~*~tactically~*~*~ (outnumbered).
 30696 | D:7      | 30696 ||| Stepping ~*~*~tactically~*~*~ (outnumbered).
 30698 | D:7      | 30698 ||| Stepping ~*~*~tactically~*~*~ (outnumbered).
 30706 | D:7      | 30706 ||| Stepping ~*~*~tactically~*~*~ (outnumbered).
 30710 | D:7      | 30710 ||| Stepping ~*~*~tactically~*~*~ (outnumbered).
 30712 | D:7      | 30712 ||| Stepping ~*~*~tactically~*~*~ (outnumbered).
 30715 | D:7      | 30715 ||| Stepping ~*~*~tactically~*~*~ (outnumbered).
 30719 | D:7      | 30719 ||| Stepping ~*~*~tactically~*~*~ (outnumbered).
 30725 | D:7      | 30725 ||| Stepping ~*~*~tactically~*~*~ (outnumbered).
 30731 | D:7      | 30731 ||| Stepping ~*~*~tactically~*~*~ (outnumbered).
 30736 | D:7      | 30736 ||| Stepping ~*~*~tactically~*~*~ (outnumbered).
 30738 | D:7      | 30738 ||| Stepping ~*~*~tactically~*~*~ (outnumbered).
 30742 | D:7      | 30742 ||| Stepping ~*~*~tactically~*~*~ (outnumbered).
 30745 | D:7      | 30745 ||| Stepping ~*~*~tactically~*~*~ (outnumbered).
 30751 | D:7      | 30751 ||| Stepping ~*~*~tactically~*~*~ (outnumbered).
 30755 | D:7      | 30755 ||| Stepping ~*~*~tactically~*~*~ (outnumbered).
 30759 | D:7      | 30759 ||| Stepping ~*~*~tactically~*~*~ (outnumbered).
 30761 | D:7      | 30761 ||| Stepping ~*~*~tactically~*~*~ (outnumbered).
 30769 | D:7      | 30769 ||| Stepping ~*~*~tactically~*~*~ (outnumbered).
 30772 | D:7      | 30772 ||| Stepping ~*~*~tactically~*~*~ (outnumbered).
 30776 | D:7      | 30776 ||| Stepping ~*~*~tactically~*~*~ (outnumbered).
 30790 | D:7      | 30790 ||| Stepping ~*~*~tactically~*~*~ (outnumbered).
 30798 | D:7      | 30798 ||| Stepping ~*~*~tactically~*~*~ (outnumbered).
 30800 | D:7      | 30800 ||| Stepping ~*~*~tactically~*~*~ (outnumbered).
 30806 | D:7      | 30806 ||| Stepping ~*~*~tactically~*~*~ (outnumbered).
 30808 | D:7      | 30808 ||| Stepping ~*~*~tactically~*~*~ (outnumbered).
 30811 | D:7      | 30811 ||| Stepping ~*~*~tactically~*~*~ (outnumbered).
 30813 | D:7      | 30813 ||| Stepping ~*~*~tactically~*~*~ (outnumbered).
 30816 | D:7      | 30816 ||| Stepping ~*~*~tactically~*~*~ (outnumbered).
 30821 | D:7      | 30821 ||| Stepping ~*~*~tactically~*~*~ (outnumbered).
 30826 | D:7      | 30826 ||| Stepping ~*~*~tactically~*~*~ (outnumbered).
 30828 | D:7      | 30828 ||| Stepping ~*~*~tactically~*~*~ (outnumbered).
 30832 | D:7      | 30832 ||| Stepping ~*~*~tactically~*~*~ (outnumbered).
 30840 | D:7      | 30840 ||| Stepping ~*~*~tactically~*~*~ (outnumbered).
 30844 | D:7      | 30844 ||| Stepping ~*~*~tactically~*~*~ (outnumbered).
 30846 | D:7      | 30846 ||| Stepping ~*~*~tactically~*~*~ (outnumbered).
 30851 | D:7      | 30851 ||| Stepping ~*~*~tactically~*~*~ (outnumbered).
 30854 | D:7      | 30854 ||| Stepping ~*~*~tactically~*~*~ (outnumbered).
 30858 | D:7      | 30858 ||| Stepping ~*~*~tactically~*~*~ (outnumbered).
 30863 | D:7      | 30863 ||| Stepping ~*~*~tactically~*~*~ (outnumbered).
 30865 | D:7      | 30865 ||| Stepping ~*~*~tactically~*~*~ (outnumbered).
 30867 | D:7      | 30867 ||| Stepping ~*~*~tactically~*~*~ (outnumbered).
 30871 | D:7      | 30871 ||| Stepping ~*~*~tactically~*~*~ (outnumbered).
 30874 | D:7      | 30874 ||| Stepping ~*~*~tactically~*~*~ (outnumbered).
 30876 | D:7      | 30876 ||| Stepping ~*~*~tactically~*~*~ (outnumbered).
 30878 | D:7      | 30878 ||| Stepping ~*~*~tactically~*~*~ (outnumbered).
 30880 | D:7      | 30880 ||| Stepping ~*~*~tactically~*~*~ (outnumbered).
 30886 | D:7      | 30886 ||| Stepping ~*~*~tactically~*~*~ (outnumbered).
 30889 | D:7      | 30889 ||| Stepping ~*~*~tactically~*~*~ (outnumbered).
 30891 | D:7      | 30891 ||| Stepping ~*~*~tactically~*~*~ (outnumbered).
 30894 | D:7      | 30894 ||| Stepping ~*~*~tactically~*~*~ (outnumbered).
 30896 | D:7      | 30896 ||| Stepping ~*~*~tactically~*~*~ (outnumbered).
 30901 | D:7      | 30901 ||| Stepping ~*~*~tactically~*~*~ (outnumbered).
 30903 | D:7      | 30903 ||| Stepping ~*~*~tactically~*~*~ (outnumbered).
 30905 | D:7      | 30905 ||| Stepping ~*~*~tactically~*~*~ (outnumbered).
 30908 | D:7      | 30908 ||| Stepping ~*~*~tactically~*~*~ (outnumbered).
 30910 | D:7      | 30910 ||| Stepping ~*~*~tactically~*~*~ (outnumbered).
 30912 | D:7      | 30912 ||| Stepping ~*~*~tactically~*~*~ (outnumbered).
 30914 | D:7      | 30914 ||| Stepping ~*~*~tactically~*~*~ (outnumbered).
 30916 | D:7      | 30916 ||| Stepping ~*~*~tactically~*~*~ (outnumbered).
 30918 | D:7      | 30918 ||| Stepping ~*~*~tactically~*~*~ (outnumbered).
 30920 | D:7      | 30920 ||| Stepping ~*~*~tactically~*~*~ (outnumbered).
 30924 | D:7      | 30924 ||| Stepping ~*~*~tactically~*~*~ (outnumbered).
 30926 | D:7      | 30926 ||| Stepping ~*~*~tactically~*~*~ (outnumbered).
 30928 | D:7      | 30928 ||| Stepping ~*~*~tactically~*~*~ (outnumbered).
 30930 | D:7      | 30930 ||| Stepping ~*~*~tactically~*~*~ (outnumbered).
 30932 | D:7      | 30932 ||| Stepping ~*~*~tactically~*~*~ (outnumbered).
 30938 | D:7      | 30938 ||| Stepping ~*~*~tactically~*~*~ (outnumbered).
 30943 | D:7      | 30943 ||| Stepping ~*~*~tactically~*~*~ (outnumbered).
 30947 | D:7      | 30947 ||| Stepping ~*~*~tactically~*~*~ (outnumbered).
 30949 | D:7      | 30949 ||| Stepping ~*~*~tactically~*~*~ (outnumbered).
 30955 | D:7      | 30955 ||| Stepping ~*~*~tactically~*~*~ (outnumbered).
 30957 | D:7      | 30957 ||| Stepping ~*~*~tactically~*~*~ (outnumbered).
 30961 | D:7      | 30961 ||| Stepping ~*~*~tactically~*~*~ (outnumbered).
 30965 | D:7      | 30965 ||| Stepping ~*~*~tactically~*~*~ (outnumbered).
 30967 | D:7      | 30967 ||| Stepping ~*~*~tactically~*~*~ (outnumbered).
 30972 | D:7      | 30972 ||| Stepping ~*~*~tactically~*~*~ (outnumbered).
 30976 | D:7      | 30976 ||| Stepping ~*~*~tactically~*~*~ (outnumbered).
 30978 | D:7      | 30978 ||| Stepping ~*~*~tactically~*~*~ (outnumbered).
 30981 | D:7      | 30981 ||| Stepping ~*~*~tactically~*~*~ (outnumbered).
 30983 | D:7      | 30983 ||| Stepping ~*~*~tactically~*~*~ (outnumbered).
 30985 | D:7      | 30985 ||| Stepping ~*~*~tactically~*~*~ (outnumbered).
 30992 | D:7      | 30992 ||| Stepping ~*~*~tactically~*~*~ (outnumbered).
 31000 | D:7      | 31000 ||| Stepping ~*~*~tactically~*~*~ (outnumbered).
 31005 | D:7      | 31005 ||| Stepping ~*~*~tactically~*~*~ (outnumbered).
 31008 | D:7      | 31008 ||| Stepping ~*~*~tactically~*~*~ (outnumbered).
 31012 | D:7      | 31012 ||| Stepping ~*~*~tactically~*~*~ (outnumbered).
 31016 | D:7      | 31016 ||| Stepping ~*~*~tactically~*~*~ (outnumbered).
 31018 | D:7      | 31018 ||| Stepping ~*~*~tactically~*~*~ (outnumbered).
 31022 | D:7      | 31022 ||| Stepping ~*~*~tactically~*~*~ (outnumbered).
 31026 | D:7      | 31026 ||| Stepping ~*~*~tactically~*~*~ (outnumbered).
 31031 | D:7      | 31031 ||| Stepping ~*~*~tactically~*~*~ (outnumbered).
 31033 | D:7      | 31033 ||| Stepping ~*~*~tactically~*~*~ (outnumbered).
 31035 | D:7      | 31035 ||| Stepping ~*~*~tactically~*~*~ (outnumbered).
 31045 | D:7      | 31045 ||| Stepping ~*~*~tactically~*~*~ (outnumbered).
 31047 | D:7      | 31047 ||| Stepping ~*~*~tactically~*~*~ (outnumbered).
 31051 | D:7      | 31051 ||| Stepping ~*~*~tactically~*~*~ (outnumbered).
 31053 | D:7      | 31053 ||| Stepping ~*~*~tactically~*~*~ (outnumbered).
 31061 | D:7      | 31061 ||| Stepping ~*~*~tactically~*~*~ (outnumbered).
 31063 | D:7      | 31063 ||| Stepping ~*~*~tactically~*~*~ (outnumbered).
 31066 | D:7      | 31066 ||| Stepping ~*~*~tactically~*~*~ (outnumbered).
 31073 | D:7      | 31073 ||| Stepping ~*~*~tactically~*~*~ (outnumbered).
 31075 | D:7      | 31075 ||| Stepping ~*~*~tactically~*~*~ (outnumbered).
 31081 | D:7      | 31081 ||| Stepping ~*~*~tactically~*~*~ (outnumbered).
 31087 | D:7      | 31087 ||| Stepping ~*~*~tactically~*~*~ (outnumbered).
 31089 | D:7      | 31089 ||| Stepping ~*~*~tactically~*~*~ (outnumbered).
 31091 | D:7      | 31091 ||| Stepping ~*~*~tactically~*~*~ (outnumbered).
 31093 | D:7      | 31093 ||| Stepping ~*~*~tactically~*~*~ (outnumbered).
 31096 | D:7      | 31096 ||| Stepping ~*~*~tactically~*~*~ (outnumbered).
 31098 | D:7      | 31098 ||| Stepping ~*~*~tactically~*~*~ (outnumbered).
 31100 | D:7      | 31100 ||| Stepping ~*~*~tactically~*~*~ (outnumbered).
 31108 | D:7      | 31108 ||| Stepping ~*~*~tactically~*~*~ (outnumbered).
 31111 | D:7      | 31111 ||| Stepping ~*~*~tactically~*~*~ (outnumbered).
 31116 | D:7      | 31116 ||| Stepping ~*~*~tactically~*~*~ (outnumbered).
 31121 | D:7      | 31121 ||| Stepping ~*~*~tactically~*~*~ (outnumbered).
 31127 | D:7      | 31127 ||| Stepping ~*~*~tactically~*~*~ (outnumbered).
 31129 | D:7      | 31129 ||| Stepping ~*~*~tactically~*~*~ (outnumbered).
 31131 | D:7      | 31131 ||| Stepping ~*~*~tactically~*~*~ (outnumbered).
 31136 | D:7      | 31136 ||| Stepping ~*~*~tactically~*~*~ (outnumbered).
 31141 | D:7      | 31141 ||| Stepping ~*~*~tactically~*~*~ (outnumbered).
 31143 | D:7      | 31143 ||| Stepping ~*~*~tactically~*~*~ (outnumbered).
 31145 | D:7      | 31145 ||| Stepping ~*~*~tactically~*~*~ (outnumbered).
 31149 | D:7      | 31149 ||| Stepping ~*~*~tactically~*~*~ (outnumbered).
 31152 | D:7      | 31152 ||| Stepping ~*~*~tactically~*~*~ (outnumbered).
 31154 | D:7      | 31154 ||| Stepping ~*~*~tactically~*~*~ (outnumbered).
 31157 | D:7      | 31157 ||| Stepping ~*~*~tactically~*~*~ (outnumbered).
 31159 | D:7      | 31159 ||| Stepping ~*~*~tactically~*~*~ (outnumbered).
 31168 | D:7      | 31168 ||| Stepping ~*~*~tactically~*~*~ (outnumbered).
 31170 | D:7      | 31170 ||| Stepping ~*~*~tactically~*~*~ (outnumbered).
 31176 | D:7      | 31176 ||| Stepping ~*~*~tactically~*~*~ (outnumbered).
 31178 | D:7      | 31178 ||| Stepping ~*~*~tactically~*~*~ (outnumbered).
 31184 | D:7      | 31184 ||| Stepping ~*~*~tactically~*~*~ (outnumbered).
 31186 | D:7      | 31186 ||| Stepping ~*~*~tactically~*~*~ (outnumbered).
 31192 | D:7      | 31192 ||| Stepping ~*~*~tactically~*~*~ (outnumbered).
 31196 | D:7      | 31196 ||| Stepping ~*~*~tactically~*~*~ (outnumbered).
 31198 | D:7      | 31198 ||| Stepping ~*~*~tactically~*~*~ (outnumbered).
 31201 | D:7      | 31201 ||| Stepping ~*~*~tactically~*~*~ (outnumbered).
 31209 | D:7      | 31209 ||| Stepping ~*~*~tactically~*~*~ (outnumbered).
 31211 | D:7      | 31211 ||| Stepping ~*~*~tactically~*~*~ (outnumbered).
 31214 | D:7      | 31214 ||| Stepping ~*~*~tactically~*~*~ (outnumbered).
 31217 | D:7      | 31217 ||| Stepping ~*~*~tactically~*~*~ (outnumbered).
 31219 | D:7      | 31219 ||| Stepping ~*~*~tactically~*~*~ (outnumbered).
 31221 | D:7      | 31221 ||| Stepping ~*~*~tactically~*~*~ (outnumbered).
 31224 | D:7      | 31224 ||| Stepping ~*~*~tactically~*~*~ (outnumbered).
 31234 | D:7      | 31234 ||| Stepping ~*~*~tactically~*~*~ (outnumbered).
 31238 | D:7      | 31238 ||| Stepping ~*~*~tactically~*~*~ (outnumbered).
 31240 | D:7      | 31240 ||| Stepping ~*~*~tactically~*~*~ (outnumbered).
 31242 | D:7      | 31242 ||| Stepping ~*~*~tactically~*~*~ (outnumbered).
 31245 | D:7      | 31245 ||| Stepping ~*~*~tactically~*~*~ (outnumbered).
 31250 | D:7      | 31250 ||| Stepping ~*~*~tactically~*~*~ (outnumbered).
 31255 | D:7      | 31255 ||| Stepping ~*~*~tactically~*~*~ (outnumbered).
 31257 | D:7      | 31257 ||| Stepping ~*~*~tactically~*~*~ (outnumbered).
 31264 | D:7      | 31264 ||| Stepping ~*~*~tactically~*~*~ (outnumbered).
 31266 | D:7      | 31266 ||| Stepping ~*~*~tactically~*~*~ (outnumbered).
 31270 | D:7      | 31270 ||| Stepping ~*~*~tactically~*~*~ (outnumbered).
 31272 | D:7      | 31272 ||| Stepping ~*~*~tactically~*~*~ (outnumbered).
 31274 | D:7      | 31274 ||| Stepping ~*~*~tactically~*~*~ (outnumbered).
 31277 | D:7      | 31277 ||| Stepping ~*~*~tactically~*~*~ (outnumbered).
 31283 | D:7      | 31283 ||| Stepping ~*~*~tactically~*~*~ (outnumbered).
 31285 | D:7      | 31285 ||| Stepping ~*~*~tactically~*~*~ (outnumbered).
 31287 | D:7      | 31287 ||| Stepping ~*~*~tactically~*~*~ (outnumbered).
 31289 | D:7      | 31289 ||| Stepping ~*~*~tactically~*~*~ (outnumbered).
 31292 | D:7      | 31292 ||| Stepping ~*~*~tactically~*~*~ (outnumbered).
 31294 | D:7      | 31294 ||| Stepping ~*~*~tactically~*~*~ (outnumbered).
 31302 | D:7      | 31302 ||| Stepping ~*~*~tactically~*~*~ (outnumbered).
 31307 | D:7      | 31307 ||| Stepping ~*~*~tactically~*~*~ (outnumbered).
 31310 | D:7      | 31310 ||| Stepping ~*~*~tactically~*~*~ (outnumbered).
 31312 | D:7      | 31312 ||| Stepping ~*~*~tactically~*~*~ (outnumbered).
 31316 | D:7      | 31316 ||| Stepping ~*~*~tactically~*~*~ (outnumbered).
 31318 | D:7      | 31318 ||| Stepping ~*~*~tactically~*~*~ (outnumbered).
 31320 | D:7      | 31320 ||| Stepping ~*~*~tactically~*~*~ (outnumbered).
 31322 | D:7      | 31322 ||| Stepping ~*~*~tactically~*~*~ (outnumbered).
 31326 | D:7      | 31326 ||| Stepping ~*~*~tactically~*~*~ (outnumbered).
 31330 | D:7      | 31330 ||| Stepping ~*~*~tactically~*~*~ (outnumbered).
 31334 | D:7      | 31334 ||| Stepping ~*~*~tactically~*~*~ (outnumbered).
 31336 | D:7      | 31336 ||| Stepping ~*~*~tactically~*~*~ (outnumbered).
 31338 | D:7      | 31338 ||| Stepping ~*~*~tactically~*~*~ (outnumbered).
 31340 | D:7      | 31340 ||| Stepping ~*~*~tactically~*~*~ (outnumbered).
 31344 | D:7      | 31344 ||| Stepping ~*~*~tactically~*~*~ (outnumbered).
 31346 | D:7      | 31346 ||| Stepping ~*~*~tactically~*~*~ (outnumbered).
 31351 | D:7      | 31351 ||| Stepping ~*~*~tactically~*~*~ (outnumbered).
 31353 | D:7      | 31353 ||| Stepping ~*~*~tactically~*~*~ (outnumbered).
 31358 | D:7      | 31358 ||| Stepping ~*~*~tactically~*~*~ (outnumbered).
 31361 | D:7      | 31361 ||| Stepping ~*~*~tactically~*~*~ (outnumbered).
 31363 | D:7      | 31363 ||| Stepping ~*~*~tactically~*~*~ (outnumbered).
 31367 | D:7      | 31367 ||| Stepping ~*~*~tactically~*~*~ (outnumbered).
 31369 | D:7      | 31369 ||| Stepping ~*~*~tactically~*~*~ (outnumbered).
 31379 | D:7      | 31379 ||| Stepping ~*~*~tactically~*~*~ (outnumbered).
 31387 | D:7      | 31387 ||| Stepping ~*~*~tactically~*~*~ (outnumbered).
 31392 | D:7      | 31392 ||| Stepping ~*~*~tactically~*~*~ (outnumbered).
 31398 | D:7      | 31398 ||| Stepping ~*~*~tactically~*~*~ (outnumbered).
 31401 | D:7      | 31401 ||| Stepping ~*~*~tactically~*~*~ (outnumbered).
 31404 | D:7      | 31404 ||| Stepping ~*~*~tactically~*~*~ (outnumbered).
 31416 | D:7      | 31416 ||| Stepping ~*~*~tactically~*~*~ (outnumbered).
 31424 | D:7      | 31424 ||| Stepping ~*~*~tactically~*~*~ (outnumbered).
 31426 | D:7      | 31426 ||| Stepping ~*~*~tactically~*~*~ (outnumbered).
 31429 | D:7      | 31429 ||| Stepping ~*~*~tactically~*~*~ (outnumbered).
 31431 | D:7      | 31431 ||| Stepping ~*~*~tactically~*~*~ (outnumbered).
 31433 | D:7      | 31433 ||| Stepping ~*~*~tactically~*~*~ (outnumbered).
 31435 | D:7      | 31435 ||| Stepping ~*~*~tactically~*~*~ (outnumbered).
 31440 | D:7      | 31440 ||| Stepping ~*~*~tactically~*~*~ (outnumbered).
 31444 | D:7      | 31444 ||| Stepping ~*~*~tactically~*~*~ (outnumbered).
 31445 | D:7      | Glimpsed the power of Zot.
 31446 | D:7      | 31446 ||| Stepping ~*~*~tactically~*~*~ (outnumbered).
 31449 | D:7      | 31449 ||| Stepping ~*~*~tactically~*~*~ (outnumbered).
 31453 | D:7      | 31453 ||| Stepping ~*~*~tactically~*~*~ (outnumbered).
 31455 | D:7      | 31455 ||| Stepping ~*~*~tactically~*~*~ (outnumbered).
 31457 | D:7      | 31457 ||| Stepping ~*~*~tactically~*~*~ (outnumbered).
 31461 | D:7      | 31461 ||| Stepping ~*~*~tactically~*~*~ (outnumbered).
 31466 | D:7      | 31466 ||| Stepping ~*~*~tactically~*~*~ (outnumbered).
 31469 | D:7      | 31469 ||| Stepping ~*~*~tactically~*~*~ (outnumbered).
 31475 | D:7      | 31475 ||| Stepping ~*~*~tactically~*~*~ (outnumbered).
 31477 | D:7      | 31477 ||| Stepping ~*~*~tactically~*~*~ (outnumbered).
 31481 | D:7      | 31481 ||| Stepping ~*~*~tactically~*~*~ (outnumbered).
 31486 | D:7      | 31486 ||| Stepping ~*~*~tactically~*~*~ (outnumbered).
 31488 | D:7      | 31488 ||| Stepping ~*~*~tactically~*~*~ (outnumbered).
 31495 | D:7      | 31495 ||| Stepping ~*~*~tactically~*~*~ (outnumbered).
 31497 | D:7      | 31497 ||| Stepping ~*~*~tactically~*~*~ (outnumbered).
 31501 | D:7      | 31501 ||| Stepping ~*~*~tactically~*~*~ (outnumbered).
 31510 | D:7      | 31510 ||| Stepping ~*~*~tactically~*~*~ (outnumbered).
 31512 | D:7      | 31512 ||| Stepping ~*~*~tactically~*~*~ (outnumbered).
 31521 | D:7      | 31521 ||| Stepping ~*~*~tactically~*~*~ (outnumbered).
 31525 | D:7      | 31525 ||| Stepping ~*~*~tactically~*~*~ (outnumbered).
 31532 | D:7      | 31532 ||| Stepping ~*~*~tactically~*~*~ (outnumbered).
 31534 | D:7      | 31534 ||| Stepping ~*~*~tactically~*~*~ (outnumbered).
 31541 | D:7      | 31541 ||| Stepping ~*~*~tactically~*~*~ (outnumbered).
 31543 | D:7      | 31543 ||| Stepping ~*~*~tactically~*~*~ (outnumbered).
 31546 | D:7      | 31546 ||| Stepping ~*~*~tactically~*~*~ (outnumbered).
 31550 | D:7      | 31550 ||| Stepping ~*~*~tactically~*~*~ (outnumbered).
 31557 | D:7      | 31557 ||| Stepping ~*~*~tactically~*~*~ (outnumbered).
 31565 | D:7      | 31565 ||| Stepping ~*~*~tactically~*~*~ (outnumbered).
 31567 | D:7      | 31567 ||| Stepping ~*~*~tactically~*~*~ (outnumbered).
 31574 | D:7      | 31574 ||| Stepping ~*~*~tactically~*~*~ (outnumbered).
 31582 | D:7      | 31582 ||| Stepping ~*~*~tactically~*~*~ (outnumbered).
 31588 | D:7      | 31588 ||| Stepping ~*~*~tactically~*~*~ (outnumbered).
 31590 | D:7      | 31590 ||| Stepping ~*~*~tactically~*~*~ (outnumbered).
 31592 | D:7      | 31592 ||| Stepping ~*~*~tactically~*~*~ (outnumbered).
 31596 | D:7      | 31596 ||| Stepping ~*~*~tactically~*~*~ (outnumbered).
 31601 | D:7      | 31601 ||| Stepping ~*~*~tactically~*~*~ (outnumbered).
 31610 | D:7      | 31610 ||| Stepping ~*~*~tactically~*~*~ (outnumbered).
 31612 | D:7      | 31612 ||| Stepping ~*~*~tactically~*~*~ (outnumbered).
 31616 | D:7      | 31616 ||| Stepping ~*~*~tactically~*~*~ (outnumbered).
 31618 | D:7      | 31618 ||| Stepping ~*~*~tactically~*~*~ (outnumbered).
 31623 | D:7      | 31623 ||| Stepping ~*~*~tactically~*~*~ (outnumbered).
 31625 | D:7      | 31625 ||| Stepping ~*~*~tactically~*~*~ (outnumbered).
 31628 | D:7      | 31628 ||| Stepping ~*~*~tactically~*~*~ (outnumbered).
 31630 | D:7      | 31630 ||| Stepping ~*~*~tactically~*~*~ (outnumbered).
 31632 | D:7      | 31632 ||| Stepping ~*~*~tactically~*~*~ (outnumbered).
 31635 | D:7      | 31635 ||| Stepping ~*~*~tactically~*~*~ (outnumbered).
 31637 | D:7      | 31637 ||| Stepping ~*~*~tactically~*~*~ (outnumbered).
 31639 | D:7      | 31639 ||| Stepping ~*~*~tactically~*~*~ (outnumbered).
 31645 | D:7      | 31645 ||| Stepping ~*~*~tactically~*~*~ (outnumbered).
 31648 | D:7      | 31648 ||| Stepping ~*~*~tactically~*~*~ (outnumbered).
 31651 | D:7      | 31651 ||| Stepping ~*~*~tactically~*~*~ (outnumbered).
 31656 | D:7      | 31656 ||| Stepping ~*~*~tactically~*~*~ (outnumbered).
 31658 | D:7      | 31658 ||| Stepping ~*~*~tactically~*~*~ (outnumbered).
 31663 | D:7      | 31663 ||| Stepping ~*~*~tactically~*~*~ (outnumbered).
 31665 | D:7      | 31665 ||| Stepping ~*~*~tactically~*~*~ (outnumbered).
 31671 | D:7      | 31671 ||| Stepping ~*~*~tactically~*~*~ (outnumbered).
 31675 | D:7      | 31675 ||| Stepping ~*~*~tactically~*~*~ (outnumbered).
 31678 | D:7      | 31678 ||| Stepping ~*~*~tactically~*~*~ (outnumbered).
 31682 | D:7      | 31682 ||| Stepping ~*~*~tactically~*~*~ (outnumbered).
 31684 | D:7      | 31684 ||| Stepping ~*~*~tactically~*~*~ (outnumbered).
 31694 | D:7      | 31694 ||| Stepping ~*~*~tactically~*~*~ (outnumbered).
 31699 | D:7      | 31699 ||| Stepping ~*~*~tactically~*~*~ (outnumbered).
 31701 | D:7      | 31701 ||| Stepping ~*~*~tactically~*~*~ (outnumbered).
 31707 | D:7      | 31707 ||| Stepping ~*~*~tactically~*~*~ (outnumbered).
 31715 | D:7      | 31715 ||| Stepping ~*~*~tactically~*~*~ (outnumbered).
 31720 | D:7      | 31720 ||| Stepping ~*~*~tactically~*~*~ (outnumbered).
 31722 | D:7      | 31722 ||| Stepping ~*~*~tactically~*~*~ (outnumbered).
 31726 | D:7      | 31726 ||| Stepping ~*~*~tactically~*~*~ (outnumbered).
 31728 | D:7      | 31728 ||| Stepping ~*~*~tactically~*~*~ (outnumbered).
 31730 | D:7      | 31730 ||| Stepping ~*~*~tactically~*~*~ (outnumbered).
 31732 | D:7      | 31732 ||| Stepping ~*~*~tactically~*~*~ (outnumbered).
 31736 | D:7      | 31736 ||| Stepping ~*~*~tactically~*~*~ (outnumbered).
 31740 | D:7      | 31740 ||| Stepping ~*~*~tactically~*~*~ (outnumbered).
 31742 | D:7      | 31742 ||| Stepping ~*~*~tactically~*~*~ (outnumbered).
 31748 | D:7      | 31748 ||| Stepping ~*~*~tactically~*~*~ (outnumbered).
 31750 | D:7      | 31750 ||| Stepping ~*~*~tactically~*~*~ (outnumbered).
 31755 | D:7      | 31755 ||| Stepping ~*~*~tactically~*~*~ (outnumbered).
 31759 | D:7      | 31759 ||| Stepping ~*~*~tactically~*~*~ (outnumbered).
 31767 | D:7      | 31767 ||| Stepping ~*~*~tactically~*~*~ (outnumbered).
 31769 | D:7      | 31769 ||| Stepping ~*~*~tactically~*~*~ (outnumbered).
 31776 | D:7      | 31776 ||| Stepping ~*~*~tactically~*~*~ (outnumbered).
 31778 | D:7      | 31778 ||| Stepping ~*~*~tactically~*~*~ (outnumbered).
 31780 | D:7      | 31780 ||| Stepping ~*~*~tactically~*~*~ (outnumbered).
 31782 | D:7      | 31782 ||| Stepping ~*~*~tactically~*~*~ (outnumbered).
 31789 | D:7      | 31789 ||| Stepping ~*~*~tactically~*~*~ (outnumbered).
 31795 | D:7      | 31795 ||| Stepping ~*~*~tactically~*~*~ (outnumbered).
 31797 | D:7      | 31797 ||| Stepping ~*~*~tactically~*~*~ (outnumbered).
 31801 | D:7      | 31801 ||| Stepping ~*~*~tactically~*~*~ (outnumbered).
 31803 | D:7      | 31803 ||| Stepping ~*~*~tactically~*~*~ (outnumbered).
 31805 | D:7      | 31805 ||| Stepping ~*~*~tactically~*~*~ (outnumbered).
 31814 | D:7      | 31814 ||| Stepping ~*~*~tactically~*~*~ (outnumbered).
 31816 | D:7      | 31816 ||| Stepping ~*~*~tactically~*~*~ (outnumbered).
 31818 | D:7      | 31818 ||| Stepping ~*~*~tactically~*~*~ (outnumbered).
 31823 | D:7      | 31823 ||| Stepping ~*~*~tactically~*~*~ (outnumbered).
 31825 | D:7      | 31825 ||| Stepping ~*~*~tactically~*~*~ (outnumbered).
 31830 | D:7      | 31830 ||| Stepping ~*~*~tactically~*~*~ (outnumbered).
 31834 | D:7      | 31834 ||| Stepping ~*~*~tactically~*~*~ (outnumbered).
 31838 | D:7      | 31838 ||| Stepping ~*~*~tactically~*~*~ (outnumbered).
 31841 | D:7      | 31841 ||| Stepping ~*~*~tactically~*~*~ (outnumbered).
 31843 | D:7      | 31843 ||| Stepping ~*~*~tactically~*~*~ (outnumbered).
 31848 | D:7      | 31848 ||| Stepping ~*~*~tactically~*~*~ (outnumbered).
 31851 | D:7      | 31851 ||| Stepping ~*~*~tactically~*~*~ (outnumbered).
 31854 | D:7      | 31854 ||| Stepping ~*~*~tactically~*~*~ (outnumbered).
 31856 | D:7      | 31856 ||| Stepping ~*~*~tactically~*~*~ (outnumbered).
 31858 | D:7      | 31858 ||| Stepping ~*~*~tactically~*~*~ (outnumbered).
 31860 | D:7      | 31860 ||| Stepping ~*~*~tactically~*~*~ (outnumbered).
 31862 | D:7      | 31862 ||| Stepping ~*~*~tactically~*~*~ (outnumbered).
 31868 | D:7      | 31868 ||| Stepping ~*~*~tactically~*~*~ (outnumbered).
 31870 | D:7      | 31870 ||| Stepping ~*~*~tactically~*~*~ (outnumbered).
 31878 | D:7      | 31878 ||| Stepping ~*~*~tactically~*~*~ (outnumbered).
 31880 | D:7      | 31880 ||| Stepping ~*~*~tactically~*~*~ (outnumbered).
 31882 | D:7      | 31882 ||| Stepping ~*~*~tactically~*~*~ (outnumbered).
 31890 | D:7      | 31890 ||| Stepping ~*~*~tactically~*~*~ (outnumbered).
 31897 | D:7      | 31897 ||| Stepping ~*~*~tactically~*~*~ (outnumbered).
 31905 | D:7      | 31905 ||| Stepping ~*~*~tactically~*~*~ (outnumbered).
 31910 | D:7      | 31910 ||| Stepping ~*~*~tactically~*~*~ (outnumbered).
 31914 | D:7      | 31914 ||| Stepping ~*~*~tactically~*~*~ (outnumbered).
 31916 | D:7      | 31916 ||| Stepping ~*~*~tactically~*~*~ (outnumbered).
 31918 | D:7      | 31918 ||| Stepping ~*~*~tactically~*~*~ (outnumbered).
 31920 | D:7      | 31920 ||| Stepping ~*~*~tactically~*~*~ (outnumbered).
 31922 | D:7      | 31922 ||| Stepping ~*~*~tactically~*~*~ (outnumbered).
 31927 | D:7      | 31927 ||| Stepping ~*~*~tactically~*~*~ (outnumbered).
 31929 | D:7      | 31929 ||| Stepping ~*~*~tactically~*~*~ (outnumbered).
 31938 | D:7      | 31938 ||| Stepping ~*~*~tactically~*~*~ (outnumbered).
 31940 | D:7      | 31940 ||| Stepping ~*~*~tactically~*~*~ (outnumbered).
 31944 | D:7      | 31944 ||| Stepping ~*~*~tactically~*~*~ (outnumbered).
 31945 | D:7      | Glimpsed the power of Zot.
 31946 | D:7      | 31946 ||| Stepping ~*~*~tactically~*~*~ (outnumbered).
 31949 | D:7      | 31949 ||| Stepping ~*~*~tactically~*~*~ (outnumbered).
 31951 | D:7      | 31951 ||| Stepping ~*~*~tactically~*~*~ (outnumbered).
 31953 | D:7      | 31953 ||| Stepping ~*~*~tactically~*~*~ (outnumbered).
 31955 | D:7      | 31955 ||| Stepping ~*~*~tactically~*~*~ (outnumbered).
 31964 | D:7      | 31964 ||| Stepping ~*~*~tactically~*~*~ (outnumbered).
 31968 | D:7      | 31968 ||| Stepping ~*~*~tactically~*~*~ (outnumbered).
 31976 | D:7      | 31976 ||| Stepping ~*~*~tactically~*~*~ (outnumbered).
 31978 | D:7      | 31978 ||| Stepping ~*~*~tactically~*~*~ (outnumbered).
 31984 | D:7      | 31984 ||| Stepping ~*~*~tactically~*~*~ (outnumbered).
 31989 | D:7      | 31989 ||| Stepping ~*~*~tactically~*~*~ (outnumbered).
 31991 | D:7      | 31991 ||| Stepping ~*~*~tactically~*~*~ (outnumbered).
 31993 | D:7      | 31993 ||| Stepping ~*~*~tactically~*~*~ (outnumbered).
 31997 | D:7      | 31997 ||| Stepping ~*~*~tactically~*~*~ (outnumbered).
 32000 | D:7      | 32000 ||| Stepping ~*~*~tactically~*~*~ (outnumbered).
 32004 | D:7      | 32004 ||| Stepping ~*~*~tactically~*~*~ (outnumbered).
 32006 | D:7      | 32006 ||| Stepping ~*~*~tactically~*~*~ (outnumbered).
 32012 | D:7      | 32012 ||| Stepping ~*~*~tactically~*~*~ (outnumbered).
 32021 | D:7      | 32021 ||| Stepping ~*~*~tactically~*~*~ (outnumbered).
 32025 | D:7      | 32025 ||| Stepping ~*~*~tactically~*~*~ (outnumbered).
 32027 | D:7      | 32027 ||| Stepping ~*~*~tactically~*~*~ (outnumbered).
 32029 | D:7      | 32029 ||| Stepping ~*~*~tactically~*~*~ (outnumbered).
 32031 | D:7      | 32031 ||| Stepping ~*~*~tactically~*~*~ (outnumbered).
 32038 | D:7      | 32038 ||| Stepping ~*~*~tactically~*~*~ (outnumbered).
 32047 | D:7      | 32047 ||| Stepping ~*~*~tactically~*~*~ (outnumbered).
 32049 | D:7      | 32049 ||| Stepping ~*~*~tactically~*~*~ (outnumbered).
 32052 | D:7      | 32052 ||| Stepping ~*~*~tactically~*~*~ (outnumbered).
 32058 | D:7      | 32058 ||| Stepping ~*~*~tactically~*~*~ (outnumbered).
 32065 | D:7      | 32065 ||| Stepping ~*~*~tactically~*~*~ (outnumbered).
 32070 | D:7      | 32070 ||| Stepping ~*~*~tactically~*~*~ (outnumbered).
 32072 | D:7      | 32072 ||| Stepping ~*~*~tactically~*~*~ (outnumbered).
 32074 | D:7      | 32074 ||| Stepping ~*~*~tactically~*~*~ (outnumbered).
 32077 | D:7      | 32077 ||| Stepping ~*~*~tactically~*~*~ (outnumbered).
 32079 | D:7      | 32079 ||| Stepping ~*~*~tactically~*~*~ (outnumbered).
 32081 | D:7      | 32081 ||| Stepping ~*~*~tactically~*~*~ (outnumbered).
 32088 | D:7      | 32088 ||| Stepping ~*~*~tactically~*~*~ (outnumbered).
 32093 | D:7      | 32093 ||| Stepping ~*~*~tactically~*~*~ (outnumbered).
 32095 | D:7      | 32095 ||| Stepping ~*~*~tactically~*~*~ (outnumbered).
 32102 | D:7      | 32102 ||| Stepping ~*~*~tactically~*~*~ (outnumbered).
 32104 | D:7      | 32104 ||| Stepping ~*~*~tactically~*~*~ (outnumbered).
 32106 | D:7      | 32106 ||| Stepping ~*~*~tactically~*~*~ (outnumbered).
 32111 | D:7      | 32111 ||| Stepping ~*~*~tactically~*~*~ (outnumbered).
 32114 | D:7      | 32114 ||| Stepping ~*~*~tactically~*~*~ (outnumbered).
 32117 | D:7      | 32117 ||| Stepping ~*~*~tactically~*~*~ (outnumbered).
 32122 | D:7      | 32122 ||| Stepping ~*~*~tactically~*~*~ (outnumbered).
 32125 | D:7      | 32125 ||| Stepping ~*~*~tactically~*~*~ (outnumbered).
 32127 | D:7      | 32127 ||| Stepping ~*~*~tactically~*~*~ (outnumbered).
 32129 | D:7      | 32129 ||| Stepping ~*~*~tactically~*~*~ (outnumbered).
 32135 | D:7      | 32135 ||| Stepping ~*~*~tactically~*~*~ (outnumbered).
 32137 | D:7      | 32137 ||| Stepping ~*~*~tactically~*~*~ (outnumbered).
 32139 | D:7      | 32139 ||| Stepping ~*~*~tactically~*~*~ (outnumbered).
 32143 | D:7      | 32143 ||| Stepping ~*~*~tactically~*~*~ (outnumbered).
 32145 | D:7      | 32145 ||| Stepping ~*~*~tactically~*~*~ (outnumbered).
 32147 | D:7      | 32147 ||| Stepping ~*~*~tactically~*~*~ (outnumbered).
 32152 | D:7      | 32152 ||| Stepping ~*~*~tactically~*~*~ (outnumbered).
 32154 | D:7      | 32154 ||| Stepping ~*~*~tactically~*~*~ (outnumbered).
 32156 | D:7      | 32156 ||| Stepping ~*~*~tactically~*~*~ (outnumbered).
 32159 | D:7      | 32159 ||| Stepping ~*~*~tactically~*~*~ (outnumbered).
 32163 | D:7      | 32163 ||| Stepping ~*~*~tactically~*~*~ (outnumbered).
 32167 | D:7      | 32167 ||| Stepping ~*~*~tactically~*~*~ (outnumbered).
 32173 | D:7      | 32173 ||| Stepping ~*~*~tactically~*~*~ (outnumbered).
 32175 | D:7      | 32175 ||| Stepping ~*~*~tactically~*~*~ (outnumbered).
 32177 | D:7      | 32177 ||| Stepping ~*~*~tactically~*~*~ (outnumbered).
 32185 | D:7      | 32185 ||| Stepping ~*~*~tactically~*~*~ (outnumbered).
 32188 | D:7      | 32188 ||| Stepping ~*~*~tactically~*~*~ (outnumbered).
 32190 | D:7      | 32190 ||| Stepping ~*~*~tactically~*~*~ (outnumbered).
 32192 | D:7      | 32192 ||| Stepping ~*~*~tactically~*~*~ (outnumbered).
 32194 | D:7      | 32194 ||| Stepping ~*~*~tactically~*~*~ (outnumbered).
 32199 | D:7      | 32199 ||| Stepping ~*~*~tactically~*~*~ (outnumbered).
 32201 | D:7      | 32201 ||| Stepping ~*~*~tactically~*~*~ (outnumbered).
 32203 | D:7      | 32203 ||| Stepping ~*~*~tactically~*~*~ (outnumbered).
 32205 | D:7      | 32205 ||| Stepping ~*~*~tactically~*~*~ (outnumbered).
 32209 | D:7      | 32209 ||| Stepping ~*~*~tactically~*~*~ (outnumbered).
 32213 | D:7      | 32213 ||| Stepping ~*~*~tactically~*~*~ (outnumbered).
 32222 | D:7      | 32222 ||| Stepping ~*~*~tactically~*~*~ (outnumbered).
 32224 | D:7      | 32224 ||| Stepping ~*~*~tactically~*~*~ (outnumbered).
 32229 | D:7      | 32229 ||| Stepping ~*~*~tactically~*~*~ (outnumbered).
 32234 | D:7      | 32234 ||| Stepping ~*~*~tactically~*~*~ (outnumbered).
 32242 | D:7      | 32242 ||| Stepping ~*~*~tactically~*~*~ (outnumbered).
 32251 | D:7      | 32251 ||| Stepping ~*~*~tactically~*~*~ (outnumbered).
 32263 | D:7      | 32263 ||| Stepping ~*~*~tactically~*~*~ (outnumbered).
 32270 | D:7      | 32270 ||| Stepping ~*~*~tactically~*~*~ (outnumbered).
 32276 | D:7      | 32276 ||| Stepping ~*~*~tactically~*~*~ (outnumbered).
 32282 | D:7      | 32282 ||| Stepping ~*~*~tactically~*~*~ (outnumbered).
 32284 | D:7      | 32284 ||| Stepping ~*~*~tactically~*~*~ (outnumbered).
 32289 | D:7      | 32289 ||| Stepping ~*~*~tactically~*~*~ (outnumbered).
 32292 | D:7      | 32292 ||| Stepping ~*~*~tactically~*~*~ (outnumbered).
 32299 | D:7      | 32299 ||| Stepping ~*~*~tactically~*~*~ (outnumbered).
 32305 | D:7      | 32305 ||| Stepping ~*~*~tactically~*~*~ (outnumbered).
 32307 | D:7      | 32307 ||| Stepping ~*~*~tactically~*~*~ (outnumbered).
 32312 | D:7      | 32312 ||| Stepping ~*~*~tactically~*~*~ (outnumbered).
 32314 | D:7      | 32314 ||| Stepping ~*~*~tactically~*~*~ (outnumbered).
 32316 | D:7      | 32316 ||| Stepping ~*~*~tactically~*~*~ (outnumbered).
 32321 | D:7      | 32321 ||| Stepping ~*~*~tactically~*~*~ (outnumbered).
 32323 | D:7      | 32323 ||| Stepping ~*~*~tactically~*~*~ (outnumbered).
 32330 | D:7      | 32330 ||| Stepping ~*~*~tactically~*~*~ (outnumbered).
 32333 | D:7      | 32333 ||| Stepping ~*~*~tactically~*~*~ (outnumbered).
 32335 | D:7      | 32335 ||| Stepping ~*~*~tactically~*~*~ (outnumbered).
 32339 | D:7      | 32339 ||| Stepping ~*~*~tactically~*~*~ (outnumbered).
 32345 | D:7      | Glimpsed the power of Zot.
 32346 | D:7      | 32346 ||| Stepping ~*~*~tactically~*~*~ (outnumbered).
 32350 | D:7      | 32350 ||| Stepping ~*~*~tactically~*~*~ (outnumbered).
 32355 | D:7      | 32355 ||| Stepping ~*~*~tactically~*~*~ (outnumbered).
 32357 | D:7      | 32357 ||| Stepping ~*~*~tactically~*~*~ (outnumbered).
 32360 | D:7      | 32360 ||| Stepping ~*~*~tactically~*~*~ (outnumbered).
 32363 | D:7      | 32363 ||| Stepping ~*~*~tactically~*~*~ (outnumbered).
 32365 | D:7      | 32365 ||| Stepping ~*~*~tactically~*~*~ (outnumbered).
 32370 | D:7      | 32370 ||| Stepping ~*~*~tactically~*~*~ (outnumbered).
 32375 | D:7      | 32375 ||| Stepping ~*~*~tactically~*~*~ (outnumbered).
 32377 | D:7      | 32377 ||| Stepping ~*~*~tactically~*~*~ (outnumbered).
 32383 | D:7      | 32383 ||| Stepping ~*~*~tactically~*~*~ (outnumbered).
 32385 | D:7      | 32385 ||| Stepping ~*~*~tactically~*~*~ (outnumbered).
 32387 | D:7      | 32387 ||| Stepping ~*~*~tactically~*~*~ (outnumbered).
 32393 | D:7      | 32393 ||| Stepping ~*~*~tactically~*~*~ (outnumbered).
 32396 | D:7      | 32396 ||| Stepping ~*~*~tactically~*~*~ (outnumbered).
 32399 | D:7      | 32399 ||| Stepping ~*~*~tactically~*~*~ (outnumbered).
 32405 | D:7      | 32405 ||| Stepping ~*~*~tactically~*~*~ (outnumbered).
 32410 | D:7      | 32410 ||| Stepping ~*~*~tactically~*~*~ (outnumbered).
 32419 | D:7      | 32419 ||| Stepping ~*~*~tactically~*~*~ (outnumbered).
 32423 | D:7      | 32423 ||| Stepping ~*~*~tactically~*~*~ (outnumbered).
 32426 | D:7      | 32426 ||| Stepping ~*~*~tactically~*~*~ (outnumbered).
 32428 | D:7      | 32428 ||| Stepping ~*~*~tactically~*~*~ (outnumbered).
 32430 | D:7      | 32430 ||| Stepping ~*~*~tactically~*~*~ (outnumbered).
 32436 | D:7      | 32436 ||| Stepping ~*~*~tactically~*~*~ (outnumbered).
 32445 | D:7      | Touched by the power of Zot.
 32446 | D:7      | Glimpsed the power of Zot.
 32447 | D:7      | 32447 ||| Stepping ~*~*~tactically~*~*~ (outnumbered).
 32452 | D:7      | 32452 ||| Stepping ~*~*~tactically~*~*~ (outnumbered).
 32454 | D:7      | 32454 ||| Stepping ~*~*~tactically~*~*~ (outnumbered).
 32456 | D:7      | 32456 ||| Stepping ~*~*~tactically~*~*~ (outnumbered).
 32458 | D:7      | 32458 ||| Stepping ~*~*~tactically~*~*~ (outnumbered).
 32465 | D:7      | 32465 ||| Stepping ~*~*~tactically~*~*~ (outnumbered).
 32468 | D:7      | 32468 ||| Stepping ~*~*~tactically~*~*~ (outnumbered).
 32474 | D:7      | 32474 ||| Stepping ~*~*~tactically~*~*~ (outnumbered).
 32483 | D:7      | 32483 ||| Stepping ~*~*~tactically~*~*~ (outnumbered).
 32488 | D:7      | 32488 ||| Stepping ~*~*~tactically~*~*~ (outnumbered).
 32490 | D:7      | 32490 ||| Stepping ~*~*~tactically~*~*~ (outnumbered).
 32493 | D:7      | 32493 ||| Stepping ~*~*~tactically~*~*~ (outnumbered).
 32498 | D:7      | 32498 ||| Stepping ~*~*~tactically~*~*~ (outnumbered).
 32500 | D:7      | 32500 ||| Stepping ~*~*~tactically~*~*~ (outnumbered).
 32507 | D:7      | 32507 ||| Stepping ~*~*~tactically~*~*~ (outnumbered).
 32509 | D:7      | 32509 ||| Stepping ~*~*~tactically~*~*~ (outnumbered).
 32512 | D:7      | 32512 ||| Stepping ~*~*~tactically~*~*~ (outnumbered).
 32514 | D:7      | 32514 ||| Stepping ~*~*~tactically~*~*~ (outnumbered).
 32520 | D:7      | 32520 ||| Stepping ~*~*~tactically~*~*~ (outnumbered).
 32522 | D:7      | 32522 ||| Stepping ~*~*~tactically~*~*~ (outnumbered).
 32524 | D:7      | 32524 ||| Stepping ~*~*~tactically~*~*~ (outnumbered).
 32531 | D:7      | 32531 ||| Stepping ~*~*~tactically~*~*~ (outnumbered).
 32538 | D:7      | 32538 ||| Stepping ~*~*~tactically~*~*~ (outnumbered).
 32547 | D:7      | 32547 ||| Stepping ~*~*~tactically~*~*~ (outnumbered).
 32550 | D:7      | 32550 ||| Stepping ~*~*~tactically~*~*~ (outnumbered).
 32557 | D:7      | 32557 ||| Stepping ~*~*~tactically~*~*~ (outnumbered).
 32561 | D:7      | 32561 ||| Stepping ~*~*~tactically~*~*~ (outnumbered).
 32563 | D:7      | 32563 ||| Stepping ~*~*~tactically~*~*~ (outnumbered).
 32565 | D:7      | 32565 ||| Stepping ~*~*~tactically~*~*~ (outnumbered).
 32572 | D:7      | 32572 ||| Stepping ~*~*~tactically~*~*~ (outnumbered).
 32577 | D:7      | 32577 ||| Stepping ~*~*~tactically~*~*~ (outnumbered).
 32583 | D:7      | 32583 ||| Stepping ~*~*~tactically~*~*~ (outnumbered).
 32595 | D:7      | 32595 ||| Stepping ~*~*~tactically~*~*~ (outnumbered).
 32603 | D:7      | 32603 ||| Stepping ~*~*~tactically~*~*~ (outnumbered).
 32605 | D:7      | 32605 ||| Stepping ~*~*~tactically~*~*~ (outnumbered).
 32614 | D:7      | 32614 ||| Stepping ~*~*~tactically~*~*~ (outnumbered).
 32616 | D:7      | 32616 ||| Stepping ~*~*~tactically~*~*~ (outnumbered).
 32618 | D:7      | 32618 ||| Stepping ~*~*~tactically~*~*~ (outnumbered).
 32625 | D:7      | 32625 ||| Stepping ~*~*~tactically~*~*~ (outnumbered).
 32629 | D:7      | 32629 ||| Stepping ~*~*~tactically~*~*~ (outnumbered).
 32634 | D:7      | 32634 ||| Stepping ~*~*~tactically~*~*~ (outnumbered).
 32643 | D:7      | 32643 ||| Stepping ~*~*~tactically~*~*~ (outnumbered).
 32645 | D:7      | 32645 ||| Stepping ~*~*~tactically~*~*~ (outnumbered).
 32652 | D:7      | 32652 ||| Stepping ~*~*~tactically~*~*~ (outnumbered).
 32655 | D:7      | 32655 ||| Stepping ~*~*~tactically~*~*~ (outnumbered).
 32657 | D:7      | 32657 ||| Stepping ~*~*~tactically~*~*~ (outnumbered).
 32659 | D:7      | 32659 ||| Stepping ~*~*~tactically~*~*~ (outnumbered).
 32664 | D:7      | 32664 ||| Stepping ~*~*~tactically~*~*~ (outnumbered).
 32667 | D:7      | 32667 ||| Stepping ~*~*~tactically~*~*~ (outnumbered).
 32670 | D:7      | 32670 ||| Stepping ~*~*~tactically~*~*~ (outnumbered).
 32675 | D:7      | 32675 ||| Stepping ~*~*~tactically~*~*~ (outnumbered).
 32677 | D:7      | 32677 ||| Stepping ~*~*~tactically~*~*~ (outnumbered).
 32679 | D:7      | 32679 ||| Stepping ~*~*~tactically~*~*~ (outnumbered).
 32684 | D:7      | 32684 ||| Stepping ~*~*~tactically~*~*~ (outnumbered).
 32686 | D:7      | 32686 ||| Stepping ~*~*~tactically~*~*~ (outnumbered).
 32693 | D:7      | 32693 ||| Stepping ~*~*~tactically~*~*~ (outnumbered).
 32695 | D:7      | 32695 ||| Stepping ~*~*~tactically~*~*~ (outnumbered).
 32701 | D:7      | 32701 ||| Stepping ~*~*~tactically~*~*~ (outnumbered).
 32714 | D:7      | 32714 ||| Stepping ~*~*~tactically~*~*~ (outnumbered).
 32718 | D:7      | 32718 ||| Stepping ~*~*~tactically~*~*~ (outnumbered).
 32722 | D:7      | 32722 ||| Stepping ~*~*~tactically~*~*~ (outnumbered).
 32726 | D:7      | 32726 ||| Stepping ~*~*~tactically~*~*~ (outnumbered).
 32731 | D:7      | 32731 ||| Stepping ~*~*~tactically~*~*~ (outnumbered).
 32733 | D:7      | 32733 ||| Stepping ~*~*~tactically~*~*~ (outnumbered).
 32735 | D:7      | 32735 ||| Stepping ~*~*~tactically~*~*~ (outnumbered).
 32737 | D:7      | 32737 ||| Stepping ~*~*~tactically~*~*~ (outnumbered).
 32742 | D:7      | 32742 ||| Stepping ~*~*~tactically~*~*~ (outnumbered).
 32747 | D:7      | 32747 ||| Stepping ~*~*~tactically~*~*~ (outnumbered).
 32751 | D:7      | 32751 ||| Stepping ~*~*~tactically~*~*~ (outnumbered).
 32753 | D:7      | 32753 ||| Stepping ~*~*~tactically~*~*~ (outnumbered).
 32762 | D:7      | 32762 ||| Stepping ~*~*~tactically~*~*~ (outnumbered).
 32764 | D:7      | 32764 ||| Stepping ~*~*~tactically~*~*~ (outnumbered).
 32769 | D:7      | 32769 ||| Stepping ~*~*~tactically~*~*~ (outnumbered).
 32775 | D:7      | 32775 ||| Stepping ~*~*~tactically~*~*~ (outnumbered).
 32779 | D:7      | 32779 ||| Stepping ~*~*~tactically~*~*~ (outnumbered).
 32789 | D:7      | 32789 ||| Stepping ~*~*~tactically~*~*~ (outnumbered).
 32797 | D:7      | 32797 ||| Stepping ~*~*~tactically~*~*~ (outnumbered).
 32803 | D:7      | 32803 ||| Stepping ~*~*~tactically~*~*~ (outnumbered).
 32805 | D:7      | 32805 ||| Stepping ~*~*~tactically~*~*~ (outnumbered).
 32811 | D:7      | 32811 ||| Stepping ~*~*~tactically~*~*~ (outnumbered).
 32814 | D:7      | 32814 ||| Stepping ~*~*~tactically~*~*~ (outnumbered).
 32816 | D:7      | 32816 ||| Stepping ~*~*~tactically~*~*~ (outnumbered).
 32825 | D:7      | 32825 ||| Stepping ~*~*~tactically~*~*~ (outnumbered).
 32831 | D:7      | 32831 ||| Stepping ~*~*~tactically~*~*~ (outnumbered).
 32835 | D:7      | 32835 ||| Stepping ~*~*~tactically~*~*~ (outnumbered).
 32843 | D:7      | 32843 ||| Stepping ~*~*~tactically~*~*~ (outnumbered).
 32847 | D:7      | 32847 ||| Stepping ~*~*~tactically~*~*~ (outnumbered).
 32849 | D:7      | 32849 ||| Stepping ~*~*~tactically~*~*~ (outnumbered).
 32851 | D:7      | 32851 ||| Stepping ~*~*~tactically~*~*~ (outnumbered).
 32853 | D:7      | 32853 ||| Stepping ~*~*~tactically~*~*~ (outnumbered).
 32856 | D:7      | 32856 ||| Stepping ~*~*~tactically~*~*~ (outnumbered).
 32858 | D:7      | 32858 ||| Stepping ~*~*~tactically~*~*~ (outnumbered).
 32862 | D:7      | 32862 ||| Stepping ~*~*~tactically~*~*~ (outnumbered).
 32864 | D:7      | 32864 ||| Stepping ~*~*~tactically~*~*~ (outnumbered).
 32866 | D:7      | 32866 ||| Stepping ~*~*~tactically~*~*~ (outnumbered).
 32869 | D:7      | 32869 ||| Stepping ~*~*~tactically~*~*~ (outnumbered).
 32878 | D:7      | 32878 ||| Stepping ~*~*~tactically~*~*~ (outnumbered).
 32886 | D:7      | 32886 ||| Stepping ~*~*~tactically~*~*~ (outnumbered).
 32890 | D:7      | 32890 ||| Stepping ~*~*~tactically~*~*~ (outnumbered).
 32894 | D:7      | 32894 ||| Stepping ~*~*~tactically~*~*~ (outnumbered).
 32896 | D:7      | 32896 ||| Stepping ~*~*~tactically~*~*~ (outnumbered).
 32898 | D:7      | 32898 ||| Stepping ~*~*~tactically~*~*~ (outnumbered).
 32900 | D:7      | 32900 ||| Stepping ~*~*~tactically~*~*~ (outnumbered).
 32905 | D:7      | 32905 ||| Stepping ~*~*~tactically~*~*~ (outnumbered).
 32914 | D:7      | 32914 ||| Stepping ~*~*~tactically~*~*~ (outnumbered).
 32916 | D:7      | 32916 ||| Stepping ~*~*~tactically~*~*~ (outnumbered).
 32918 | D:7      | 32918 ||| Stepping ~*~*~tactically~*~*~ (outnumbered).
 32920 | D:7      | 32920 ||| Stepping ~*~*~tactically~*~*~ (outnumbered).
 32924 | D:7      | 32924 ||| Stepping ~*~*~tactically~*~*~ (outnumbered).
 32927 | D:7      | 32927 ||| Stepping ~*~*~tactically~*~*~ (outnumbered).
 32932 | D:7      | 32932 ||| Stepping ~*~*~tactically~*~*~ (outnumbered).
 32934 | D:7      | 32934 ||| Stepping ~*~*~tactically~*~*~ (outnumbered).
 32936 | D:7      | 32936 ||| Stepping ~*~*~tactically~*~*~ (outnumbered).
 32938 | D:7      | 32938 ||| Stepping ~*~*~tactically~*~*~ (outnumbered).
 32940 | D:7      | 32940 ||| Stepping ~*~*~tactically~*~*~ (outnumbered).
 32945 | D:7      | 32945 ||| Stepping ~*~*~tactically~*~*~ (outnumbered).
 32946 | D:7      | Glimpsed the power of Zot.
 32953 | D:7      | 32953 ||| Stepping ~*~*~tactically~*~*~ (outnumbered).
 32957 | D:7      | 32957 ||| Stepping ~*~*~tactically~*~*~ (outnumbered).
 32959 | D:7      | 32959 ||| Stepping ~*~*~tactically~*~*~ (outnumbered).
 32962 | D:7      | 32962 ||| Stepping ~*~*~tactically~*~*~ (outnumbered).
 32964 | D:7      | 32964 ||| Stepping ~*~*~tactically~*~*~ (outnumbered).
 32967 | D:7      | 32967 ||| Stepping ~*~*~tactically~*~*~ (outnumbered).
 32971 | D:7      | 32971 ||| Stepping ~*~*~tactically~*~*~ (outnumbered).
 32973 | D:7      | 32973 ||| Stepping ~*~*~tactically~*~*~ (outnumbered).
 32975 | D:7      | 32975 ||| Stepping ~*~*~tactically~*~*~ (outnumbered).
 32977 | D:7      | 32977 ||| Stepping ~*~*~tactically~*~*~ (outnumbered).
 32987 | D:7      | 32987 ||| Stepping ~*~*~tactically~*~*~ (outnumbered).
 32994 | D:7      | 32994 ||| Stepping ~*~*~tactically~*~*~ (outnumbered).
 33001 | D:7      | 33001 ||| Stepping ~*~*~tactically~*~*~ (outnumbered).
 33010 | D:7      | 33010 ||| Stepping ~*~*~tactically~*~*~ (outnumbered).
 33014 | D:7      | 33014 ||| Stepping ~*~*~tactically~*~*~ (outnumbered).
 33017 | D:7      | 33017 ||| Stepping ~*~*~tactically~*~*~ (outnumbered).
 33019 | D:7      | 33019 ||| Stepping ~*~*~tactically~*~*~ (outnumbered).
 33028 | D:7      | 33028 ||| Stepping ~*~*~tactically~*~*~ (outnumbered).
 33037 | D:7      | 33037 ||| Stepping ~*~*~tactically~*~*~ (outnumbered).
 33039 | D:7      | 33039 ||| Stepping ~*~*~tactically~*~*~ (outnumbered).
 33046 | D:7      | 33046 ||| Stepping ~*~*~tactically~*~*~ (outnumbered).
 33048 | D:7      | 33048 ||| Stepping ~*~*~tactically~*~*~ (outnumbered).
 33050 | D:7      | 33050 ||| Stepping ~*~*~tactically~*~*~ (outnumbered).
 33052 | D:7      | 33052 ||| Stepping ~*~*~tactically~*~*~ (outnumbered).
 33054 | D:7      | 33054 ||| Stepping ~*~*~tactically~*~*~ (outnumbered).
 33056 | D:7      | 33056 ||| Stepping ~*~*~tactically~*~*~ (outnumbered).
 33058 | D:7      | 33058 ||| Stepping ~*~*~tactically~*~*~ (outnumbered).
 33060 | D:7      | 33060 ||| Stepping ~*~*~tactically~*~*~ (outnumbered).
 33066 | D:7      | 33066 ||| Stepping ~*~*~tactically~*~*~ (outnumbered).
 33068 | D:7      | 33068 ||| Stepping ~*~*~tactically~*~*~ (outnumbered).
 33070 | D:7      | 33070 ||| Stepping ~*~*~tactically~*~*~ (outnumbered).
 33072 | D:7      | 33072 ||| Stepping ~*~*~tactically~*~*~ (outnumbered).
 33074 | D:7      | 33074 ||| Stepping ~*~*~tactically~*~*~ (outnumbered).
 33078 | D:7      | 33078 ||| Stepping ~*~*~tactically~*~*~ (outnumbered).
 33080 | D:7      | 33080 ||| Stepping ~*~*~tactically~*~*~ (outnumbered).
 33082 | D:7      | 33082 ||| Stepping ~*~*~tactically~*~*~ (outnumbered).
 33084 | D:7      | 33084 ||| Stepping ~*~*~tactically~*~*~ (outnumbered).
 33087 | D:7      | 33087 ||| Stepping ~*~*~tactically~*~*~ (outnumbered).
 33092 | D:7      | 33092 ||| Stepping ~*~*~tactically~*~*~ (outnumbered).
 33101 | D:7      | 33101 ||| Stepping ~*~*~tactically~*~*~ (outnumbered).
 33103 | D:7      | 33103 ||| Stepping ~*~*~tactically~*~*~ (outnumbered).
 33111 | D:7      | 33111 ||| Stepping ~*~*~tactically~*~*~ (outnumbered).
 33120 | D:7      | 33120 ||| Stepping ~*~*~tactically~*~*~ (outnumbered).
 33124 | D:7      | 33124 ||| Stepping ~*~*~tactically~*~*~ (outnumbered).
 33133 | D:7      | 33133 ||| Stepping ~*~*~tactically~*~*~ (outnumbered).
 33136 | D:7      | 33136 ||| Stepping ~*~*~tactically~*~*~ (outnumbered).
 33142 | D:7      | 33142 ||| Stepping ~*~*~tactically~*~*~ (outnumbered).
 33146 | D:7      | 33146 ||| Stepping ~*~*~tactically~*~*~ (outnumbered).
 33152 | D:7      | 33152 ||| Stepping ~*~*~tactically~*~*~ (outnumbered).
 33160 | D:7      | 33160 ||| Stepping ~*~*~tactically~*~*~ (outnumbered).
 33165 | D:7      | 33165 ||| Stepping ~*~*~tactically~*~*~ (outnumbered).
 33167 | D:7      | 33167 ||| Stepping ~*~*~tactically~*~*~ (outnumbered).
 33171 | D:7      | 33171 ||| Stepping ~*~*~tactically~*~*~ (outnumbered).
 33173 | D:7      | 33173 ||| Stepping ~*~*~tactically~*~*~ (outnumbered).
 33176 | D:7      | 33176 ||| Stepping ~*~*~tactically~*~*~ (outnumbered).
 33178 | D:7      | 33178 ||| Stepping ~*~*~tactically~*~*~ (outnumbered).
 33182 | D:7      | 33182 ||| Stepping ~*~*~tactically~*~*~ (outnumbered).
 33186 | D:7      | 33186 ||| Stepping ~*~*~tactically~*~*~ (outnumbered).
 33194 | D:7      | 33194 ||| Stepping ~*~*~tactically~*~*~ (outnumbered).
 33197 | D:7      | 33197 ||| Stepping ~*~*~tactically~*~*~ (outnumbered).
 33199 | D:7      | 33199 ||| Stepping ~*~*~tactically~*~*~ (outnumbered).
 33203 | D:7      | 33203 ||| Stepping ~*~*~tactically~*~*~ (outnumbered).
 33211 | D:7      | 33211 ||| Stepping ~*~*~tactically~*~*~ (outnumbered).
 33213 | D:7      | 33213 ||| Stepping ~*~*~tactically~*~*~ (outnumbered).
 33215 | D:7      | 33215 ||| Stepping ~*~*~tactically~*~*~ (outnumbered).
 33217 | D:7      | 33217 ||| Stepping ~*~*~tactically~*~*~ (outnumbered).
 33223 | D:7      | 33223 ||| Stepping ~*~*~tactically~*~*~ (outnumbered).
 33229 | D:7      | 33229 ||| Stepping ~*~*~tactically~*~*~ (outnumbered).
 33231 | D:7      | 33231 ||| Stepping ~*~*~tactically~*~*~ (outnumbered).
 33235 | D:7      | 33235 ||| Stepping ~*~*~tactically~*~*~ (outnumbered).
 33248 | D:7      | 33248 ||| Stepping ~*~*~tactically~*~*~ (outnumbered).
 33251 | D:7      | 33251 ||| Stepping ~*~*~tactically~*~*~ (outnumbered).
 33253 | D:7      | 33253 ||| Stepping ~*~*~tactically~*~*~ (outnumbered).
 33255 | D:7      | 33255 ||| Stepping ~*~*~tactically~*~*~ (outnumbered).
 33257 | D:7      | 33257 ||| Stepping ~*~*~tactically~*~*~ (outnumbered).
 33263 | D:7      | 33263 ||| Stepping ~*~*~tactically~*~*~ (outnumbered).
 33268 | D:7      | 33268 ||| Stepping ~*~*~tactically~*~*~ (outnumbered).
 33270 | D:7      | 33270 ||| Stepping ~*~*~tactically~*~*~ (outnumbered).
 33274 | D:7      | 33274 ||| Stepping ~*~*~tactically~*~*~ (outnumbered).
 33278 | D:7      | 33278 ||| Stepping ~*~*~tactically~*~*~ (outnumbered).
 33280 | D:7      | 33280 ||| Stepping ~*~*~tactically~*~*~ (outnumbered).
 33286 | D:7      | 33286 ||| Stepping ~*~*~tactically~*~*~ (outnumbered).
 33296 | D:7      | 33296 ||| Stepping ~*~*~tactically~*~*~ (outnumbered).
 33298 | D:7      | 33298 ||| Stepping ~*~*~tactically~*~*~ (outnumbered).
 33301 | D:7      | 33301 ||| Stepping ~*~*~tactically~*~*~ (outnumbered).
 33303 | D:7      | 33303 ||| Stepping ~*~*~tactically~*~*~ (outnumbered).
 33309 | D:7      | 33309 ||| Stepping ~*~*~tactically~*~*~ (outnumbered).
 33312 | D:7      | 33312 ||| Stepping ~*~*~tactically~*~*~ (outnumbered).
 33315 | D:7      | 33315 ||| Stepping ~*~*~tactically~*~*~ (outnumbered).
 33318 | D:7      | 33318 ||| Stepping ~*~*~tactically~*~*~ (outnumbered).
 33320 | D:7      | 33320 ||| Stepping ~*~*~tactically~*~*~ (outnumbered).
 33326 | D:7      | 33326 ||| Stepping ~*~*~tactically~*~*~ (outnumbered).
 33337 | D:7      | 33337 ||| Stepping ~*~*~tactically~*~*~ (outnumbered).
 33340 | D:7      | 33340 ||| Stepping ~*~*~tactically~*~*~ (outnumbered).
 33343 | D:7      | 33343 ||| Stepping ~*~*~tactically~*~*~ (outnumbered).
 33345 | D:7      | 33345 ||| Stepping ~*~*~tactically~*~*~ (outnumbered).
 33346 | D:7      | Glimpsed the power of Zot.
 33347 | D:7      | 33347 ||| Stepping ~*~*~tactically~*~*~ (outnumbered).
 33354 | D:7      | 33354 ||| Stepping ~*~*~tactically~*~*~ (outnumbered).
 33356 | D:7      | 33356 ||| Stepping ~*~*~tactically~*~*~ (outnumbered).
 33358 | D:7      | 33358 ||| Stepping ~*~*~tactically~*~*~ (outnumbered).
 33361 | D:7      | 33361 ||| Stepping ~*~*~tactically~*~*~ (outnumbered).
 33363 | D:7      | 33363 ||| Stepping ~*~*~tactically~*~*~ (outnumbered).
 33365 | D:7      | 33365 ||| Stepping ~*~*~tactically~*~*~ (outnumbered).
 33370 | D:7      | 33370 ||| Stepping ~*~*~tactically~*~*~ (outnumbered).
 33375 | D:7      | 33375 ||| Stepping ~*~*~tactically~*~*~ (outnumbered).
 33379 | D:7      | 33379 ||| Stepping ~*~*~tactically~*~*~ (outnumbered).
 33381 | D:7      | 33381 ||| Stepping ~*~*~tactically~*~*~ (outnumbered).
 33384 | D:7      | 33384 ||| Stepping ~*~*~tactically~*~*~ (outnumbered).
 33386 | D:7      | 33386 ||| Stepping ~*~*~tactically~*~*~ (outnumbered).
 33388 | D:7      | 33388 ||| Stepping ~*~*~tactically~*~*~ (outnumbered).
 33398 | D:7      | 33398 ||| Stepping ~*~*~tactically~*~*~ (outnumbered).
 33400 | D:7      | 33400 ||| Stepping ~*~*~tactically~*~*~ (outnumbered).
 33407 | D:7      | 33407 ||| Stepping ~*~*~tactically~*~*~ (outnumbered).
 33417 | D:7      | 33417 ||| Stepping ~*~*~tactically~*~*~ (outnumbered).
 33424 | D:7      | 33424 ||| Stepping ~*~*~tactically~*~*~ (outnumbered).
 33427 | D:7      | 33427 ||| Stepping ~*~*~tactically~*~*~ (outnumbered).
 33433 | D:7      | 33433 ||| Stepping ~*~*~tactically~*~*~ (outnumbered).
 33442 | D:7      | 33442 ||| Stepping ~*~*~tactically~*~*~ (outnumbered).
 33445 | D:7      | Touched by the power of Zot.
 33446 | D:7      | Glimpsed the power of Zot.
 33447 | D:7      | 33447 ||| Stepping ~*~*~tactically~*~*~ (outnumbered).
 33449 | D:7      | 33449 ||| Stepping ~*~*~tactically~*~*~ (outnumbered).
 33451 | D:7      | 33451 ||| Stepping ~*~*~tactically~*~*~ (outnumbered).
 33463 | D:7      | 33463 ||| Stepping ~*~*~tactically~*~*~ (outnumbered).
 33465 | D:7      | 33465 ||| Stepping ~*~*~tactically~*~*~ (outnumbered).
 33467 | D:7      | 33467 ||| Stepping ~*~*~tactically~*~*~ (outnumbered).
 33474 | D:7      | 33474 ||| Stepping ~*~*~tactically~*~*~ (outnumbered).
 33476 | D:7      | 33476 ||| Stepping ~*~*~tactically~*~*~ (outnumbered).
 33478 | D:7      | 33478 ||| Stepping ~*~*~tactically~*~*~ (outnumbered).
 33480 | D:7      | 33480 ||| Stepping ~*~*~tactically~*~*~ (outnumbered).
 33491 | D:7      | 33491 ||| Stepping ~*~*~tactically~*~*~ (outnumbered).
 33498 | D:7      | 33498 ||| Stepping ~*~*~tactically~*~*~ (outnumbered).
 33502 | D:7      | 33502 ||| Stepping ~*~*~tactically~*~*~ (outnumbered).
 33504 | D:7      | 33504 ||| Stepping ~*~*~tactically~*~*~ (outnumbered).
 33514 | D:7      | 33514 ||| Stepping ~*~*~tactically~*~*~ (outnumbered).
 33517 | D:7      | 33517 ||| Stepping ~*~*~tactically~*~*~ (outnumbered).
 33527 | D:7      | 33527 ||| Stepping ~*~*~tactically~*~*~ (outnumbered).
 33535 | D:7      | 33535 ||| Stepping ~*~*~tactically~*~*~ (outnumbered).
 33537 | D:7      | 33537 ||| Stepping ~*~*~tactically~*~*~ (outnumbered).
 33539 | D:7      | 33539 ||| Stepping ~*~*~tactically~*~*~ (outnumbered).
 33545 | D:7      | 33545 ||| Stepping ~*~*~tactically~*~*~ (outnumbered).
 33555 | D:7      | 33555 ||| Stepping ~*~*~tactically~*~*~ (outnumbered).
 33557 | D:7      | 33557 ||| Stepping ~*~*~tactically~*~*~ (outnumbered).
 33561 | D:7      | 33561 ||| Stepping ~*~*~tactically~*~*~ (outnumbered).
 33564 | D:7      | 33564 ||| Stepping ~*~*~tactically~*~*~ (outnumbered).
 33566 | D:7      | 33566 ||| Stepping ~*~*~tactically~*~*~ (outnumbered).
 33571 | D:7      | 33571 ||| Stepping ~*~*~tactically~*~*~ (outnumbered).
 33573 | D:7      | 33573 ||| Stepping ~*~*~tactically~*~*~ (outnumbered).
 33575 | D:7      | 33575 ||| Stepping ~*~*~tactically~*~*~ (outnumbered).
 33586 | D:7      | 33586 ||| Stepping ~*~*~tactically~*~*~ (outnumbered).
 33590 | D:7      | 33590 ||| Stepping ~*~*~tactically~*~*~ (outnumbered).
 33599 | D:7      | 33599 ||| Stepping ~*~*~tactically~*~*~ (outnumbered).
 33605 | D:7      | 33605 ||| Stepping ~*~*~tactically~*~*~ (outnumbered).
 33607 | D:7      | 33607 ||| Stepping ~*~*~tactically~*~*~ (outnumbered).
 33617 | D:7      | 33617 ||| Stepping ~*~*~tactically~*~*~ (outnumbered).
 33619 | D:7      | 33619 ||| Stepping ~*~*~tactically~*~*~ (outnumbered).
 33622 | D:7      | 33622 ||| Stepping ~*~*~tactically~*~*~ (outnumbered).
 33624 | D:7      | 33624 ||| Stepping ~*~*~tactically~*~*~ (outnumbered).
 33626 | D:7      | 33626 ||| Stepping ~*~*~tactically~*~*~ (outnumbered).
 33630 | D:7      | 33630 ||| Stepping ~*~*~tactically~*~*~ (outnumbered).
 33634 | D:7      | 33634 ||| Stepping ~*~*~tactically~*~*~ (outnumbered).
 33636 | D:7      | 33636 ||| Stepping ~*~*~tactically~*~*~ (outnumbered).
 33638 | D:7      | 33638 ||| Stepping ~*~*~tactically~*~*~ (outnumbered).
 33642 | D:7      | 33642 ||| Stepping ~*~*~tactically~*~*~ (outnumbered).
 33650 | D:7      | 33650 ||| Stepping ~*~*~tactically~*~*~ (outnumbered).
 33653 | D:7      | 33653 ||| Stepping ~*~*~tactically~*~*~ (outnumbered).
 33660 | D:7      | 33660 ||| Stepping ~*~*~tactically~*~*~ (outnumbered).
 33671 | D:7      | 33671 ||| Stepping ~*~*~tactically~*~*~ (outnumbered).
 33678 | D:7      | 33678 ||| Stepping ~*~*~tactically~*~*~ (outnumbered).
 33681 | D:7      | 33681 ||| Stepping ~*~*~tactically~*~*~ (outnumbered).
 33684 | D:7      | 33684 ||| Stepping ~*~*~tactically~*~*~ (outnumbered).
 33686 | D:7      | 33686 ||| Stepping ~*~*~tactically~*~*~ (outnumbered).
 33690 | D:7      | 33690 ||| Stepping ~*~*~tactically~*~*~ (outnumbered).
 33701 | D:7      | 33701 ||| Stepping ~*~*~tactically~*~*~ (outnumbered).
 33705 | D:7      | 33705 ||| Stepping ~*~*~tactically~*~*~ (outnumbered).
 33707 | D:7      | 33707 ||| Stepping ~*~*~tactically~*~*~ (outnumbered).
 33713 | D:7      | 33713 ||| Stepping ~*~*~tactically~*~*~ (outnumbered).
 33724 | D:7      | 33724 ||| Stepping ~*~*~tactically~*~*~ (outnumbered).
 33727 | D:7      | 33727 ||| Stepping ~*~*~tactically~*~*~ (outnumbered).
 33729 | D:7      | 33729 ||| Stepping ~*~*~tactically~*~*~ (outnumbered).
 33736 | D:7      | 33736 ||| Stepping ~*~*~tactically~*~*~ (outnumbered).
 33749 | D:7      | 33749 ||| Stepping ~*~*~tactically~*~*~ (outnumbered).
 33752 | D:7      | 33752 ||| Stepping ~*~*~tactically~*~*~ (outnumbered).
 33756 | D:7      | 33756 ||| Stepping ~*~*~tactically~*~*~ (outnumbered).
 33760 | D:7      | 33760 ||| Stepping ~*~*~tactically~*~*~ (outnumbered).
 33762 | D:7      | 33762 ||| Stepping ~*~*~tactically~*~*~ (outnumbered).
 33764 | D:7      | 33764 ||| Stepping ~*~*~tactically~*~*~ (outnumbered).
 33769 | D:7      | 33769 ||| Stepping ~*~*~tactically~*~*~ (outnumbered).
 33771 | D:7      | 33771 ||| Stepping ~*~*~tactically~*~*~ (outnumbered).
 33773 | D:7      | 33773 ||| Stepping ~*~*~tactically~*~*~ (outnumbered).
 33776 | D:7      | 33776 ||| Stepping ~*~*~tactically~*~*~ (outnumbered).
 33790 | D:7      | 33790 ||| Stepping ~*~*~tactically~*~*~ (outnumbered).
 33802 | D:7      | 33802 ||| Stepping ~*~*~tactically~*~*~ (outnumbered).
 33804 | D:7      | 33804 ||| Stepping ~*~*~tactically~*~*~ (outnumbered).
 33806 | D:7      | 33806 ||| Stepping ~*~*~tactically~*~*~ (outnumbered).
 33809 | D:7      | 33809 ||| Stepping ~*~*~tactically~*~*~ (outnumbered).
 33811 | D:7      | 33811 ||| Stepping ~*~*~tactically~*~*~ (outnumbered).
 33813 | D:7      | 33813 ||| Stepping ~*~*~tactically~*~*~ (outnumbered).
 33815 | D:7      | 33815 ||| Stepping ~*~*~tactically~*~*~ (outnumbered).
 33824 | D:7      | 33824 ||| Stepping ~*~*~tactically~*~*~ (outnumbered).
 33826 | D:7      | 33826 ||| Stepping ~*~*~tactically~*~*~ (outnumbered).
 33828 | D:7      | 33828 ||| Stepping ~*~*~tactically~*~*~ (outnumbered).
 33832 | D:7      | 33832 ||| Stepping ~*~*~tactically~*~*~ (outnumbered).
 33840 | D:7      | 33840 ||| Stepping ~*~*~tactically~*~*~ (outnumbered).
 33848 | D:7      | 33848 ||| Stepping ~*~*~tactically~*~*~ (outnumbered).
 33851 | D:7      | 33851 ||| Stepping ~*~*~tactically~*~*~ (outnumbered).
 33855 | D:7      | 33855 ||| Stepping ~*~*~tactically~*~*~ (outnumbered).
 33864 | D:7      | 33864 ||| Stepping ~*~*~tactically~*~*~ (outnumbered).
 33869 | D:7      | 33869 ||| Stepping ~*~*~tactically~*~*~ (outnumbered).
 33871 | D:7      | 33871 ||| Stepping ~*~*~tactically~*~*~ (outnumbered).
 33875 | D:7      | 33875 ||| Stepping ~*~*~tactically~*~*~ (outnumbered).
 33877 | D:7      | 33877 ||| Stepping ~*~*~tactically~*~*~ (outnumbered).
 33879 | D:7      | 33879 ||| Stepping ~*~*~tactically~*~*~ (outnumbered).
 33883 | D:7      | 33883 ||| Stepping ~*~*~tactically~*~*~ (outnumbered).
 33889 | D:7      | 33889 ||| Stepping ~*~*~tactically~*~*~ (outnumbered).
 33891 | D:7      | 33891 ||| Stepping ~*~*~tactically~*~*~ (outnumbered).
 33893 | D:7      | 33893 ||| Stepping ~*~*~tactically~*~*~ (outnumbered).
 33902 | D:7      | 33902 ||| Stepping ~*~*~tactically~*~*~ (outnumbered).
 33906 | D:7      | 33906 ||| Stepping ~*~*~tactically~*~*~ (outnumbered).
 33911 | D:7      | 33911 ||| Stepping ~*~*~tactically~*~*~ (outnumbered).
 33918 | D:7      | 33918 ||| Stepping ~*~*~tactically~*~*~ (outnumbered).
 33920 | D:7      | 33920 ||| Stepping ~*~*~tactically~*~*~ (outnumbered).
 33927 | D:7      | 33927 ||| Stepping ~*~*~tactically~*~*~ (outnumbered).
 33932 | D:7      | 33932 ||| Stepping ~*~*~tactically~*~*~ (outnumbered).
 33940 | D:7      | 33940 ||| Stepping ~*~*~tactically~*~*~ (outnumbered).
 33942 | D:7      | 33942 ||| Stepping ~*~*~tactically~*~*~ (outnumbered).
 33946 | D:7      | Glimpsed the power of Zot.
 33947 | D:7      | 33947 ||| Stepping ~*~*~tactically~*~*~ (outnumbered).
 33949 | D:7      | 33949 ||| Stepping ~*~*~tactically~*~*~ (outnumbered).
 33951 | D:7      | 33951 ||| Stepping ~*~*~tactically~*~*~ (outnumbered).
 33958 | D:7      | 33958 ||| Stepping ~*~*~tactically~*~*~ (outnumbered).
 33960 | D:7      | 33960 ||| Stepping ~*~*~tactically~*~*~ (outnumbered).
 33964 | D:7      | 33964 ||| Stepping ~*~*~tactically~*~*~ (outnumbered).
 33966 | D:7      | 33966 ||| Stepping ~*~*~tactically~*~*~ (outnumbered).
 33969 | D:7      | 33969 ||| Stepping ~*~*~tactically~*~*~ (outnumbered).
 33973 | D:7      | 33973 ||| Stepping ~*~*~tactically~*~*~ (outnumbered).
 33981 | D:7      | 33981 ||| Stepping ~*~*~tactically~*~*~ (outnumbered).
 33984 | D:7      | 33984 ||| Stepping ~*~*~tactically~*~*~ (outnumbered).
 33986 | D:7      | 33986 ||| Stepping ~*~*~tactically~*~*~ (outnumbered).
 33988 | D:7      | 33988 ||| Stepping ~*~*~tactically~*~*~ (outnumbered).
 33995 | D:7      | 33995 ||| Stepping ~*~*~tactically~*~*~ (outnumbered).
 34003 | D:7      | 34003 ||| Stepping ~*~*~tactically~*~*~ (outnumbered).
 34010 | D:7      | 34010 ||| Stepping ~*~*~tactically~*~*~ (outnumbered).
 34012 | D:7      | 34012 ||| Stepping ~*~*~tactically~*~*~ (outnumbered).
 34014 | D:7      | 34014 ||| Stepping ~*~*~tactically~*~*~ (outnumbered).
 34018 | D:7      | 34018 ||| Stepping ~*~*~tactically~*~*~ (outnumbered).
 34020 | D:7      | 34020 ||| Stepping ~*~*~tactically~*~*~ (outnumbered).
 34022 | D:7      | 34022 ||| Stepping ~*~*~tactically~*~*~ (outnumbered).
 34025 | D:7      | 34025 ||| Stepping ~*~*~tactically~*~*~ (outnumbered).
 34028 | D:7      | 34028 ||| Stepping ~*~*~tactically~*~*~ (outnumbered).
 34030 | D:7      | 34030 ||| Stepping ~*~*~tactically~*~*~ (outnumbered).
 34032 | D:7      | 34032 ||| Stepping ~*~*~tactically~*~*~ (outnumbered).
 34034 | D:7      | 34034 ||| Stepping ~*~*~tactically~*~*~ (outnumbered).
 34041 | D:7      | 34041 ||| Stepping ~*~*~tactically~*~*~ (outnumbered).
 34043 | D:7      | 34043 ||| Stepping ~*~*~tactically~*~*~ (outnumbered).
 34045 | D:7      | 34045 ||| Stepping ~*~*~tactically~*~*~ (outnumbered).
 34047 | D:7      | 34047 ||| Stepping ~*~*~tactically~*~*~ (outnumbered).
 34049 | D:7      | 34049 ||| Stepping ~*~*~tactically~*~*~ (outnumbered).
 34051 | D:7      | 34051 ||| Stepping ~*~*~tactically~*~*~ (outnumbered).
 34055 | D:7      | 34055 ||| Stepping ~*~*~tactically~*~*~ (outnumbered).
 34057 | D:7      | 34057 ||| Stepping ~*~*~tactically~*~*~ (outnumbered).
 34059 | D:7      | 34059 ||| Stepping ~*~*~tactically~*~*~ (outnumbered).
 34061 | D:7      | 34061 ||| Stepping ~*~*~tactically~*~*~ (outnumbered).
 34063 | D:7      | 34063 ||| Stepping ~*~*~tactically~*~*~ (outnumbered).
 34065 | D:7      | 34065 ||| Stepping ~*~*~tactically~*~*~ (outnumbered).
 34067 | D:7      | 34067 ||| Stepping ~*~*~tactically~*~*~ (outnumbered).
 34075 | D:7      | 34075 ||| Stepping ~*~*~tactically~*~*~ (outnumbered).
 34087 | D:7      | 34087 ||| Stepping ~*~*~tactically~*~*~ (outnumbered).
 34089 | D:7      | 34089 ||| Stepping ~*~*~tactically~*~*~ (outnumbered).
 34091 | D:7      | 34091 ||| Stepping ~*~*~tactically~*~*~ (outnumbered).
 34095 | D:7      | 34095 ||| Stepping ~*~*~tactically~*~*~ (outnumbered).
 34102 | D:7      | 34102 ||| Stepping ~*~*~tactically~*~*~ (outnumbered).
 34106 | D:7      | 34106 ||| Stepping ~*~*~tactically~*~*~ (outnumbered).
 34108 | D:7      | 34108 ||| Stepping ~*~*~tactically~*~*~ (outnumbered).
 34110 | D:7      | 34110 ||| Stepping ~*~*~tactically~*~*~ (outnumbered).
 34112 | D:7      | 34112 ||| Stepping ~*~*~tactically~*~*~ (outnumbered).
 34119 | D:7      | 34119 ||| Stepping ~*~*~tactically~*~*~ (outnumbered).
 34122 | D:7      | 34122 ||| Stepping ~*~*~tactically~*~*~ (outnumbered).
 34126 | D:7      | 34126 ||| Stepping ~*~*~tactically~*~*~ (outnumbered).
 34130 | D:7      | 34130 ||| Stepping ~*~*~tactically~*~*~ (outnumbered).
 34136 | D:7      | 34136 ||| Stepping ~*~*~tactically~*~*~ (outnumbered).
 34143 | D:7      | 34143 ||| Stepping ~*~*~tactically~*~*~ (outnumbered).
 34149 | D:7      | 34149 ||| Stepping ~*~*~tactically~*~*~ (outnumbered).
 34156 | D:7      | 34156 ||| Stepping ~*~*~tactically~*~*~ (outnumbered).
 34158 | D:7      | 34158 ||| Stepping ~*~*~tactically~*~*~ (outnumbered).
 34160 | D:7      | 34160 ||| Stepping ~*~*~tactically~*~*~ (outnumbered).
 34164 | D:7      | 34164 ||| Stepping ~*~*~tactically~*~*~ (outnumbered).
 34171 | D:7      | 34171 ||| Stepping ~*~*~tactically~*~*~ (outnumbered).
 34173 | D:7      | 34173 ||| Stepping ~*~*~tactically~*~*~ (outnumbered).
 34176 | D:7      | 34176 ||| Stepping ~*~*~tactically~*~*~ (outnumbered).
 34180 | D:7      | 34180 ||| Stepping ~*~*~tactically~*~*~ (outnumbered).
 34189 | D:7      | 34189 ||| Stepping ~*~*~tactically~*~*~ (outnumbered).
 34192 | D:7      | 34192 ||| Stepping ~*~*~tactically~*~*~ (outnumbered).
 34201 | D:7      | 34201 ||| Stepping ~*~*~tactically~*~*~ (outnumbered).
 34211 | D:7      | 34211 ||| Stepping ~*~*~tactically~*~*~ (outnumbered).
 34221 | D:7      | 34221 ||| Stepping ~*~*~tactically~*~*~ (outnumbered).
 34227 | D:7      | 34227 ||| Stepping ~*~*~tactically~*~*~ (outnumbered).
 34229 | D:7      | 34229 ||| Stepping ~*~*~tactically~*~*~ (outnumbered).
 34234 | D:7      | 34234 ||| Stepping ~*~*~tactically~*~*~ (outnumbered).
 34236 | D:7      | 34236 ||| Stepping ~*~*~tactically~*~*~ (outnumbered).
 34238 | D:7      | 34238 ||| Stepping ~*~*~tactically~*~*~ (outnumbered).
 34240 | D:7      | 34240 ||| Stepping ~*~*~tactically~*~*~ (outnumbered).
 34242 | D:7      | 34242 ||| Stepping ~*~*~tactically~*~*~ (outnumbered).
 34247 | D:7      | 34247 ||| Stepping ~*~*~tactically~*~*~ (outnumbered).
 34249 | D:7      | 34249 ||| Stepping ~*~*~tactically~*~*~ (outnumbered).
 34252 | D:7      | 34252 ||| Stepping ~*~*~tactically~*~*~ (outnumbered).
 34256 | D:7      | 34256 ||| Stepping ~*~*~tactically~*~*~ (outnumbered).
 34261 | D:7      | 34261 ||| Stepping ~*~*~tactically~*~*~ (outnumbered).
 34263 | D:7      | 34263 ||| Stepping ~*~*~tactically~*~*~ (outnumbered).
 34271 | D:7      | 34271 ||| Stepping ~*~*~tactically~*~*~ (outnumbered).
 34279 | D:7      | 34279 ||| Stepping ~*~*~tactically~*~*~ (outnumbered).
 34281 | D:7      | 34281 ||| Stepping ~*~*~tactically~*~*~ (outnumbered).
 34283 | D:7      | 34283 ||| Stepping ~*~*~tactically~*~*~ (outnumbered).
 34285 | D:7      | 34285 ||| Stepping ~*~*~tactically~*~*~ (outnumbered).
 34290 | D:7      | 34290 ||| Stepping ~*~*~tactically~*~*~ (outnumbered).
 34297 | D:7      | 34297 ||| Stepping ~*~*~tactically~*~*~ (outnumbered).
 34299 | D:7      | 34299 ||| Stepping ~*~*~tactically~*~*~ (outnumbered).
 34304 | D:7      | 34304 ||| Stepping ~*~*~tactically~*~*~ (outnumbered).
 34309 | D:7      | 34309 ||| Stepping ~*~*~tactically~*~*~ (outnumbered).
 34311 | D:7      | 34311 ||| Stepping ~*~*~tactically~*~*~ (outnumbered).
 34313 | D:7      | 34313 ||| Stepping ~*~*~tactically~*~*~ (outnumbered).
 34317 | D:7      | 34317 ||| Stepping ~*~*~tactically~*~*~ (outnumbered).
 34319 | D:7      | 34319 ||| Stepping ~*~*~tactically~*~*~ (outnumbered).
 34328 | D:7      | 34328 ||| Stepping ~*~*~tactically~*~*~ (outnumbered).
 34332 | D:7      | 34332 ||| Stepping ~*~*~tactically~*~*~ (outnumbered).
 34334 | D:7      | 34334 ||| Stepping ~*~*~tactically~*~*~ (outnumbered).
 34336 | D:7      | 34336 ||| Stepping ~*~*~tactically~*~*~ (outnumbered).
 34343 | D:7      | 34343 ||| Stepping ~*~*~tactically~*~*~ (outnumbered).
 34345 | D:7      | 34345 ||| Stepping ~*~*~tactically~*~*~ (outnumbered).
 34346 | D:7      | Glimpsed the power of Zot.
 34347 | D:7      | 34347 ||| Stepping ~*~*~tactically~*~*~ (outnumbered).
 34349 | D:7      | 34349 ||| Stepping ~*~*~tactically~*~*~ (outnumbered).
 34351 | D:7      | 34351 ||| Stepping ~*~*~tactically~*~*~ (outnumbered).
 34353 | D:7      | 34353 ||| Stepping ~*~*~tactically~*~*~ (outnumbered).
 34365 | D:7      | 34365 ||| Stepping ~*~*~tactically~*~*~ (outnumbered).
 34367 | D:7      | 34367 ||| Stepping ~*~*~tactically~*~*~ (outnumbered).
 34376 | D:7      | 34376 ||| Stepping ~*~*~tactically~*~*~ (outnumbered).
 34378 | D:7      | 34378 ||| Stepping ~*~*~tactically~*~*~ (outnumbered).
 34382 | D:7      | 34382 ||| Stepping ~*~*~tactically~*~*~ (outnumbered).
 34384 | D:7      | 34384 ||| Stepping ~*~*~tactically~*~*~ (outnumbered).
 34387 | D:7      | 34387 ||| Stepping ~*~*~tactically~*~*~ (outnumbered).
 34391 | D:7      | 34391 ||| Stepping ~*~*~tactically~*~*~ (outnumbered).
 34393 | D:7      | 34393 ||| Stepping ~*~*~tactically~*~*~ (outnumbered).
 34396 | D:7      | 34396 ||| Stepping ~*~*~tactically~*~*~ (outnumbered).
 34401 | D:7      | 34401 ||| Stepping ~*~*~tactically~*~*~ (outnumbered).
 34405 | D:7      | 34405 ||| Stepping ~*~*~tactically~*~*~ (outnumbered).
 34407 | D:7      | 34407 ||| Stepping ~*~*~tactically~*~*~ (outnumbered).
 34409 | D:7      | 34409 ||| Stepping ~*~*~tactically~*~*~ (outnumbered).
 34412 | D:7      | 34412 ||| Stepping ~*~*~tactically~*~*~ (outnumbered).
 34419 | D:7      | 34419 ||| Stepping ~*~*~tactically~*~*~ (outnumbered).
 34424 | D:7      | 34424 ||| Stepping ~*~*~tactically~*~*~ (outnumbered).
 34429 | D:7      | 34429 ||| Stepping ~*~*~tactically~*~*~ (outnumbered).
 34442 | D:7      | 34442 ||| Stepping ~*~*~tactically~*~*~ (outnumbered).
 34445 | D:7      | Touched by the power of Zot.
 34446 | D:7      | Glimpsed the power of Zot.
 34447 | D:7      | 34447 ||| Stepping ~*~*~tactically~*~*~ (outnumbered).
 34448 | D:7      | Killed from afar by an electric eel

Levels and vault maps discovered:
D:1:      saegor_arrival_simple_c, layout_loops_corners
D:2:      layout_loops_corners, minmay_hedge_maze
D:3:      layout_basic, mainiacjoe_overflow_small_starburst,
          gammafunk_ghost_arena, chequers_hall_statues_wall_a, uniq_ijyb
D:4:      layout_basic, minmay_temple_entry_trees, sigmund_edmund_badplayer,
          uniq_robin
D:5:      layout_cave_pools, mainiacjoe_overflow_tiny_flanked,
          grunt_ministairs_1
D:6:      layout_basic, grunt_temple_overflow_open, nicolae_ossuary_entry_giza,
          kennysheep_generic_room_4
D:7:      cheibrodos_two_vegetables, layout_loops_ring,
          nicolae_uskayaw_dance_hall, slow_altar_1, uniq_crazy_yiuf_cottage

Skill      XL: |  1  2  3  4  5  6  7  8  9 |
---------------+----------------------------+-----
Unarmed Combat | 4 5 6 8 9 11 13 | 13.1
Fighting       | 3 4 5 |  5.1
Dodging        | 1 |  1.4
Throwing       | 1 |  1.1
Spellcasting   | |  1.0
Fire Magic     | |  2.1

Action                   |  1- 3 |  4- 6 |  7- 9 || total
-------------------------+-------+-------+-------++-------
Melee: Unarmed           |   120 |    85 |   308 ||   513
       Punch             |     1 |     1 |     7 ||     9
Throw: Boomerang         |       |     3 |    25 ||    28
Invok: Fiery Armour      |       |     2 |    11 ||    13
  Use: Scroll            |     3 |    11 |     9 ||    23
       Potion            |     1 |     3 |       ||     4
 Stab: Distracted        |       |       |     1 ||     1
Armor: Robe              |    46 |    40 |   341 ||   427
       Skin              |       |       |     1 ||     1
Dodge: Dodged            |    52 |    47 |  4435 ||  4534

Table legend:
 A = Non-vault XP
 B = Vault XP
 C = Vault XP percentage of total XP
 D = Non-vault monster count
 E = Vault monster count
 F = Vault count percentage of total count
                 A         B        C        D         E       F
            +---------+---------+-------+---------+---------+-------
      Total |    2991 |    2268 |  43.1 |     129 |      55 |  29.9
            +---------+---------+-------+---------+---------+-------
        D:1 |      19 |       0 |   0.0 |      11 |       0 |   0.0
        D:2 |     188 |       0 |   0.0 |      25 |       0 |   0.0
        D:3 |     149 |      32 |  17.7 |      10 |       1 |   9.1
        D:4 |     482 |     417 |  46.4 |      33 |      15 |  31.2
        D:5 |     494 |      50 |   9.2 |      15 |       4 |  21.1
        D:6 |     419 |      20 |   4.6 |      12 |       3 |  20.0
        D:7 |    1240 |     976 |  44.0 |      23 |       7 |  23.3
    Ossuary |       0 |     773 | 100.0 |       0 |      25 | 100.0
            +---------+---------+-------+---------+---------+-------
